Workbook

Sheet 开办费汇总表（改扩建工程+质子）
A1: 开办费汇总表
A2: 序号 | B2: 名称 | C2: 数量（项） | D2: 合计（万元） | E2: 备注
A3: 一 | B3: 传统类（共性）设备设施 | C3: =SUM(C4:C7) -> #REF! | D3: =SUM(D4:D7) -> #REF!
A4: 1 | B4: 办公家具（含窗帘） | C4: =#REF! -> #REF! | D4: =#REF! -> #REF! | E4: 附表1，基建总务部
A5: 2 | B5: 办公设备 | C5: =#REF! -> #REF! | D5: =#REF! -> #REF! | E5: 附表2，信息管理部/设备部
A6: 3 | B6: 会议设备 | C6: ='附表4-2 会议设备明细表'!F2729 -> 0 | D6: ='附表4-2 会议设备明细表'!H2729 -> 0 | E6: 附表3，基建总务部
A7: 4 | B7: 厨房终端设备（含食堂） | C7: ='附表4-2厨房终端设备（含食堂）明细表3'!#REF! -> #REF! | D7: ='附表4-2厨房终端设备（含食堂）明细表3'!#REF! -> #REF! | E7: 附表4，基建总务部
A8: 二 | B8: 专业类（非共性）设备设施 | C8: =SUM(C9:C10) -> #REF! | D8: =SUM(D9:D10) -> #REF!
A9: 1 | B9: 小型医疗器械（单价 1 万元以下） | C9: =附表6小型医疗器械1!#REF! -> #REF! | D9: =附表6小型医疗器械1!#REF! -> #REF! | E9: 附表5，医务部/护理部/设备部/科教部
A10: 2 | B10: 低值易耗物品 | C10: =#REF! -> #REF! | D10: =#REF! -> #REF! | E10: 附表6，医务部/护理部/设备部/科教部
A11: 三 | B11: 其他类设备设施 | C11: =C12 -> #REF! | D11: =SUM(D12) -> #REF!
A12: 1 | B12: 安防、消防设备设施 | C12: =#REF! -> #REF! | D12: =#REF! -> #REF! | E12: 附表7，安全办
A13: 四 | B13: 合计 | C13: 一+二+三 | D13: =SUM(D3,D8,D11) -> #REF!
C15: 1500床 | D15: =12.8*1500 -> 19200
C16: 1200床 | D16: =12.8*1200 -> 15360
C17: 300床 | D17: =300*12.8 -> 3840

Sheet 医疗设备、信息化、开办费汇总投资
A1: 质子中心、改扩建工程 医疗设备、信息化、开办费投资汇总表
A2: 序号 | B2: 费用名称 | C2: 投资额（万元） | D2: 占比 | E2: 备注
A3: 一 | B3: 医用设备购置专项投资 | C3: =C4+C5 -> 101284.3 | D3: =C3/$C$14 -> #REF!
A4: 1 | B4: 设备购置费 | C4: 101005.93 | D4: =C4/$C$14 -> #REF!
A5: 2 | B5: 工程建设其他费用 | C5: 278.37 | D5: =C5/$C$14 -> #REF!
A6: 3 | B6: 预备费 | C6: 0 | D6: =C6/$C$14 -> #REF!
A7: 二 | B7: 信息化建设专项投资 | C7: =C8+C9+C10 -> 5635.18 | D7: =C7/$C$14 -> #REF!
A8: 1 | B8: 工程建设费 | C8: 4974.52 | D8: =C8/$C$14 -> #REF!
A9: 2 | B9: 工程建设其他费用 | C9: 392.32 | D9: =C9/$C$14 -> #REF!
A10: 3 | B10: 预备费 | C10: 268.34 | D10: =C10/$C$14 -> #REF!
A11: 三 | B11: 开办费 | C11: =C12+C13 -> #REF! | D11: =C11/$C$14 -> #REF!
A12: 1 | B12: 开办费 | C12: =#REF!+#REF!+#REF!+0.005 -> #REF! | D12: =C12/$C$14 -> #REF!
A13: 2 | B13: 工程建设其他费用 | C13: =100*0.2%+(500-101)*0.18%+(1000-501)*0.16%+(5000-1001)*0.13%+(10000-5001)*0.12%+(C12-10001)*0.11% -> #REF! | D13: =C13/$C$14 -> #REF! | E13: 开办费报告编制费
A14: 四 | B14: 总投资 | C14: =C3+C7+C11 -> #REF! | D14: =C14/$C$14 -> #REF!

Sheet 开办费汇总表（改扩建工程）702床
A1: 开办费汇总表（改扩建工程）
A2: 序号 | B2: 名称 | C2: 数量（项） | D2: 合计（万元） | E2: 比例 | F2: 备注
A3: 一 | B3: 通用设备设施 | C3: =SUM(C4:C7) -> #REF! | D3: =SUM(D4:D7) -> #REF! | E3: =D3/D17 -> #REF!
A4: 1 | B4: 办公家具 | C4: =#REF! -> #REF! | D4: =#REF!/10000 -> #REF! | E4: =D4/D17 -> #REF!
A5: 2 | B5: 窗帘 | C5: 1 | D5: =#REF!/10000 -> #REF! | E5: =D5/D17 -> #REF!
A6: 3 | B6: 办公设备 | C6: =#REF! -> #REF! | D6: =#REF!/10000 -> #REF! | E6: =D6/D17 -> #REF!
A7: 4 | B7: 厨房终端设备（含食堂） | C7: =#REF! -> #REF! | D7: =#REF!/10000 -> #REF! | E7: =D7/D17 -> #REF!
A8: 二 | B8: 专用设备设施 | C8: =SUM(C9:C10) -> #REF! | D8: =SUM(D9:D10) -> #REF! | E8: =D8/D17 -> #REF!
A9: 5 | B9: 小型医疗器械 | C9: =#REF! -> #REF! | D9: =#REF!/10000 -> #REF! | E9: =D9/D17 -> #REF!
A10: 6 | B10: 低值易耗物品 | C10: =#REF! -> #REF! | D10: =#REF!/10000 -> #REF! | E10: =D10/D17 -> #REF!
A11: 三 | B11: 其他设备设施 | C11: =SUM(C12:C15) -> #REF! | D11: =SUM(D12:D15) -> #REF! | E11: =D11/D17 -> #REF!
A12: 7 | B12: 安防设备及消防器材 | C12: =#REF! -> #REF! | D12: =#REF!/10000 -> #REF! | E12: =D12/D17 -> #REF!
A13: 8 | B13: 后勤保障用品 | C13: =#REF! -> #REF! | D13: =#REF!/10000 -> #REF! | E13: =D13/D17 -> #REF!
A14: 9 | B14: 院内转运设备 | C14: =#REF! -> #REF! | D14: =#REF!/10000 -> #REF! | E14: =D14/D17 -> #REF!
A15: 10 | B15: 数字化设备设施 | C15: =#REF! -> #REF! | D15: =#REF!/10000 -> #REF! | E15: =D15/D17 -> #REF!
A16: 四 | B16: 开办咨询费 | D16: =#REF!/1200*702 -> #REF! | E16: =D16/D17 -> #REF!
A17: 五 | B17: 合计（一+二+三+四） | C17: =C11+C8+C3 -> #REF! | D17: =SUM(D3,D8,D11,D16) -> #REF! | E17: =E11+E8+E3+E16 -> #REF! | F17: 床均11.45万元（702床）
D20: =702*11.45 -> 8037.9
D22: =D17/702 -> #REF!
D23: =D17-D20 -> #REF!

Sheet 功能用房数量
A2: 序号 | B2: 房间名称 | C2: 数量（间） | D2: 座位/床位 | E2: 位置
A3: 1 | B3: 学术交流中心 | C3: 1 | D3: 666
A4: 2 | B4: 学生宿舍
A5: 3 | B5: 值班室
A6: 4 | B6: 多功能会议室
A7: 5 | B7: 院长办公室 | C7: 1
A8: 6 | B8: 副院长办公室
A9: 7 | B9: 主任、副主任办公室 | C9: 76
A10: 8 | B10: 护士长办公室 | C10: 40
A11: 9 | B11: 会议室
A12: 10 | B12: 病房 | C12: =SUM(C13:C17) -> 630 | D12: =SUM(D13:D17) -> 1244
A13: 10.1 | B13: 单人间 | C13: 172 | D13: 172 | E13: 第二住院楼6-23层
A14: 10.2 | B14: 双人间 | C14: 240 | D14: 480 | E14: 第二住院楼6-19层
A15: 10.3 | B15: 三人间 | C15: 180 | D15: 540 | E15: 第二住院楼6-19层
A16: 10.4 | B16: VIP套间 | C16: 2 | D16: 16 | E16: 第二住院楼20-23层
A17: 10.5 | B17: 抢救室 | C17: 36 | D17: 36 | E17: 第二住院楼6-23层

Sheet 开办费资金使用计划
A1: 改扩建工程开办费资金使用计划
A2: 序号 | B2: 所属类型 | C2: 项目名称 | D2: 数量 （项） | E2: 总投资（1200床） | G2: 2026年（702床） | I2: 2027年（498床）
E3: 测算金额（万元） | F3: 资金占比 | G3: 金额（万元） | H3: 资金占比 | I3: 金额（万元） | J3: 资金占比
A4: 1 | B4: 通用设备设施 | C4: 办公家具 | D4: =#REF! -> #REF! | E4: =#REF! -> #REF! | F4: =E4/$E$19 -> #REF! | G4: ='开办费汇总表（改扩建工程）702床'!D4 -> #REF! | H4: =G4/E4 -> #REF! | I4: =#REF! -> #REF! | J4: =I4/E4 -> #REF!
A5: 2 | C5: 窗帘 | D5: =#REF! -> #REF! | E5: =#REF! -> #REF! | F5: =E5/$E$19 -> #REF! | G5: ='开办费汇总表（改扩建工程）702床'!D5 -> #REF! | H5: =G5/E5 -> #REF! | I5: =#REF! -> #REF! | J5: =I5/E5 -> #REF!
A6: 3 | C6: 办公设备 | D6: =#REF! -> #REF! | E6: =#REF! -> #REF! | F6: =E6/$E$19 -> #REF! | G6: ='开办费汇总表（改扩建工程）702床'!D6 -> #REF! | H6: =G6/E6 -> #REF! | I6: =#REF! -> #REF! | J6: =I6/E6 -> #REF!
A7: 4 | C7: 厨房终端设备（含食堂） | D7: =#REF! -> #REF! | E7: =#REF! -> #REF! | F7: =E7/E19 -> #REF! | G7: ='开办费汇总表（改扩建工程）702床'!D7 -> #REF! | H7: =G7/E7 -> #REF! | I7: =#REF! -> #REF! | J7: =I7/E7 -> #REF!
A8: 5 | C8: 小计 | D8: =SUM(D4:D7) -> #REF! | E8: =SUM(E4:E7) -> #REF! | F8: =E8/$E$19 -> #REF! | G8: =SUM(G4:G7) -> #REF! | H8: =G8/E8 -> #REF! | I8: =SUM(I4:I7) -> #REF! | J8: =I8/E8 -> #REF!
A9: 6 | B9: 专用设备设施 | C9: 小型医疗器械 | D9: =#REF! -> #REF! | E9: =#REF! -> #REF! | F9: =E9/$E$19 -> #REF! | G9: ='开办费汇总表（改扩建工程）702床'!D9 -> #REF! | H9: =G9/E9 -> #REF! | I9: =#REF! -> #REF! | J9: =I9/E9 -> #REF!
A10: 7 | C10: =#REF! -> #REF! | D10: =#REF! -> #REF! | E10: =#REF! -> #REF! | F10: =E10/$E$19 -> #REF! | G10: ='开办费汇总表（改扩建工程）702床'!D10 -> #REF! | H10: =G10/E10 -> #REF! | I10: =#REF! -> #REF! | J10: =I10/E10 -> #REF!
D11: =#REF! -> #REF! | E11: =#REF! -> #REF! | F11: =E11/E19 -> #REF! | G11: =#REF! -> #REF! | H11: =G11/G19 -> #REF! | I11: =#REF! -> #REF! | J11: =I11/I19 -> #REF!
A12: 8 | C12: 小计 | D12: =SUM(D9:D11) -> #REF! | E12: =SUM(E9:E11) -> #REF! | F12: =E12/$E$19 -> #REF! | G12: =SUM(G9:G11) -> #REF! | H12: =G12/E12 -> #REF! | I12: =SUM(I9:I11) -> #REF! | J12: =I12/E12 -> #REF!
A13: 9 | B13: 其他设备设施 | C13: 安防设备及消防器材 | D13: =#REF! -> #REF! | E13: =#REF! -> #REF! | F13: =E13/$E$19 -> #REF! | G13: =#REF! -> #REF! | H13: =G13/E13 -> #REF! | I13: =#REF! -> #REF! | J13: =I13/E13 -> #REF!
A14: 10 | C14: 后勤保障用品 | D14: =#REF! -> #REF! | E14: =#REF! -> #REF! | F14: =E14/$E$19 -> #REF! | G14: ='开办费汇总表（改扩建工程）702床'!D13 -> #REF! | H14: =G14/E14 -> #REF! | I14: =#REF! -> #REF! | J14: =I14/E14 -> #REF!
A15: 11 | C15: 院内转运设备 | D15: =#REF! -> #REF! | E15: =#REF! -> #REF! | F15: =E15/$E$19 -> #REF! | G15: ='开办费汇总表（改扩建工程）702床'!D14 -> #REF! | H15: =G15/E15 -> #REF! | I15: =#REF! -> #REF! | J15: =I15/E15 -> #REF!
A16: 12 | C16: 数字化设备设施 | D16: =#REF! -> #REF! | E16: =#REF! -> #REF! | F16: =E16/$E$19 -> #REF! | G16: ='开办费汇总表（改扩建工程）702床'!D15 -> #REF! | H16: =G16/E16 -> #REF! | I16: =#REF! -> #REF! | J16: =I16/E16 -> #REF!
A17: 13 | C17: 小计 | D17: =SUM(D13:D16) -> #REF! | E17: =SUM(E13:E16) -> #REF! | F17: =E17/$E$19 -> #REF! | G17: =SUM(G13:G16) -> #REF! | H17: =G17/E17 -> #REF! | I17: =SUM(I13:I16) -> #REF! | J17: =I17/E17 -> #REF!
A18: 14 | B18: 咨询费 | C18: 开办咨询费 | E18: =#REF! -> #REF! | F18: =E18/$E$19 -> #REF! | G18: ='开办费汇总表（改扩建工程）702床'!D16 -> #REF! | H18: =G18/E18 -> #REF! | I18: =#REF! -> #REF! | J18: =I18/G18 -> #REF!
C19: 合计 | D19: =SUM(D8,D12,D17) -> #REF! | E19: =SUM(E8,E12,E17,E18) -> #REF! | F19: =E19/$E$19 -> #REF! | G19: =G8+G12+G17+G18 -> #REF! | H19: =G19/E19 -> #REF! | I19: =I8+I12+I17+I18 -> #REF! | J19: =I19/E19 -> #REF!

Sheet 开办费资金分期使用计划
A1: 改扩建工程开办费资金使用计划
A2: 序号 | B2: 所属类型 | C2: 项目名称 | D2: 总投资 | F2: 2026年
D3: 测算金额（万元） | E3: 资金占比 | F3: 建筑名称 | G3: 开放区域 | H3: 金额 （万元） | I3: 资金占比
A4: 1 | B4: 传统类 | C4: 办公家具 | D4: 4645.2114 | E4: 0.36995794 | F4: 后勤楼 | G4: 全部（B2-8层） | H4: =#REF!/10000 -> #REF! | I4: =(H4+H5+H6)/D4 -> #REF!
F5: 第二住院楼 （36个病区） | G5: B5-5层 | H5: =SUM(#REF!)/10000 -> #REF!
G6: 1个病区 | H6: =SUM(#REF!)/10000 -> #REF!
A7: 2 | C7: 窗帘 | D7: 368.29036 | E7: 0.029331699 | F7: 后勤楼 | G7: 全部（B2-8层） | H7: =D7 -> 368.29036 | I7: =H7/D7 -> 1
F8: 第二住院楼 | G8: 全部（B5-23层）
A9: 3 | C9: 办公设备 | D9: 2463.824 | E9: 0.196226 | F9: 后勤楼 | G9: 全部（B2-8层） | H9: =#REF!/10000 -> #REF! | I9: =(H9+H10+H11)/D9 -> #REF!
F10: 第二住院楼 （36个病区） | G10: B5-5层 | H10: =SUM(#REF!)/10000 -> #REF!
G11: 1个病区 | H11: =SUM(#REF!)/10000 -> #REF!
A12: 4 | C12: 厨房终端设备（含食堂） | D12: 1109.4896 | E12: 0.088362932 | F12: 后勤楼 | G12: 全部（B2-8层） | H12: =D12 -> 1109.4896 | I12: =H12/D12 -> 1
F13: 第二住院楼 | G13: 全部（B5-23层）
A14: 5 | C14: 小计 | D14: 8586.8154 | E14: 0.68387857 | H14: =SUM(H4:H13) -> #REF! | I14: =H14/D14 -> #REF!
A15: 6 | B15: 专业类 | C15: 小型医疗器械 | D15: 1541.2939 | E15: 0.12275306 | F15: 第二住院楼 （36个病区） | G15: 1个病区 | H15: =D15/36 -> 42.813719 | I15: =H15/D15 -> 0.027777778
A16: 7 | C16: 低值易耗物品 | D16: 639.6182 | E16: 0.050941025 | F16: 后勤楼 | H16: ='附表6 低值易耗物品汇总表'!N40/10000 -> 31.35 | I16: =(H16+H17)/D16 -> 0.047652125
F17: 第二住院楼 （36个病区） | G17: 1个病区 | H17: =('附表6 低值易耗物品汇总表'!J40-'附表6 低值易耗物品汇总表'!N40)/36/10000 -> -0.87083333
A18: 8 | C18: 医用地巾抹布洗消设备 | D18: 512 | E18: 0.040777146 | F18: 第二住院楼 | H18: =附表6低值易耗物品汇总表2!I6/10000 -> #VALUE! | I18: =H18/D18 -> #VALUE!
A19: 9 | C19: 小计 | D19: 2692.9121 | E19: 0.21447123 | H19: =SUM(H15:H18) -> #VALUE! | I19: 0.85827253
A20: 10 | B20: 其他类 | C20: 安防设备及消防器材 | D20: 330.418 | E20: 0.026315436 | F20: 后勤楼 | G20: 全部（B2-8层） | H20: =D20 -> 330.418 | I20: =H20/D20 -> 1
F21: 第二住院楼 | G21: 全部（B5-23层）
A22: 11 | C22: 后勤保障用品 | D22: 386.9165 | E22: 0.030815138 | F22: 后勤楼 | G22: 全部（B2-8层） | H22: =#REF!/10000 -> #REF! | I22: =(H22+H23+H24)/D22 -> #REF!
F23: 第二住院楼 （36个病区） | G23: B5-5层 | H23: =SUM(#REF!)/10000 -> #REF!
G24: 1个病区 | H24: =SUM(#REF!)/10000 -> #REF!
A25: 12 | C25: 地巾布巾 | D25: 2.9202 | E25: 0.00023257309 | F25: 第二住院楼 （36个病区） | G25: 1个病区 | H25: =附表10地巾布巾汇总表!G8/10000/36 -> 0 | I25: =H25/D25 -> 0
A26: 13 | C26: 院内转运设备 | D26: 6 | E26: 0.00047785718 | F26: 第二住院楼 （36个病区） | G26: 1个病区 | H26: =#REF!/10000/36 -> #REF! | I26: =H26/D26 -> #REF!
A27: 14 | C27: 数字化设备设施 | D27: 346.35 | E27: 0.027584306 | F27: 后勤楼 | G27: 全部（B2-8层） | H27: =#REF!/10000 -> #REF! | I27: =(H27+H28+H29)/D27 -> #REF!
F28: 第二住院楼 （36个病区） | G28: B5-5层 | H28: =SUM(#REF!)/10000 -> #REF!
G29: 1个病区 | H29: =SUM(#REF!)/10000 -> #REF!
A30: 15 | C30: 医院文化建设 | D30: 172.7436 | E30: 0.013757795 | F30: 后勤楼 | G30: 全部（B2-8层） | H30: =D30 -> 172.7436 | I30: =H30/D30 -> 1
F31: 第二住院楼 | G31: 全部（B5-23层）
A32: 16 | C32: 小计 | D32: 1245.3483 | E32: 0.099183105 | H32: =SUM(H20:H31) -> #REF! | I32: =H32/D32 -> #REF!
A33: 17 | B33: 咨询费 | C33: 开办咨询费 | D33: 30.966964 | E33: 0.0024662977 | H33: =D33 -> 30.966964 | I33: =H33/D33 -> 1
C34: 合计 | D34: 12556.053 | E34: 1 | H34: =H33+H32+H19+H14 -> #REF! | I34: =H34/D34 -> #REF!
H37: 12556.043
D39: 10.463377 | H39: 10358.744
H40: 0.825
H44: 12556.043
H45: 0.01

Sheet 附表1-1办公家具汇总表2
A1: 附表1-1办公家具汇总表
A2: 序号 | B2: 产品名称 | C2: 规格参数 | D2: 材质参数 | E2: 单位 | F2: 数量 | G2: 单价（元） | H2: 总价 （元） | I2: 备注
A3: 一、桌子类 | F3: =SUM(F4,F14:F56)-F44-F38-F31-F24-F18 -> 4009 | H3: =SUM(H5:H56)-H44-H38-H31-H24-H18 -> 11038480
A4: 1 | B4: 办公桌 | C4: 根据现场实际测量定制 | D4: 1、贴面板材：采用优质三聚氰胺纸 ,甲醛释放限量符合国家标准， 2、基材：采用通过国家技术标准的优质环保刨花板。确保甲醛排放达安全水平，经过防潮、防虫、防腐的化学处理，强度高，刚性好，不变形不开裂； 3、粘合剂：优质乳胶, 4、封边用材：≥2mm厚PVC胶边，优质热熔胶。 5、品牌优质五金配件； 6、脚架：采用静电粉末喷涂钢脚架。 7、每个位配活动柜一组 | E4: 张 | F4: =SUM(F5:F13) -> 2113 | G4: 2560.2968 | H4: =SUM(H5:H13) -> 7508000
A5: 1.1 | B5: 办公桌1 | C5: 1000*600*750 | D5: 1、贴面板材：采用优质三聚氰胺纸 ,甲醛释放限量符合国家标准， 2、基材：采用通过国家技术标准的优质环保刨花板。确保甲醛排放达安全水平，经过防潮、防虫、防腐的化学处理，强度高，刚性好，不变形不开裂； 3、粘合剂：优质乳胶, 4、封边用材：≥2mm厚PVC胶边，优质热熔胶。 5、品牌优质五金配件； 6、脚架：采用静电粉末喷涂钢脚架。 7、每个位配活动柜一组 | E5: 张 | F5: 990 | G5: 800 | H5: 792000
A6: 1.2 | B6: 办公桌2 | C6: L型 | D6: 1、贴面板材：采用优质三聚氰胺纸 ,甲醛释放限量符合国家标准， 2、基材：采用通过国家技术标准的优质环保刨花板。确保甲醛排放达安全水平，经过防潮、防虫、防腐的化学处理，强度高，刚性好，不变形不开裂； 3、粘合剂：优质乳胶, 4、封边用材：≥2mm厚PVC胶边，优质热熔胶。 5、品牌优质五金配件； 6、脚架：采用静电粉末喷涂钢脚架。 7、每个位配活动柜一组 | E6: 张 | F6: 13 | G6: 6000 | H6: 78000
A7: 1.3 | B7: 办公桌3 | C7: 900*450*2000mm，桌面上带吊柜，桌下带机箱柜，整体高度2000mm | D7: 1、贴面板材：采用优质三聚氰胺纸 ,甲醛释放限量符合国家标准， 2、基材：采用通过国家技术标准的优质环保刨花板。确保甲醛排放达安全水平，经过防潮、防虫、防腐的化学处理，强度高，刚性好，不变形不开裂； 3、粘合剂：优质乳胶, 4、封边用材：≥2mm厚PVC胶边，优质热熔胶。 5、品牌优质五金配件； 6、脚架：采用静电粉末喷涂钢脚架。 7、每个位配活动柜一组 | E7: 张 | F7: =396-36 -> 360 | G7: 10000 | H7: =F7*G7 -> 3600000
A8: 1.4 | B8: 办公桌4 | C8: 办公桌主台：长1.2米，宽0.6米，高0.76米； | D8: 1、贴面板材：采用优质三聚氰胺纸 ,甲醛释放限量符合国家标准， 2、基材：采用通过国家技术标准的优质环保刨花板。确保甲醛排放达安全水平，经过防潮、防虫、防腐的化学处理，强度高，刚性好，不变形不开裂； 3、粘合剂：优质乳胶, 4、封边用材：≥2mm厚PVC胶边，优质热熔胶。 5、品牌优质五金配件； 6、脚架：采用静电粉末喷涂钢脚架。 7、每个位配活动柜一组 | E8: 张 | F8: 57 | G8: 4000 | H8: 228000
A9: 1.5 | B9: 办公桌5 | C9: 长 1.4 米，宽 0.8 米，高 0.76 米 | D9: 1、贴面板材：采用优质三聚氰胺纸 ,甲醛释放限量符合国家标准， 2、基材：采用通过国家技术标准的优质环保刨花板。确保甲醛排放达安全水平，经过防潮、防虫、防腐的化学处理，强度高，刚性好，不变形不开裂； 3、粘合剂：优质乳胶, 4、封边用材：≥2mm厚PVC胶边，优质热熔胶。 5、品牌优质五金配件； 6、脚架：采用静电粉末喷涂钢脚架。 7、每个位配活动柜一组 | E9: 张 | F9: =550+3 -> 553 | G9: 4000 | H9: =F9*G9 -> 2212000
A10: 1.6 | B10: 办公桌6 | C10: 办公桌主台：长 1.8 米，宽 0.9 米，高 0.76 米； 副台：长 0.9 米，宽 0.55 米，高 0.76 米； 副柜：长 0.48 米，宽 0.4 米，高 0.62 米。 | D10: 1、贴面板材：采用优质三聚氰胺纸 ,甲醛释放限量符合国家标准， 2、基材：采用通过国家技术标准的优质环保刨花板。确保甲醛排放达安全水平，经过防潮、防虫、防腐的化学处理，强度高，刚性好，不变形不开裂； 3、粘合剂：优质乳胶, 4、封边用材：≥2mm厚PVC胶边，优质热熔胶。 5、品牌优质五金配件； 6、脚架：采用静电粉末喷涂钢脚架。 7、每个位配活动柜一组 | E10: 张 | F10: 108 | G10: 4000 | H10: 432000
A11: 1.7 | B11: 办公桌7 | C11: 长2 米，宽1.2米，高 0.76 米；或根据现场实际测量 | D11: 1、贴面板材：采用优质三聚氰胺纸 ,甲醛释放限量符合国家标准， 2、基材：采用通过国家技术标准的优质环保刨花板。确保甲醛排放达安全水平，经过防潮、防虫、防腐的化学处理，强度高，刚性好，不变形不开裂； 3、粘合剂：优质乳胶, 4、封边用材：≥2mm厚PVC胶边，优质热熔胶。 5、品牌优质五金配件； 6、脚架：采用静电粉末喷涂钢脚架。 7、每个位配活动柜一组 | E11: 张 | F11: 8 | G11: 5000 | H11: 40000
A12: 1.8 | B12: 办公桌8 | C12: 办公桌主台：长 2.0 米，宽2.0 米，高 0.76 米； 卡座：长 1.6 米，宽 1.6 米，高 1.2 米； 副柜：长 0.48 米，宽 0.4 米，高 0.6 米。 | D12: 1、贴面板材：采用优质三聚氰胺纸 ,甲醛释放限量符合国家标准， 2、基材：采用通过国家技术标准的优质环保刨花板。确保甲醛排放达安全水平，经过防潮、防虫、防腐的化学处理，强度高，刚性好，不变形不开裂； 3、粘合剂：优质乳胶, 4、封边用材：≥2mm厚PVC胶边，优质热熔胶。 5、品牌优质五金配件； 6、脚架：采用静电粉末喷涂钢脚架。 7、每个位配活动柜一组 | E12: 张 | F12: 9 | G12: 4000 | H12: 36000
A13: 1.9 | B13: 办公桌9 | C13: 办公桌主台：长 2.2 米，宽 1 米，高 0.76 米； 副台：长 1 米，宽 0.55 米，高 0.76 米； 副柜：长 0.48 米，宽 0.4 米，高 0.62 米。 | D13: 1、贴面板材：采用优质三聚氰胺纸 ,甲醛释放限量符合国家标准， 2、基材：采用通过国家技术标准的优质环保刨花板。确保甲醛排放达安全水平，经过防潮、防虫、防腐的化学处理，强度高，刚性好，不变形不开裂； 3、粘合剂：优质乳胶, 4、封边用材：≥2mm厚PVC胶边，优质热熔胶。 5、品牌优质五金配件； 6、脚架：采用静电粉末喷涂钢脚架。 7、每个位配活动柜一组 | E13: 张 | F13: 15 | G13: 6000 | H13: 90000
A14: 2 | B14: 办公卡座 | C14: 长1.6 米，宽1.6 米，高1.2 米；或根据现场实际测量定制 | D14: 1、贴面板材：采用优质三聚氰胺纸 ,甲醛释放限量符合国家标准， 2、基材：采用通过国家技术标准的优质环保刨花板。确保甲醛排放达安全水平，经过防潮、防虫、防腐的化学处理，强度高，刚性好，不变形不开裂； 3、粘合剂：优质乳胶, 4、封边用材：≥2mm厚PVC胶边，优质热熔胶。 5、品牌优质五金配件； 6、脚架：采用静电粉末喷涂钢脚架。 7、每个位配活动柜一组 | E14: 张 | F14: 90 | G14: 4000 | H14: 360000
A15: 3 | B15: 电脑桌 | C15: 多媒体电教室使用，嵌入式，翻转桌电脑屏主机隐藏 | D15: 1、贴面板材：采用优质三聚氰胺纸 ,甲醛释放限量符合国家标准， 2、基材：采用通过国家技术标准的优质环保刨花板。确保甲醛排放达安全水平，经过防潮、防虫、防腐的化学处理，强度高，刚性好，不变形不开裂； 3、粘合剂：优质乳胶, 4、封边用材：2mm厚PVC胶边，优质热熔胶。 5、品牌优质五金配件； 6、脚架：采用静电粉末喷涂钢脚架。 7、每个位配活动柜一组 | E15: 张 | F15: 40 | G15: 3000 | H15: 120000
A16: 4 | B16: 多功能培训桌 | C16: 可折叠、可移动、多人联合开会培训，多种组合随意拼接；长方形：长1.2m*宽0.5m*高0.75m | D16: 1、面板：整体采用三聚氰胺浸渍纸双饰面刨花板，2mm厚PVC封边，封边与贴面同色 2、框架：铝合金材质、采用高温静电喷绘工艺：静电， 3、五金配件：采用三节缓冲滑轨，推拉平稳有回位功能，承重量为30KG。所有五金件作防锈、防腐处理且表面镀层没有剥落现象； 4、高弹力PU滚轮， 5、线控把手开关 | E16: 张 | F16: 132 | G16: 1000 | H16: 132000
A17: 5 | B17: 多功能培训桌椅 | C17: 可折叠、可移动、多人联合开会培训，多种组合随意拼接；长方形：长1.2m*宽0.5m*高0.75m | D17: 1、面板：整体采用三聚氰胺浸渍纸双饰面刨花板，2mm厚PVC封边，封边与贴面同色 2、框架：铝合金材质、采用高温静电喷绘工艺：静电， 3、五金配件：采用三节缓冲滑轨，推拉平稳有回位功能，承重量为30KG。所有五金件作防锈、防腐处理且表面镀层没有剥落现象； 4、高弹力PU滚轮， 5、线控把手开关 | E17: 套 | F17: 92 | G17: 4000 | H17: 368000
A18: 6 | B18: 会议桌 | C18: 根据现场实际测量定制 | D18: 1、贴面材料：采用优质木皮饰面， 2、封边用材：与贴面相同的实木木材； 3、基材：采用优质高密度中纤板,优质绿色环保产品。 4、品牌油漆：面漆采用PU聚脂漆,底漆采用PE不饱和树脂，甲苯、二甲苯、乙苯含量总和符合国家环保要求。 5、品牌优质五金配件； | E18: 张 | F18: =SUM(F19:F23) -> 68 | G18: 11696.97 | H18: =SUM(H19:H23) -> 803000
A19: 6.1 | B19: 会议桌（大号） | C19: 长度（或直径）大于 9 米；或根据现场实际测量定制 | D19: 1、贴面材料：采用优质木皮饰面， 2、封边用材：与贴面相同的实木木材； 3、基材：采用优质高密度中纤板,优质绿色环保产品。 4、品牌油漆：面漆采用PU聚脂漆,底漆采用PE不饱和树脂，甲苯、二甲苯、乙苯含量总和符合国家环保要求。 5、品牌优质五金配件； | E19: 张 | F19: 1 | G19: 20000 | H19: 20000
A20: 6.2 | B20: 会议桌（中号） | C20: 4.5米定制，可放置翻盖笔记本电脑；或根据现场实际测量定制 | D20: 1、贴面材料：采用优质木皮饰面， 2、封边用材：与贴面相同的实木木材； 3、基材：采用优质高密度中纤板,优质绿色环保产品。 4、品牌油漆：面漆采用PU聚脂漆,底漆采用PE不饱和树脂，甲苯、二甲苯、乙苯含量总和符合国家环保要求。 5、品牌优质五金配件； | E20: 张 | F20: 63 | G20: 12000 | H20: =F20*G20 -> 756000
A21: 6.3 | B21: 会议桌（小号） | C21: 长度（或直径）大于等于 4.2 米；或根据现场实际测量定制 | D21: 1、贴面板材：采用优质三聚氰胺纸 ,甲醛释放限量符合国家标准， 2、基材：采用通过国家技术标准的优质环保刨花板。确保甲醛排放达安全水平，经过防潮、防虫、防腐的化学处理，强度高，刚性好，不变形不开裂； 3、粘合剂：优质乳胶, 4、封边用材：≥2mm厚PVC胶边，优质热熔胶。 5、品牌优质五金配件； 6、脚架：钢制脚架，配有防滑脚垫。 | E21: 张 | F21: 2 | G21: 5000 | H21: =F21*G21 -> 10000
A22: 6.4 | B22: 圆形会议桌 | C22: 根据现场实际测量定制 | D22: 1、贴面材料：采用优质木皮饰面， 2、封边用材：与贴面相同的实木木材； 3、基材：采用优质高密度中纤板,优质绿色环保产品。 4、品牌油漆：面漆采用PU聚脂漆,底漆采用PE不饱和树脂，甲苯、二甲苯、乙苯含量总和符合国家环保要求。 5、品牌优质五金配件； | E22: 张 | F22: 1 | G22: 12000 | H22: =F22*G22 -> 12000
A23: 6.5 | B23: 折叠会议桌（小号） | C23: 长度（或直径）大于等于 4.2 米；或根据现场实际测量定制 | D23: 1、贴面板材：采用优质三聚氰胺纸 ,甲醛释放限量符合国家标准， 2、基材：采用通过国家技术标准的优质环保刨花板。确保甲醛排放达安全水平，经过防潮、防虫、防腐的化学处理，强度高，刚性好，不变形不开裂； 3、粘合剂：优质乳胶, 4、封边用材：≥2mm厚PVC胶边，优质热熔胶。 5、品牌优质五金配件； 6、脚架：钢制脚架，配有防滑脚垫。 | E23: 张 | F23: 1 | G23: 5000 | H23: 5000
A24: 7 | B24: 条形桌 | C24: 根据现场实际测量定制 | D24: 1.基材：厚E0级环保MFC基材； 2.饰面：三聚氰胺纸饰面； 3.封边：PVC封边带； 4.台面：≥25mm；台面下配支撑托； 5.钢架：铝合金立柱+铝合金脚， 6.脚轮：采用医用级TPU静音滑轮； 7.档板：吸音材质,挡板尺寸为900*300*9MM, 颜色可选深银灰 | E24: 张 | F24: =SUM(F25:F29) -> 276 | G24: 1040.2174 | H24: =SUM(H25:H29) -> 287100
A25: 7.1 | B25: 条形桌1 | C25: 1.8*0.6*0.75；或根据现场实际测量定制 | D25: 1.基材：厚E0级环保MFC基材； 2.饰面：三聚氰胺纸饰面； 3.封边：PVC封边带； 4.台面：≥25mm；台面下配支撑托； 5.钢架：铝合金立柱+铝合金脚， 6.脚轮：采用医用级TPU静音滑轮； 7.档板：吸音材质,挡板尺寸为900*300*9MM, 颜色可选深银灰 | E25: 张 | F25: 8 | G25: 1200 | H25: 9600
A26: 7.2 | B26: 条形桌2 | C26: 1500*650*750；或根据现场实际测量定制 | D26: 1.基材：厚E0级环保MFC基材； 2.饰面：三聚氰胺纸饰面； 3.封边：PVC封边带； 4.台面：≥25mm；台面下配支撑托； 5.钢架：铝合金立柱+铝合金脚， 6.脚轮：采用医用级TPU静音滑轮； 7.档板：吸音材质,挡板尺寸为900*300*9MM, 颜色可选深银灰 | E26: 张 | F26: 107 | G26: 1200 | H26: 128400
A27: 7.3 | B27: 条形桌3 | C27: 长1.2×宽0.4，带置物层；或根据现场实际测量定制 | D27: 1.基材：厚E0级环保MFC基材； 2.饰面：三聚氰胺纸饰面； 3.封边：PVC封边带； 4.台面：≥25mm；台面下配支撑托； 5.钢架：铝合金立柱+铝合金脚， 6.脚轮：采用医用级TPU静音滑轮； 7.档板：吸音材质,挡板尺寸为900*300*9MM, 颜色可选深银灰 | E27: 张 | F27: 70 | G27: 900 | H27: 63000
A28: 7.4 | B28: 条形桌4 | C28: 长1.2×宽0.4；或根据现场实际测量定制 | D28: 1.基材：厚E0级环保MFC基材； 2.饰面：三聚氰胺纸饰面； 3.封边：PVC封边带； 4.台面：≥25mm；台面下配支撑托； 5.钢架：铝合金立柱+铝合金脚， 6.脚轮：采用医用级TPU静音滑轮； 7.档板：吸音材质,挡板尺寸为900*300*9MM, 颜色可选深银灰 | E28: 张 | F28: 77 | G28: 900 | H28: 69300
A29: 7.5 | B29: 条形桌5 | C29: 长1.8米，宽0.4米；或根据现场实际测量定制 | D29: 1.基材：厚E0级环保MFC基材； 2.饰面：三聚氰胺纸饰面； 3.封边：PVC封边带； 4.台面：≥25mm；台面下配支撑托； 5.钢架：铝合金立柱+铝合金脚， 6.脚轮：采用医用级TPU静音滑轮； 7.档板：吸音材质,挡板尺寸为900*300*9MM, 颜色可选深银灰 | E29: 张 | F29: 14 | G29: 1200 | H29: 16800
A30: 8 | B30: 扇形可折叠组合桌 | C30: 折叠会议桌椅扇形组合培训桌智慧教室桌椅桌椅组合多边形拼接 | D30: 1、贴面板材：采用优质三聚氰胺纸 ,甲醛释放限量符合国家标准， 2、基材：采用通过国家技术标准的优质环保刨花板。确保甲醛排放达安全水平，经过防潮、防虫、防腐的化学处理，强度高，刚性好，不变形不开裂； 3、粘合剂：优质乳胶, 4、封边用材：2mm厚PVC胶边，优质热熔胶。 5、品牌优质五金配件； 6、脚架：采用静电粉末喷涂钢脚架。 7、每个位配活动柜一组 | E30: 组 | F30: 9 | G30: 1000 | H30: 9000
A31: 9 | B31: 阅览桌 | C31: 根据现场实际测量定制 | D31: 1、贴面材料：采用优质木皮饰面， 2、封边用材：与贴面相同的实木木材； 3、基材：采用优质高密度中纤板,优质绿色环保产品。 4、品牌油漆：面漆采用PU聚脂漆,底漆采用PE不饱和树脂，甲苯、二甲苯、乙苯含量总和符合国家环保要求。 5、品牌优质五金配件； | E31: 张 | F31: =SUM(F32:F35) -> 9 | G31: 3777.7778 | H31: =SUM(H32:H35) -> 34000
A32: 9.1 | B32: 阅览桌1 | C32: 1600W*700D*760H | D32: 1、贴面材料：采用优质木皮饰面， 2、封边用材：与贴面相同的实木木材； 3、基材：采用优质高密度中纤板,优质绿色环保产品。 4、品牌油漆：面漆采用PU聚脂漆,底漆采用PE不饱和树脂，甲苯、二甲苯、乙苯含量总和符合国家环保要求。 5、品牌优质五金配件； | E32: 张 | F32: 4 | G32: 3000 | H32: 12000
A33: 9.2 | B33: 阅览桌1 | C33: 1600W*600D*760H | D33: 1、贴面材料：采用优质木皮饰面， 2、封边用材：与贴面相同的实木木材； 3、基材：采用优质高密度中纤板,优质绿色环保产品。 4、品牌油漆：面漆采用PU聚脂漆,底漆采用PE不饱和树脂，甲苯、二甲苯、乙苯含量总和符合国家环保要求。 5、品牌优质五金配件； | E33: 张 | F33: 1 | G33: 3000 | H33: 3000
A34: 9.3 | B34: 阅览桌2 | C34: 2400W*1200D*760H | D34: 1、贴面材料：采用优质木皮饰面， 2、封边用材：与贴面相同的实木木材； 3、基材：采用优质高密度中纤板,优质绿色环保产品。 4、品牌油漆：面漆采用PU聚脂漆,底漆采用PE不饱和树脂，甲苯、二甲苯、乙苯含量总和符合国家环保要求。 5、品牌优质五金配件； | E34: 张 | F34: 3 | G34: 5000 | H34: 15000
A35: 9.4 | B35: 阅览桌3 | C35: 2400W*800D*760H | D35: 1、贴面材料：采用优质木皮饰面， 2、封边用材：与贴面相同的实木木材； 3、基材：采用优质高密度中纤板,优质绿色环保产品。 4、品牌油漆：面漆采用PU聚脂漆,底漆采用PE不饱和树脂，甲苯、二甲苯、乙苯含量总和符合国家环保要求。 5、品牌优质五金配件； | E35: 张 | F35: 1 | G35: 4000 | H35: 4000
A36: 10 | B36: 长条桌 | C36: 长1.8×宽0.4*高0.75 | D36: 1.基材：厚E0级环保MFC基材； 2.饰面：三聚氰胺纸饰面； 3.封边：PVC封边带； 4.台面：25mm；台面下配支撑托； 5.钢架：铝合金立柱+铝合金脚， 6.脚轮：采用医用级TPU静音滑轮； 7.档板：吸音材质,挡板尺寸为900*300*9MM, 颜色可选深银灰 | E36: 张 | F36: 2 | G36: 1200 | H36: 2400
A37: 11 | B37: 户外圆桌 | C37: 1.管型：25*20*1.2mm, Φ70*2.0mm, 2.底盘：铝板48*48*5mm | D37: 3.架子颜色：砂纹白 面板：钢化玻璃≥6mm厚，表面药砂处理 白色 | E37: 张 | F37: 180 | G37: 1000 | H37: =F37*G37 -> 180000
A38: 12 | B38: 餐台 | C38: 1.8米长*0.8米宽 | D38: 1、贴面板材：采用优质三聚氰胺纸 ,甲醛释放限量符合国家标准， 2、基材：采用通过国家技术标准的优质环保刨花板。确保甲醛排放达安全水平，经过防潮、防虫、防腐的化学处理，强度高，刚性好，不变形不开裂； 3、粘合剂：优质乳胶, 4、封边用材：≥2mm厚PVC胶边，优质热熔胶。 5、品牌优质五金配件； 6、脚架：钢制脚架，配有防滑脚垫。 | E38: 个 | F38: =SUM(F39:F40) -> 48 | G38: 2693.3333 | H38: =SUM(H39:H40) -> 129280
A39: 12.1 | B39: 餐台1 | C39: 1.8米长*0.8米宽 | D39: 1、贴面板材：采用优质三聚氰胺纸 ,甲醛释放限量符合国家标准， 2、基材：采用通过国家技术标准的优质环保刨花板。确保甲醛排放达安全水平，经过防潮、防虫、防腐的化学处理，强度高，刚性好，不变形不开裂； 3、粘合剂：优质乳胶, 4、封边用材：≥2mm厚PVC胶边，优质热熔胶。 5、品牌优质五金配件； 6、脚架：钢制脚架，配有防滑脚垫。 | E39: 个 | F39: 2 | G39: 3000 | H39: 6000
A40: 12.2 | B40: 餐台2 | C40: 定制 | D40: 1、贴面板材：采用优质三聚氰胺纸 ,甲醛释放限量符合国家标准， 2、基材：采用通过国家技术标准的优质环保刨花板。确保甲醛排放达安全水平，经过防潮、防虫、防腐的化学处理，强度高，刚性好，不变形不开裂； 3、粘合剂：优质乳胶, 4、封边用材：≥2mm厚PVC胶边，优质热熔胶。 5、品牌优质五金配件； 6、脚架：钢制脚架，配有防滑脚垫。 | E40: 个 | F40: 46 | G40: 2680 | H40: 123280
A41: 13 | B41: 多媒体讲台 | C41: 根据现场实际测量定制 | D41: 1、贴面材料：采用优质木皮饰面， 2、基材：采用优质高密度中纤板,优质绿色环保产品。 3、品牌油漆：面漆采用PU聚脂漆,底漆采用PE不饱和树脂，甲苯、二甲苯、乙苯含量总和符合国家环保要求。 4、品牌优质五金配件； | E41: 个 | F41: 39 | G41: 2800 | H41: 109200
A42: 14 | B42: 打包台 | C42: 双层 1400*800*800mm | D42: 1、材料：材质为316#不锈钢，主体钢板（柜体、层板、背板）厚度≥1.0mm。钢材符合GB/T 20123-2006《钢铁 总碳含量的测定 高频感应炉燃烧后红外吸收法(常规方法)》;YB/T4171-2020《含铜抗菌不锈钢》；GB/T228.1-2010《金属材料 拉伸试验 第一部分：温室试验方法》；QB/T3826-1999《轻工气氛腐蚀试验 盐雾试验》QB/T 3832-1999《轻工产品金属镀层腐蚀试验结果的评价》BT/T20125-2006《低合金钢 多元素含量的测定 电感耦合等离子体院子发射光谱法》；GB/T3325-2017《金属家具通用技术条件》，耐腐蚀10级； （2）导轨：不锈钢三节阻尼导轨。整体符合QB/T 2454-2013《家具五金抽屉导轨》、不锈钢符合QB/T3826--1999《轻工产品金属镀层和化学处理层的耐腐蚀性试验方法中性盐雾试验(NSS)法》，QB/T3832-1999《轻工产品金属镀层腐蚀试验结果的评价》，耐腐蚀等级10级。 2、整体工艺： （1）整体采用电阻焊接工艺，无外露焊点，钢板采用激光切割及数控折边成型。表面光滑光洁，光泽保持性强，清晰亮净，抗酸耐碱，耐脏易清洁，在接触人体或收藏物品的部位无毛刺、刃口、棱角。 （2）采用双层门板设计；门框加减震垫，关门静音。柜门内置磁吸功能；柜门采用门轴连接方式，门轴连接件直径为≥4.0mm。 （3）采用隐藏式卷边拉手，折弯一体成型。 2、配置：316#不锈钢水盆、下水器、水龙头.根据采购方需求进行深化设计。 4、成品验收标准：QB∕T 1951.2-2013 《金属家具质量检验及质量评定》、GB 3325-2017《金属家具通用技术条件》、GB/T 35607-2017《绿色产品评价 家具》。 | E42: 个 | F42: 9 | G42: 1500 | H42: 13500
A43: 15 | B43: 分拣台 | C43: 双层 1400*800*800mm | D43: 1、材料：材质为316#不锈钢，主体钢板（柜体、层板、背板）厚度≥1.0mm。钢材符合GB/T 20123-2006《钢铁 总碳含量的测定 高频感应炉燃烧后红外吸收法(常规方法)》;YB/T4171-2020《含铜抗菌不锈钢》；GB/T228.1-2010《金属材料 拉伸试验 第一部分：温室试验方法》；QB/T3826-1999《轻工气氛腐蚀试验 盐雾试验》QB/T 3832-1999《轻工产品金属镀层腐蚀试验结果的评价》BT/T20125-2006《低合金钢 多元素含量的测定 电感耦合等离子体院子发射光谱法》；GB/T3325-2017《金属家具通用技术条件》，耐腐蚀10级； （2）导轨：不锈钢三节阻尼导轨。整体符合QB/T 2454-2013《家具五金抽屉导轨》、不锈钢符合QB/T3826--1999《轻工产品金属镀层和化学处理层的耐腐蚀性试验方法中性盐雾试验(NSS)法》，QB/T3832-1999《轻工产品金属镀层腐蚀试验结果的评价》，耐腐蚀等级10级。 2、整体工艺： （1）整体采用电阻焊接工艺，无外露焊点，钢板采用激光切割及数控折边成型。表面光滑光洁，光泽保持性强，清晰亮净，抗酸耐碱，耐脏易清洁，在接触人体或收藏物品的部位无毛刺、刃口、棱角。 （2）采用双层门板设计；门框加减震垫，关门静音。柜门内置磁吸功能；柜门采用门轴连接方式，门轴连接件直径为≥4.0mm。 （3）采用隐藏式卷边拉手，折弯一体成型。 2、配置：316#不锈钢水盆、下水器、水龙头.根据采购方需求进行深化设计。 4、成品验收标准：QB∕T 1951.2-2013 《金属家具质量检验及质量评定》、GB 3325-2017《金属家具通用技术条件》、GB/T 35607-2017《绿色产品评价 家具》。 | E43: 个 | F43: 10 | G43: 1500 | H43: 15000
A44: 16 | B44: 工作台 | C44: 定制 | D44: 不锈钢 | E44: 个 | F44: =SUM(F45:F49) -> 19 | G44: =H44/F44 -> 2894.7368 | H44: =SUM(H45:H49) -> 55000
A45: 16.1 | B45: 工作台1 | C45: 长2米，宽0.8米，高0.85米，带轮锁定 | D45: 不锈钢 | E45: 个 | F45: 3 | G45: 3000 | H45: 9000
A46: 16.2 | B46: 工作台2 | C46: 2米*1米、不锈钢，双层，带轮子锁定 | D46: 不锈钢 | E46: 个 | F46: 2 | G46: 3000 | H46: 6000
A47: 16.3 | B47: 工作台3 | C47: 2米*1米、双层，带轮子锁定 | D47: 不锈钢 | E47: 个 | F47: 8 | G47: 3000 | H47: 24000
A48: 16.4 | B48: 工作台4 | C48: （带镜子和灯光）2400*700*750 | D48: 人造板 | E48: 张 | F48: 4 | G48: 3000 | H48: 12000
A49: 16.5 | B49: 工作台5 | C49: 长1.2米，宽0.4米 | D49: 不锈钢 | E49: 个 | F49: 2 | G49: 2000 | H49: 4000
A50: 17 | B50: 讲台 | C50: 根据现场实际测量定制 | D50: 1、基材：采用E1 级刨花板及中纤板，符合GB 18580-2017《室内装饰装修材料 人造板及其制品中甲醛释放限量》 2、贴面：采用AAA级实木皮贴面，厚度≥0.8mm 3、封边：实木封边条，符合QB/T4463-2013《家具用封边条技术要求》 4、油漆：采用优质环保水性面漆和水性底漆，并经过五底三面油漆工艺处理，各指标均达到SZJG 52-2016《家具成品及原辅材料有害物质限量》要求； 5、台面三面围合，下部带储物柜及空格柜，根据采购方需求设计。台面可内嵌显示屏，麦克风，满足及配合信息化走线、开孔需求。 备注：图片仅供参考，具体材质、样式、颜色需与采购方确认。 6、后期检测验收参考标准： SZJG 52-2016 《家具成品及原辅材料中有害物质限量》 GB/T 334-2017《木家具通用技术条件》 | E50: 张 | F50: 5 | G50: 2600 | H50: =F50*G50 -> 13000
A51: 18 | B51: 尿布台 | C51: 根据现场实际测量定制 | D51: HDPE材料 | E51: 张 | F51: 1 | G51: 500 | H51: 500
A52: 19 | B52: 咨询台 | C52: 根据现场实际测量定制 | D52: 材质：人造板 | E52: 个 | F52: 1 | G52: 5500 | H52: 5500
A53: 20 | B53: 物品台 | C53: 定制 | D53: 1、贴面板材：采用优质三聚氰胺纸 ,甲醛释放限量符合国家标准， 2、基材：采用通过国家技术标准的优质环保刨花板。确保甲醛排放达安全水平，经过防潮、防虫、防腐的化学处理，强度高，刚性好，不变形不开裂； 3、粘合剂：优质乳胶, 4、封边用材：2mm厚PVC胶边，优质热熔胶。 5、品牌优质五金配件； 6、脚架：钢制脚架，配有防滑脚垫。 | E53: 个 | F53: 4 | G53: 4000 | H53: 16000
A54: 21 | B54: 写字台 | C54: 定制 | D54: 1、贴面板材：采用优质三聚氰胺纸 ,甲醛释放限量符合国家标准， 2、基材：采用通过国家技术标准的优质环保刨花板。确保甲醛排放达安全水平，经过防潮、防虫、防腐的化学处理，强度高，刚性好，不变形不开裂； 3、粘合剂：优质乳胶, 4、封边用材：2mm厚PVC胶边，优质热熔胶。 5、品牌优质五金配件； 6、脚架：采用静电粉末喷涂钢脚架。 7、每个位配活动柜一组 | E54: 个 | F54: 8 | G54: 2000 | H54: 16000
A55: 22 | B55: 演讲台 | C55: 根据现场实际测量定制 | D55: 1、贴面材料：采用优质木皮饰面， 2、基材：采用优质高密度中纤板,优质绿色环保产品。 3、品牌油漆：面漆采用PU聚脂漆,底漆采用PE不饱和树脂，甲苯、二甲苯、乙苯含量总和符合国家环保要求。 4、品牌优质五金配件； | E55: 个 | F55: 8 | G55: 2000 | H55: 16000
A56: 23 | B56: 茶几 | C56: 圆形直径0.6，高0.75；或根据现场实际测量定制，活动、休息室/办公室 | D56: 1、贴面材料：采用优质木皮饰面， 2、封边用材：与贴面相同的实木木材； 3、基材：采用优质高密度中纤板,优质绿色环保产品。 4、品牌油漆：面漆采用PU聚脂漆,底漆采用PE不饱和树脂，甲苯、二甲苯、乙苯含量总和符合国家环保要求。 5、品牌优质五金配件； | E56: 个 | F56: =SUM(F57:F60) -> 846 | G56: =H56/F56 -> 1000 | H56: =SUM(H57:H60) -> 846000
A57: 23.1 | B57: 茶几1 | C57: 圆形直径0.6，高0.75；或根据现场实际测量定制，活动、休息室/办公室 | D57: 1、贴面材料：采用优质木皮饰面， 2、封边用材：与贴面相同的实木木材； 3、基材：采用优质高密度中纤板,优质绿色环保产品。 4、品牌油漆：面漆采用PU聚脂漆,底漆采用PE不饱和树脂，甲苯、二甲苯、乙苯含量总和符合国家环保要求。 5、品牌优质五金配件； | E57: 个 | F57: =608+144 -> 752 | G57: 1000 | H57: =F57*G57 -> 752000
A58: 23.2 | B58: 茶几2 | C58: 方形直径0.6，高0.75；或根据现场实际测量定制，活动、休息室/办公室 | D58: 1、贴面材料：采用优质木皮饰面， 2、封边用材：与贴面相同的实木木材； 3、基材：采用优质高密度中纤板,优质绿色环保产品。 4、品牌油漆：面漆采用PU聚脂漆,底漆采用PE不饱和树脂，甲苯、二甲苯、乙苯含量总和符合国家环保要求。 5、品牌优质五金配件； | E58: 个 | F58: 2 | G58: 1000 | H58: 2000
A59: 23.3 | B59: 茶几3 | C59: 小圆直径0.6，高0.75；或根据现场实际测量定制，活动、休息室/办公室 | D59: 1、贴面材料：采用优质木皮饰面， 2、封边用材：与贴面相同的实木木材； 3、基材：采用优质高密度中纤板,优质绿色环保产品。 4、品牌油漆：面漆采用PU聚脂漆,底漆采用PE不饱和树脂，甲苯、二甲苯、乙苯含量总和符合国家环保要求。 5、品牌优质五金配件； | E59: 个 | F59: 6 | G59: 1000 | H59: 6000
A60: 23.4 | B60: 茶几4 | C60: 椭圆形；或根据现场实际测量定制 | D60: 1、贴面材料：采用优质木皮饰面， 2、封边用材：与贴面相同的实木木材； 3、基材：采用优质高密度中纤板,优质绿色环保产品。 4、品牌油漆：面漆采用PU聚脂漆,底漆采用PE不饱和树脂，甲苯、二甲苯、乙苯含量总和符合国家环保要求。 5、品牌优质五金配件； | E60: 个 | F60: 86 | G60: 1000 | H60: =F60*G60 -> 86000
A61: 二、椅子类 | F61: =SUM(F62,F66:F85) -> 9475 | H61: =SUM(H62,H66:H85) -> 6286470
A62: 1 | B62: 办公椅 | C62: 内置≥10mm厚夹板 | D62: 1、椅背：采用专用优质网布，整个框架为工程塑胶框架，结实耐用，曲线造型，更显得十分美观自然； 2、座垫：采用复合高弹海棉，面覆优质网布； 3、扶手：为PU扶手； 4、脚架：采用优质五星脚架。 | E62: 张 | F62: =SUM(F63:F65) -> 2698 | G62: =H62/F62 -> 1367.5019 | H62: =SUM(H63:H65) -> 3689520
A63: 1.1 | B63: 办公椅1 | C63: 常规 | D63: 1、椅背：采用专用优质网布，整个框架为工程塑胶框架，结实耐用，曲线造型，更显得十分美观自然； 2、座垫：采用复合高弹海棉，面覆优质网布； 3、扶手：为PU扶手； 4、脚架：采用优质五星脚架。 | E63: 张 | F63: =2447-36 -> 2411 | G63: 1320 | H63: =F63*G63 -> 3182520
A64: 1.2 | B64: 办公椅2 | C64: 常规 | D64: PU聚氨酯一体成型发泡坐、靠背椅面，内置≥10mm厚夹板，聚氨酯发泡包裹木板，结实耐用、耐 磨， | E64: 张 | F64: 268 | G64: 1750 | H64: 469000
A65: 1.3 | B65: 办公椅3 | C65: 常规 | D65: PU聚氨酯一体成型发泡坐、靠背椅面，内置≥10mm厚夹板，聚氨酯发泡包裹木板，结实耐用、耐 磨， | E65: 张 | F65: 19 | G65: 2000 | H65: 38000
A66: 2 | B66: 餐椅 | C66: 540*540*800 | D66: 1.面料：采用高强度工程塑料，内板及外框材料采用PP+PA材料； 2.结构功能：座椅的座面与靠背均一体成型，下架电镀金属钢架，配双排扣尼龙脚垫。 | E66: 张 | F66: 28 | G66: 365 | H66: 10220
A67: 3 | B67: 座椅 | C67: 整椅胶背深度≥440mm,整椅胶背高度≥441mm，胶背顶腰高度≥155mm,重量≥3.35kg | D67: 1.椅身：采用全新聚丙烯加玻璃纤维，由两部分组成（座面、装饰壳），整椅胶背深度≥440mm,整椅胶背高度≥441mm，胶背顶腰高度≥155mm,重量≥3.35kg。椅身和装饰壳通过颜色区分搭配。 2.座面：深度≥520mm,座板宽≥440mm,厚度≥7.5mm，背部分是运用埃菲尔铁塔的元素设计，铁塔底部宽度为≥215mm，上部宽度为≥120mm，结合腰位、颈椎位置巧妙的设计出3D立面的椅背，为了更好的撑腰护脊，贴腰和包覆性明显。胶背顶部宽度350mm，回翻式设计，可以方便使用者手提搬运。≥ 3.装饰壳：采用全新ABS材质，3D等腰梯形设计，厚度≥5mm，重量≥0.05kg；外部梯形部分采用光面材质，上宽≥100mm，下宽≥215mm，高度≥135mm，腰长≥140mm，厚度≥5mm；内部梯形采用磨砂材质，上宽≥70mm，下宽≥180mm，高度≥105mm，腰长≥110mm；安装方式是卡扣加隐藏式螺丝。 4.优质白蜡木椅脚，较高的光泽度，质地细密，不易吸水，耐腐蚀，强度大，稳定性强，断裂强度高、抗震能力特别强，结实耐用，使用年限长。表面清漆处理，符合国家环保标准。内置优质铁架15*15*1.5，连接胶背坐板，更加稳定和实效。 | E67: 张 | F67: =120+44+63 -> 227 | G67: 890 | H67: =F67*G67 -> 202030
A68: 4 | B68: 会议椅 | C68: 580*540*770 | D68: 1、面料：选用优质皮质面料，防潮、防污易清洁等，皮面柔软舒适，光泽持久性好，手感柔软，纹理细腻，富有弹性； 2、海绵：采用优质PU阻燃成型高密度泡绵，在常期负重状态下性能保持良好。泡棉表面做防腐化和防变形保护膜，耐久不变形，高回弹，耐冲击。 3、扶手：铝合金扶手架，配皮扶手面。 4、脚架：优质五星脚架，带静音滑轮 | E68: 张 | F68: =360+24 -> 384 | G68: 1100 | H68: =F68*G68 -> 422400
A69: 5 | B69: 肌注凳 | C69: 座板：采用12mm的成型板，带座壳； 2.5MM厚蝴蝶专用底盘； 二级电镀拉深下沉100汽杆，氮气纯度达99.99%，内壁厚度1.5mm,外壁比1.2mm | D69: 1、框架采用工程塑料全新料（PP+玻纤），抗老化 2、面料采用网布。 3、可调节扶手，可向上翻转90°，通过91kg的静压测试和45kg的水平拉力测试。 4、高密度纯棉，海绵密度≥45kg/m³，回弹率≥35%。 5、座板：采用12mm的成型板，带座壳 6、2.5MM厚蝴蝶专用底盘 7、二级电镀拉深下沉100汽杆，氮气纯度达99.99%，内壁厚度1.5mm,外壁比1.2mm，通过SGS认证。 8、高强度白色PP脚。 9、PA+PU黑轮，115公斤负重下转动10万周无故障。 10、PP弹性护腰腰片支撑、底盘逍遥逍遥90°和125°及原位锁定；气杆升降，扶手可上下活动 | E69: 张 | F69: 2 | G69: 500 | H69: 1000
A70: 6 | B70: 靠背椅 | C70: 可升降，带滑轮 | D70: 不锈钢 | E70: 张 | F70: 35 | G70: 1000 | H70: 35000
A71: 7 | B71: 连排椅 | C71: 长 2米，宽 0.5 米，高 0.9米 | D71: 1、椅身及扶手面：PU成型自结皮饰面，温馨耐用，密度达到60kg\m³，拉伸强度≥90kPa，伸长率≥130%，回弹率≥35%，撕裂强度≥2.0N/cm，干热老化后拉伸强度≥55kPa甲醛释放≤0.120mg/m2h,TVOC≤0.5mg/m2h。 2、内框架：采用厚度12MM冷轧钢板激光切割成型后焊接而成，所有焊接部分均为满焊，结实稳固。 3、横梁：高强度135*100*100三角形冷轧钢管，表面喷涂处理，金属抗盐雾 4、脚架：高强度冷轧方形钢管，表面喷涂处理，金属抗盐雾 18h。 | E71: 张 | F71: 36 | G71: 3000 | H71: 108000
A72: 8 | B72: 二级阶梯凳 | C72: 45*46*47mm | D72: 主体材质：金属 | E72: 张 | F72: 72 | G72: 200 | H72: =F72*G72 -> 14400
A73: 9 | B73: 高脚踏凳 | C73: 47*67*69mm | D73: 1、304不锈钢材质，表面抛光处理，抗腐蚀易清洗 | E73: 张 | F73: 2 | G73: 500 | H73: 1000
A74: 10 | B74: 等候椅（三位） | C74: 密度达到60kg\m³，拉伸强度≥90kPa，伸长率≥130%，回弹率≥35%，撕裂强度≥2.0N/cm | D74: 1、椅身及扶手面：PU成型自结皮饰面，温馨耐用，密度达到60kg\m³，拉伸强度≥90kPa，伸长率≥130%，回弹率≥35%，撕裂强度≥2.0N/cm，干热老化后拉伸强度≥55kPa甲醛释放≤0.120mg/m2h,TVOC≤0.5mg/m2h。 2、内框架：采用厚度12MM冷轧钢板激光切割成型后焊接而成，所有焊接部分均为满焊，结实稳固。 3、横梁：高强度135*100*100三角形冷轧钢管，表面喷涂处理，金属抗盐雾 4、脚架：高强度冷轧方形钢管，表面喷涂处理，金属抗盐雾 18h。 | E74: 排 | F74: 10 | G74: 1000 | H74: 10000
A75: 11 | B75: 陪人椅 | C75: h型普通椅子 | D75: PVC | E75: 张 | F75: 1228 | G75: 150 | H75: =F75*G75 -> 184200
A76: 12 | B76: 普通椅 | C76: 550*480*820 | D76: 1.面料：采用高强度工程塑料，内板及外框材料采用PP+PA材料； 2.结构功能：座椅的座面与靠背均一体成型，下架电镀金属钢架，配双排扣尼龙脚垫。 | E76: 张 | F76: 283 | G76: 500 | H76: 141500
A77: 13 | B77: 移动培训椅 | C77: 可折叠、可移动 | D77: 1、面料：选用优质皮质面料，防潮、防污易清洁等，皮面柔软舒适，光泽持久性好，手感柔软，纹理细腻，富有弹性； 2、海绵：采用优质PU阻燃成型高密度泡绵，在常期负重状态下性能保持良好。泡棉表面做防腐化和防变形保护膜，耐久不变形，高回弹，耐冲击。 3、扶手：铝合金扶手架，配皮扶手面。 4、脚架：优质五星脚架，带静音滑轮 | E77: 张 | F77: 64 | G77: 400 | H77: 25600
A78: 14 | B78: 长条凳 | C78: 根据现场实际测量定制 | D78: 材质：实木 | E78: 张 | F78: 48 | G78: 500 | H78: =F78*G78 -> 24000
A79: 15 | B79: 折叠椅 | C79: 四脚椅 | D79: 五星脚材质：锦纶/尼龙(聚酰胺纤维) 面料材质：网布 | E79: 张 | F79: 2215 | G79: 200 | H79: 443000
A80: 16 | B80: 圆椅 | C80: 硬座面 | D80: 1、采用优质实木，质地均匀而又紧密，结构坚固，承重力强； 2、木纹美观独特，具有极强的装饰效果； 3、采用优质品牌五金配件； 4、油漆采用环保油漆，光泽度好，环保无气味； | E80: 张 | F80: 332 | G80: 800 | H80: 265600
A81: 17 | B81: 桌前椅 | C81: 550*480*820 | D81: 1、椅背：采用专用优质网布，整个框架为工程塑胶框架，结实耐用，曲线造型，更显得十分美观自然； 2、座垫：采用复合高弹海棉，面覆优质网布； 3、扶手：为PU扶手； 4、脚架：采用优质五星脚架。 | E81: 张 | F81: 13 | G81: 800 | H81: 10400
A82: 18 | B82: 户外椅 | C82: 带扶手 椅背 | D82: 1.管型：铝合金 锥管（50-25)*25*1.2mm, 十字架：50*25*1.5mm，座板：48*7.5mm 2.表面处理：高温喷涂户外砂纹粉-碳灰色PT9970 3.编织：澳利芬Olifen户外织带 Dia6mm, 深灰色 TF17-0612 4.座垫 ≥5cm厚，软靠垫≥5cm，软海棉 5.面料：国产常规防泼水户外布 灰麻色B*4015 6.内料：中高密度海棉+松棉，里布内胆，防水工艺 7.结构：上下拆装 8.配不锈钢螺丝及垫片 | E82: 张 | F82: 360 | G82: 200 | H82: =F82*G82 -> 72000
A83: 19 | B83: 活动椅 | C83: 四脚椅 | D83: 五星脚材质：锦纶/尼龙(聚酰胺纤维) 面料材质：网布 | E83: 张 | F83: 172 | G83: 200 | H83: =F83*G83 -> 34400
A84: 20 | B84: 通风座椅 | C84: 560*650*950mm | D84: 侧边为实木侧框，软 包为定型棉加绒麻阻 燃面料，座背板采用 实木多层板。配置小 桌板，小桌板收纳槽 内需配置减震海绵。 座椅下方设通风立 柱，通风口需设置调 节阀。 | E84: 张 | F84: 666 | G84: 700 | H84: 466200
A85: 21 | B85: 洗澡凳 | C85: 常规 | D85: 木质 | E85: 个 | F85: 600 | G85: 210 | H85: =F85*G85 -> 126000
A86: 三、柜子类 | F86: =SUM(F87:F127)-F113-F120 -> 2908 | H86: =SUM(H87:H127)-H113-H120 -> 10822114
A87: 1 | B87: 3门文件柜 | C87: 层/底板为≥25mm，其余为≥16mm | D87: 1.基材：E0级MFC基材、铁皮 2.锁具：使用品牌锁具 3.底部支撑：矮柜使用轻型柜底支撑(TP-12B型柜底支撑) 4.内部结构：上带两块活层，下带一块活层；整体为门板覆盖顶、底板； 5.层板厚度：层/底板为≥25mm，其余为≥16mm； 6.铝框玻璃门默认不带锁具，所使用的玻璃标配为钢化玻璃 | E87: 个 | F87: 11 | G87: 4000 | H87: 44000
A88: 2 | B88: L型治疗组合柜 | C88: 上吊柜可下拉 下台面柜 换药室（根据现场实际测量定制） | D88: 1、柜体：采用≥1.0mm一级电解钢板。 2、门板：采用一级电解钢板。 3、拉手：一字折弯暗拉手。 4、表面处理：表面采用环氧树脂粉末喷涂，涂层膜厚度均匀，内外一致，耐撞击，抗腐蚀力强。 5、台面医用级纯亚克力台面，厚度≥12mm。 | E88: 套 | F88: 1 | G88: 15000 | H88: 15000
A89: 3 | B89: 办公柜 | C89: 根据护士站范围定制 | D89: 1.基材：E0级MFC基材、铁皮 2.锁具：使用品牌锁具 3.底部支撑：矮柜使用轻型柜底支撑(TP-12B型柜底支撑) 4.内部结构：上带两块活层，下带一块活层；整体为门板覆盖顶、底板； 5.层板厚度：层/底板为≥25mm，其余为≥16mm； 6.铝框玻璃门默认不带锁具，所使用的玻璃标配为钢化玻璃 | E89: 米 | F89: 6 | G89: 2000 | H89: 12000
A90: 4 | B90: 保密文件柜 | C90: 国密、蓝盾、指纹锁+电子密码、双开门 | D90: 冷轧钢板 | E90: 台 | F90: 20 | G90: 4200 | H90: 84000
A91: 5 | B91: 保险柜 | C91: 长600mm；宽560mm；高1500mm；或根据现场实际测量定制 | D91: 高强度低碳合金钢 | E91: 个 | F91: =142-4 -> 138 | G91: 1800 | H91: =F91*G91 -> 248400
A92: 6 | B92: 壁柜 | C92: 定制，嵌入式，根据后方或侧方墙面长宽设置整面柜子 | D92: 1.基材：E0级MFC基材 2.锁具：使用品牌锁具 3.底部支撑：矮柜使用轻型柜底支撑(TP-12B型柜底支撑) 4.内部结构：上带两块活层，下带一块活层；整体为门板覆盖顶、底板； 5.层板厚度：层/底板为25mm，其余为16mm； 6.铝框玻璃门默认不带锁具，所使用的玻璃标配为钢化玻璃 | E92: 个 | F92: 11 | G92: 8000 | H92: 88000
A93: 7 | B93: 餐柜 | C93: 定制 | D93: 1、柜体：采用≥1.0mm一级电解钢板。 2、门板：采用一级电解钢板。 3、拉手：一字折弯暗拉手。 4、表面处理：表面采用环氧树脂粉末喷涂，涂层膜厚度均匀，内外一致，耐撞击，抗腐蚀力强。 5、台面医用级人造大理石，厚度12mm。 | E93: 个 | F93: 1 | G93: 1000 | H93: 1000
A94: 8 | B94: 茶水柜 | C94: 茶水柜：长 1米，宽 0.4米，高 0.9米；或根据现场实际测量定制 | D94: 1.基材：E0级环保MFC基材； 2.工艺： 门板采用45 °斜切式隐形拉手，开启更简便，将突兀的拉手隐藏后，简洁大方； 3.底部支撑：矮柜使用轻型柜底支撑(TP-11A型柜底支撑) 4.锁具：优质品牌锁具 5.内部结构： 内置一块活动层板 | E94: 个 | F94: 180 | G94: 1000 | H94: =F94*G94 -> 180000
A95: 9 | B95: 陈列柜 | C95: 长1.2米，宽0.55米，高2.4米 | D95: 1、材质：采用优质304#不锈钢经压折、焊接、抛光打磨而成，没有外露点；板材厚 2、焊接光滑无毛刺，表面抛光处理，抗腐蚀易清洗，整体设计实用而坚固、工艺精致美观、操作灵活方便，制作工艺采用激光设备切割、数控设备折弯，使产品更具流线性，整体坚实稳固。 | E95: 个 | F95: 2 | G95: 9000 | H95: 18000
A96: 10 | B96: 储物柜 | C96: 采用≥1.0mm一级电解钢板 | D96: 1、柜体：采用≥1.0mm一级电解钢板。 2、门板：采用一级电解钢板。 3、拉手：一字折弯暗拉手。 4、表面处理：表面采用环氧树脂粉末喷涂，涂层膜厚度均匀，内外一致，耐撞击，抗腐蚀力强。 | E96: 个 | F96: 3 | G96: 3000 | H96: 9000
A97: 11 | B97: 存物柜 | C97: 大约需要50格 | D97: 1、柜体：采用1.0mm一级电解钢板。 2、门板：采用一级电解钢板。 3、拉手：一字折弯暗拉手。 4、表面处理：表面采用环氧树脂粉末喷涂，涂层膜厚度均匀，内外一致，耐撞击，抗腐蚀力强。 | E97: 个 | F97: 4 | G97: 4628.6 | H97: 18514.4
A98: 12 | B98: 地柜 | C98: 1000W*500D*900H | D98: 1、贴面材料：采用优质木皮饰面， 2、封边用材：与贴面相同的实木木材； 3、基材：采用优质高密度中纤板,优质绿色环保产品。 4、品牌油漆：面漆采用PU聚脂漆,底漆采用PE不饱和树脂，甲苯、二甲苯、乙苯含量总和符合国家环保要求。 5、品牌优质五金配件； | E98: 个 | F98: 7 | G98: 3000 | H98: 21000
A99: 13 | B99: 电视柜 | C99: 1800*400*420 | D99: 1、贴面板材：采用优质三聚氰胺纸 ,甲醛释放限量符合国家标准， 2、基材：采用通过国家技术标准的优质环保刨花板。确保甲醛排放达安全水平，经过防潮、防虫、防腐的化学处理，强度高，刚性好，不变形不开裂； 3、粘合剂：优质乳胶, 4、封边用材：2mm厚PVC胶边，优质热熔胶。 5、品牌优质五金配件； 6、脚架：采用木质脚架。 | E99: 个 | F99: 29 | G99: 2000 | H99: 58000
A100: 14 | B100: 防磁柜 | C100: 定制 | D100: 钢 | E100: 个 | F100: 1 | G100: 2000 | H100: 2000
...

Sheet 办公家具透视表
A3: 产品名称 | B3: 规格参数 | C3: 材质参数 | D3: 单位 | E3: 单价（元） | F3: 求和项:数量 | G3: 求和项:总价 （元）
A4: 3门文件柜 | B4: 常规 | C4: 1.基材：E0级MFC基材、铁皮 2.锁具：使用品牌锁具 3.底部支撑：矮柜使用轻型柜底支撑(TP-12B型柜底支撑) 4.内部结构：上带两块活层，下带一块活层；整体为门板覆盖顶、底板； 5.层板厚度：层/底板为≥25mm，其余为≥16mm； 6.铝框玻璃门默认不带锁具，所使用的玻璃标配为钢化玻璃 | D4: 个 | E4: 4000 | F4: 11 | G4: 44000
A5: L型治疗组合柜 | B5: 上吊柜可下拉 下台面柜 换药室（根据现场实际测量定制） | C5: 1、柜体：采用≥1.0mm一级电解钢板。 2、门板：采用一级电解钢板。 3、拉手：一字折弯暗拉手。 4、表面处理：表面采用环氧树脂粉末喷涂，涂层膜厚度均匀，内外一致，耐撞击，抗腐蚀力强。 5、台面医用级纯亚克力台面，厚度≥12mm。 | D5: 套 | E5: 15000 | F5: 78 | G5: 1170000
A6: PP滴水架 | B6: 常规 | C6: 实验室导流管配件沥水架 烧杯器皿晾干架 | D6: 个 | E6: 200 | F6: 2 | G6: 400
A7: PP水槽 | B7: 常规 | C7: 高密度聚丙烯防腐蚀 | D7: 个 | E7: 600 | F7: 2 | G7: 1200
A8: 办公柜 | B8: 根据护士站范围定制 | C8: (空白) | D8: 米 | E8: 2000 | F8: 6 | G8: 12000
A9: 办公卡座 | B9: 长1.6 米，宽1.6 米，高1.2 米；或根据现场实际测量定制 | C9: 1、贴面板材：采用优质三聚氰胺纸 ,甲醛释放限量符合国家标准， 2、基材：采用通过国家技术标准的优质环保刨花板。确保甲醛排放达安全水平，经过防潮、防虫、防腐的化学处理，强度高，刚性好，不变形不开裂； 3、粘合剂：优质乳胶, 4、封边用材：≥2mm厚PVC胶边，优质热熔胶。 5、品牌优质五金配件； 6、脚架：采用静电粉末喷涂钢脚架。 7、每个位配活动柜一组 | D9: 张 | E9: 4000 | F9: 90 | G9: 360000
A10: 办公台 | B10: 根据护士站范围定制 | C10: (空白) | D10: 米 | E10: 2000 | F10: 8 | G10: 16000
A11: 办公椅 | B11: 常规 | C11: 1、椅背：采用专用优质网布，整个框架为工程塑胶框架，结实耐用，曲线造型，更显得十分美观自然； 2、座垫：采用复合高弹海棉，面覆优质网布； 3、扶手：为PU扶手； 4、脚架：采用优质五星脚架。 | D11: 张 | E11: 1320 | F11: 2348 | G11: 3099360
A12: 办公椅 | B12: 常规 | C12: PU聚氨酯一体成型发泡坐、靠背椅面，内置≥10mm厚夹板，聚氨酯发泡包裹木板，结实耐用、耐 磨， | D12: 张 | E12: 1750 | F12: 253 | G12: 442750
A13: 办公椅 | B13: 常规 | C13: PU聚氨酯一体成型发泡坐、靠背椅面，内置≥10mm厚夹板，聚氨酯发泡包裹木板，结实耐用、耐 磨， | D13: 张 | E13: 2000 | F13: 19 | G13: 38000
A14: 办公桌 | B14: 1000*600*750 | C14: 1、贴面板材：采用优质三聚氰胺纸 ,甲醛释放限量符合国家标准， 2、基材：采用通过国家技术标准的优质环保刨花板。确保甲醛排放达安全水平，经过防潮、防虫、防腐的化学处理，强度高，刚性好，不变形不开裂； 3、粘合剂：优质乳胶, 4、封边用材：≥2mm厚PVC胶边，优质热熔胶。 5、品牌优质五金配件； 6、脚架：采用静电粉末喷涂钢脚架。 7、每个位配活动柜一组 | D14: 个 | E14: 800 | F14: 986 | G14: 788800
A15: 办公桌 | B15: 1000*600*750 | C15: 1、贴面板材：采用优质三聚氰胺纸 ,甲醛释放限量符合国家标准， 2、基材：采用通过国家技术标准的优质环保刨花板。确保甲醛排放达安全水平，经过防潮、防虫、防腐的化学处理，强度高，刚性好，不变形不开裂； 3、粘合剂：优质乳胶, 4、封边用材：≥2mm厚PVC胶边，优质热熔胶。 5、品牌优质五金配件； 6、脚架：采用静电粉末喷涂钢脚架。 7、每个位配活动柜一组 | D15: 张 | E15: 800 | F15: 4 | G15: 3200
... A89: 固定架 | B89: 固定拖把 | C89: 不锈钢 | D89: 个 | E89: 100 | F89: 36 | G89: 3600
A90: 合计 | B90: (空白) | C90: (空白) | D90: (空白) | E90: (空白) | F90: 20870.6 | G90: 43757354
A91: 红木文件柜 | B91: 长 0.8米，宽0.4 米，高 2.2 米； | C91: 1.基材：E0级MFC基材、铁皮 2.锁具：使用品牌锁具 3.底部支撑：矮柜使用轻型柜底支撑(TP-12B型柜底支撑) 4.内部结构：上带两块活层，下带一块活层；整体为门板覆盖顶、底板； 5.层板厚度：层/底板为≥25mm，其余为≥16mm； 6.铝框玻璃门默认不带锁具，所使用的玻璃标配为钢化玻璃 | D91: 个 | E91: 3000 | F91: 3 | G91: 9000
A92: 后勤综合楼 | B92: (空白) | C92: (空白) | D92: (空白) | E92: (空白) | F92: 5578.6 | G92: 8826130
A93: 化妆桌 | B93: （带镜子和灯光）2400*700*750 | C93: 人造板 | D93: 张 | E93: 3000 | F93: 4 | G93: 12000
A94: 会客椅 | B94: 常规 | C94: 1.椅身：采用全新聚丙烯加玻璃纤维，由两部分组成（座面、装饰壳），整椅胶背深度≥440mm,整椅胶背高度≥441mm，胶背顶腰高度≥155mm,重量≥3.35kg。椅身和装饰壳通过颜色区分搭配。 2.座面：深度≥520mm,座板宽≥440mm,厚度≥7.5mm，背部分是运用埃菲尔铁塔的元素设计，铁塔底部宽度为≥215mm，上部宽度为≥120mm，结合腰位、颈椎位置巧妙的设计出3D立面的椅背，为了更好的撑腰护脊，贴腰和包覆性明显。胶背顶部宽度350mm，回翻式设计，可以方便使用者手提搬运。≥ 3.装饰壳：采用全新ABS材质，3D等腰梯形设计，厚度≥5mm，重量≥0.05kg；外部梯形部分采用光面材质，上宽≥100mm，下宽≥215mm，高度≥135mm，腰长≥140mm，厚度≥5mm；内部梯形采用磨砂材质，上宽≥70mm，下宽≥180mm，高度≥105mm，腰长≥110mm；安装方式是卡扣加隐藏式螺丝。 4.优质白蜡木椅脚，较高的光泽度，质地细密，不易吸水，耐腐蚀，强度大，稳定性强，断裂强度高、抗震能力特别强，结实耐用，使用年限长。表面清漆处理，符合国家环保标准。内置优质铁架15*15*1.5，连接胶背坐板，更加稳定和实效。 | D94: 张 | E94: 890 | F94: 120 | G94: 106800
A95: 会议椅 | B95: 常规 | C95: 1、面料：选用优质皮质面料，防潮、防污易清洁等，皮面柔软舒适，光泽持久性好，手感柔软，纹理细腻，富有弹性； 2、海绵：采用优质PU阻燃成型高密度泡绵，在常期负重状态下性能保持良好。泡棉表面做防腐化和防变形保护膜，耐久不变形，高回弹，耐冲击。 3、扶手：铝合金扶手架，配皮扶手面。 4、脚架：优质五星脚架，带静音滑轮 | D95: 个 | E95: 1100 | F95: 40 | G95: 44000
A96: 会议椅 | B96: 常规 | C96: 1、面料：选用优质皮质面料，防潮、防污易清洁等，皮面柔软舒适，光泽持久性好，手感柔软，纹理细腻，富有弹性； 2、海绵：采用优质PU阻燃成型高密度泡绵，在常期负重状态下性能保持良好。泡棉表面做防腐化和防变形保护膜，耐久不变形，高回弹，耐冲击。 3、扶手：铝合金扶手架，配皮扶手面。 4、脚架：优质五星脚架，带静音滑轮 | D96: 张 | E96: 1100 | F96: 322 | G96: 354200
A97: 会议桌（大号） | B97: 长度（或直径）大于 9 米；或根据现场实际测量定制 | C97: 1、贴面材料：采用优质木皮饰面， 2、封边用材：与贴面相同的实木木材； 3、基材：采用优质高密度中纤板,优质绿色环保产品。 4、品牌油漆：面漆采用PU聚脂漆,底漆采用PE不饱和树脂，甲苯、二甲苯、乙苯含量总和符合国家环保要求。 5、品牌优质五金配件； | D97: 张 | E97: 20000 | F97: 1 | G97: 20000
A98: 会议桌（小号） | B98: 长度（或直径）大于等于 4.2 米；或根据现场实际测量定制 | C98: 1、贴面板材：采用优质三聚氰胺纸 ,甲醛释放限量符合国家标准， 2、基材：采用通过国家技术标准的优质环保刨花板。确保甲醛排放达安全水平，经过防潮、防虫、防腐的化学处理，强度高，刚性好，不变形不开裂； 3、粘合剂：优质乳胶, 4、封边用材：≥2mm厚PVC胶边，优质热熔胶。 5、品牌优质五金配件； 6、脚架：钢制脚架，配有防滑脚垫。 | D98: 张 | E98: 5000 | F98: 12 | G98: 60000
A99: 会议桌（中号） | B99: 4.5米定制，可放置翻盖笔记本电脑；或根据现场实际测量定制 | C99: 1、贴面材料：采用优质木皮饰面， 2、封边用材：与贴面相同的实木木材； 3、基材：采用优质高密度中纤板,优质绿色环保产品。 4、品牌油漆：面漆采用PU聚脂漆,底漆采用PE不饱和树脂，甲苯、二甲苯、乙苯含量总和符合国家环保要求。 5、品牌优质五金配件； | D99: 张 | E99: 12000 | F99: 44 | G99: 528000
A100: 肌注凳 | B100: 常规 | C100: 1、框架采用工程塑料全新料（PP+玻纤），抗老化 2、面料采用网布。 3、可调节扶手，可向上翻转90°，通过91kg的静压测试和45kg的水平拉力测试。 4、高密度纯棉，海绵密度≥45kg/m³，回弹率≥35%。 5、座板：采用12mm的成型板，带座壳 6、2.5MM厚蝴蝶专用底盘 7、二级电镀拉深下沉100汽杆，氮气纯度达99.99%，内壁厚度1.5mm,外壁比1.2mm，通过SGS认证。 8、高强度白色PP脚。 9、PA+PU黑轮，115公斤负重下转动10万周无故障。 10、PP弹性护腰腰片支撑、底盘逍遥逍遥90°和125°及原位锁定；气杆升降，扶手可上下活动 | D100: 张 | E100: 500 | F100: 2 | G100: 1000
A101: 讲台 | B101: 常规 | C101: 1、基材：采用E1 级刨花板及中纤板，符合GB 18580-2017《室内装饰装修材料 人造板及其制品中甲醛释放限量》 2、贴面：采用AAA级实木皮贴面，厚度≥0.8mm 3、封边：实木封边条，符合QB/T4463-2013《家具用封边条技术要求》 4、油漆：采用优质环保水性面漆和水性底漆，并经过五底三面油漆工艺处理，各指标均达到SZJG 52-2016《家具成品及原辅材料有害物质限量》要求； 5、台面三面围合，下部带储物柜及空格柜，根据采购方需求设计。台面可内嵌显示屏，麦克风，满足及配合信息化走线、开孔需求。 备注：图片仅供参考，具体材质、样式、颜色需与采购方确认。 6、后期检测验收参考标准： SZJG 52-2016 《家具成品及原辅材料中有害物质限量》 GB/T 334-2017《木家具通用技术条件》 | D101: 张 | E101: 2600 | F101: 7 | G101: 18200
A102: 靠背椅 | B102: 可升降，带滑轮 | C102: 不锈钢 | D102: 个 | E102: 1000 | F102: 20 | G102: 20000
A103: 靠背椅 | B103: 可升降，带滑轮，全不锈钢 | C103: 不锈钢 | D103: 个 | E103: 1000 | F103: 15 | G103: 15000
A104: 连排椅 | B104: 长 2米，宽 0.5 米，高 0.9米 | C104: 1、椅身及扶手面：PU成型自结皮饰面，温馨耐用，密度达到60kg\m³，拉伸强度≥90kPa，伸长率≥130%，回弹率≥35%，撕裂强度≥2.0N/cm，干热老化后拉伸强度≥55kPa甲醛释放≤0.120mg/m2h,TVOC≤0.5mg/m2h。 2、内框架：采用厚度12MM冷轧钢板激光切割成型后焊接而成，所有焊接部分均为满焊，结实稳固。 3、横梁：高强度135*100*100三角形冷轧钢管，表面喷涂处理，金属抗盐雾 4、脚架：高强度冷轧方形钢管，表面喷涂处理，金属抗盐雾 18h。 | D104: 张 | E104: 3000 | F104: 36 | G104: 108000
... A181: 组合沙发 (1+1+3) | B181: 常规 | C181: 1、面料：采用优质皮质面料，透气强，柔软且富有韧性，厚度适中，手感良好； 2、海绵：采用高回弹聚胺脂定型海棉或高密度成型PU泡棉，密度高，软硬适中，回弹性好，不含氟氨化合物，无甲醛及二甲苯等异味； 3、框架：选用上等的实木方，材质坚硬、刚性强、含水率符合国家标准，防腐、防虫永不变形。 4、脚架：选用优质金属脚架 | D181: 套 | E181: 6000 | F181: 60 | G181: 360000
A182: (空白) | B182: (空白) | C182: (空白) | D182: (空白) | E182: (空白) | F182: 15292 | G182: 34931224
A183: 总计 | F183: 62611.8 | G183: 1.3127206e+08

Sheet Sheet1
A3: 产品名称 | B3: 规格参数 | C3: 材质参数 | D3: 单位 | E3: 单价（元） | F3: 求和项:数量 | G3: 求和项:总价 （元）
A4: 3门文件柜 | B4: 常规 | C4: 1.基材：E0级MFC基材、铁皮 2.锁具：使用品牌锁具 3.底部支撑：矮柜使用轻型柜底支撑(TP-12B型柜底支撑) 4.内部结构：上带两块活层，下带一块活层；整体为门板覆盖顶、底板； 5.层板厚度：层/底板为≥25mm，其余为≥16mm； 6.铝框玻璃门默认不带锁具，所使用的玻璃标配为钢化玻璃 | D4: 个 | E4: 4000 | F4: 11 | G4: 44000
A5: L型治疗组合柜 | B5: 上吊柜可下拉 下台面柜 换药室（根据现场实际测量定制） | C5: 1、柜体：采用≥1.0mm一级电解钢板。 2、门板：采用一级电解钢板。 3、拉手：一字折弯暗拉手。 4、表面处理：表面采用环氧树脂粉末喷涂，涂层膜厚度均匀，内外一致，耐撞击，抗腐蚀力强。 5、台面医用级纯亚克力台面，厚度≥12mm。 | D5: 套 | E5: 15000 | F5: 1 | G5: 15000
A6: PP滴水架 | B6: 常规 | C6: 实验室导流管配件沥水架 烧杯器皿晾干架 | D6: 个 | E6: 200 | F6: 2 | G6: 400
A7: PP水槽 | B7: 常规 | C7: 高密度聚丙烯防腐蚀 | D7: 个 | E7: 600 | F7: 2 | G7: 1200
A8: 办公柜 | B8: 根据护士站范围定制 | C8: 1.基材：E0级MFC基材、铁皮 2.锁具：使用品牌锁具 3.底部支撑：矮柜使用轻型柜底支撑(TP-12B型柜底支撑) 4.内部结构：上带两块活层，下带一块活层；整体为门板覆盖顶、底板； 5.层板厚度：层/底板为≥25mm，其余为≥16mm； 6.铝框玻璃门默认不带锁具，所使用的玻璃标配为钢化玻璃 | D8: 米 | E8: 2000 | F8: 6 | G8: 12000
A9: 办公卡座 | B9: 长1.6 米，宽1.6 米，高1.2 米；或根据现场实际测量定制 | C9: 1、贴面板材：采用优质三聚氰胺纸 ,甲醛释放限量符合国家标准， 2、基材：采用通过国家技术标准的优质环保刨花板。确保甲醛排放达安全水平，经过防潮、防虫、防腐的化学处理，强度高，刚性好，不变形不开裂； 3、粘合剂：优质乳胶, 4、封边用材：≥2mm厚PVC胶边，优质热熔胶。 5、品牌优质五金配件； 6、脚架：采用静电粉末喷涂钢脚架。 7、每个位配活动柜一组 | D9: 张 | E9: 4000 | F9: 90 | G9: 360000
A10: 办公椅 | B10: 常规 | C10: 1、椅背：采用专用优质网布，整个框架为工程塑胶框架，结实耐用，曲线造型，更显得十分美观自然； 2、座垫：采用复合高弹海棉，面覆优质网布； 3、扶手：为PU扶手； 4、脚架：采用优质五星脚架。 | D10: 张 | E10: 1320 | F10: 2593 | G10: 3422760
A11: 办公椅 | B11: 常规 | C11: PU聚氨酯一体成型发泡坐、靠背椅面，内置≥10mm厚夹板，聚氨酯发泡包裹木板，结实耐用、耐 磨， | D11: 张 | E11: 1320 | F11: 2 | G11: 2640
A12: 办公椅 | B12: 常规 | C12: PU聚氨酯一体成型发泡坐、靠背椅面，内置≥10mm厚夹板，聚氨酯发泡包裹木板，结实耐用、耐 磨， | D12: 张 | E12: 1750 | F12: 268 | G12: 469000
A13: 办公椅 | B13: 常规 | C13: PU聚氨酯一体成型发泡坐、靠背椅面，内置≥10mm厚夹板，聚氨酯发泡包裹木板，结实耐用、耐 磨， | D13: 张 | E13: 2000 | F13: 19 | G13: 38000
A14: 办公椅 | B14: 常规 | C14: 类别：四脚椅 五星脚材质：锦纶/尼龙(聚酰胺纤维) 面料材质：网布 | D14: 张 | E14: 1320 | F14: 30 | G14: 39600
A15: 办公桌 | B15: 1000*600*750 | C15: 1、贴面板材：采用优质三聚氰胺纸 ,甲醛释放限量符合国家标准， 2、基材：采用通过国家技术标准的优质环保刨花板。确保甲醛排放达安全水平，经过防潮、防虫、防腐的化学处理，强度高，刚性好，不变形不开裂； 3、粘合剂：优质乳胶, 4、封边用材：≥2mm厚PVC胶边，优质热熔胶。 5、品牌优质五金配件； 6、脚架：采用静电粉末喷涂钢脚架。 7、每个位配活动柜一组 | D15: 张 | E15: 800 | F15: 869 | G15: 695200
... A203: 座椅 | B203: 常规 | C203: 1.椅身：采用全新聚丙烯加玻璃纤维，由两部分组成（座面、装饰壳），整椅胶背深度≥440mm,整椅胶背高度≥441mm，胶背顶腰高度≥155mm,重量≥3.35kg。椅身和装饰壳通过颜色区分搭配。 2.座面：深度≥520mm,座板宽≥440mm,厚度≥7.5mm，背部分是运用埃菲尔铁塔的元素设计，铁塔底部宽度为≥215mm，上部宽度为≥120mm，结合腰位、颈椎位置巧妙的设计出3D立面的椅背，为了更好的撑腰护脊，贴腰和包覆性明显。胶背顶部宽度350mm，回翻式设计，可以方便使用者手提搬运。≥ 3.装饰壳：采用全新ABS材质，3D等腰梯形设计，厚度≥5mm，重量≥0.05kg；外部梯形部分采用光面材质，上宽≥100mm，下宽≥215mm，高度≥135mm，腰长≥140mm，厚度≥5mm；内部梯形采用磨砂材质，上宽≥70mm，下宽≥180mm，高度≥105mm，腰长≥110mm；安装方式是卡扣加隐藏式螺丝。 4.优质白蜡木椅脚，较高的光泽度，质地细密，不易吸水，耐腐蚀，强度大，稳定性强，断裂强度高、抗震能力特别强，结实耐用，使用年限长。表面清漆处理，符合国家环保标准。内置优质铁架15*15*1.5，连接胶背坐板，更加稳定和实效。 | D203: 张 | E203: 890 | F203: 229 | G203: 203810
A204: (空白) | B204: (空白) | C204: (空白) | D204: (空白) | E204: (空白) | F204: 22430 | G204: 54469844
A205: 总计 | F205: 45097 | G205: 1.0893969e+08

Sheet 办公家具702透视表
A3: 产品名称 | B3: 规格参数 | C3: 材质参数 | D3: 单位 | E3: 单价（元） | F3: 求和项:数量 （台/套） | G3: 求和项:总价 （元）
A4: 3门文件柜 | B4: 常规 | C4: 1.基材：E0级MFC基材、铁皮 2.锁具：使用品牌锁具 3.底部支撑：矮柜使用轻型柜底支撑(TP-12B型柜底支撑) 4.内部结构：上带两块活层，下带一块活层；整体为门板覆盖顶、底板； 5.层板厚度：层/底板为≥25mm，其余为≥16mm； 6.铝框玻璃门默认不带锁具，所使用的玻璃标配为钢化玻璃 | D4: 个 | E4: 4000 | F4: 11 | G4: 44000
A5: PP滴水架 | B5: 常规 | C5: 实验室导流管配件沥水架 烧杯器皿晾干架 | D5: 个 | E5: 200 | F5: 2 | G5: 400
A6: PP水槽 | B6: 常规 | C6: 高密度聚丙烯防腐蚀 | D6: 个 | E6: 600 | F6: 2 | G6: 1200
A7: 办公柜 | B7: 根据护士站范围定制 | C7: 1.基材：E0级MFC基材、铁皮 2.锁具：使用品牌锁具 3.底部支撑：矮柜使用轻型柜底支撑(TP-12B型柜底支撑) 4.内部结构：上带两块活层，下带一块活层；整体为门板覆盖顶、底板； 5.层板厚度：层/底板为≥25mm，其余为≥16mm； 6.铝框玻璃门默认不带锁具，所使用的玻璃标配为钢化玻璃 | D7: 米 | E7: 2000 | F7: 6 | G7: 12000
A8: 办公卡座 | B8: 长1.6 米，宽1.6 米，高1.2 米；或根据现场实际测量定制 | C8: 1、贴面板材：采用优质三聚氰胺纸 ,甲醛释放限量符合国家标准， 2、基材：采用通过国家技术标准的优质环保刨花板。确保甲醛排放达安全水平，经过防潮、防虫、防腐的化学处理，强度高，刚性好，不变形不开裂； 3、粘合剂：优质乳胶, 4、封边用材：≥2mm厚PVC胶边，优质热熔胶。 5、品牌优质五金配件； 6、脚架：采用静电粉末喷涂钢脚架。 7、每个位配活动柜一组 | D8: 张 | E8: 4000 | F8: 90 | G8: 360000
A9: 办公椅 | B9: 常规 | C9: 1、椅背：采用专用优质网布，整个框架为工程塑胶框架，结实耐用，曲线造型，更显得十分美观自然； 2、座垫：采用复合高弹海棉，面覆优质网布； 3、扶手：为PU扶手； 4、脚架：采用优质五星脚架。 | D9: 张 | E9: 1320 | F9: 1641 | G9: 2166120
A10: 办公椅 | B10: 常规 | C10: PU聚氨酯一体成型发泡坐、靠背椅面，内置≥10mm厚夹板，聚氨酯发泡包裹木板，结实耐用、耐 磨， | D10: 张 | E10: 1320 | F10: 2 | G10: 2640
A11: 办公椅 | B11: 常规 | C11: PU聚氨酯一体成型发泡坐、靠背椅面，内置≥10mm厚夹板，聚氨酯发泡包裹木板，结实耐用、耐 磨， | D11: 张 | E11: 1750 | F11: 211 | G11: 369250
A12: 办公椅 | B12: 常规 | C12: PU聚氨酯一体成型发泡坐、靠背椅面，内置≥10mm厚夹板，聚氨酯发泡包裹木板，结实耐用、耐 磨， | D12: 张 | E12: 2000 | F12: 19 | G12: 38000
A13: 办公椅 | B13: 常规 | C13: 类别：四脚椅 五星脚材质：锦纶/尼龙(聚酰胺纤维) 面料材质：网布 | D13: 张 | E13: 1320 | F13: 30 | G13: 39600
A14: 办公桌 | B14: 1000*600*750 | C14: 1、贴面板材：采用优质三聚氰胺纸 ,甲醛释放限量符合国家标准， 2、基材：采用通过国家技术标准的优质环保刨花板。确保甲醛排放达安全水平，经过防潮、防虫、防腐的化学处理，强度高，刚性好，不变形不开裂； 3、粘合剂：优质乳胶, 4、封边用材：≥2mm厚PVC胶边，优质热熔胶。 5、品牌优质五金配件； 6、脚架：采用静电粉末喷涂钢脚架。 7、每个位配活动柜一组 | D14: 张 | E14: 800 | F14: 29 | G14: 23200
A15: 办公桌 | B15: L型 | C15: 1、贴面板材：采用优质三聚氰胺纸 ,甲醛释放限量符合国家标准， 2、基材：采用通过国家技术标准的优质环保刨花板。确保甲醛排放达安全水平，经过防潮、防虫、防腐的化学处理，强度高，刚性好，不变形不开裂； 3、粘合剂：优质乳胶, 4、封边用材：≥2mm厚PVC胶边，优质热熔胶。 5、品牌优质五金配件； 6、脚架：采用静电粉末喷涂钢脚架。 7、每个位配活动柜一组 | D15: 张 | E15: 6000 | F15: 13 | G15: 78000
... A178: 座椅 | B178: 常规 | C178: 1.椅身：采用全新聚丙烯加玻璃纤维，由两部分组成（座面、装饰壳），整椅胶背深度≥440mm,整椅胶背高度≥441mm，胶背顶腰高度≥155mm,重量≥3.35kg。椅身和装饰壳通过颜色区分搭配。 2.座面：深度≥520mm,座板宽≥440mm,厚度≥7.5mm，背部分是运用埃菲尔铁塔的元素设计，铁塔底部宽度为≥215mm，上部宽度为≥120mm，结合腰位、颈椎位置巧妙的设计出3D立面的椅背，为了更好的撑腰护脊，贴腰和包覆性明显。胶背顶部宽度350mm，回翻式设计，可以方便使用者手提搬运。≥ 3.装饰壳：采用全新ABS材质，3D等腰梯形设计，厚度≥5mm，重量≥0.05kg；外部梯形部分采用光面材质，上宽≥100mm，下宽≥215mm，高度≥135mm，腰长≥140mm，厚度≥5mm；内部梯形采用磨砂材质，上宽≥70mm，下宽≥180mm，高度≥105mm，腰长≥110mm；安装方式是卡扣加隐藏式螺丝。 4.优质白蜡木椅脚，较高的光泽度，质地细密，不易吸水，耐腐蚀，强度大，稳定性强，断裂强度高、抗震能力特别强，结实耐用，使用年限长。表面清漆处理，符合国家环保标准。内置优质铁架15*15*1.5，连接胶背坐板，更加稳定和实效。 | D178: 张 | E178: 890 | F178: 149 | G178: 132610
A179: (空白) | B179: (空白) | C179: (空白) | D179: (空白) | E179: (空白) | G179: 35213804
A180: 总计 | F180: 14803 | G180: 70427609

Sheet 附表1-1办公家具汇总表702床（未分类）
A2: 序号 | B2: 产品名称 | C2: 规格参数 | D2: 材质参数 | E2: 单位 | F2: 数量 | G2: 单价（元） | H2: 总价 （元）
B3: 3门文件柜 | C3: 常规 | D3: 1.基材：E0级MFC基材、铁皮 2.锁具：使用品牌锁具 3.底部支撑：矮柜使用轻型柜底支撑(TP-12B型柜底支撑) 4.内部结构：上带两块活层，下带一块活层；整体为门板覆盖顶、底板； 5.层板厚度：层/底板为≥25mm，其余为≥16mm； 6.铝框玻璃门默认不带锁具，所使用的玻璃标配为钢化玻璃 | E3: 个 | F3: 11 | G3: 4000 | H3: 44000
B4: PP滴水架 | C4: 常规 | D4: 实验室导流管配件沥水架 烧杯器皿晾干架 | E4: 个 | F4: 2 | G4: 200 | H4: 400
B5: PP水槽 | C5: 常规 | D5: 高密度聚丙烯防腐蚀 | E5: 个 | F5: 2 | G5: 600 | H5: 1200
B6: 办公柜 | C6: 根据护士站范围定制 | D6: 1.基材：E0级MFC基材、铁皮 2.锁具：使用品牌锁具 3.底部支撑：矮柜使用轻型柜底支撑(TP-12B型柜底支撑) 4.内部结构：上带两块活层，下带一块活层；整体为门板覆盖顶、底板； 5.层板厚度：层/底板为≥25mm，其余为≥16mm； 6.铝框玻璃门默认不带锁具，所使用的玻璃标配为钢化玻璃 | E6: 米 | F6: 6 | G6: 2000 | H6: 12000
B7: 办公卡座 | C7: 长1.6 米，宽1.6 米，高1.2 米；或根据现场实际测量定制 | D7: 1、贴面板材：采用优质三聚氰胺纸 ,甲醛释放限量符合国家标准， 2、基材：采用通过国家技术标准的优质环保刨花板。确保甲醛排放达安全水平，经过防潮、防虫、防腐的化学处理，强度高，刚性好，不变形不开裂； 3、粘合剂：优质乳胶, 4、封边用材：≥2mm厚PVC胶边，优质热熔胶。 5、品牌优质五金配件； 6、脚架：采用静电粉末喷涂钢脚架。 7、每个位配活动柜一组 | E7: 张 | F7: 90 | G7: 4000 | H7: 360000
B8: 办公椅 | C8: 常规 | D8: 1、椅背：采用专用优质网布，整个框架为工程塑胶框架，结实耐用，曲线造型，更显得十分美观自然； 2、座垫：采用复合高弹海棉，面覆优质网布； 3、扶手：为PU扶手； 4、脚架：采用优质五星脚架。 | E8: 张 | F8: 1641 | G8: 1320 | H8: 2166120
B9: 办公椅 | C9: 常规 | D9: PU聚氨酯一体成型发泡坐、靠背椅面，内置≥10mm厚夹板，聚氨酯发泡包裹木板，结实耐用、耐 磨， | E9: 张 | F9: 2 | G9: 1320 | H9: 2640
B10: 办公椅 | C10: 常规 | D10: PU聚氨酯一体成型发泡坐、靠背椅面，内置≥10mm厚夹板，聚氨酯发泡包裹木板，结实耐用、耐 磨， | E10: 张 | F10: 211 | G10: 1750 | H10: 369250
B11: 办公椅 | C11: 常规 | D11: PU聚氨酯一体成型发泡坐、靠背椅面，内置≥10mm厚夹板，聚氨酯发泡包裹木板，结实耐用、耐 磨， | E11: 张 | F11: 19 | G11: 2000 | H11: 38000
B12: 办公椅 | C12: 常规 | D12: 类别：四脚椅 五星脚材质：锦纶/尼龙(聚酰胺纤维) 面料材质：网布 | E12: 张 | F12: 30 | G12: 1320 | H12: 39600
B13: 办公桌 | C13: 1000*600*750 | D13: 1、贴面板材：采用优质三聚氰胺纸 ,甲醛释放限量符合国家标准， 2、基材：采用通过国家技术标准的优质环保刨花板。确保甲醛排放达安全水平，经过防潮、防虫、防腐的化学处理，强度高，刚性好，不变形不开裂； 3、粘合剂：优质乳胶, 4、封边用材：≥2mm厚PVC胶边，优质热熔胶。 5、品牌优质五金配件； 6、脚架：采用静电粉末喷涂钢脚架。 7、每个位配活动柜一组 | E13: 张 | F13: 29 | G13: 800 | H13: 23200
B14: 办公桌 | C14: L型 | D14: 1、贴面板材：采用优质三聚氰胺纸 ,甲醛释放限量符合国家标准， 2、基材：采用通过国家技术标准的优质环保刨花板。确保甲醛排放达安全水平，经过防潮、防虫、防腐的化学处理，强度高，刚性好，不变形不开裂； 3、粘合剂：优质乳胶, 4、封边用材：≥2mm厚PVC胶边，优质热熔胶。 5、品牌优质五金配件； 6、脚架：采用静电粉末喷涂钢脚架。 7、每个位配活动柜一组 | E14: 张 | F14: 13 | G14: 6000 | H14: 78000
... B176: 座椅 | C176: 常规 | D176: 1、椅身及扶手面：PU成型自结皮饰面，温馨耐用，密度达到60kg\m³，拉伸强度≥90kPa，伸长率≥130%，回弹率≥35%，撕裂强度≥2.0N/cm，干热老化后拉伸强度≥55kPa甲醛释放≤0.120mg/m2h,TVOC≤0.5mg/m2h。 2、内框架：采用厚度12MM冷轧钢板激光切割成型后焊接而成，所有焊接部分均为满焊，结实稳固。 3、横梁：高强度135*100*100三角形冷轧钢管，表面喷涂处理，金属抗盐雾 4、脚架：高强度冷轧方形钢管，表面喷涂处理，金属抗盐雾 18h。 | E176: 排 | F176: 44 | G176: 890 | H176: 39160
B177: 总计 | F177: 14803 | H177: =SUM(H3:H176) -> 35081194

Sheet 附表1-2办公家具明细表702床(已复核小数）
A1: 附表1-2办公家具明细表 | G1: 第一批（702床） | M1: 第一批（702床） | O1: 第二批（498床）
A2: 位置信息 | B2: 房间名称 | C2: 产品名称 | D2: 规格参数 | E2: 材质参数 | F2: 单位 | G2: 数量 （台/套） | H2: 单价（元） | I2: 总价 （元） | J2: 备注 | K2: 房间编号 | L2: 计划使用科室 | M2: 数量 （台/套） | N2: 总价 （元） | O2: 数量 （台/套） | P2: 总价 （元）
A3: 第二住院楼 | B3: 第二住院楼 | I3: =SUM(I5:I1744) -> 29874954
A4: B5层 | B4: B5层
A5: B4层 | B5: B4层 | O5: =G5-M5 -> 0
A6: B3层 | B6: B3层 | O6: =G6-M6 -> 0
A7: B2层 | B7: B2层 | O7: =G7-M7 -> 0
A8: B1层 | B8: B1层 | O8: =G8-M8 -> 0
A9: B1层 | B9: 报告室1 | C9: 办公卡座 | D9: 长1.6 米，宽1.6 米，高1.2 米；或根据现场实际测量定制 | E9: 1、贴面板材：采用优质三聚氰胺纸 ,甲醛释放限量符合国家标准， 2、基材：采用通过国家技术标准的优质环保刨花板。确保甲醛排放达安全水平，经过防潮、防虫、防腐的化学处理，强度高，刚性好，不变形不开裂； 3、粘合剂：优质乳胶, 4、封边用材：≥2mm厚PVC胶边，优质热熔胶。 5、品牌优质五金配件； 6、脚架：采用静电粉末喷涂钢脚架。 7、每个位配活动柜一组 | F9: 张 | G9: 4 | H9: 4000 | I9: =G9*H9 -> 16000 | K9: G-B1-05 | L9: 核医学科 | M9: =G9 -> 4 | N9: =M9*H9 -> 16000 | O9: =G9-M9 -> 0
A10: B1层 | B10: 报告室1 | C10: 办公椅 | D10: 常规 | E10: 1、椅背：采用专用优质网布，整个框架为工程塑胶框架，结实耐用，曲线造型，更显得十分美观自然； 2、座垫：采用复合高弹海棉，面覆优质网布； 3、扶手：为PU扶手； 4、脚架：采用优质五星脚架。 | F10: 张 | G10: 4 | H10: 1320 | I10: =G10*H10 -> 5280 | K10: G-B1-05 | L10: 核医学科 | M10: =G10 -> 4 | N10: =M10*H10 -> 5280 | O10: =G10-M10 -> 0
A11: B1层 | B11: 报告室2 | C11: 办公卡座 | D11: 长1.6 米，宽1.6 米，高1.2 米；或根据现场实际测量定制 | E11: 1、贴面板材：采用优质三聚氰胺纸 ,甲醛释放限量符合国家标准， 2、基材：采用通过国家技术标准的优质环保刨花板。确保甲醛排放达安全水平，经过防潮、防虫、防腐的化学处理，强度高，刚性好，不变形不开裂； 3、粘合剂：优质乳胶, 4、封边用材：≥2mm厚PVC胶边，优质热熔胶。 5、品牌优质五金配件； 6、脚架：采用静电粉末喷涂钢脚架。 7、每个位配活动柜一组 | F11: 张 | G11: 4 | H11: 4000 | I11: =G11*H11 -> 16000 | K11: G-B1-06 | L11: 核医学科 | M11: =G11 -> 4 | N11: =M11*H11 -> 16000 | O11: =G11-M11 -> 0
A12: B1层 | B12: 报告室2 | C12: 办公椅 | D12: 常规 | E12: 1、椅背：采用专用优质网布，整个框架为工程塑胶框架，结实耐用，曲线造型，更显得十分美观自然； 2、座垫：采用复合高弹海棉，面覆优质网布； 3、扶手：为PU扶手； 4、脚架：采用优质五星脚架。 | F12: 张 | G12: 4 | H12: 1320 | I12: =G12*H12 -> 5280 | K12: G-B1-06 | L12: 核医学科 | M12: =G12 -> 4 | N12: =M12*H12 -> 5280 | O12: =G12-M12 -> 0
A13: B1层 | B13: 报告室3 | C13: 办公卡座 | D13: 长1.6 米，宽1.6 米，高1.2 米；或根据现场实际测量定制 | E13: 1、贴面板材：采用优质三聚氰胺纸 ,甲醛释放限量符合国家标准， 2、基材：采用通过国家技术标准的优质环保刨花板。确保甲醛排放达安全水平，经过防潮、防虫、防腐的化学处理，强度高，刚性好，不变形不开裂； 3、粘合剂：优质乳胶, 4、封边用材：≥2mm厚PVC胶边，优质热熔胶。 5、品牌优质五金配件； 6、脚架：采用静电粉末喷涂钢脚架。 7、每个位配活动柜一组 | F13: 张 | G13: 4 | H13: 4000 | I13: =G13*H13 -> 16000 | K13: G-B1-07 | L13: 核医学科 | M13: =G13 -> 4 | N13: =M13*H13 -> 16000 | O13: =G13-M13 -> 0
A14: B1层 | B14: 报告室3 | C14: 办公椅 | D14: 常规 | E14: 1、椅背：采用专用优质网布，整个框架为工程塑胶框架，结实耐用，曲线造型，更显得十分美观自然； 2、座垫：采用复合高弹海棉，面覆优质网布； 3、扶手：为PU扶手； 4、脚架：采用优质五星脚架。 | F14: 张 | G14: 4 | H14: 1320 | I14: =G14*H14 -> 5280 | K14: G-B1-07 | L14: 核医学科 | M14: =G14 -> 4 | N14: =M14*H14 -> 5280 | O14: =G14-M14 -> 0
A15: B1层 | B15: 报告室4 | C15: 办公卡座 | D15: 长1.6 米，宽1.6 米，高1.2 米；或根据现场实际测量定制 | E15: 1、贴面板材：采用优质三聚氰胺纸 ,甲醛释放限量符合国家标准， 2、基材：采用通过国家技术标准的优质环保刨花板。确保甲醛排放达安全水平，经过防潮、防虫、防腐的化学处理，强度高，刚性好，不变形不开裂； 3、粘合剂：优质乳胶, 4、封边用材：≥2mm厚PVC胶边，优质热熔胶。 5、品牌优质五金配件； 6、脚架：采用静电粉末喷涂钢脚架。 7、每个位配活动柜一组 | F15: 张 | G15: 4 | H15: 4000 | I15: =G15*H15 -> 16000 | K15: G-B1-08 | L15: 核医学科 | M15: =G15 -> 4 | N15: =M15*H15 -> 16000 | O15: =G15-M15 -> 0
A16: B1层 | B16: 报告室4 | C16: 办公椅 | D16: 常规 | E16: 1、椅背：采用专用优质网布，整个框架为工程塑胶框架，结实耐用，曲线造型，更显得十分美观自然； 2、座垫：采用复合高弹海棉，面覆优质网布； 3、扶手：为PU扶手； 4、脚架：采用优质五星脚架。 | F16: 张 | G16: 4 | H16: 1320 | I16: =G16*H16 -> 5280 | K16: G-B1-08 | L16: 核医学科 | M16: =G16 -> 4 | N16: =M16*H16 -> 5280 | O16: =G16-M16 -> 0
A17: B1层 | B17: 诊室1 | C17: 办公卡座 | D17: 长1.6 米，宽1.6 米，高1.2 米；或根据现场实际测量定制 | E17: 1、贴面板材：采用优质三聚氰胺纸 ,甲醛释放限量符合国家标准， 2、基材：采用通过国家技术标准的优质环保刨花板。确保甲醛排放达安全水平，经过防潮、防虫、防腐的化学处理，强度高，刚性好，不变形不开裂； 3、粘合剂：优质乳胶, 4、封边用材：≥2mm厚PVC胶边，优质热熔胶。 5、品牌优质五金配件； 6、脚架：采用静电粉末喷涂钢脚架。 7、每个位配活动柜一组 | F17: 张 | G17: 4 | H17: 4000 | I17: =G17*H17 -> 16000 | K17: G-B1-09 | L17: 核医学科 | M17: =G17 -> 4 | N17: =M17*H17 -> 16000 | O17: =G17-M17 -> 0
A18: B1层 | B18: 诊室1 | C18: 办公椅 | D18: 常规 | E18: 1、椅背：采用专用优质网布，整个框架为工程塑胶框架，结实耐用，曲线造型，更显得十分美观自然； 2、座垫：采用复合高弹海棉，面覆优质网布； 3、扶手：为PU扶手； 4、脚架：采用优质五星脚架。 | F18: 张 | G18: 4 | H18: 1320 | I18: =G18*H18 -> 5280 | K18: G-B1-09 | L18: 核医学科 | M18: =G18 -> 4 | N18: =M18*H18 -> 5280 | O18: =G18-M18 -> 0
A19: B1层 | B19: 报告5 | C19: 办公卡座 | D19: 长1.6 米，宽1.6 米，高1.2 米；或根据现场实际测量定制 | E19: 1、贴面板材：采用优质三聚氰胺纸 ,甲醛释放限量符合国家标准， 2、基材：采用通过国家技术标准的优质环保刨花板。确保甲醛排放达安全水平，经过防潮、防虫、防腐的化学处理，强度高，刚性好，不变形不开裂； 3、粘合剂：优质乳胶, 4、封边用材：≥2mm厚PVC胶边，优质热熔胶。 5、品牌优质五金配件； 6、脚架：采用静电粉末喷涂钢脚架。 7、每个位配活动柜一组 | F19: 张 | G19: 4 | H19: 4000 | I19: =G19*H19 -> 16000 | K19: G-B1-10 | L19: 核医学科 | M19: =G19 -> 4 | N19: =M19*H19 -> 16000 | O19: =G19-M19 -> 0
A20: B1层 | B20: 报告5 | C20: 办公椅 | D20: 常规 | E20: 1、椅背：采用专用优质网布，整个框架为工程塑胶框架，结实耐用，曲线造型，更显得十分美观自然； 2、座垫：采用复合高弹海棉，面覆优质网布； 3、扶手：为PU扶手； 4、脚架：采用优质五星脚架。 | F20: 张 | G20: 4 | H20: 1320 | I20: =G20*H20 -> 5280 | K20: G-B1-10 | L20: 核医学科 | M20: =G20 -> 4 | N20: =M20*H20 -> 5280 | O20: =G20-M20 -> 0
... A119: B1层 | B119: 核医学候诊 | C119: 文件柜 | D119: 长 0.8米，宽0.4 米，高 2.2 米； | E119: 1.基材：E0级MFC基材、铁皮 2.锁具：使用品牌锁具 3.底部支撑：矮柜使用轻型柜底支撑(TP-12B型柜底支撑) 4.内部结构：上带两块活层，下带一块活层；整体为门板覆盖顶、底板； 5.层板厚度：层/底板为≥25mm，其余为≥16mm； 6.铝框玻璃门默认不带锁具，所使用的玻璃标配为钢化玻璃 | F119: 个 | G119: 4 | H119: 3000 | I119: =G119*H119 -> 12000 | K119: G-B1-62 | L119: 核医学科 | M119: =G119 -> 4 | N119: =M119*H119 -> 12000 | O119: =G119-M119 -> 0
A120: B1层 | B120: 核医学等候区 | C120: 等候椅（三位） | D120: 常规 | E120: 1、椅身及扶手面：PU成型自结皮饰面，温馨耐用，密度达到60kg\m³，拉伸强度≥90kPa，伸长率≥130%，回弹率≥35%，撕裂强度≥2.0N/cm，干热老化后拉伸强度≥55kPa甲醛释放≤0.120mg/m2h,TVOC≤0.5mg/m2h。 2、内框架：采用厚度12MM冷轧钢板激光切割成型后焊接而成，所有焊接部分均为满焊，结实稳固。 3、横梁：高强度135*100*100三角形冷轧钢管，表面喷涂处理，金属抗盐雾 4、脚架：高强度冷轧方形钢管，表面喷涂处理，金属抗盐雾 18h。 | F120: 排 | G120: 6 | H120: 1000 | I120: =G120*H120 -> 6000 | L120: 核医学科 | M120: =G120 -> 6 | N120: =M120*H120 -> 6000 | O120: =G120-M120 -> 0
A121: 1层 | B121: 1层 | O121: =G121-M121 -> 0
A122: 1层 | B122: 值班室 | C122: 双层值班床 | D122: 根据现场实际测量定制 | E122: 1.基材:榉木 2.油漆:三底两面环保水性漆 3.立柱:≥60*60mm 4.床板:≥15mm杉木板 5.梯高/宽1350*350mm 6.床母厚度90*25mm 7.床栏高度≥280mm 8.床垫尺寸/厚度1900*1150*50mm | F122: 张 | G122: 2 | H122: 6500 | I122: =G122*H122 -> 13000 | K122: G-1-01 | L122: 基建总务部 | M122: =G122 -> 2 | N122: =M122*H122 -> 13000 | O122: =G122-M122 -> 0
A123: 1层 | B123: 值班室 | C123: 双开门衣柜 | D123: 根据现场实际测量定制 | E123: 1、材料： （1）钢材：采用SECC双面电解钢板，主体钢板（柜体、层板、背板）厚度≥1.0mm。钢材符合QB/T3826--1999《轻工产品金属镀层和化学处理层的耐腐蚀性试验方法中性盐雾试验(NSS)法》，QB/T3832-1999《轻工产品金属镀层腐蚀试验结果的评价》，耐腐蚀等级10级。 （2）金属表面处理：表面脱脂、水洗、酸洗、水洗中和等过程后，经环氧树脂有色粉末静电喷涂，在高温烘箱内固定成光滑表面。粉末涂料符合HG/T2006-2022《热固性和热塑性粉末涂料》。 2、整体工艺： （1）电解钢板整板剪裁采用数控剪板机进行裁剪，成品分解后的各部分通过激光焊接技术，激光切割及数控折边成型。钢板表面经除油去锈后高温静电喷涂，保证其防火，耐磨，防污及高硬度。表面光滑光洁，光泽保持性强，清晰亮净，抗酸耐碱，耐脏易清洁，在接触人体或收藏物品的部位无毛刺、刃口、棱角。 （2）采用双层门板、抽板设计；门框加减震垫，关门静音。柜门内置磁吸功能；柜门采用门轴连接方式，门轴连接件直径为≥4.0mm，柜门带有透气孔。 （3）活动层板四边折弯，可自由调节高度，层板挂钩采用 2.0mm 厚316#不锈钢制作，可自由拆卸，逐级调整高度；底部配有加强筋。 （4）采用隐藏式卷边拉手，折弯一体成型。 3、配置：配有掩门，柜门有锁、柜门上配标签卡槽、。柜体底部采用厚度≥1.0mm的316#不锈钢踢脚线，≥150mm高。根据采购方需求深化设计。 5、成品验收标准：QB∕T 1951.2-2013 《金属家具质量检验及质量评定》、GB 3325-2017《金属家具通用技术条件》、GB/T 35607-2017《绿色产品评价 家具》。 | F123: 个 | G123: 2 | H123: 4000 | I123: =G123*H123 -> 8000 | K123: G-1-01 | L123: 基建总务部 | M123: =G123 -> 2 | N123: =M123*H123 -> 8000 | O123: =G123-M123 -> 0
A124: 1层 | B124: 值班室 | C124: 办公桌 | D124: 1000*600*750 | E124: 1、贴面板材：采用优质三聚氰胺纸 ,甲醛释放限量符合国家标准， 2、基材：采用通过国家技术标准的优质环保刨花板。确保甲醛排放达安全水平，经过防潮、防虫、防腐的化学处理，强度高，刚性好，不变形不开裂； 3、粘合剂：优质乳胶, 4、封边用材：≥2mm厚PVC胶边，优质热熔胶。 5、品牌优质五金配件； 6、脚架：采用静电粉末喷涂钢脚架。 7、每个位配活动柜一组 | F124: 张 | G124: 4 | H124: 800 | I124: =G124*H124 -> 3200 | K124: G-1-01 | L124: 基建总务部 | M124: =G124 -> 4 | N124: =M124*H124 -> 3200 | O124: =G124-M124 -> 0
A125: 1层 | B125: 值班室 | C125: 折叠椅 | D125: 常规 | E125: 类别：四脚椅 五星脚材质：锦纶/尼龙(聚酰胺纤维) 面料材质：网布 | F125: 张 | G125: 4 | H125: 200 | I125: =G125*H125 -> 800 | K125: G-1-01 | L125: 基建总务部 | M125: =G125 -> 4 | N125: =M125*H125 -> 800 | O125: =G125-M125 -> 0
A126: 1层 | B126: 阅片1 | C126: 办公桌或卡座 | D126: 办公桌主台：长 1.4 米，宽 0.8 米，高 0.76 米； 卡座：长 1.6 米，宽 1.6 米，高 1.2 米； 副柜：长 0.48 米，宽 0.4 米，高 0.6 米。 | E126: 1、贴面板材：采用优质三聚氰胺纸 ,甲醛释放限量符合国家标准， 2、基材：采用通过国家技术标准的优质环保刨花板。确保甲醛排放达安全水平，经过防潮、防虫、防腐的化学处理，强度高，刚性好，不变形不开裂； 3、粘合剂：优质乳胶, 4、封边用材：≥2mm厚PVC胶边，优质热熔胶。 5、品牌优质五金配件； 6、脚架：采用静电粉末喷涂钢脚架。 7、每个位配活动柜一组 | F126: 张 | G126: 78 | H126: 4000 | I126: =G126*H126 -> 312000 | K126: G-1-02 | L126: 放射诊断科 | M126: =G126 -> 78 | N126: =M126*H126 -> 312000 | O126: =G126-M126 -> 0
A127: 1层 | B127: 阅片1 | C127: 办公椅 | D127: 常规 | E127: 1、椅背：采用专用优质网布，整个框架为工程塑胶框架，结实耐用，曲线造型，更显得十分美观自然； 2、座垫：采用复合高弹海棉，面覆优质网布； 3、扶手：为PU扶手； 4、脚架：采用优质五星脚架。 | F127: 张 | G127: 78 | H127: 1320 | I127: =G127*H127 -> 102960 | K127: G-1-02 | L127: 放射诊断科 | M127: =G127 -> 78 | N127: =M127*H127 -> 102960 | O127: =G127-M127 -> 0
A128: 1层 | B128: 阅片1 | C128: 书柜 | D128: 常规 | E128: 1.基材：E0级MFC基材 2.锁具：使用品牌锁具 3.底部支撑：矮柜使用轻型柜底支撑(TP-12B型柜底支撑) 4.内部结构：上带两块活层，下带一块活层；整体为门板覆盖顶、底板； 5.层板厚度：层/底板为≥25mm，其余为≥16mm； 6.铝框玻璃门默认不带锁具，所使用的玻璃标配为钢化玻璃 | F128: 个 | G128: 16 | H128: 3000 | I128: =G128*H128 -> 48000 | K128: G-1-02 | L128: 放射诊断科 | M128: =G128 -> 16 | N128: =M128*H128 -> 48000 | O128: =G128-M128 -> 0
A129: 1层 | B129: 阅片1 | C129: 普通椅 | D129: 550*480*820 | E129: 1.面料：采用高强度工程塑料，内板及外框材料采用PP+PA材料； 2.结构功能：座椅的座面与靠背均一体成型，下架电镀金属钢架，配双排扣尼龙脚垫。 | F129: 张 | G129: 20 | H129: 500 | I129: =G129*H129 -> 10000 | K129: G-1-02 | L129: 放射诊断科 | M129: =G129 -> 20 | N129: =M129*H129 -> 10000 | O129: =G129-M129 -> 0
A130: 1层 | B130: 阅片1 | C130: 演讲台 | D130: 常规 | E130: 1、贴面材料：采用优质木皮饰面， 2、基材：采用优质高密度中纤板,优质绿色环保产品。 3、品牌油漆：面漆采用PU聚脂漆,底漆采用PE不饱和树脂，甲苯、二甲苯、乙苯含量总和符合国家环保要求。 4、品牌优质五金配件； | F130: 个 | G130: 1 | H130: 2000 | I130: =G130*H130 -> 2000 | K130: G-1-02 | L130: 放射诊断科 | M130: =G130 -> 1 | N130: =M130*H130 -> 2000 | O130: =G130-M130 -> 0
A131: 1层 | B131: 茶水 | C131: 折叠椅 | D131: 常规 | E131: 类别：四脚椅 五星脚材质：锦纶/尼龙(聚酰胺纤维) 面料材质：网布 | F131: 张 | G131: 6 | H131: 200 | I131: =G131*H131 -> 1200 | K131: G-1-03 | L131: 放射诊断科 | M131: =G131 -> 6 | N131: =M131*H131 -> 1200 | O131: =G131-M131 -> 0
A132: 1层 | B132: 茶水 | C132: 茶几 | D132: 圆形直径0.6，高0.75；或根据现场实际测量定制，活动、休息室/办公室 | E132: 1、贴面材料：采用优质木皮饰面， 2、封边用材：与贴面相同的实木木材； 3、基材：采用优质高密度中纤板,优质绿色环保产品。 4、品牌油漆：面漆采用PU聚脂漆,底漆采用PE不饱和树脂，甲苯、二甲苯、乙苯含量总和符合国家环保要求。 5、品牌优质五金配件； | F132: 个 | G132: 1 | H132: 1000 | I132: =G132*H132 -> 1000 | K132: G-1-03 | L132: 放射诊断科 | M132: =G132 -> 1 | N132: =M132*H132 -> 1000 | O132: =G132-M132 -> 0
A133: 1层 | B133: 资料室 | C133: 办公桌或卡座 | D133: 办公桌主台：长 1.4 米，宽 0.8 米，高 0.76 米； 副柜：长 0.48 米，宽 0.4 米，高 0.6 米。 | E133: 1、贴面板材：采用优质三聚氰胺纸 ,甲醛释放限量符合国家标准， 2、基材：采用通过国家技术标准的优质环保刨花板。确保甲醛排放达安全水平，经过防潮、防虫、防腐的化学处理，强度高，刚性好，不变形不开裂； 3、粘合剂：优质乳胶, 4、封边用材：≥2mm厚PVC胶边，优质热熔胶。 5、品牌优质五金配件； 6、脚架：采用静电粉末喷涂钢脚架。 7、每个位配活动柜一组 | F133: 张 | G133: 1 | H133: 4000 | I133: =G133*H133 -> 4000 | K133: G-1-04 | L133: 放射诊断科 | M133: =G133 -> 1 | N133: =M133*H133 -> 4000 | O133: =G133-M133 -> 0
... A236: 1层 | B236: 等候大厅 | C236: 等候椅（三位） | D236: 常规 | E236: 1、椅身及扶手面：PU成型自结皮饰面，温馨耐用，密度达到60kg\m³，拉伸强度≥90kPa，伸长率≥130%，回弹率≥35%，撕裂强度≥2.0N/cm，干热老化后拉伸强度≥55kPa甲醛释放≤0.120mg/m2h,TVOC≤0.5mg/m2h。 2、内框架：采用厚度12MM冷轧钢板激光切割成型后焊接而成，所有焊接部分均为满焊，结实稳固。 3、横梁：高强度135*100*100三角形冷轧钢管，表面喷涂处理，金属抗盐雾 4、脚架：高强度冷轧方形钢管，表面喷涂处理，金属抗盐雾 18h。 | F236: 排 | G236: 16 | H236: 1000 | I236: =G236*H236 -> 16000 | K236: G-1-41 | L236: 财务部 | M236: =G236 -> 16 | N236: =M236*H236 -> 16000 | O236: =G236-M236 -> 0
A237: 2层 | B237: 2层 | O237: =G237-M237 -> 0
A238: 2层 | B238: 办公室 | C238: 办公桌（含副台和副柜） | D238: 办公桌主台：长 1.8 米，宽 0.9 米，高 0.76 米； 副台：长 0.9 米，宽 0.55 米，高 0.76 米； 副柜：长 0.48 米，宽 0.4 米，高 0.62 米。 | E238: 1、贴面板材：采用优质三聚氰胺纸 ,甲醛释放限量符合国家标准， 2、基材：采用通过国家技术标准的优质环保刨花板。确保甲醛排放达安全水平，经过防潮、防虫、防腐的化学处理，强度高，刚性好，不变形不开裂； 3、粘合剂：优质乳胶, 4、封边用材：≥2mm厚PVC胶边，优质热熔胶。 5、品牌优质五金配件； 6、脚架：采用静电粉末喷涂钢脚架。 7、每个位配活动柜一组 | F238: 张 | G238: 1 | H238: 4000 | I238: =G238*H238 -> 4000 | K238: G-2-02 | L238: 检验科 | M238: =G238 -> 1 | N238: =M238*H238 -> 4000 | O238: =G238-M238 -> 0
A239: 2层 | B239: 办公室 | C239: 办公椅 | D239: 常规 | E239: PU聚氨酯一体成型发泡坐、靠背椅面，内置≥10mm厚夹板，聚氨酯发泡包裹木板，结实耐用、耐 磨， | F239: 张 | G239: 1 | H239: 1320 | I239: =G239*H239 -> 1320 | K239: G-2-02 | L239: 检验科 | M239: =G239 -> 1 | N239: =M239*H239 -> 1320 | O239: =G239-M239 -> 0
A240: 2层 | B240: 办公室 | C240: 桌前椅 | D240: 常规 | E240: 1、椅背：采用专用优质网布，整个框架为工程塑胶框架，结实耐用，曲线造型，更显得十分美观自然； 2、座垫：采用复合高弹海棉，面覆优质网布； 3、扶手：为PU扶手； 4、脚架：采用优质五星脚架。 | F240: 张 | G240: 1 | H240: 800 | I240: =G240*H240 -> 800 | K240: G-2-02 | L240: 检验科 | M240: =G240 -> 1 | N240: =M240*H240 -> 800 | O240: =G240-M240 -> 0
A241: 2层 | B241: 办公室 | C241: 沙发（单人） | D241: 折叠床 | E241: 1、面料：采用优质皮质面料，透气强，柔软且富有韧性，厚度适中，手感良好； 2、海绵：采用高回弹聚胺脂定型海棉或高密度成型PU泡棉，密度高，软硬适中，回弹性好，不含氟氨化合物，无甲醛及二甲苯等异味； 3、框架：选用上等的实木方，材质坚硬、刚性强、含水率符合国家标准，防腐、防虫永不变形。 4、脚架：选用优质金属脚架 | F241: 个 | G241: 1 | H241: 1500 | I241: =G241*H241 -> 1500 | K241: G-2-02 | L241: 检验科 | M241: =G241 -> 1 | N241: =M241*H241 -> 1500 | O241: =G241-M241 -> 0
A242: 2层 | B242: 办公室 | C242: 茶几 | D242: 圆形直径0.6，高0.75；或根据现场实际测量定制，活动、休息室/办公室 | E242: 1、贴面材料：采用优质木皮饰面， 2、封边用材：与贴面相同的实木木材； 3、基材：采用优质高密度中纤板,优质绿色环保产品。 4、品牌油漆：面漆采用PU聚脂漆,底漆采用PE不饱和树脂，甲苯、二甲苯、乙苯含量总和符合国家环保要求。 5、品牌优质五金配件； | F242: 个 | G242: 1 | H242: 1000 | I242: =G242*H242 -> 1000 | K242: G-2-02 | L242: 检验科 | M242: =G242 -> 1 | N242: =M242*H242 -> 1000 | O242: =G242-M242 -> 0
A243: 2层 | B243: 办公室 | C243: 文件柜 | D243: 长 0.8米，宽0.4 米，高 2.2 米； | E243: 1.基材：E0级MFC基材、铁皮 2.锁具：使用品牌锁具 3.底部支撑：矮柜使用轻型柜底支撑(TP-12B型柜底支撑) 4.内部结构：上带两块活层，下带一块活层；整体为门板覆盖顶、底板； 5.层板厚度：层/底板为≥25mm，其余为≥16mm； 6.铝框玻璃门默认不带锁具，所使用的玻璃标配为钢化玻璃 | F243: 个 | G243: 1 | H243: 3000 | I243: =G243*H243 -> 3000 | K243: G-2-02 | L243: 检验科 | M243: =G243 -> 1 | N243: =M243*H243 -> 3000 | O243: =G243-M243 -> 0
A244: 2层 | B244: 值班室2 | C244: 双层值班床 | D244: 根据现场实际测量定制 | E244: 1.基材:榉木 2.油漆:三底两面环保水性漆 3.立柱:≥60*60mm 4.床板:≥15mm杉木板 5.梯高/宽1350*350mm 6.床母厚度90*25mm 7.床栏高度≥280mm 8.床垫尺寸/厚度1900*1150*50mm | F244: 张 | G244: 2 | H244: 6500 | I244: =G244*H244 -> 13000 | K244: G-2-03 | L244: 检验科 | M244: =G244 -> 2 | N244: =M244*H244 -> 13000 | O244: =G244-M244 -> 0
A245: 2层 | B245: 值班室2 | C245: 更衣柜 | D245: 根据现场实际测量定制 | E245: 1、材料： （1）钢材：采用SECC双面电解钢板，主体钢板（柜体、层板、背板）厚度≥1.0mm。钢材符合QB/T3826--1999《轻工产品金属镀层和化学处理层的耐腐蚀性试验方法中性盐雾试验(NSS)法》，QB/T3832-1999《轻工产品金属镀层腐蚀试验结果的评价》，耐腐蚀等级10级。 （2）金属表面处理：表面脱脂、水洗、酸洗、水洗中和等过程后，经环氧树脂有色粉末静电喷涂，在高温烘箱内固定成光滑表面。粉末涂料符合HG/T2006-2022《热固性和热塑性粉末涂料》。 2、整体工艺： （1）电解钢板整板剪裁采用数控剪板机进行裁剪，成品分解后的各部分通过激光焊接技术，激光切割及数控折边成型。钢板表面经除油去锈后高温静电喷涂，保证其防火，耐磨，防污及高硬度。表面光滑光洁，光泽保持性强，清晰亮净，抗酸耐碱，耐脏易清洁，在接触人体或收藏物品的部位无毛刺、刃口、棱角。 （2）采用双层门板、抽板设计；门框加减震垫，关门静音。柜门内置磁吸功能；柜门采用门轴连接方式，门轴连接件直径为≥4.0mm，柜门带有透气孔。 （3）活动层板四边折弯，可自由调节高度，层板挂钩采用 2.0mm 厚316#不锈钢制作，可自由拆卸，逐级调整高度；底部配有加强筋。 （4）采用隐藏式卷边拉手，折弯一体成型。 3、配置：配有掩门，柜门有锁、柜门上配标签卡槽、。柜体底部采用厚度≥1.0mm的316#不锈钢踢脚线，≥150mm高。根据采购方需求深化设计。 5、成品验收标准：QB∕T 1951.2-2013 《金属家具质量检验及质量评定》、GB 3325-2017《金属家具通用技术条件》、GB/T 35607-2017《绿色产品评价 家具》。 | F245: 个 | G245: 2 | H245: 8000 | I245: =G245*H245 -> 16000 | K245: G-2-03 | L245: 检验科 | M245: =G245 -> 2 | N245: =M245*H245 -> 16000 | O245: =G245-M245 -> 0
A246: 2层 | B246: 办公室 | C246: 办公桌（含副台和副柜） | D246: 办公桌主台：长 1.8 米，宽 0.9 米，高 0.76 米； 副台：长 0.9 米，宽 0.55 米，高 0.76 米； 副柜：长 0.48 米，宽 0.4 米，高 0.62 米。 | E246: 1、贴面板材：采用优质三聚氰胺纸 ,甲醛释放限量符合国家标准， 2、基材：采用通过国家技术标准的优质环保刨花板。确保甲醛排放达安全水平，经过防潮、防虫、防腐的化学处理，强度高，刚性好，不变形不开裂； 3、粘合剂：优质乳胶, 4、封边用材：≥2mm厚PVC胶边，优质热熔胶。 5、品牌优质五金配件； 6、脚架：采用静电粉末喷涂钢脚架。 7、每个位配活动柜一组 | F246: 张 | G246: 1 | H246: 4000 | I246: =G246*H246 -> 4000 | K246: G-2-04 | L246: 检验科 | M246: =G246 -> 1 | N246: =M246*H246 -> 4000 | O246: =G246-M246 -> 0
A247: 2层 | B247: 办公室 | C247: 办公椅 | D247: 常规 | E247: PU聚氨酯一体成型发泡坐、靠背椅面，内置≥10mm厚夹板，聚氨酯发泡包裹木板，结实耐用、耐 磨， | F247: 张 | G247: 1 | H247: 1750 | I247: =G247*H247 -> 1750 | K247: G-2-04 | L247: 检验科 | M247: =G247 -> 1 | N247: =M247*H247 -> 1750 | O247: =G247-M247 -> 0
A248: 2层 | B248: 办公室 | C248: 桌前椅 | D248: 常规 | E248: 1、椅背：采用专用优质网布，整个框架为工程塑胶框架，结实耐用，曲线造型，更显得十分美观自然； 2、座垫：采用复合高弹海棉，面覆优质网布； 3、扶手：为PU扶手； 4、脚架：采用优质五星脚架。 | F248: 张 | G248: 1 | H248: 800 | I248: =G248*H248 -> 800 | K248: G-2-04 | L248: 检验科 | M248: =G248 -> 1 | N248: =M248*H248 -> 800 | O248: =G248-M248 -> 0
A249: 2层 | B249: 办公室 | C249: 沙发（单人） | D249: 折叠床 | E249: 1、面料：采用优质皮质面料，透气强，柔软且富有韧性，厚度适中，手感良好； 2、海绵：采用高回弹聚胺脂定型海棉或高密度成型PU泡棉，密度高，软硬适中，回弹性好，不含氟氨化合物，无甲醛及二甲苯等异味； 3、框架：选用上等的实木方，材质坚硬、刚性强、含水率符合国家标准，防腐、防虫永不变形。 4、脚架：选用优质金属脚架 | F249: 个 | G249: 1 | H249: 1500 | I249: =G249*H249 -> 1500 | K249: G-2-04 | L249: 检验科 | M249: =G249 -> 1 | N249: =M249*H249 -> 1500 | O249: =G249-M249 -> 0
... A370: 2层 | B370: 办公9 | C370: 书柜 | D370: 常规 | E370: 1.基材：E0级MFC基材 2.锁具：使用品牌锁具 3.底部支撑：矮柜使用轻型柜底支撑(TP-12B型柜底支撑) 4.内部结构：上带两块活层，下带一块活层；整体为门板覆盖顶、底板； 5.层板厚度：层/底板为≥25mm，其余为≥16mm； 6.铝框玻璃门默认不带锁具，所使用的玻璃标配为钢化玻璃 | F370: 个 | G370: 2 | H370: 3000 | I370: =G370*H370 -> 6000 | K370: G-2-56 | L370: 放射诊断科 | M370: =G370 -> 2 | N370: =M370*H370 -> 6000 | O370: =G370-M370 -> 0
A371: 2层 | B371: 库房 | C371: 不锈钢货架 | D371: 长宽高：2米*0.6米*2米，3层 | E371: 1、材质：采用优质304#不锈钢经压折、焊接、抛光打磨而成，没有外露点；板材厚度≥1.0mm； 2、结构：焊接光滑无毛刺，表面抛光处理，抗腐蚀易清洗，整体设计实用而坚固、工艺精致美观、操作灵活方便，制作工艺采用激光设备切割、数控设备折弯，使产品更具流线性，整体坚实稳固。 | F371: 个 | G371: 10 | H371: 20000 | I371: =G371*H371 -> 200000 | K371: G-2-57 | L371: 基建总务部 | M371: 10 | N371: =M371*H371 -> 200000 | O371: =G371-M371 -> 0
A372: 2层 | B372: 库房 | C372: 文件柜 | D372: 长 0.8米，宽0.4 米，高 2.2 米； | E372: 1.基材：E0级MFC基材、铁皮 2.锁具：使用品牌锁具 3.底部支撑：矮柜使用轻型柜底支撑(TP-12B型柜底支撑) 4.内部结构：上带两块活层，下带一块活层；整体为门板覆盖顶、底板； 5.层板厚度：层/底板为≥25mm，其余为≥16mm； 6.铝框玻璃门默认不带锁具，所使用的玻璃标配为钢化玻璃 | F372: 个 | G372: 103 | H372: 3000 | I372: =G372*H372 -> 309000 | K372: G-2-58 | L372: 基建总务部 | M372: =G372*0.5 -> 51.5 | N372: =M372*H372 -> 154500 | O372: =G372-M372 -> 51.5
A373: 2层 | B373: 库房 | C373: 不锈钢货架 | D373: 办公桌主台：长 1.4 米，宽 0.8 米，高 0.76 米； 卡座：长 1.6 米，宽 1.6 米，高 1.2 米； 副柜：长 0.48 米，宽 0.4 米，高 0.6 米。 | E373: 1、材质：采用优质304#不锈钢经压折、焊接、抛光打磨而成，没有外露点；板材厚度≥1.0mm； 2、结构：焊接光滑无毛刺，表面抛光处理，抗腐蚀易清洗，整体设计实用而坚固、工艺精致美观、操作灵活方便，制作工艺采用激光设备切割、数控设备折弯，使产品更具流线性，整体坚实稳固。 | F373: 个 | G373: 6 | H373: 20000 | I373: =G373*H373 -> 120000 | K373: G-2-59 | L373: 基建总务部 | M373: =G373 -> 6 | N373: =M373*H373 -> 120000 | O373: =G373-M373 -> 0
A374: 2层 | B374: 库房 | C374: 办公椅 | D374: 常规 | E374: 1、椅背：采用专用优质网布，整个框架为工程塑胶框架，结实耐用，曲线造型，更显得十分美观自然； 2、座垫：采用复合高弹海棉，面覆优质网布； 3、扶手：为PU扶手； 4、脚架：采用优质五星脚架。 | F374: 张 | G374: 6 | H374: 1320 | I374: =G374*H374 -> 7920 | K374: G-2-59 | L374: 基建总务部 | M374: =G374 -> 6 | N374: =M374*H374 -> 7920 | O374: =G374-M374 -> 0
A375: 2层 | B375: 库房 | C375: 条形桌 | D375: 长1.2×宽0.4*高0.75 | E375: 1.基材：厚E0级环保MFC基材； 2.饰面：三聚氰胺纸饰面； 3.封边：PVC封边带； 4.台面：≥25mm；台面下配支撑托； 5.钢架：铝合金立柱+铝合金脚， 6.脚轮：采用医用级TPU静音滑轮； 7.档板：吸音材质,挡板尺寸为900*300*9MM, 颜色可选深银灰 | F375: 张 | G375: 8 | H375: 900 | I375: =G375*H375 -> 7200 | K375: G-2-59 | L375: 基建总务部 | M375: =G375 -> 8 | N375: =M375*H375 -> 7200 | O375: =G375-M375 -> 0
A376: 2层 | B376: 库房 | C376: 折叠椅 | D376: 常规 | E376: 类别：四脚椅 五星脚材质：锦纶/尼龙(聚酰胺纤维) 面料材质：网布 | F376: 张 | G376: 20 | H376: 200 | I376: =G376*H376 -> 4000 | K376: G-2-59 | L376: 基建总务部 | M376: =G376 -> 20 | N376: =M376*H376 -> 4000 | O376: =G376-M376 -> 0
A377: 2层 | B377: 库房 | C377: 文件柜 | D377: 长 0.8米，宽0.4 米，高 2.2 米； | E377: 1.基材：E0级MFC基材、铁皮 2.锁具：使用品牌锁具 3.底部支撑：矮柜使用轻型柜底支撑(TP-12B型柜底支撑) 4.内部结构：上带两块活层，下带一块活层；整体为门板覆盖顶、底板； 5.层板厚度：层/底板为≥25mm，其余为≥16mm； 6.铝框玻璃门默认不带锁具，所使用的玻璃标配为钢化玻璃 | F377: 个 | G377: 6 | H377: 3000 | I377: =G377*H377 -> 18000 | K377: G-2-59 | L377: 基建总务部 | M377: =G377 -> 6 | N377: =M377*H377 -> 18000 | O377: =G377-M377 -> 0
A378: 2层 | B378: 库房 | C378: 不锈钢货架 | D378: 长宽高：2米*0.6米*2米，3层 | E378: 1、材质：采用优质304#不锈钢经压折、焊接、抛光打磨而成，没有外露点；板材厚度≥1.0mm； 2、结构：焊接光滑无毛刺，表面抛光处理，抗腐蚀易清洗，整体设计实用而坚固、工艺精致美观、操作灵活方便，制作工艺采用激光设备切割、数控设备折弯，使产品更具流线性，整体坚实稳固。 | F378: 个 | G378: 10 | H378: 20000 | I378: =G378*H378 -> 200000 | K378: G-2-60 | L378: 基建总务部 | M378: 10 | N378: =M378*H378 -> 200000 | O378: =G378-M378 -> 0
A379: 2层 | B379: 库房 | C379: 办公椅 | D379: 常规 | E379: 1、椅背：采用专用优质网布，整个框架为工程塑胶框架，结实耐用，曲线造型，更显得十分美观自然； 2、座垫：采用复合高弹海棉，面覆优质网布； 3、扶手：为PU扶手； 4、脚架：采用优质五星脚架。 | F379: 张 | G379: 24 | H379: 1320 | I379: =G379*H379 -> 31680 | K379: G-2-60 | L379: 基建总务部 | M379: =G379 -> 24 | N379: =M379*H379 -> 31680 | O379: =G379-M379 -> 0
A380: 2层 | B380: 库房 | C380: 条形桌 | D380: 长1.8×宽0.4*高0.75 | E380: 1.基材：厚E0级环保MFC基材； 2.饰面：三聚氰胺纸饰面； 3.封边：PVC封边带； 4.台面：≥25mm；台面下配支撑托； 5.钢架：铝合金立柱+铝合金脚， 6.脚轮：采用医用级TPU静音滑轮； 7.档板：吸音材质,挡板尺寸为900*300*9MM, 颜色可选深银灰 | F380: 张 | G380: 2 | H380: 1200 | I380: =G380*H380 -> 2400 | K380: G-2-60 | L380: 基建总务部 | M380: =G380 -> 2 | N380: =M380*H380 -> 2400 | O380: =G380-M380 -> 0
A381: 2层 | B381: 库房 | C381: 折叠椅 | D381: 常规 | E381: 类别：四脚椅 五星脚材质：锦纶/尼龙(聚酰胺纤维) 面料材质：网布 | F381: 张 | G381: 6 | H381: 200 | I381: =G381*H381 -> 1200 | K381: G-2-60 | L381: 基建总务部 | M381: =G381 -> 6 | N381: =M381*H381 -> 1200 | O381: =G381-M381 -> 0
A382: 2层 | B382: 办公室10 | C382: 电脑主机托架 | D382: 常规 | E382: 主体材质：铁 表面工艺：烤漆 类别：推车置物架层架 形状：长方形 附加功能：可折叠 | F382: 个 | G382: 4 | H382: 150 | I382: =G382*H382 -> 600 | K382: G-2-61 | L382: 基建总务部 | M382: =G382 -> 4 | N382: =M382*H382 -> 600 | O382: =G382-M382 -> 0
A383: 2层 | B383: 办公室10 | C383: 文件柜 | D383: 长 0.8米，宽0.4 米，高 2.2 米； | E383: 1.基材：E0级MFC基材、铁皮 2.锁具：使用品牌锁具 3.底部支撑：矮柜使用轻型柜底支撑(TP-12B型柜底支撑) 4.内部结构：上带两块活层，下带一块活层；整体为门板覆盖顶、底板； 5.层板厚度：层/底板为≥25mm，其余为≥16mm； 6.铝框玻璃门默认不带锁具，所使用的玻璃标配为钢化玻璃 | F383: 个 | G383: 3 | H383: 3000 | I383: =G383*H383 -> 9000 | K383: G-2-61 | L383: 基建总务部 | M383: =G383 -> 3 | N383: =M383*H383 -> 9000 | O383: =G383-M383 -> 0
A384: 2层 | B384: 办公室10 | C384: 办公桌或卡座 | D384: 办公桌主台：长 1.4 米，宽 0.8 米，高 0.76 米； 卡座：长 1.6 米，宽 1.6 米，高 1.2 米； 副柜：长 0.48 米，宽 0.4 米，高 0.6 米。 | E384: 1、贴面板材：采用优质三聚氰胺纸 ,甲醛释放限量符合国家标准， 2、基材：采用通过国家技术标准的优质环保刨花板。确保甲醛排放达安全水平，经过防潮、防虫、防腐的化学处理，强度高，刚性好，不变形不开裂； 3、粘合剂：优质乳胶, 4、封边用材：≥2mm厚PVC胶边，优质热熔胶。 5、品牌优质五金配件； 6、脚架：采用静电粉末喷涂钢脚架。 7、每个位配活动柜一组 | F384: 张 | G384: 2 | H384: 4000 | I384: =G384*H384 -> 8000 | K384: G-2-61 | L384: 基建总务部 | M384: =G384 -> 2 | N384: =M384*H384 -> 8000 | O384: =G384-M384 -> 0
A385: 2层 | B385: 办公室10 | C385: 不锈钢货架 | D385: 常规或根据现场实际测量定制 | E385: 1、材质：采用优质304#不锈钢经压折、焊接、抛光打磨而成，没有外露点；板材厚度≥1.0mm； 2、结构：焊接光滑无毛刺，表面抛光处理，抗腐蚀易清洗，整体设计实用而坚固、工艺精致美观、操作灵活方便，制作工艺采用激光设备切割、数控设备折弯，使产品更具流线性，整体坚实稳固。 | F385: 个 | G385: 2 | H385: 20000 | I385: =G385*H385 -> 40000 | K385: G-2-61 | L385: 基建总务部 | M385: =G385 -> 2 | N385: =M385*H385 -> 40000 | O385: =G385-M385 -> 0
A386: 2层 | B386: 办公室10 | C386: 办公椅 | D386: 常规 | E386: 1、椅背：采用专用优质网布，整个框架为工程塑胶框架，结实耐用，曲线造型，更显得十分美观自然； 2、座垫：采用复合高弹海棉，面覆优质网布； 3、扶手：为PU扶手； 4、脚架：采用优质五星脚架。 | F386: 张 | G386: 2 | H386: 1320 | I386: =G386*H386 -> 2640 | K386: G-2-61 | L386: 基建总务部 | M386: =G386 -> 2 | N386: =M386*H386 -> 2640 | O386: =G386-M386 -> 0
A387: 2层 | B387: 办公室10 | C387: 单人折叠值班床 | D387: 常规 | E387: 面料材质：帆布 框架材质：金属 | F387: 张 | G387: 2 | H387: 500 | I387: =G387*H387 -> 1000 | K387: G-2-61 | L387: 基建总务部 | M387: =G387 -> 2 | N387: =M387*H387 -> 1000 | O387: =G387-M387 -> 0
A388: 2层 | B388: 库房 | C388: 不锈钢货架 | D388: 长宽高：2米*0.6米*2米，3层 | E388: 1、材质：采用优质304#不锈钢经压折、焊接、抛光打磨而成，没有外露点；板材厚度≥1.0mm； 2、结构：焊接光滑无毛刺，表面抛光处理，抗腐蚀易清洗，整体设计实用而坚固、工艺精致美观、操作灵活方便，制作工艺采用激光设备切割、数控设备折弯，使产品更具流线性，整体坚实稳固。 | F388: 个 | G388: 5 | H388: 20000 | I388: =G388*H388 -> 100000 | K388: G-2-62 | L388: 院感办 | M388: =G388 -> 5 | N388: =M388*H388 -> 100000 | O388: =G388-M388 -> 0
A389: 2层 | B389: 库房 | C389: 办公桌 | D389: 办公桌主台：长 1.4 米，宽 0.8 米，高 0.76 米； 卡座：长 1.6 米，宽 1.6 米，高 1.2 米； 副柜：长 0.48 米，宽 0.4 米，高 0.6 米。 | E389: 1、贴面板材：采用优质三聚氰胺纸 ,甲醛释放限量符合国家标准， 2、基材：采用通过国家技术标准的优质环保刨花板。确保甲醛排放达安全水平，经过防潮、防虫、防腐的化学处理，强度高，刚性好，不变形不开裂； 3、粘合剂：优质乳胶, 4、封边用材：≥2mm厚PVC胶边，优质热熔胶。 5、品牌优质五金配件； 6、脚架：采用静电粉末喷涂钢脚架。 7、每个位配活动柜一组 | F389: 张 | G389: 1 | H389: 4000 | I389: =G389*H389 -> 4000 | K389: G-2-62 | L389: 院感办 | M389: =G389 -> 1 | N389: =M389*H389 -> 4000 | O389: =G389-M389 -> 0
A390: 2层 | B390: 库房 | C390: 办公椅 | D390: 常规 | E390: 1、椅背：采用专用优质网布，整个框架为工程塑胶框架，结实耐用，曲线造型，更显得十分美观自然； 2、座垫：采用复合高弹海棉，面覆优质网布； 3、扶手：为PU扶手； 4、脚架：采用优质五星脚架。 | F390: 张 | G390: 1 | H390: 1320 | I390: =G390*H390 -> 1320 | K390: G-2-62 | L390: 院感办 | M390: =G390 -> 1 | N390: =M390*H390 -> 1320 | O390: =G390-M390 -> 0
... A393: 2层 | B393: 公共区域 | C393: 连排椅 | D393: 长 2米，宽 0.5 米，高 0.9米 | E393: 1、椅身及扶手面：PU成型自结皮饰面，温馨耐用，密度达到60kg\m³，拉伸强度≥90kPa，伸长率≥130%，回弹率≥35%，撕裂强度≥2.0N/cm，干热老化后拉伸强度≥55kPa甲醛释放≤0.120mg/m2h,TVOC≤0.5mg/m2h。 2、内框架：采用厚度12MM冷轧钢板激光切割成型后焊接而成，所有焊接部分均为满焊，结实稳固。 3、横梁：高强度135*100*100三角形冷轧钢管，表面喷涂处理，金属抗盐雾 4、脚架：高强度冷轧方形钢管，表面喷涂处理，金属抗盐雾 18h。 | F393: 张 | G393: 2 | H393: 3000 | I393: =G393*H393 -> 6000 | K393: G-2-63 | L393: 基建总务部 | M393: =G393 -> 2 | N393: =M393*H393 -> 6000 | O393: =G393-M393 -> 0
A394: 3层 | B394: 3层 | O394: =G394-M394 -> 0
A395: 3层 | B395: 临床药学室 | C395: 办公桌或卡座 | D395: 办公桌主台：长 1.4 米，宽 0.8 米，高 0.76 米； 卡座：长 1.6 米，宽 1.6 米，高 1.2 米； 副柜：长 0.48 米，宽 0.4 米，高 0.6 米。 | E395: 1、贴面板材：采用优质三聚氰胺纸 ,甲醛释放限量符合国家标准， 2、基材：采用通过国家技术标准的优质环保刨花板。确保甲醛排放达安全水平，经过防潮、防虫、防腐的化学处理，强度高，刚性好，不变形不开裂； 3、粘合剂：优质乳胶, 4、封边用材：≥2mm厚PVC胶边，优质热熔胶。 5、品牌优质五金配件； 6、脚架：采用静电粉末喷涂钢脚架。 7、每个位配活动柜一组 | F395: 张 | G395: 12 | H395: 4000 | I395: =G395*H395 -> 48000 | K395: G-3-01 | L395: 药学部 | M395: =G395 -> 12 | N395: =M395*H395 -> 48000 | O395: =G395-M395 -> 0
A396: 3层 | B396: 临床药学室 | C396: 办公椅 | D396: 常规 | E396: 1、椅背：采用专用优质网布，整个框架为工程塑胶框架，结实耐用，曲线造型，更显得十分美观自然； 2、座垫：采用复合高弹海棉，面覆优质网布； 3、扶手：为PU扶手； 4、脚架：采用优质五星脚架。 | F396: 张 | G396: 12 | H396: 1320 | I396: =G396*H396 -> 15840 | K396: G-3-01 | L396: 药学部 | M396: =G396 -> 12 | N396: =M396*H396 -> 15840 | O396: =G396-M396 -> 0
A397: 3层 | B397: 临床药学室 | C397: 文件柜 | D397: 长 0.8米，宽0.4 米，高 2.2 米； | E397: 1.基材：E0级MFC基材、铁皮 2.锁具：使用品牌锁具 3.底部支撑：矮柜使用轻型柜底支撑(TP-12B型柜底支撑) 4.内部结构：上带两块活层，下带一块活层；整体为门板覆盖顶、底板； 5.层板厚度：层/底板为≥25mm，其余为≥16mm； 6.铝框玻璃门默认不带锁具，所使用的玻璃标配为钢化玻璃 | F397: 个 | G397: 12 | H397: 3000 | I397: =G397*H397 -> 36000 | K397: G-3-01 | L397: 药学部 | M397: =G397 -> 12 | N397: =M397*H397 -> 36000 | O397: =G397-M397 -> 0
A398: 3层 | B398: 临床药学室 | C398: 书柜 | D398: 常规 | E398: 1.基材：E0级MFC基材 2.锁具：使用品牌锁具 3.底部支撑：矮柜使用轻型柜底支撑(TP-12B型柜底支撑) 4.内部结构：上带两块活层，下带一块活层；整体为门板覆盖顶、底板； 5.层板厚度：层/底板为≥25mm，其余为≥16mm； 6.铝框玻璃门默认不带锁具，所使用的玻璃标配为钢化玻璃 | F398: 个 | G398: 12 | H398: 3000 | I398: =G398*H398 -> 36000 | K398: G-3-01 | L398: 药学部 | M398: =G398 -> 12 | N398: =M398*H398 -> 36000 | O398: =G398-M398 -> 0
A399: 3层 | B399: 临床药学室 | C399: 连排椅 | D399: 长 2米，宽 0.5 米，高 0.9米 | E399: 1、椅身及扶手面：PU成型自结皮饰面，温馨耐用，密度达到60kg\m³，拉伸强度≥90kPa，伸长率≥130%，回弹率≥35%，撕裂强度≥2.0N/cm，干热老化后拉伸强度≥55kPa甲醛释放≤0.120mg/m2h,TVOC≤0.5mg/m2h。 2、内框架：采用厚度12MM冷轧钢板激光切割成型后焊接而成，所有焊接部分均为满焊，结实稳固。 3、横梁：高强度135*100*100三角形冷轧钢管，表面喷涂处理，金属抗盐雾 4、脚架：高强度冷轧方形钢管，表面喷涂处理，金属抗盐雾 18h。 | F399: 张 | G399: 1 | H399: 3000 | I399: =G399*H399 -> 3000 | K399: G-3-01 | L399: 药学部 | M399: =G399 -> 1 | N399: =M399*H399 -> 3000 | O399: =G399-M399 -> 0
A400: 3层 | B400: 临床药学室 | C400: 折叠椅 | D400: 常规 | E400: 类别：四脚椅 五星脚材质：锦纶/尼龙(聚酰胺纤维) 面料材质：网布 | F400: 张 | G400: 12 | H400: 200 | I400: =G400*H400 -> 2400 | K400: G-3-01 | L400: 药学部 | M400: =G400 -> 12 | N400: =M400*H400 -> 2400 | O400: =G400-M400 -> 0
A401: 3层 | B401: 临床药学实验室 | C401: 办公椅 | D401: 常规 | E401: 1、椅背：采用专用优质网布，整个框架为工程塑胶框架，结实耐用，曲线造型，更显得十分美观自然； 2、座垫：采用复合高弹海棉，面覆优质网布； 3、扶手：为PU扶手； 4、脚架：采用优质五星脚架。 | F401: 张 | G401: 4 | H401: 1320 | I401: =G401*H401 -> 5280 | K401: G-3-02 | L401: 药学部 | M401: =G401 -> 4 | N401: =M401*H401 -> 5280 | O401: =G401-M401 -> 0
A402: 3层 | B402: 临床药学实验室 | C402: 工作台 | D402: 5000*750*850（或根据现场实际测量定制） | E402: 1. 冷轧钢柜体+陶瓷台面 2. 台面：采用陶瓷板台面，由专业生产厂家用CNC机械加工而成。 3.柜体：采用1.0mm优质冷轧钢板，采用二氧化碳保护焊焊接，边缘打磨处理，表面经酸洗、磷化及环氧树脂户外粉静电喷涂，具备较强的耐酸碱防护能力。 4、含一套86插座 | F402: 米 | G402: 20 | H402: 7000 | I402: =G402*H402 -> 140000 | K402: G-3-02 | L402: 药学部 | M402: =G402 -> 20 | N402: =M402*H402 -> 140000 | O402: =G402-M402 -> 0
A403: 3层 | B403: 临床药学实验室 | C403: PP水槽 | D403: 常规 | E403: 高密度聚丙烯防腐蚀 | F403: 个 | G403: 2 | H403: 600 | I403: =G403*H403 -> 1200 | K403: G-3-02 | L403: 药学部 | M403: =G403 -> 2 | N403: =M403*H403 -> 1200 | O403: =G403-M403 -> 0
A404: 3层 | B404: 临床药学实验室 | C404: PP滴水架 | D404: 常规 | E404: 实验室导流管配件沥水架 烧杯器皿晾干架 | F404: 个 | G404: 2 | H404: 200 | I404: =G404*H404 -> 400 | K404: G-3-02 | L404: 药学部 | M404: =G404 -> 2 | N404: =M404*H404 -> 400 | O404: =G404-M404 -> 0
A405: 3层 | B405: 临床药学实验室 | C405: 试剂样品柜 | D405: 900*450*1800mm | E405: 1、柜体：采用1.0mm一级电解钢板。 2、门板：采用一级电解钢板。 3、拉手：优质五金拉手。 4、表面处理：表面采用环氧树脂粉末喷涂，涂层膜厚度均匀，内外一致，耐撞击，抗腐蚀力强。 | F405: 个 | G405: 2 | H405: 2000 | I405: =G405*H405 -> 4000 | K405: G-3-02 | L405: 药学部 | M405: =G405 -> 2 | N405: =M405*H405 -> 4000 | O405: =G405-M405 -> 0
A406: 3层 | B406: 临床药学实验室 | C406: 圆椅 | D406: 硬座面 | E406: 1、采用优质实木，质地均匀而又紧密，结构坚固，承重力强； 2、木纹美观独特，具有极强的装饰效果； 3、采用优质品牌五金配件； 4、油漆采用环保油漆，光泽度好，环保无气味； | F406: 张 | G406: 10 | H406: 800 | I406: =G406*H406 -> 8000 | K406: G-3-02 | L406: 药学部 | M406: =G406 -> 10 | N406: =M406*H406 -> 8000 | O406: =G406-M406 -> 0
... A459: 3层 | B459: 输液库 | C459: 办公椅 | D459: 常规 | E459: 1、椅背：采用专用优质网布，整个框架为工程塑胶框架，结实耐用，曲线造型，更显得十分美观自然； 2、座垫：采用复合高弹海棉，面覆优质网布； 3、扶手：为PU扶手； 4、脚架：采用优质五星脚架。 | F459: 张 | G459: 1 | H459: 1320 | I459: =G459*H459 -> 1320 | K459: G-3-13 | L459: 药学部 | M459: =G459 -> 1 | N459: =M459*H459 -> 1320 | O459: =G459-M459 -> 0
A460: 3层 | B460: 输液库 | C460: 不锈钢货架 | D460: 长宽高：2米*0.6米*2米，3层 | E460: 1、材质：采用优质304#不锈钢经压折、焊接、抛光打磨而成，没有外露点；板材厚度≥1.0mm； 2、结构：焊接光滑无毛刺，表面抛光处理，抗腐蚀易清洗，整体设计实用而坚固、工艺精致美观、操作灵活方便，制作工艺采用激光设备切割、数控设备折弯，使产品更具流线性，整体坚实稳固。 | F460: 个 | G460: 10 | H460: 20000 | I460: =G460*H460 -> 200000 | K460: G-3-13 | L460: 药学部 | M460: 10 | N460: =M460*H460 -> 200000 | O460: =G460-M460 -> 0
A461: 3层 | B461: 资料库 | C461: 办公桌 | D461: 办公桌主台：长 1.4 米，宽 0.8 米，高 0.76 米； 副柜：长 0.48 米，宽 0.4 米，高 0.6 米。 | E461: 1、贴面板材：采用优质三聚氰胺纸 ,甲醛释放限量符合国家标准， 2、基材：采用通过国家技术标准的优质环保刨花板。确保甲醛排放达安全水平，经过防潮、防虫、防腐的化学处理，强度高，刚性好，不变形不开裂； 3、粘合剂：优质乳胶, 4、封边用材：≥2mm厚PVC胶边，优质热熔胶。 5、品牌优质五金配件； 6、脚架：采用静电粉末喷涂钢脚架。 7、每个位配活动柜一组 | F461: 张 | G461: 1 | H461: 4000 | I461: =G461*H461 -> 4000 | K461: G-3-14 | L461: 药学部 | M461: =G461 -> 1 | N461: =M461*H461 -> 4000 | O461: =G461-M461 -> 0
A462: 3层 | B462: 资料库 | C462: 办公椅 | D462: 常规 | E462: 1、椅背：采用专用优质网布，整个框架为工程塑胶框架，结实耐用，曲线造型，更显得十分美观自然； 2、座垫：采用复合高弹海棉，面覆优质网布； 3、扶手：为PU扶手； 4、脚架：采用优质五星脚架。 | F462: 张 | G462: 1 | H462: 1320 | I462: =G462*H462 -> 1320 | K462: G-3-14 | L462: 药学部 | M462: =G462 -> 1 | N462: =M462*H462 -> 1320 | O462: =G462-M462 -> 0
A463: 3层 | B463: 资料库 | C463: 不锈钢货架 | D463: 长宽高：2米*0.6米*2米，3层 | E463: 1、材质：采用优质304#不锈钢经压折、焊接、抛光打磨而成，没有外露点；板材厚度≥1.0mm； 2、结构：焊接光滑无毛刺，表面抛光处理，抗腐蚀易清洗，整体设计实用而坚固、工艺精致美观、操作灵活方便，制作工艺采用激光设备切割、数控设备折弯，使产品更具流线性，整体坚实稳固。 | F463: 个 | G463: 10 | H463: 20000 | I463: =G463*H463 -> 200000 | K463: G-3-14 | L463: 药学部 | M463: 10 | N463: =M463*H463 -> 200000 | O463: =G463-M463 -> 0
A464: 3层 | B464: 药库办公室 | C464: 办公卡座 | D464: 长1.6 米，宽1.6 米，高1.2 米；或根据现场实际测量定制 | E464: 1、贴面板材：采用优质三聚氰胺纸 ,甲醛释放限量符合国家标准， 2、基材：采用通过国家技术标准的优质环保刨花板。确保甲醛排放达安全水平，经过防潮、防虫、防腐的化学处理，强度高，刚性好，不变形不开裂； 3、粘合剂：优质乳胶, 4、封边用材：≥2mm厚PVC胶边，优质热熔胶。 5、品牌优质五金配件； 6、脚架：采用静电粉末喷涂钢脚架。 7、每个位配活动柜一组 | F464: 张 | G464: 6 | H464: 4000 | I464: =G464*H464 -> 24000 | K464: G-3-15 | L464: 药学部 | M464: =G464 -> 6 | N464: =M464*H464 -> 24000 | O464: =G464-M464 -> 0
A465: 3层 | B465: 药库办公室 | C465: 办公椅 | D465: 常规 | E465: 1、椅背：采用专用优质网布，整个框架为工程塑胶框架，结实耐用，曲线造型，更显得十分美观自然； 2、座垫：采用复合高弹海棉，面覆优质网布； 3、扶手：为PU扶手； 4、脚架：采用优质五星脚架。 | F465: 张 | G465: 8 | H465: 1320 | I465: =G465*H465 -> 10560 | K465: G-3-15 | L465: 药学部 | M465: =G465 -> 8 | N465: =M465*H465 -> 10560 | O465: =G465-M465 -> 0
A466: 3层 | B466: 药库办公室 | C466: 茶水柜 | D466: 茶水柜：长 1米，宽 0.4米，高 0.9米；或根据现场实际测量定制 | E466: 1.基材：E0级环保MFC基材； 2.工艺： 门板采用45 °斜切式隐形拉手，开启更简便，将突兀的拉手隐藏后，简洁大方； 3.底部支撑：矮柜使用轻型柜底支撑(TP-11A型柜底支撑) 4.锁具：优质品牌锁具 5.内部结构： 内置一块活动层板 | F466: 个 | G466: 1 | H466: 1000 | I466: =G466*H466 -> 1000 | K466: G-3-15 | L466: 药学部 | M466: =G466 -> 1 | N466: =M466*H466 -> 1000 | O466: =G466-M466 -> 0
A467: 3层 | B467: 药库办公室 | C467: 文件柜 | D467: 长 0.8米，宽0.4 米，高 2.2 米； | E467: 1.基材：E0级MFC基材、铁皮 2.锁具：使用品牌锁具 3.底部支撑：矮柜使用轻型柜底支撑(TP-12B型柜底支撑) 4.内部结构：上带两块活层，下带一块活层；整体为门板覆盖顶、底板； 5.层板厚度：层/底板为≥25mm，其余为≥16mm； 6.铝框玻璃门默认不带锁具，所使用的玻璃标配为钢化玻璃 | F467: 个 | G467: 3 | H467: 3000 | I467: =G467*H467 -> 9000 | K467: G-3-15 | L467: 药学部 | M467: =G467 -> 3 | N467: =M467*H467 -> 9000 | O467: =G467-M467 -> 0
A468: 3层 | B468: 药库办公室 | C468: 书柜 | D468: 常规 | E468: 1.基材：E0级MFC基材 2.锁具：使用品牌锁具 3.底部支撑：矮柜使用轻型柜底支撑(TP-12B型柜底支撑) 4.内部结构：上带两块活层，下带一块活层；整体为门板覆盖顶、底板； 5.层板厚度：层/底板为≥25mm，其余为≥16mm； 6.铝框玻璃门默认不带锁具，所使用的玻璃标配为钢化玻璃 | F468: 个 | G468: 1 | H468: 3000 | I468: =G468*H468 -> 3000 | K468: G-3-15 | L468: 药学部 | M468: =G468 -> 1 | N468: =M468*H468 -> 3000 | O468: =G468-M468 -> 0
A469: 3层 | B469: 冷库 | C469: 不锈钢货架 | D469: 长宽高：2米*0.6米*2米，3层 | E469: 1、材质：采用优质304#不锈钢经压折、焊接、抛光打磨而成，没有外露点；板材厚度≥1.0mm； 2、结构：焊接光滑无毛刺，表面抛光处理，抗腐蚀易清洗，整体设计实用而坚固、工艺精致美观、操作灵活方便，制作工艺采用激光设备切割、数控设备折弯，使产品更具流线性，整体坚实稳固。 | F469: 个 | G469: 8 | H469: 20000 | I469: =G469*H469 -> 160000 | K469: G-3-16 | L469: 药学部 | M469: 8 | N469: =M469*H469 -> 160000 | O469: =G469-M469 -> 0
A470: 3层 | B470: 药库 | C470: 办公桌 | D470: 办公桌主台：长 1.4 米，宽 0.8 米，高 0.76 米； 副柜：长 0.48 米，宽 0.4 米，高 0.6 米。 | E470: 1、贴面板材：采用优质三聚氰胺纸 ,甲醛释放限量符合国家标准， 2、基材：采用通过国家技术标准的优质环保刨花板。确保甲醛排放达安全水平，经过防潮、防虫、防腐的化学处理，强度高，刚性好，不变形不开裂； 3、粘合剂：优质乳胶, 4、封边用材：≥2mm厚PVC胶边，优质热熔胶。 5、品牌优质五金配件； 6、脚架：采用静电粉末喷涂钢脚架。 7、每个位配活动柜一组 | F470: 张 | G470: 1 | H470: 4000 | I470: =G470*H470 -> 4000 | K470: G-3-17 | L470: 药学部 | M470: =G470 -> 1 | N470: =M470*H470 -> 4000 | O470: =G470-M470 -> 0
A471: 3层 | B471: 药库 | C471: 办公椅 | D471: 常规 | E471: 1、椅背：采用专用优质网布，整个框架为工程塑胶框架，结实耐用，曲线造型，更显得十分美观自然； 2、座垫：采用复合高弹海棉，面覆优质网布； 3、扶手：为PU扶手； 4、脚架：采用优质五星脚架。 | F471: 张 | G471: 1 | H471: 1320 | I471: =G471*H471 -> 1320 | K471: G-3-17 | L471: 药学部 | M471: =G471 -> 1 | N471: =M471*H471 -> 1320 | O471: =G471-M471 -> 0
A472: 3层 | B472: 药库 | C472: 文件柜 | D472: 长 0.8米，宽0.4 米，高 2.2 米； | E472: 1.基材：E0级MFC基材、铁皮 2.锁具：使用品牌锁具 3.底部支撑：矮柜使用轻型柜底支撑(TP-12B型柜底支撑) 4.内部结构：上带两块活层，下带一块活层；整体为门板覆盖顶、底板； 5.层板厚度：层/底板为≥25mm，其余为≥16mm； 6.铝框玻璃门默认不带锁具，所使用的玻璃标配为钢化玻璃 | F472: 个 | G472: 3 | H472: 3000 | I472: =G472*H472 -> 9000 | K472: G-3-17 | L472: 药学部 | M472: =G472 -> 3 | N472: =M472*H472 -> 9000 | O472: =G472-M472 -> 0
A473: 3层 | B473: 药库 | C473: 不锈钢货架 | D473: 长宽高：2米*0.6米*2米，3层 | E473: 1、材质：采用优质304#不锈钢经压折、焊接、抛光打磨而成，没有外露点；板材厚度≥1.0mm； 2、结构：焊接光滑无毛刺，表面抛光处理，抗腐蚀易清洗，整体设计实用而坚固、工艺精致美观、操作灵活方便，制作工艺采用激光设备切割、数控设备折弯，使产品更具流线性，整体坚实稳固。 | F473: 个 | G473: 10 | H473: 20000 | I473: =G473*H473 -> 200000 | K473: G-3-17 | L473: 药学部 | M473: 10 | N473: =M473*H473 -> 200000 | O473: =G473-M473 -> 0
A474: 3层 | B474: 药库 | C474: 保险柜 | D474: 长600mm；宽560mm；高1500mm；或根据现场实际测量定制 | E474: 高强度低碳合金钢 | F474: 个 | G474: 6 | H474: 1800 | I474: =G474*H474 -> 10800 | K474: G-3-17 | L474: 药学部 | M474: =G474 -> 6 | N474: =M474*H474 -> 10800 | O474: =G474-M474 -> 0
...

Sheet 附表2-2窗帘明细表（1200床）
A1: 附表2-2 窗帘明细表（1200床）
A2: 序号 | B2: 楼层 | C2: 使用区域 | D2: 货物名称 | E2: 宽度（米） | F2: 褶皱系数 | G2: 高度 （米） | H2: 数量 （个） | I2: 面积 （m²） | J2: 布使用量（米） | K2: 轨道使用量（米） | L2: 备注
A3: 一 | B3: 第二住院楼
A4: 1 | B4: 负一层 | C4: 社会服务 | D4: 卷帘/百叶帘 | E4: 14.178 | G4: 3.036 | H4: 1 | I4: 43.044408 | L4: G-B1-01 | M4: 702
A5: 2 | C5: 社会服务 | D5: 卷帘/百叶帘 | E5: 8.874 | G5: 3.036 | H5: 1 | I5: 26.941464 | L5: G-B1-02 | M5: 702
A6: 3 | C6: 社会服务 | D6: 卷帘/百叶帘 | E6: 15.096 | G6: 3.036 | H6: 1 | I6: 45.831456 | L6: G-B1-03 | M6: 702
A7: 4 | C7: 社会服务 | D7: 卷帘/百叶帘 | E7: 9.18 | G7: 3.036 | H7: 1 | I7: 27.87048 | L7: G-B1-04 | M7: 702
A8: 5 | C8: 报告 | D8: 卷帘/百叶帘 | E8: 1.224 | G8: 1.188 | H8: 1 | I8: 1.454112 | L8: G-B1-05 | M8: 702
A9: 6 | C9: 报告 | D9: 卷帘/百叶帘 | E9: 1.224 | G9: 1.584 | H9: 1 | I9: 1.938816 | L9: G-B1-06 | M9: 702
A10: 7 | C10: 报告 | D10: 卷帘/百叶帘 | E10: 1.224 | G10: 1.584 | H10: 2 | I10: 3.877632 | L10: G-B1-07 | M10: 702
A11: 8 | C11: 报告 | D11: 卷帘/百叶帘 | E11: 1.224 | G11: 1.584 | H11: 2 | I11: 3.877632 | L11: G-B1-08 | M11: 702
A12: 11 | C12: 技师办公 | D12: 布帘 | E12: 3.162 | F12: 1.5 | G12: 2.3 | H12: 1 | J12: 4.743 | K12: 3.362 | L12: G-B1-33 | M12: 702
A13: 12 | C13: 主任办公 | D13: 布帘 | E13: 3.162 | F13: 1.5 | G13: 2.3 | H13: 1 | J13: 4.743 | K13: 3.362 | L13: G-B1-34 | M13: 702
A14: 13 | C14: 报告室 | D14: 布帘 | E14: 3.162 | F14: 1.5 | G14: 2.3 | H14: 1 | J14: 4.743 | K14: 3.362 | L14: G-B1-35 | M14: 702
A15: 14 | C15: 报告室 | D15: 布帘 | E15: 3.57 | F15: 1.5 | G15: 2.3 | H15: 1 | J15: 5.355 | K15: 3.77 | L15: G-B1-36 | M15: 702
A16: 15 | C16: 女更衣 | D16: 布帘 | E16: 2.04 | F16: 1.5 | G16: 2.3 | H16: 1 | J16: 3.06 | K16: 2.24 | L16: G-B1-37 | M16: 702
A17: 16 | C17: 男更衣 | D17: 布帘 | E17: 2.04 | F17: 1.5 | G17: 2.3 | H17: 1 | J17: 3.06 | K17: 2.24 | L17: G-B1-38 | M17: 702
A18: 17 | C18: 抢救 | D18: 隔帘 | E18: 9.18 | F18: 1.5 | G18: 3 | H18: 1 | J18: 13.77 | K18: 9.38 | L18: G-B1-41 | M18: 702
A19: 18 | C19: 休息厅 | D19: 布帘 | E19: 5.1 | F19: 1.5 | G19: 3 | H19: 1 | J19: 7.65 | K19: 5.3 | L19: G-B1-50 | M19: 702
A20: 19 | C20: 留观 | D20: 隔帘 | E20: 6.63 | F20: 1.5 | G20: 3 | H20: 2 | J20: 19.89 | K20: 6.83 | L20: G-B1-51 | M20: 702
A21: 20 | C21: 注射后休息室1 | D21: 隔帘 | E21: 6.63 | F21: 1.5 | G21: 3 | H21: 2 | J21: 19.89 | K21: 6.83 | L21: G-B1-52 | M21: 702
A22: 21 | C22: 注射后休息室2 | D22: 隔帘 | E22: 6.63 | F22: 1.5 | G22: 3 | H22: 2 | J22: 19.89 | K22: 6.83 | L22: G-B1-53 | M22: 702
A23: 22 | C23: 注射后休息室3 | D23: 隔帘 | E23: 6.63 | F23: 1.5 | G23: 3 | H23: 2 | J23: 19.89 | K23: 6.83 | L23: G-B1-54 | M23: 702
... A30: 29 | C30: 诊室 | D30: 布帘 | E30: 3.366 | F30: 1.5 | G30: 3 | H30: 1 | J30: 5.049 | K30: 3.566 | L30: G-B1-61 | M30: 702
A31: 30 | C31: 核医学候诊 | D31: 卷帘/百叶帘 | E31: 4.386 | G31: 3.036 | H31: 1 | I31: 13.315896 | L31: G-B1-62 | M31: 702
A32: 31 | B32: 1层 | C32: 值班室 | D32: 卷帘/百叶帘 | E32: 0.714 | G32: 3.96 | H32: 2 | I32: 5.65488 | L32: G-1-01 | M32: 702
A33: 32 | C33: 阅片室（大） | D33: 卷帘/百叶帘 | E33: 0.714 | G33: 3.96 | H33: 9 | I33: 25.44696 | L33: G-1-02 | M33: 702
A34: 33 | C34: 配套管理、快递收发 | D34: 卷帘/百叶帘 | E34: 20.4 | G34: 3.96 | H34: 10 | I34: 807.84 | L34: / | M34: 702
A35: 34 | C35: 备餐间 | D35: 布帘 | E35: 4.08 | F35: 1.5 | G35: 3 | H35: 1 | J35: 6.12 | K35: 4.28 | L35: G-1-23 | M35: 702
A36: 35 | C36: 阅片室（小） | D36: 布帘 | E36: 3.978 | F36: 1.5 | G36: 3 | H36: 1 | J36: 5.967 | K36: 4.178 | L36: G-1-24 | M36: 702
A37: 36 | C37: 阅片室（小） | D37: 布帘 | E37: 3.825 | F37: 1.5 | G37: 3 | H37: 1 | J37: 5.7375 | K37: 4.025 | L37: G-1-26 | M37: 702
A38: 37 | C38: 阅片室（小） | D38: 布帘 | E38: 3.978 | F38: 1.5 | G38: 3 | H38: 1 | J38: 5.967 | K38: 4.178 | L38: G-1-27 | M38: 702
A39: 38 | C39: 阅片室（小） | D39: 布帘 | E39: 3.978 | F39: 1.5 | G39: 3 | H39: 1 | J39: 5.967 | K39: 4.178 | L39: G-1-28 | M39: 702
A40: 39 | C40: 阅片室（小） | D40: 布帘 | E40: 3.111 | F40: 1.5 | G40: 3 | H40: 1 | J40: 4.6665 | K40: 3.311 | L40: G-1-29 | M40: 702
A41: 40 | C41: 阅片室（小） | D41: 布帘 | E41: 3.111 | F41: 1.5 | G41: 3 | H41: 1 | J41: 4.6665 | K41: 3.311 | L41: G-1-30 | M41: 702
A42: 41 | C42: 阅片室（小） | D42: 布帘 | E42: 2.856 | F42: 1.5 | G42: 3 | H42: 1 | J42: 4.284 | K42: 3.056 | L42: G-1-31 | M42: 702
A43: 42 | C43: 阅片室（小） | D43: 布帘 | E43: 3.06 | F43: 1.5 | G43: 3 | H43: 1 | J43: 4.59 | K43: 3.26 | L43: G-1-32 | M43: 702
A44: 43 | C44: 阅片室（小） | D44: 布帘 | E44: 3.06 | F44: 1.5 | G44: 3 | H44: 1 | J44: 4.59 | K44: 3.26 | L44: G-1-33 | M44: 702
A45: 44 | B45: 2层 | C45: 社会服务 | D45: 布帘 | E45: 6.834 | F45: 1.5 | G45: 3 | H45: 1 | J45: 10.251 | K45: 7.034 | L45: G-2-01 | M45: 702
A46: 45 | D46: 布帘 | E46: 15.3 | F46: 1.5 | G46: 3 | H46: 1 | J46: 22.95 | K46: 15.5 | M46: 702
A47: 46 | C47: 值班室 | D47: 布帘 | E47: 2.142 | F47: 1.5 | G47: 3 | H47: 2 | J47: 6.426 | K47: 2.342 | L47: G-2-02 | M47: 702
A48: 47 | C48: 办公室 | D48: 布帘 | E48: 2.856 | F48: 1.5 | G48: 3 | H48: 1 | J48: 4.284 | K48: 3.056 | L48: G-2-04 | M48: 702
A49: 48 | C49: 办公室 | D49: 布帘 | E49: 13.77 | F49: 1.5 | G49: 3 | H49: 1 | J49: 20.655 | K49: 13.97 | L49: G-2-06 | M49: 702
A50: 49 | C50: 办公室 | D50: 布帘 | E50: 7.956 | F50: 1.5 | G50: 3 | H50: 1 | J50: 11.934 | K50: 8.156 | L50: G-2-07 | M50: 702
A51: 50 | C51: 正压送风机房 | D51: 布帘 | E51: 3.672 | F51: 1.5 | G51: 3 | H51: 1 | J51: 5.508 | K51: 3.872 | L51: / | M51: 702
A52: 51 | C52: VRV空调机房 | D52: 布帘 | E52: 4.59 | F52: 1.5 | G52: 3 | H52: 1 | J52: 6.885 | K52: 4.79 | L52: / | M52: 702
A53: 52 | C53: 等候区 | D53: 布帘 | E53: 18.36 | F53: 1.5 | G53: 3 | H53: 1 | J53: 27.54 | K53: 18.56 | L53: G-2-44 | M53: 702
A54: 53 | C54: 办公 | D54: 布帘 | E54: 6.936 | F54: 1.5 | G54: 3 | H54: 1 | J54: 10.404 | K54: 7.136 | L54: G-2-45 | M54: 702
A55: 54 | C55: 办公 | D55: 布帘 | E55: 5.304 | F55: 1.5 | G55: 3 | H55: 1 | J55: 7.956 | K55: 5.504 | L55: G-2-46 | M55: 702
A56: 55 | C56: 办公 | D56: 布帘 | E56: 5.304 | F56: 1.5 | G56: 3 | H56: 1 | J56: 7.956 | K56: 5.504 | L56: G-2-47 | M56: 702
A57: 56 | C57: 办公 | D57: 布帘 | E57: 5.304 | F57: 1.5 | G57: 3 | H57: 1 | J57: 7.956 | K57: 5.504 | L57: G-2-48 | M57: 702
A58: 57 | C58: 注射抢救检测 | D58: 布帘 | E58: 5.304 | F58: 1.5 | G58: 3 | H58: 1 | J58: 7.956 | K58: 5.504 | L58: G-2-49 | M58: 702
A59: 58 | D59: 隔帘 | E59: 6.63 | F59: 1.5 | G59: 3 | H59: 6 | J59: 59.67 | K59: 6.83 | M59: 702
A60: 59 | C60: 控制室 | D60: 布帘 | E60: 10.2 | F60: 1.5 | G60: 3 | H60: 1 | J60: 15.3 | K60: 10.4 | L60: G-2-50 | M60: 702
A61: 60 | C61: 庭院公共走道 | D61: 布帘 | E61: 33.66 | F61: 1.5 | G61: 3 | H61: 1 | J61: 50.49 | K61: 33.86 | L61: / | M61: 702
A62: 61 | C62: 办公 | D62: 布帘 | E62: 2.856 | F62: 1.5 | G62: 3 | H62: 1 | J62: 4.284 | K62: 3.056 | L62: G-2-53 | M62: 702
A63: 62 | C63: 办公 | D63: 布帘 | E63: 3.06 | F63: 1.5 | G63: 3 | H63: 1 | J63: 4.59 | K63: 3.26 | L63: G-2-54 | M63: 702
A64: 63 | C64: 办公 | D64: 布帘 | E64: 4.998 | F64: 1.5 | G64: 3 | H64: 1 | J64: 7.497 | K64: 5.198 | L64: G-2-55 | M64: 702
A65: 64 | C65: 办公 | D65: 布帘 | E65: 5.61 | F65: 1.5 | G65: 3 | H65: 1 | J65: 8.415 | K65: 5.81 | L65: G-2-56 | M65: 702
A66: 65 | C66: 库房 | D66: 布帘 | E66: 17.34 | F66: 1.5 | G66: 3 | H66: 1 | J66: 26.01 | K66: 17.54 | L66: G-2-57 | M66: 702
A67: 66 | C67: 库房 | D67: 布帘 | E67: 19.38 | F67: 1.5 | G67: 3 | H67: 1 | J67: 29.07 | K67: 19.58 | L67: G-2-58 | M67: 702
A68: 67 | C68: 精密空调 | D68: 布帘 | E68: 5.916 | F68: 1.5 | G68: 3 | H68: 1 | J68: 8.874 | K68: 6.116 | L68: / | M68: 702
A69: 68 | C69: 库房 | D69: 布帘 | E69: 5.61 | F69: 1.5 | G69: 3 | H69: 1 | J69: 8.415 | K69: 5.81 | L69: G-2-59 | M69: 702
A70: 69 | C70: 库房 | D70: 布帘 | E70: 20.91 | F70: 1.5 | G70: 3 | H70: 1 | J70: 31.365 | K70: 21.11 | L70: G-2-60 | M70: 702
A71: 70 | C71: 办公 | D71: 布帘 | E71: 3.774 | F71: 1.5 | G71: 3 | H71: 1 | J71: 5.661 | K71: 3.974 | L71: G-2-61 | M71: 702
... A73: 72 | C73: 空调机房 | D73: 布帘 | E73: 1.53 | F73: 1.5 | G73: 3 | H73: 1 | J73: 2.295 | K73: 1.73 | L73: / | M73: 702
A74: 73 | B74: 3层 | C74: 临床药学室 | D74: 布帘 | E74: 8.67 | F74: 1.5 | G74: 3 | H74: 1 | J74: 13.005 | K74: 8.87 | L74: G-3-01 | M74: 702
A75: 74 | C75: 临床药学实验室 | D75: 布帘 | E75: 7.956 | F75: 1.5 | G75: 3 | H75: 1 | J75: 11.934 | K75: 8.156 | L75: G-3-02 | M75: 702
A76: 75 | C76: 药学情报室 | D76: 布帘 | E76: 8.976 | F76: 1.5 | G76: 3 | H76: 3 | J76: 40.392 | K76: 9.176 | L76: G-3-03 | M76: 702
A77: 76 | C77: 女值班室 | D77: 布帘 | E77: 4.794 | F77: 1.5 | G77: 3 | H77: 1 | J77: 7.191 | K77: 4.994 | L77: G-3-04 | M77: 702
A78: 77 | C78: 男值班室 | D78: 布帘 | E78: 0.714 | F78: 1.5 | G78: 3.4 | H78: 2 | J78: 2.142 | K78: 0.914 | L78: G-3-05 | M78: 702
A79: 78 | C79: 女更衣室 | D79: 布帘 | E79: 0.714 | F79: 1.5 | G79: 3.4 | H79: 5 | J79: 5.355 | K79: 0.914 | L79: G-3-06 | M79: 702
A80: 79 | C80: 主任办公室 | D80: 布帘 | E80: 0.714 | F80: 1.5 | G80: 3.4 | H80: 3 | J80: 3.213 | K80: 0.914 | L80: G-3-09 | M80: 702
A81: 80 | C81: 副主任办公室 | D81: 布帘 | E81: 0.714 | F81: 1.5 | G81: 3.4 | H81: 3 | J81: 3.213 | K81: 0.914 | L81: G-3-10 | M81: 702
A82: 81 | C82: 会议室 | D82: 布帘 | E82: 0.714 | F82: 1.5 | G82: 3.4 | H82: 3 | J82: 3.213 | K82: 0.914 | L82: G-3-12 | M82: 702
A83: 82 | C83: 输液库 | D83: 布帘 | E83: 0.714 | F83: 1.5 | G83: 3.4 | H83: 2 | J83: 2.142 | K83: 0.914 | L83: G-3-13 | M83: 702
A84: 83 | C84: 资料库 | D84: 布帘 | E84: 0.714 | F84: 1.5 | G84: 3.4 | H84: 3 | J84: 3.213 | K84: 0.914 | L84: G-3-14 | M84: 702
A85: 84 | C85: 药库办公室 | D85: 布帘 | E85: 0.714 | F85: 1.5 | G85: 3.4 | H85: 2 | J85: 2.142 | K85: 0.914 | L85: G-3-15 | M85: 702
A86: 85 | C86: 冷库 | D86: 布帘 | E86: 0.714 | F86: 1.5 | G86: 3.4 | H86: 3 | J86: 3.213 | K86: 0.914 | L86: G-3-16 | M86: 702
... A90: 89 | C90: 住院药房 | D90: 布帘 | E90: 0.714 | F90: 1.5 | G90: 3.4 | H90: 3 | J90: 3.213 | K90: 0.914 | L90: G-3-39 | M90: 702
A91: 90 | D91: 布帘 | E91: 1.224 | F91: 1.5 | G91: 1.5 | H91: 2 | J91: 3.672 | K91: 1.424 | M91: 702
A92: 91 | D92: 布帘 | E92: 14.79 | F92: 1.5 | G92: 3 | H92: 1 | J92: 22.185 | K92: 14.99 | M92: 702
A93: 92 | C93: 阴凉库 | D93: 布帘 | E93: 0.714 | F93: 1.5 | G93: 3.4 | H93: 2 | J93: 2.142 | K93: 0.914 | L93: G-3-18 | M93: 702
A94: 93 | C94: 静配常温库 | D94: 布帘 | E94: 0.714 | F94: 1.5 | G94: 3.4 | H94: 3 | J94: 3.213 | K94: 0.914 | L94: G-3-19 | M94: 702
A95: 94 | C95: 摆药区 | D95: 布帘 | E95: 0.714 | F95: 1.5 | G95: 3.4 | H95: 1 | J95: 1.071 | K95: 0.914 | L95: G-3-21 | M95: 702
A96: 95 | C96: 普通清洗间 | D96: 布帘 | E96: 0.714 | F96: 1.5 | G96: 3.4 | H96: 2 | J96: 2.142 | K96: 0.914 | L96: G-3-22 | M96: 702
A97: 96 | C97: 二更 | D97: 布帘 | E97: 0.714 | F97: 1.5 | G97: 3.4 | H97: 1 | J97: 1.071 | K97: 0.914 | L97: G-3-23 | M97: 702
A98: 97 | C98: 调配间 | D98: 布帘 | E98: 0.714 | F98: 1.5 | G98: 3.4 | H98: 10 | J98: 10.71 | K98: 0.914 | L98: G-3-24 | M98: 702
A99: 98 | C99: 办公室 | D99: 布帘 | E99: 3.264 | F99: 1.5 | G99: 3 | H99: 1 | J99: 4.896 | K99: 3.464 | L99: G-3-41 | M99: 702
A100: 99 | C100: 办公室 | D100: 布帘 | E100: 6.63 | F100: 1.5 | G100: 3 | H100: 1 | J100: 9.945 | K100: 6.83 | L100: G-3-42 | M100: 702
A101: 100 | C101: 办公室 | D101: 布帘 | E101: 9.792 | F101: 1.5 | G101: 3 | H101: 1 | J101: 14.688 | K101: 9.992 | L101: G-3-43 | M101: 702
A102: 101 | C102: 办公室 | D102: 布帘 | E102: 5.916 | F102: 1.5 | G102: 3 | H102: 1 | J102: 8.874 | K102: 6.116 | L102: G-3-44 | M102: 702
A103: 102 | C103: 房间（楼梯前厅） | D103: 布帘 | E103: 1.02 | F103: 1.5 | G103: 1.5 | H103: 1 | J103: 1.53 | K103: 1.22 | L103: / | M103: 702
A104: 103 | C104: 茶水间 | D104: 布帘 | E104: 6.834 | F104: 1.5 | G104: 3 | H104: 1 | J104: 10.251 | K104: 7.034 | L104: G-3-45 | M104: 702
... A117: 116 | C117: 数据备份机房 | D117: 布帘 | E117: 11.73 | F117: 1.5 | G117: 3 | H117: 1 | J117: 17.595 | K117: 11.93 | L117: G-3-60 | M117: 702
A118: 117 | B118: 4层 | C118: 西式简餐 | D118: 布帘 | E118: 12.036 | F118: 1.5 | G118: 3 | H118: 1 | J118: 18.054 | K118: 12.236 | L118: G-4-01 | M118: 702
A119: 118 | D119: 布帘 | E119: 21.012 | F119: 1.5 | G119: 3 | H119: 1 | J119: 31.518 | K119: 21.212 | M119: 702
A120: 119 | C120: 休闲茶吧 | D120: 卷帘/百叶帘 | E120: 8.976 | G120: 3.96 | H120: 6 | I120: 213.26976 | L120: G-4-07 | M120: 702
A121: 120 | D121: 卷帘/百叶帘 | E121: 0.714 | G121: 4.488 | H121: 4 | I121: 12.817728 | M121: 702
A122: 121 | C122: 办公室 | D122: 卷帘/百叶帘 | E122: 0.714 | G122: 4.488 | H122: 4 | I122: 12.817728 | L122: G-4-13 | M122: 702
...

Sheet 附表2-1窗帘汇总表702床
A1: 附表2-1窗帘汇总表
A2: 序号 | B2: 产品名称 | C2: 单位 | D2: 数量 | E2: 单价（元） | F2: 总价（元）
A3: 1 | B3: 卷帘（百叶） | C3: 平方米 | D3: =#REF! -> #REF! | E3: 80 | F3: =D3*E3 -> #REF!
A4: 2 | B4: 隔帘 | C4: 米 | D4: =#REF! -> #REF! | E4: 50 | F4: =D4*E4 -> #REF!
A5: 3 | B5: 布帘 | C5: 米 | D5: =#REF! -> #REF! | E5: 120 | F5: =D5*E5 -> #REF!
A6: 4 | B6: 纱帘 | C6: 米 | D6: =#REF! -> #REF! | E6: 60 | F6: =D6*E6 -> #REF!
A7: 5 | B7: 轨道 | C7: 米 | D7: =#REF! -> #REF! | E7: 30 | F7: =D7*E7 -> #REF!
B8: 合计 | D8: =SUM(D3:D7) -> #REF! | F8: =SUM(F3:F7) -> #REF!

Sheet 办公家具配置标准
A1: 办公家具配置标准
A2: 序号 | B2: 设备名称 | C2: 数量 | D2: 单位 | E2: 参考规格 | F2: 配置标准 | G2: 单价上限（元） | H2: 备注
A3: 一 | B3: 办公室
A4: （一） | B4: 基本配置
A5: 1 | B5: 局级人员
A6: 1.1 | B6: 办公桌（含副台和副柜） | C6: 1 | D6: 张 | E6: 办公桌主台：长 2.2 米，宽 1 米，高 0.76 米； 副台：长 1 米，宽 0.55 米，高 0.76 米； 副柜：长 0.48 米，宽 0.4 米，高 0.62 米。 | F6: 每人可配置 1 张 | G6: 6000 | H6: 整套总额上限10000元
A7: 1.2 | B7: 办公椅 | C7: 1 | D7: 张 | F7: 每人可配置 1 张 | G7: 2000
A8: 1.3 | B8: 桌前椅 | C8: 2 | D8: 张 | F8: 每人可配置 2 张 | G8: 1000
A9: 2 | B9: 处级人员
A10: 2.1 | B10: 办公桌（含副台和副柜） | C10: 1 | D10: 张 | E10: 办公桌主台：长 1.8 米，宽 0.9 米，高 0.76 米； 副台：长 0.9 米，宽 0.55 米，高 0.76 米； 副柜：长 0.48 米，宽 0.4 米，高 0.62 米。 | F10: 每人可配置 1 张 | G10: 4000 | H10: 整套总额上限7350元
A11: 2.2 | B11: 办公椅 | C11: 1 | D11: 张 | F11: 每人可配置 1 张 | G11: 1750
A12: 2.3 | B12: 桌前椅 | C12: 2 | D12: 张 | F12: 每人可配置 2 张 | G12: 800
A13: 3 | B13: 科级及以下人员
A14: 3.1 | B14: 办公桌或卡座 | C14: 1 | D14: 张 | E14: 办公桌主台：长 1.4 米，宽 0.8 米，高 0.76 米； 卡座：长 1.6 米，宽 1.6 米，高 1.2 米； 副柜：长 0.48 米，宽 0.4 米，高 0.6 米。 | F14: 每人可配置 1 张 | G14: 4000 | H14: 整套总额上限5320元
A15: 3.2 | B15: 办公椅 | C15: 1 | D15: 张 | F15: 每人可配置 1 张 | G15: 1320
A16: （二） | B16: 公共配置
A17: 1 | B17: 沙发（单人和三人沙发） | C17: 1 | D17: 套 | F17: 每间办公室可配置 1套 | G17: 6000 | H17: 办公室面积≤18平方米，不超12000 元；18 平方米＜面积≤24 平方米，不超 18000元；24 平方米＜面积≤30 平方米，不超 24000 元；面积＞30 平方米，按需配置。
A18: 2 | B18: 茶几 | C18: 1 | D18: 张 | F18: 每间办公室可配置 1 个 | G18: 1000
A19: 3 | B19: 茶水柜 | C19: 1 | D19: 个 | F19: 每间办公室可配置 1 个 | G19: 1000
A20: 4 | B20: 文件柜 | C20: 按需 | D20: 个 | F20: 根据办公室设计定员，不应超过 1 个/人 | G20: 3000
A21: 5 | B21: 书柜 | C21: 按需 | D21: 个 | F21: 根据办公室设计定员，不应超过 1 个/人 | G21: 3000
A22: 6 | B22: 保险柜 | C22: 按需 | D22: 个 | F22: 按需配置 | G22: 1800
A23: 7 | B23: 普通椅 | C23: 按需 | D23: 个 | F23: 按需配置 | G23: 500
A24: 二 | B24: 会议室
A25: （一） | B25: 基本配置
A26: 1 | B26: 会议桌
A27: 1.1 | B27: 小号 | C27: 1 | D27: 张 | G27: 5000
A28: 1.2 | B28: 中号 | C28: 1 | D28: 张 | G28: 12000
A29: 1.3 | B29: 大号 | C29: 1 | D29: 张 | E29: 长度超12米部分 | G29: 20000+1500/延米
A30: 2 | B30: 主席台桌椅
A31: 2.1 | B31: 整体式 | C31: 1 | D31: 张 | E31: 长度超4米部分 | G31: 12000+1500/延米
A32: 2.2 | B32: 拆分式 | C32: 1 | D32: 张 | G32: 3000
A33: 3 | B33: 演讲台 | C33: 1 | D33: 个 | G33: 2000
A34: 4 | B34: 会议椅 | C34: 按需 | D34: 张 | G34: 1100
A35: （二） | B35: 公共配置
A36: 1 | B36: 条形桌
A37: 1.1 | B37: 条形桌 | C37: 1 | D37: 张 | E37: 长1.2×宽0.4 | G37: 900
A38: 1.2 | B38: 条形桌 | C38: 1 | D38: 张 | E38: 长1.8×宽0.4 | G38: 1200
A39: 2 | B39: 折叠椅 | C39: 按需 | D39: 张 | G39: 200
A40: 三 | B40: 接待室
A41: 1 | B41: 组合沙（1+1+3） | C41: 1 | D41: 套 | G41: 6000
A42: 2 | B42: 茶水柜 | C42: 1 | D42: 个 | G42: 1000
A43: 3 | B43: 茶几 | C43: 按需 | D43: 张 | G43: 1000
A44: 4 | B44: 沙发 | C44: 按需 | D44: 张 | G44: 1500
A45: 四 | B45: 服务大厅
A46: 1 | B46: 咨询台 | C46: 1 | D46: 个 | G46: 5500
A47: 2 | B47: 办公桌椅 | C47: 按需 | D47: 套 | G47: 3500
A48: 3 | B48: 连排椅 | C48: 按需 | D48: 张 | G48: 3000
A49: 4 | B49: 吧台椅 | C49: 按需 | D49: 张 | G49: 500
A50: 五 | B50: 窗帘
A51: 1 | B51: 布帘 | C51: 按需 | D51: 米 | G51: 120 | H51: 含辅材
A52: 2 | B52: 轨道 | C52: 按需 | D52: 米 | G52: 30 | H52: 按窗户宽度+0.2米配置
A53: 3 | B53: 卷帘（百叶） | C53: 按需 | D53: 平方米 | G53: 80 | H53: 含辅材
A54: 4 | B54: 纱帘 | C54: 按需 | D54: 米 | G54: 60
A55: 5 | B55: 隔帘 | C55: 按需 | D55: 米 | G55: 50 | H55: 卫生领域医用隔帘
A56: 6 | B56: 电机 | C56: 1 | D56: 台 | G56: 600

Sheet 办公设备透视表
A3: 产品名称 | B3: 规格参数 | C3: 单价（元） | D3: 单位 | E3: 求和项:数量 | F3: 求和项:总价（元）
A4: A3彩色激光打印机 | B4: A3彩色激光打印机、≥20页/分、≥600*600dpi、USB2.0、有线网络、自动双面 | C4: 16000 | D4: 台 | E4: 7 | F4: 112000
A5: A3黑白激光打印机 | B5: a3黑白激光、自动双面、有线、USB、单面≥29页/分、双面≥18页/分 | C5: 6000 | D5: 台 | E5: 2 | F5: 12000
A6: A4彩色激光打印机 | B6: A4彩色激光、≥18页/分、≥600*600dpi、USB、网络 | C6: 2000 | D6: 台 | E6: 84 | F6: 168000
A7: A4彩色激光打印机 | B7: A4彩色激光、≥18页/分、≥600*600dpi、USB、网络 | C7: 9300 | D7: 台 | E7: 1 | F7: 9300
A8: A4黑白打印复印扫描一体机 | B8: A4、黑白激光、打印、复印、扫描一体机，自动双面、单面≥28页/分、双面≥15页/分，USB、有线网络 | C8: 2000 | D8: 台 | E8: 6 | F8: 12000
A9: A4黑白打印复印扫描一体机 | B9: A4、黑白激光、打印、复印、扫描一体机，自动双面、单面≥28页/分、双面≥15页/分，USB、有线网络 | C9: 2500 | D9: 台 | E9: 32 | F9: 80000
A10: A4黑白激光打印机 | B10: a4黑白激光、自动双面、有线、USB、单面≥29页/分、双面≥18页/分 | C10: 1200 | D10: 个 | E10: 1 | F10: 1200
A11: A4黑白激光打印机 | B11: a4黑白激光、自动双面、有线、USB、单面≥29页/分、双面≥18页/分 | C11: 1200 | D11: 台 | E11: 512 | F11: 614400
A12: LED显示屏 | B12: 类型：液晶；是否触摸屏：非触摸屏；接口：HDMI，DVI，VGA | C12: 2000 | D12: 个 | E12: 1 | F12: 2000
A13: LED显示屏 | B13: 类型：液晶；是否触摸屏：非触摸屏；接口：HDMI，DVI，VGA | C13: 2000 | D13: 套 | E13: 1 | F13: 2000
A14: PDA | B14: 移动护理PDA、8核处理器，频率≥2.3GHZ、≥3GB RAM，≥32GB ROM、可充电锂电池、容量≥4100mAh，≥5英寸，电容屏多点触控、分辨率≥1280 x720、摄像头、支持802.11a/b/g/n/ac协议，2.4G/5G双频、支持4G全网通、条码扫描引擎、Android医疗操作系统 | C14: 5000 | D14: 个 | E14: 106 | F14: 530000
A15: PDA | B15: 移动护理PDA、8核处理器，频率≥2.3GHZ、≥3GB RAM，≥32GB ROM、可充电锂电池、容量≥4100mAh，≥5英寸，电容屏多点触控、分辨率≥1280 x720、摄像头、支持802.11a/b/g/n/ac协议，2.4G/5G双频、支持4G全网通、条码扫描引擎、Android医疗操作系统 | C15: 5000 | D15: 台 | E15: 267 | F15: 1335000
... A49: 红外防盗报警器 | B49: 无线探测器、实现现场喇叭报警、远程报警、微信报警、电话报警 | C49: 1000 | D49: 个 | E49: 1 | F49: 1000
A50: 后勤综合楼 | B50: (空白) | C50: (空白) | D50: (空白) | E50: 956 | F50: 4324810
A51: 加湿器 | B51: 加湿面积150平米 | C51: 3000 | D51: 台 | E51: 2 | F51: 6000
A52: 加湿器 | B52: 加湿面积200平米 | C52: 3000 | D52: 台 | E52: 2 | F52: 6000
A53: 加湿器 | B53: 加湿面积50平米 | C53: 800 | D53: 台 | E53: 2 | F53: 1600
A54: 监控 | B54: 红外报警系统、视频监控主机、监控摄像机等 | C54: 16800 | D54: 套 | E54: 1 | F54: 16800
A55: 监控 | B55: 夜视类型：红外夜视；类别：球机；监控存储方式：硬盘+内存卡；探头个数：2个；智能识别：区域入侵检测，电子围栏，温度识别，烟雾识别；追踪方式：自动巡航；供网方式：网线；变倍变焦：光学变焦；像素：400万；防水等级：IP66；供电方式：电源供电 | C55: 5000 | D55: 个 | E55: 16 | F55: 80000
A56: 叫号排队机（连显示屏） | B56: 无线、排队机取号叫号机、 55寸液晶综合屏 | C56: 35000 | D56: 套 | E56: 1 | F56: 35000
A57: 洁净区无尘电话对讲机 | B57: 不锈钢 | C57: 1000 | D57: 台 | E57: 10 | F57: 10000
A58: 可视对讲机 | B58: 内外可视对讲 | C58: 1000 | D58: 个 | E58: 1 | F58: 1000
A59: 空调 | B59: 1.5匹 | C59: 3500 | D59: 台 | E59: 43 | F59: 150500
A60: 空调 | B60: 1匹 | C60: 2000 | D60: 台 | E60: 2 | F60: 4000
A61: 空调 | B61: 2匹 | C61: 6500 | D61: 台 | E61: 236 | F61: 1534000
A62: 空调 | B62: 3匹 | C62: 8500 | D62: 台 | E62: 38 | F62: 323000
... A101: 自动装订机 | B101: 500页以内自动打孔、装订 | C101: 2000 | D101: 台 | E101: 1 | F101: 2000
A102: (空白) | B102: (空白) | C102: (空白) | D102: (空白) | E102: 8211 | F102: 22031340
A103: 总计 | E103: 18334 | F103: 52712300

Sheet 办公设备702透视表
A3: 产品名称 | B3: 规格参数 | C3: 单位 | D3: 单价（元） | E3: 求和项:数量 （台/套） | F3: 求和项:总价（元）
A4: 3D打印机 | B4: 用于后装模具打印，含耗材 | C4: 个 | D4: 9800 | E4: 1 | F4: 9800
A5: A3彩色激光打印机 | B5: A3彩色激光打印机、≥20页/分、≥600*600dpi、USB2.0、有线网络、自动双面 | C5: 台 | D5: 15000 | E5: 7 | F5: 105000
A6: A3黑白激光打印机 | B6: a3黑白激光、自动双面、有线、USB、单面≥29页/分、双面≥18页/分 | C6: 台 | D6: 5500 | E6: 3 | F6: 16500
A7: A4彩色激光打印机 | B7: A4彩色激光、≥18页/分、≥600*600dpi、USB、网络 | C7: 台 | D7: 2000 | E7: 64 | F7: 128000
A8: A4彩色激光打印机 | B8: A4彩色激光、≥18页/分、≥600*600dpi、USB、网络 | C8: 台 | D8: 9300 | E8: 1 | F8: 9300
A9: A4黑白打印复印扫描一体机 | B9: A4、黑白激光、打印、复印、扫描一体机，自动双面、单面≥28页/分、双面≥15页/分，USB、有线网络 | C9: 台 | D9: 2500 | E9: 26 | F9: 65000
A10: A4黑白激光打印机 | B10: a4黑白激光、自动双面、有线、USB、单面≥29页/分、双面≥18页/分 | C10: 个 | D10: 1200 | E10: 1 | F10: 1200
A11: A4黑白激光打印机 | B11: a4黑白激光、自动双面、有线、USB、单面≥29页/分、双面≥18页/分 | C11: 台 | D11: 1200 | E11: 387 | F11: 464400
A12: LED显示屏 | B12: 类型：液晶；是否触摸屏：非触摸屏；接口：HDMI，DVI，VGA | C12: 个 | D12: 2000 | E12: 1 | F12: 2000
A13: LED显示屏 | B13: 类型：液晶；是否触摸屏：非触摸屏；接口：HDMI，DVI，VGA | C13: 套 | D13: 2000 | E13: 1 | F13: 2000
A14: PDA | B14: 移动护理PDA、8核处理器，频率≥2.3GHZ、≥3GB RAM，≥32GB ROM、可充电锂电池、容量≥4100mAh，≥5英寸，电容屏多点触控、分辨率≥1280 x720、摄像头、支持802.11a/b/g/n/ac协议，2.4G/5G双频、支持4G全网通、条码扫描引擎、Android医疗操作系统 | C14: 台 | D14: 4500 | E14: 264 | F14: 1188000
A15: RFID手持终端远距离电子标签读写器 | B15: 读卡距离0-20米，可调 | C15: 台 | D15: 3000 | E15: 2 | F15: 6000
... A101: 自动装订机 | B101: 500页以内自动打孔、装订 | C101: 台 | D101: 2000 | E101: 1 | F101: 2000
A102: (空白) | B102: (空白) | C102: (空白) | D102: (空白) | F102: 18353560
A103: 总计 | E103: 8082 | F103: 36707120

Sheet 附表3-1办公设备汇总表702床（未分类）
A3: 序号 | B3: 产品名称 | C3: 规格参数 | D3: 单位 | E3: 数量 | F3: 单价（元） | G3: 总价（元）
B4: 3D打印机 | C4: 用于后装模具打印，含耗材 | D4: 个 | E4: 1 | F4: 9800 | G4: 9800
B5: A3彩色激光打印机 | C5: A3彩色激光打印机、≥20页/分、≥600*600dpi、USB2.0、有线网络、自动双面 | D5: 台 | E5: 7 | F5: 15000 | G5: 105000
B6: A3黑白激光打印机 | C6: a3黑白激光、自动双面、有线、USB、单面≥29页/分、双面≥18页/分 | D6: 台 | E6: 3 | F6: 5500 | G6: 16500
B7: A4彩色激光打印机 | C7: A4彩色激光、≥18页/分、≥600*600dpi、USB、网络 | D7: 台 | E7: 64 | F7: 2000 | G7: 128000
B8: A4彩色激光打印机 | C8: A4彩色激光、≥18页/分、≥600*600dpi、USB、网络 | D8: 台 | E8: 1 | F8: 9300 | G8: 9300
B9: A4黑白打印复印扫描一体机 | C9: A4、黑白激光、打印、复印、扫描一体机，自动双面、单面≥28页/分、双面≥15页/分，USB、有线网络 | D9: 台 | E9: 26 | F9: 2500 | G9: 65000
B10: A4黑白激光打印机 | C10: a4黑白激光、自动双面、有线、USB、单面≥29页/分、双面≥18页/分 | D10: 个 | E10: 1 | F10: 1200 | G10: 1200
B11: A4黑白激光打印机 | C11: a4黑白激光、自动双面、有线、USB、单面≥29页/分、双面≥18页/分 | D11: 台 | E11: 387 | F11: 1200 | G11: 464400
B12: LED显示屏 | C12: 类型：液晶；是否触摸屏：非触摸屏；接口：HDMI，DVI，VGA | D12: 个 | E12: 1 | F12: 2000 | G12: 2000
B13: LED显示屏 | C13: 类型：液晶；是否触摸屏：非触摸屏；接口：HDMI，DVI，VGA | D13: 套 | E13: 1 | F13: 2000 | G13: 2000
B14: PDA | C14: 移动护理PDA、8核处理器，频率≥2.3GHZ、≥3GB RAM，≥32GB ROM、可充电锂电池、容量≥4100mAh，≥5英寸，电容屏多点触控、分辨率≥1280 x720、摄像头、支持802.11a/b/g/n/ac协议，2.4G/5G双频、支持4G全网通、条码扫描引擎、Android医疗操作系统 | D14: 台 | E14: 264 | F14: 4500 | G14: 1188000
B15: RFID手持终端远距离电子标签读写器 | C15: 读卡距离0-20米，可调 | D15: 台 | E15: 2 | F15: 3000 | G15: 6000
... B101: 自动装订机 | C101: 500页以内自动打孔、装订 | D101: 台 | E101: 1 | F101: 2000 | G101: 2000
B102: 总计 | E102: =SUM(E4:E101) -> 8082 | G102: =SUM(G4:G101) -> 18353560

Sheet 附表3-2办公设备明细表702床
A1: 附表3-2办公设备明细表 | F1: 第一批（702床） | L1: 第一批（702床） | N1: 第二批（498床）
A2: 位置信息 | B2: 房间名称 | C2: 产品名称 | D2: 规格参数 | E2: 单位 | F2: 数量 （台/套） | G2: 单价（元） | H2: 总价（元） | I2: 备注 | J2: 房间编号 | K2: 计划使用科室 | L2: 数量 （台/套） | M2: 总价 （元） | N2: 数量 （台/套） | O2: 总价 （元）
A3: 第二住院楼 | B3: 第二住院楼 | F3: =SUM(F5:F924) -> 7567 | H3: =SUM(H4:H924) -> 16277690
A4: B5层 | B4: B5层
A5: B1层 | B5: 报告室1 | C5: 电话 | D5: 座式有绳板机 | E5: 台 | F5: 1 | G5: 90 | H5: =F5*G5 -> 90 | J5: G-B1-05 | K5: 核医学科 | L5: =F5 -> 1 | M5: =G5*L5 -> 90
A6: B1层 | B6: 报告室1 | C6: A4黑白激光打印机 | D6: a4黑白激光、自动双面、有线、USB、单面≥29页/分、双面≥18页/分 | E6: 台 | F6: 1 | G6: 1200 | H6: =F6*G6 -> 1200 | J6: G-B1-05 | K6: 核医学科 | L6: =F6 -> 1 | M6: =G6*L6 -> 1200
A7: B1层 | B7: 报告室1 | C7: 台式电脑 | D7: 酷睿14代i5以上、≥16G DDR4、≥1TB HDD+256G SSD、≥23英寸显示器、正版操作系统 | E7: 台 | F7: 1 | G7: 5000 | H7: =F7*G7 -> 5000 | J7: G-B1-05 | K7: 核医学科 | L7: =F7 -> 1 | M7: =G7*L7 -> 5000
A8: B1层 | B8: 报告室2 | C8: 电话 | D8: 座式有绳板机 | E8: 台 | F8: 1 | G8: 90 | H8: =F8*G8 -> 90 | J8: G-B1-06 | K8: 核医学科 | L8: =F8 -> 1 | M8: =G8*L8 -> 90
A9: B1层 | B9: 报告室2 | C9: 台式电脑 | D9: 酷睿14代i5以上、≥16G DDR4、≥1TB HDD+256G SSD、≥23英寸显示器、正版操作系统 | E9: 台 | F9: 1 | G9: 5000 | H9: =F9*G9 -> 5000 | J9: G-B1-06 | K9: 核医学科 | L9: =F9 -> 1 | M9: =G9*L9 -> 5000
A10: B1层 | B10: 报告室3 | C10: 电话 | D10: 座式有绳板机 | E10: 台 | F10: 1 | G10: 90 | H10: =F10*G10 -> 90 | J10: G-B1-07 | K10: 核医学科 | L10: =F10 -> 1 | M10: =G10*L10 -> 90
A11: B1层 | B11: 报告室3 | C11: A4黑白激光打印机 | D11: a4黑白激光、自动双面、有线、USB、单面≥29页/分、双面≥18页/分 | E11: 台 | F11: 1 | G11: 1200 | H11: =F11*G11 -> 1200 | J11: G-B1-07 | K11: 核医学科 | L11: =F11 -> 1 | M11: =G11*L11 -> 1200
A12: B1层 | B12: 报告室3 | C12: 台式电脑 | D12: 酷睿14代i5以上、≥16G DDR4、≥1TB HDD+256G SSD、≥23英寸显示器、正版操作系统 | E12: 台 | F12: 1 | G12: 5000 | H12: =F12*G12 -> 5000 | J12: G-B1-07 | K12: 核医学科 | L12: =F12 -> 1 | M12: =G12*L12 -> 5000
A13: B1层 | B13: 报告室4 | C13: 电话 | D13: 座式有绳板机 | E13: 台 | F13: 1 | G13: 90 | H13: =F13*G13 -> 90 | J13: G-B1-08 | K13: 核医学科 | L13: =F13 -> 1 | M13: =G13*L13 -> 90
A14: B1层 | B14: 报告室4 | C14: 台式电脑 | D14: 酷睿14代i5以上、≥16G DDR4、≥1TB HDD+256G SSD、≥23英寸显示器、正版操作系统 | E14: 台 | F14: 1 | G14: 5000 | H14: =F14*G14 -> 5000 | J14: G-B1-08 | K14: 核医学科 | L14: =F14 -> 1 | M14: =G14*L14 -> 5000
A15: B1层 | B15: 检查 | C15: 电话 | D15: 座式有绳板机 | E15: 台 | F15: 1 | G15: 90 | H15: =F15*G15 -> 90 | J15: G-B1-09 | K15: 核医学科 | L15: =F15 -> 1 | M15: =G15*L15 -> 90
A16: B1层 | B16: 检查 | C16: A4黑白激光打印机 | D16: a4黑白激光、自动双面、有线、USB、单面≥29页/分、双面≥18页/分 | E16: 台 | F16: 1 | G16: 1200 | H16: =F16*G16 -> 1200 | J16: G-B1-09 | K16: 核医学科 | L16: =F16 -> 1 | M16: =G16*L16 -> 1200
... A21: B1层 | B21: 放疗设备间 | C21: 台式电脑 | D21: 酷睿14代i5以上、≥16G DDR4、≥1TB HDD+256G SSD、≥23英寸显示器、正版操作系统 | E21: 台 | F21: 4 | G21: 5000 | H21: =F21*G21 -> 20000 | J21: G-B1-25~28 | K21: 放疗科 | L21: =F21 -> 4 | M21: =G21*L21 -> 20000
A22: B1层 | B22: 放疗设备间 | C22: 空调 | D22: 5匹 | E22: 台 | F22: 8 | G22: 12000 | H22: =F22*G22 -> 96000 | J22: G-B1-25~28 | L22: =F22 -> 8 | M22: =G22*L22 -> 96000
A23: B1层 | B23: 铅模制作室 | C23: 台式电脑 | D23: 酷睿14代i5以上、≥16G DDR4、≥1TB HDD+256G SSD、≥23英寸显示器、正版操作系统 | E23: 台 | F23: 1 | G23: 5000 | H23: =F23*G23 -> 5000 | J23: G-B1-29 | K23: 放疗科 | L23: =F23 -> 1 | M23: =G23*L23 -> 5000
A24: B1层 | B24: 铅模制作室 | C24: 电话 | D24: 座式有绳板机 | E24: 部 | F24: 1 | G24: 90 | H24: =F24*G24 -> 90 | J24: G-B1-29 | K24: 放疗科 | L24: =F24 -> 1 | M24: =G24*L24 -> 90
A25: B1层 | B25: 铅模制作室 | C25: A4黑白激光打印机 | D25: a4黑白激光、自动双面、有线、USB、单面≥29页/分、双面≥18页/分 | E25: 台 | F25: 1 | G25: 1200 | H25: =F25*G25 -> 1200 | J25: G-B1-29 | K25: 放疗科 | L25: =F25 -> 1 | M25: =G25*L25 -> 1200
A26: B1层 | B26: 铅模制作室 | C26: 扫描枪 | D26: 无线扫描器，支持一维二维，含充电通信底座、USB连接线，续航14小时以上、COMS影像式扫描、扫描性能强、解码能力:可读取标准1D、PDF、2D和Dotcode符号 | E26: 台 | F26: 1 | G26: 1500 | H26: =F26*G26 -> 1500 | J26: G-B1-29 | K26: 放疗科 | L26: =F26 -> 1 | M26: =G26*L26 -> 1500
A27: B1层 | B27: 铅模制作室 | C27: 3D打印机 | D27: 用于后装模具打印，含耗材 | E27: 个 | F27: 1 | G27: 9800 | H27: =F27*G27 -> 9800 | J27: G-B1-29 | K27: 放疗科 | L27: =F27 -> 1 | M27: =G27*L27 -> 9800
A28: B1层 | B28: 铅模制作室 | C28: 条码打印机 | D28: 热敏/热转印打印机、≥203dpi、打印宽度20-104MM、速度50-152mm/S、USB、支持epl/zpl编程 | E28: 台 | F28: 1 | G28: 1500 | H28: =F28*G28 -> 1500 | J28: G-B1-29 | K28: 放疗科 | L28: =F28 -> 1 | M28: =G28*L28 -> 1500
A29: B1层 | B29: 铅模制作室 | C29: 空调 | D29: 2匹 | E29: 台 | F29: 1 | G29: 6500 | H29: =F29*G29 -> 6500 | J29: G-B1-29 | L29: =F29 -> 1 | M29: =G29*L29 -> 6500
A30: B1层 | B30: 治疗计划室 | C30: 台式电脑 | D30: 酷睿14代i5以上、≥16G DDR4、≥1TB HDD+256G SSD、≥23英寸显示器、正版操作系统 | E30: 台 | F30: 16 | G30: 5000 | H30: =F30*G30 -> 80000 | J30: G-B1-30、31 | K30: 放疗科 | L30: =F30 -> 16 | M30: =G30*L30 -> 80000
A31: B1层 | B31: 治疗计划室 | C31: 电话 | D31: 座式有绳板机 | E31: 台 | F31: 2 | G31: 90 | H31: =F31*G31 -> 180 | J31: G-B1-30、31 | K31: 放疗科 | L31: =F31 -> 2 | M31: =G31*L31 -> 180
A32: B1层 | B32: 治疗计划室 | C32: 彩色喷墨打印机 | D32: 支持A3/A4打印，非自动双面，彩色打印速度≥10张/分，支持9600dpi分辨率，支持照片打印，USB | E32: 台 | F32: 1 | G32: 1800 | H32: =F32*G32 -> 1800 | J32: G-B1-30、31 | K32: 放疗科 | L32: =F32 -> 1 | M32: =G32*L32 -> 1800
A33: B1层 | B33: 会议/示教室 | C33: 电话 | D33: 座式有绳板机 | E33: 台 | F33: 1 | G33: 90 | H33: =F33*G33 -> 90 | J33: G-B1-32 | K33: 核医学科 | L33: =F33 -> 1 | M33: =G33*L33 -> 90
A34: B1层 | B34: 会议/示教室 | C34: A4黑白激光打印机 | D34: a4黑白激光、自动双面、有线、USB、单面≥29页/分、双面≥18页/分 | E34: 台 | F34: 1 | G34: 1200 | H34: =F34*G34 -> 1200 | J34: G-B1-32 | K34: 核医学科 | L34: =F34 -> 1 | M34: =G34*L34 -> 1200
A35: B1层 | B35: 会议/示教室 | C35: 台式电脑 | D35: 酷睿14代i5以上、≥16G DDR4、≥1TB HDD+256G SSD、≥23英寸显示器、正版操作系统 | E35: 台 | F35: 1 | G35: 5000 | H35: =F35*G35 -> 5000 | J35: G-B1-32 | K35: 核医学科 | L35: =F35 -> 1 | M35: =G35*L35 -> 5000
A36: B1层 | B36: 技师办公室 | C36: 台式电脑 | D36: 酷睿14代i5以上、≥16G DDR4、≥1TB HDD+256G SSD、≥23英寸显示器、正版操作系统 | E36: 台 | F36: 1 | G36: 5000 | H36: =F36*G36 -> 5000 | J36: G-B1-33 | K36: 核医学科 | L36: =F36 -> 1 | M36: =G36*L36 -> 5000
A37: B1层 | B37: 技师办公室 | C37: 电话 | D37: 座式有绳板机 | E37: 台 | F37: 1 | G37: 90 | H37: =F37*G37 -> 90 | J37: G-B1-33 | K37: 核医学科 | L37: =F37 -> 1 | M37: =G37*L37 -> 90
A38: B1层 | B38: 技师办公室 | C38: 彩色喷墨打印机 | D38: 支持A3/A4打印，非自动双面，彩色打印速度≥10张/分，支持9600dpi分辨率，支持照片打印，USB | E38: 台 | F38: 1 | G38: 1800 | H38: =F38*G38 -> 1800 | J38: G-B1-33 | K38: 核医学科 | L38: =F38 -> 1 | M38: =G38*L38 -> 1800
A39: B1层 | B39: 主任办公室 | C39: 台式电脑 | D39: 酷睿14代i5以上、≥16G DDR4、≥1TB HDD+256G SSD、≥23英寸显示器、正版操作系统 | E39: 台 | F39: 1 | G39: 5000 | H39: =F39*G39 -> 5000 | J39: G-B1-34 | K39: 核医学科 | L39: =F39 -> 1 | M39: =G39*L39 -> 5000
A40: B1层 | B40: 主任办公室 | C40: 电话 | D40: 座式有绳板机 | E40: 台 | F40: 1 | G40: 90 | H40: =F40*G40 -> 90 | J40: G-B1-34 | K40: 核医学科 | L40: =F40 -> 1 | M40: =G40*L40 -> 90
A41: B1层 | B41: 主任办公室 | C41: 碎纸机 | D41: 纸箱容量：21-30L；类型：自动碎纸机；单次碎纸张数：6-10张；功能：童锁保护，自动反向退纸；连续碎纸机时间：41-60分钟；移动轮：有移动轮；可碎介质：纸；保密等级：5级；安全触停：有安全触停；碎纸效果：米粒状 | E41: 台 | F41: 1 | G41: 800 | H41: =F41*G41 -> 800 | L41: =F41 -> 1 | M41: =G41*L41 -> 800
A42: B1层 | B42: 主任办公室 | C42: 彩色喷墨打印机 | D42: 支持A3/A4打印，非自动双面，彩色打印速度≥10张/分，支持9600dpi分辨率，支持照片打印，USB | E42: 台 | F42: 1 | G42: 1800 | H42: =F42*G42 -> 1800 | J42: G-B1-34 | K42: 核医学科 | L42: =F42 -> 1 | M42: =G42*L42 -> 1800
A43: B1层 | B43: 报告室6 | C43: A4黑白激光打印机 | D43: a4黑白激光、自动双面、有线、USB、单面≥29页/分、双面≥18页/分 | E43: 台 | F43: 1 | G43: 1200 | H43: =F43*G43 -> 1200 | J43: G-B1-35 | K43: 核医学科 | L43: =F43 -> 1 | M43: =G43*L43 -> 1200
A44: B1层 | B44: 报告室6 | C44: 电话 | D44: 座式有绳板机 | E44: 台 | F44: 1 | G44: 90 | H44: =F44*G44 -> 90 | J44: G-B1-35 | K44: 核医学科 | L44: =F44 -> 1 | M44: =G44*L44 -> 90
A45: B1层 | B45: 报告室7 | C45: 电话 | D45: 座式有绳板机 | E45: 台 | F45: 1 | G45: 90 | H45: =F45*G45 -> 90 | J45: G-B1-36 | K45: 核医学科 | L45: =F45 -> 1 | M45: =G45*L45 -> 90
A46: B1层 | B46: 控制室 | C46: 电话 | D46: 座式有绳板机 | E46: 台 | F46: 3 | G46: 90 | H46: =F46*G46 -> 270 | J46: G-B1-49 | K46: 核医学科 | L46: =F46 -> 3 | M46: =G46*L46 -> 270
A47: B1层 | B47: 埋针室 | C47: 电话 | D47: 座式有绳板机 | E47: 台 | F47: 1 | G47: 90 | H47: =F47*G47 -> 90 | J47: G-B1-60 | K47: 核医学科 | L47: =F47 -> 1 | M47: =G47*L47 -> 90
A48: B1层 | B48: 诊室 | C48: 电话 | D48: 座式有绳板机 | E48: 台 | F48: 1 | G48: 90 | H48: =F48*G48 -> 90 | J48: G-B1-61 | K48: 核医学科 | L48: =F48 -> 1 | M48: =G48*L48 -> 90
A49: B1层 | B49: 诊室 | C49: A4黑白激光打印机 | D49: a4黑白激光、自动双面、有线、USB、单面≥29页/分、双面≥18页/分 | E49: 台 | F49: 1 | G49: 1200 | H49: =F49*G49 -> 1200 | J49: G-B1-61 | K49: 核医学科 | L49: =F49 -> 1 | M49: =G49*L49 -> 1200
A50: B1层 | B50: 诊室 | C50: 台式电脑 | D50: 酷睿14代i5以上、≥16G DDR4、≥1TB HDD+256G SSD、≥23英寸显示器、正版操作系统 | E50: 台 | F50: 1 | G50: 5000 | H50: =F50*G50 -> 5000 | J50: G-B1-61 | K50: 核医学科 | L50: =F50 -> 1 | M50: =G50*L50 -> 5000
A51: B1层 | B51: 核医学候诊 | C51: 电话 | D51: 座式有绳板机 | E51: 台 | F51: 1 | G51: 90 | H51: =F51*G51 -> 90 | J51: G-B1-62 | K51: 核医学科 | L51: =F51 -> 1 | M51: =G51*L51 -> 90
A52: B1层 | B52: 核医学候诊 | C52: 扫描仪 | D52: 普通 | E52: 台 | F52: 1 | G52: 1400 | H52: =F52*G52 -> 1400 | J52: G-B1-62 | K52: 核医学科 | L52: =F52 -> 1 | M52: =G52*L52 -> 1400
A53: B1层 | B53: 核医学候诊 | C53: 条码打印机 | D53: 热敏/热转印打印机、≥203dpi、打印宽度20-104MM、速度50-152mm/S、USB、支持epl/zpl编程 | E53: 台 | F53: 2 | G53: 1500 | H53: =F53*G53 -> 3000 | J53: G-B1-62 | K53: 核医学科 | L53: =F53 -> 2 | M53: =G53*L53 -> 3000
... A57: B1层 | B57: 核医学候诊 | C57: A4黑白激光打印机 | D57: a4黑白激光、自动双面、有线、USB、单面≥29页/分、双面≥18页/分 | E57: 台 | F57: 1 | G57: 1200 | H57: =F57*G57 -> 1200 | J57: G-B1-62 | K57: 核医学科 | L57: =F57 -> 1 | M57: =G57*L57 -> 1200
A58: B1层 | B58: 电业开关站 | C58: 空调 | D58: 5匹 | E58: 台 | F58: 1 | G58: 12000 | H58: =F58*G58 -> 12000 | L58: =F58 -> 1 | M58: =G58*L58 -> 12000
A59: B1层 | B59: 开关站值班室 | C59: 空调 | D59: 1.5匹 | E59: 台 | F59: 1 | G59: 3500 | H59: =F59*G59 -> 3500 | L59: =F59 -> 1 | M59: =G59*L59 -> 3500
A60: B1层 | B60: B1总配 | C60: 空调 | D60: 1匹 | E60: 台 | F60: 1 | G60: 2000 | H60: =F60*G60 -> 2000 | L60: =F60 -> 1 | M60: =G60*L60 -> 2000
A61: B1层 | B61: 核医学总配 | C61: 空调 | D61: 1.5匹 | E61: 台 | F61: 1 | G61: 3500 | H61: =F61*G61 -> 3500 | L61: =F61 -> 1 | M61: =G61*L61 -> 3500
A62: B1层 | B62: 服务器机房 | C62: 空调 | D62: 2匹 | E62: 台 | F62: 1 | G62: 6500 | H62: =F62*G62 -> 6500 | L62: =F62 -> 1 | M62: =G62*L62 -> 6500
A63: B1层 | B63: 被服 | C63: 空调 | D63: 2匹 | E63: 台 | F63: 1 | G63: 6500 | H63: =F63*G63 -> 6500 | L63: =F63 -> 1 | M63: =G63*L63 -> 6500
A64: 1层 | B64: 阅片 | C64: 台式电脑 | D64: 酷睿14代i5以上、≥16G DDR4、≥1TB HDD+256G SSD、≥23英寸显示器、正版操作系统 | E64: 台 | F64: 79 | G64: 5000 | H64: =F64*G64 -> 395000 | J64: G-1-02 | K64: 放射诊断科 | L64: =F64 -> 79 | M64: =G64*L64 -> 395000
A65: 1层 | B65: 阅片 | C65: A4彩色激光打印机 | D65: A4彩色激光、≥18页/分、≥600*600dpi、USB、网络 | E65: 台 | F65: 4 | G65: 2000 | H65: =F65*G65 -> 8000 | J65: G-1-02 | K65: 放射诊断科 | L65: =F65 -> 4 | M65: =G65*L65 -> 8000
A66: 1层 | B66: 阅片 | C66: 高速双面扫描仪 | D66: 馈纸式双面扫描仪，CIS感光原件，≥40页/分，≥600DPI，A4幅面,扫描介质发票、文档、合同、身份证，USB2.0接口，支持Windows/国产信创系统 | E66: 台 | F66: 2 | G66: 3000 | H66: =F66*G66 -> 6000 | J66: G-1-02 | K66: 放射诊断科 | L66: =F66 -> 2 | M66: =G66*L66 -> 6000
A67: 1层 | B67: 阅片 | C67: 电话 | D67: 座式有绳板机 | E67: 台 | F67: 2 | G67: 90 | H67: =F67*G67 -> 180 | J67: G-1-02 | K67: 放射诊断科 | L67: =F67 -> 2 | M67: =G67*L67 -> 180
A68: 1层 | B68: 茶水 | C68: 冰箱 | D68: 能效等级：一级能效 变频/定频：变频 高度：180.1-190cm 控温方式：电脑控温 制冷方式：风冷 宽度：80.1-85cm 主色系：黑色系 门款式：多门面板 材质：PPM彩板 放置方式：独立式 总容积：500-549L 深度：65.1-70cm | E68: 台 | F68: 1 | G68: 3500 | H68: =F68*G68 -> 3500 | J68: G-1-03 | K68: 放射诊断科 | L68: =F68 -> 1 | M68: =G68*L68 -> 3500
A69: 1层 | B69: 资料室 | C69: 台式电脑 | D69: 酷睿14代i5以上、≥16G DDR4、≥1TB HDD+256G SSD、≥23英寸显示器、正版操作系统 | E69: 台 | F69: 1 | G69: 5000 | H69: =F69*G69 -> 5000 | J69: G-1-04 | K69: 放射诊断科 | L69: =F69 -> 1 | M69: =G69*L69 -> 5000
A70: 1层 | B70: 资料室 | C70: A4黑白激光打印机 | D70: a4黑白激光、自动双面、有线、USB、单面≥29页/分、双面≥18页/分 | E70: 台 | F70: 1 | G70: 1200 | H70: =F70*G70 -> 1200 | J70: G-1-04 | K70: 放射诊断科 | L70: =F70 -> 1 | M70: =G70*L70 -> 1200
A71: 1层 | B71: 资料室 | C71: 高速双面扫描仪 | D71: 馈纸式双面扫描仪，CIS感光原件，≥40页/分，≥600DPI，A4幅面,扫描介质发票、文档、合同、身份证，USB2.0接口，支持Windows/国产信创系统 | E71: 台 | F71: 1 | G71: 3000 | H71: =F71*G71 -> 3000 | J71: G-1-04 | K71: 放射诊断科 | L71: =F71 -> 1 | M71: =G71*L71 -> 3000
A72: 1层 | B72: 会议室 | C72: 台式电脑 | D72: 酷睿14代i5以上、≥16G DDR4、≥1TB HDD+256G SSD、≥23英寸显示器、正版操作系统 | E72: 台 | F72: 1 | G72: 5000 | H72: =F72*G72 -> 5000 | J72: G-1-07 | K72: 放射诊断科 | L72: =F72 -> 1 | M72: =G72*L72 -> 5000
A73: 1层 | B73: 会议室 | C73: A4黑白激光打印机 | D73: a4黑白激光、自动双面、有线、USB、单面≥29页/分、双面≥18页/分 | E73: 台 | F73: 1 | G73: 1200 | H73: =F73*G73 -> 1200 | J73: G-1-07 | K73: 放射诊断科 | L73: =F73 -> 1 | M73: =G73*L73 -> 1200
A74: 1层 | B74: 会议室 | C74: A4彩色激光打印机 | D74: A4彩色激光、≥18页/分、≥600*600dpi、USB、网络 | E74: 台 | F74: 1 | G74: 2000 | H74: =F74*G74 -> 2000 | J74: G-1-07 | K74: 放射诊断科 | L74: =F74 -> 1 | M74: =G74*L74 -> 2000
A75: 1层 | B75: 茶水间 | C75: 冰箱 | D75: 能效等级：一级能效 变频/定频：变频 高度：180.1-190cm 控温方式：电脑控温 制冷方式：风冷 宽度：80.1-85cm 主色系：黑色系 门款式：多门面板 材质：PPM彩板 放置方式：独立式 总容积：500-549L 深度：65.1-70cm | E75: 台 | F75: 1 | G75: 3500 | H75: =F75*G75 -> 3500 | J75: G-1-10 | K75: 放射诊断科 | L75: =F75 -> 1 | M75: =G75*L75 -> 3500
... A107: 1层 | B107: 阅片10 | C107: 电话 | D107: 座式有绳板机 | E107: 台 | F107: 1 | G107: 90 | H107: =F107*G107 -> 90 | J107: G-1-34 | K107: 放射诊断科 | L107: =F107 -> 1 | M107: =G107*L107 -> 90
A108: 1层 | B108: 垃圾被服控制室 | C108: 空调 | D108: 2匹 | E108: 台 | F108: 1 | G108: 6500 | H108: =F108*G108 -> 6500 | L108: =F108 -> 1 | M108: =G108*L108 -> 6500
A109: 1层 | B109: 一层收费窗口 | C109: 复印机（高速） | D109: 打印速度划分：高速机(41~60页/分钟) 支持页宽：A3 能效等级：一级能效 技术类型：黑白激光 | E109: 台 | F109: 1 | G109: 35000 | H109: =F109*G109 -> 35000 | I109: 复印患者相关证件、打印相关工作报表 | K109: 财务部 | L109: =F109 -> 1 | M109: =G109*L109 -> 35000
A110: 1层 | B110: 一层收费窗口 | C110: 碎纸机 | D110: 纸箱容量：21-30L；类型：自动碎纸机；单次碎纸张数：6-10张；功能：童锁保护，自动反向退纸；连续碎纸机时间：41-60分钟；移动轮：有移动轮；可碎介质：纸；保密等级：5级；安全触停：有安全触停；碎纸效果：米粒状 | E110: 台 | F110: 1 | G110: 800 | H110: =F110*G110 -> 800 | K110: 财务部 | L110: =F110 -> 1 | M110: =G110*L110 -> 800
A111: 1层 | B111: 一层收费窗口 | C111: 电话 | D111: 座式有绳板机 | E111: 台 | F111: 8 | G111: 90 | H111: =F111*G111 -> 720 | I111: 8个窗8台 | K111: 财务部 | L111: =F111 -> 8 | M111: =G111*L111 -> 720
A112: 1层 | B112: 一层收费窗口 | C112: 监控 | D112: 夜视类型：红外夜视；类别：球机；监控存储方式：硬盘+内存卡；探头个数：2个；智能识别：区域入侵检测，电子围栏，温度识别，烟雾识别；追踪方式：自动巡航；供网方式：网线；变倍变焦：光学变焦；像素：400万；防水等级：IP66；供电方式：电源供电 | E112: 个 | F112: 11 | G112: 5000 | H112: =F112*G112 -> 55000 | I112: 8个点位室内对窗口，1个点位室内对押钞点，室外对窗口2个点位 | K112: 财务部 | L112: =F112 -> 11 | M112: =G112*L112 -> 55000
A113: 1层 | B113: 一层收费窗口 | C113: 窗口对讲机 | D113: 连接主体：音箱；指向特征：全指向/无指向；传输方式：有线收音头：动圈式；供电方式：外接供电；喇叭单元：单喇叭 | E113: 个 | F113: 8 | G113: 2000 | H113: =F113*G113 -> 16000 | K113: 财务部 | L113: =F113 -> 8 | M113: =G113*L113 -> 16000
A114: 1层 | B114: 一层收费窗口 | C114: 点钞机 | D114: 点钞机等级：A类；币种：人民币；使用方式：插电；鉴伪方式：磁性检测，安全线检测，紫光检测，红外鉴伪，幅面鉴伪，冠字号识别；功能：混点，金额合计，分版，计数，预置，累加，自检故障；语音提示：支持语音提示；屏幕数量：双屏 | E114: 个 | F114: 8 | G114: 2500 | H114: =F114*G114 -> 20000 | K114: 财务部 | L114: =F114 -> 8 | M114: =G114*L114 -> 20000
A115: 1层 | B115: 一层收费窗口 | C115: 身份证阅读器 | D115: 快速识别二代/三代居民身份证、港澳台居民居住证、外国人用永久居留证，USB 接口，阅读距离1-5CM、时间＜1S,适用Windows7/10/11、Android系统 | E115: 个 | F115: 8 | G115: 2000 | H115: =F115*G115 -> 16000 | K115: 财务部 | L115: =F115 -> 8 | M115: =G115*L115 -> 16000
A116: 1层 | B116: 一层收费窗口 | C116: 社保卡读卡器 | D116: 支持符合ISO 7816 标准的接触式 IC 卡、ISO14443 Type A/B 标准的非接触式 IC 卡、磁条的读写，可识别社保卡、银行卡，可附加 符合 GSM 11.11 的 SAM 卡座，USB接口、无驱模式，支持 Windows、Linux、Android | E116: 个 | F116: 8 | G116: 3000 | H116: =F116*G116 -> 24000 | K116: 财务部 | L116: =F116 -> 8 | M116: =G116*L116 -> 24000
A117: 1层 | B117: 一层收费窗口 | C117: 台式电脑 | D117: 酷睿14代i5以上、≥16G DDR4、≥1TB HDD+256G SSD、≥23英寸显示器、正版操作系统 | E117: 台 | F117: 8 | G117: 5000 | H117: =F117*G117 -> 40000 | K117: 财务部 | L117: =F117 -> 8 | M117: =G117*L117 -> 40000
A118: 1层 | B118: 一层收费窗口 | C118: 票据打印机 | D118: 票据针式打印机，1+6联复写，24针击打式点阵打印、≥195汉字/秒，高精打印头、MTBF10000小时以上，前部平推和后面连续进纸，USB | E118: 台 | F118: 16 | G118: 2000 | H118: =F118*G118 -> 32000 | I118: 每个窗口2台（1台预交金收据，1台出院结算发票） | K118: 财务部 | L118: =F118 -> 16 | M118: =G118*L118 -> 32000
A119: 1层 | B119: 一层收费窗口 | C119: A4黑白激光打印机 | D119: a4黑白激光、自动双面、有线、USB、单面≥29页/分、双面≥18页/分 | E119: 台 | F119: 8 | G119: 1200 | H119: =F119*G119 -> 9600 | I119: 8个窗8台，负责人办公室1台，做账办公室1台，综合办公区域1台 | K119: 财务部 | L119: =F119 -> 8 | M119: =G119*L119 -> 9600
A120: 1层 | B120: 一层收费窗口 | C120: 热敏打印机 | D120: 行式热敏打印机、打印速度≥250mm/s、纸张80mm/ 58mm、MTBF≥36万小时、USB、以太网 | E120: 个 | F120: 8 | G120: 1200 | H120: =F120*G120 -> 9600 | K120: 财务部 | L120: =F120 -> 8 | M120: =G120*L120 -> 9600
A121: 1层 | B121: 一层负责人办公室 | C121: 电话 | D121: 座式有绳板机 | E121: 台 | F121: 1 | G121: 90 | H121: =F121*G121 -> 90 | K121: 财务部 | L121: =F121 -> 1 | M121: =G121*L121 -> 90
A122: 1层 | B122: 一层负责人办公室 | C122: 台式电脑 | D122: 酷睿14代i5以上、≥16G DDR4、≥1TB HDD+256G SSD、≥23英寸显示器、正版操作系统 | E122: 台 | F122: 2 | G122: 5000 | H122: =F122*G122 -> 10000 | K122: 财务部 | L122: =F122 -> 2 | M122: =G122*L122 -> 10000
A123: 1层 | B123: 一层负责人办公室 | C123: A4黑白激光打印机 | D123: a4黑白激光、自动双面、有线、USB、单面≥29页/分、双面≥18页/分 | E123: 台 | F123: 1 | G123: 1200 | H123: =F123*G123 -> 1200 | K123: 财务部 | L123: =F123 -> 1 | M123: =G123*L123 -> 1200
A124: 1层 | B124: 一层办公室 | C124: 碎纸机 | D124: 纸箱容量：21-30L；类型：自动碎纸机；单次碎纸张数：6-10张；功能：童锁保护，自动反向退纸；连续碎纸机时间：41-60分钟；移动轮：有移动轮；可碎介质：纸；保密等级：5级；安全触停：有安全触停；碎纸效果：米粒状 | E124: 台 | F124: 1 | G124: 800 | H124: =F124*G124 -> 800 | K124: 财务部 | L124: =F124 -> 1 | M124: =G124*L124 -> 800
A125: 1层 | B125: 一层办公室 | C125: 电话 | D125: 座式有绳板机 | E125: 台 | F125: 1 | G125: 90 | H125: =F125*G125 -> 90 | I125: 按需每人配置 1 台 | K125: 财务部 | L125: =F125 -> 1 | M125: =G125*L125 -> 90
A126: 1层 | B126: 一层办公室 | C126: 台式电脑 | D126: 酷睿14代i5以上、≥16G DDR4、≥1TB HDD+256G SSD、≥23英寸显示器、正版操作系统 | E126: 台 | F126: 2 | G126: 5000 | H126: =F126*G126 -> 10000 | K126: 财务部 | L126: =F126 -> 2 | M126: =G126*L126 -> 10000
A127: 1层 | B127: 一层办公室 | C127: A4黑白激光打印机 | D127: a4黑白激光、自动双面、有线、USB、单面≥29页/分、双面≥18页/分 | E127: 台 | F127: 1 | G127: 1200 | H127: =F127*G127 -> 1200 | K127: 财务部 | L127: =F127 -> 1 | M127: =G127*L127 -> 1200
A128: 1层 | B128: 一层综合办公区 | C128: 电话 | D128: 座式有绳板机 | E128: 台 | F128: 3 | G128: 90 | H128: =F128*G128 -> 270 | K128: 财务部 | L128: =F128 -> 3 | M128: =G128*L128 -> 270
A129: 1层 | B129: 一层综合办公区 | C129: 台式电脑 | D129: 酷睿14代i5以上、≥16G DDR4、≥1TB HDD+256G SSD、≥23英寸显示器、正版操作系统 | E129: 台 | F129: 8 | G129: 5000 | H129: =F129*G129 -> 40000 | K129: 财务部 | L129: =F129 -> 8 | M129: =G129*L129 -> 40000
A130: 1层 | B130: 一层综合办公区 | C130: A4黑白激光打印机 | D130: a4黑白激光、自动双面、有线、USB、单面≥29页/分、双面≥18页/分 | E130: 台 | F130: 6 | G130: 1200 | H130: =F130*G130 -> 7200 | K130: 财务部 | L130: =F130 -> 6 | M130: =G130*L130 -> 7200
A131: 1层 | B131: 一层值班室 | C131: 电话 | D131: 座式有绳板机 | E131: 台 | F131: 1 | G131: 90 | H131: =F131*G131 -> 90 | K131: 财务部 | L131: =F131 -> 1 | M131: =G131*L131 -> 90
A132: 1层 | B132: 一层等候大厅 | C132: 叫号排队机（连显示屏） | D132: 无线、排队机取号叫号机、 55寸液晶综合屏 | E132: 套 | F132: 1 | G132: 35000 | H132: =F132*G132 -> 35000 | K132: 财务部 | L132: =F132 -> 1 | M132: =G132*L132 -> 35000
A133: 1层 | B133: 一层等候大厅 | C133: LED显示屏 | D133: 类型：液晶；是否触摸屏：非触摸屏；接口：HDMI，DVI，VGA | E133: 套 | F133: 1 | G133: 2000 | H133: =F133*G133 -> 2000 | K133: 财务部 | L133: =F133 -> 1 | M133: =G133*L133 -> 2000
A134: 1层 | B134: 住院处（具体位置待定） | C134: 台式电脑 | D134: 酷睿14代i5以上、≥16G DDR4、≥1TB HDD+256G SSD、≥23英寸显示器、正版操作系统 | E134: 台 | F134: 6 | G134: 5000 | H134: =F134*G134 -> 30000 | K134: 医务部 | L134: =F134 -> 6 | M134: =G134*L134 -> 30000
A135: 1层 | B135: 住院处（具体位置待定） | C135: A4黑白激光打印机 | D135: a4黑白激光、自动双面、有线、USB、单面≥29页/分、双面≥18页/分 | E135: 台 | F135: 3 | G135: 1200 | H135: =F135*G135 -> 3600 | K135: 医务部 | L135: =F135 -> 3 | M135: =G135*L135 -> 3600
A136: 1层 | B136: 住院处（具体位置待定） | C136: A4彩色激光打印机 | D136: A4彩色激光、≥18页/分、≥600*600dpi、USB、网络 | E136: 台 | F136: 1 | G136: 2000 | H136: =F136*G136 -> 2000 | K136: 医务部 | L136: =F136 -> 1 | M136: =G136*L136 -> 2000
A137: 1层 | B137: 住院处（具体位置待定） | C137: 笔记本电脑 | D137: 酷睿Ultra514核以上、≥32GB DDR5、≥1TB固态、2.5K IPS屏、HDMI、RJ45 | E137: 台 | F137: 1 | G137: 7000 | H137: =F137*G137 -> 7000 | K137: 医务部 | L137: =F137 -> 1 | M137: =G137*L137 -> 7000
... A142: 1层 | B142: 住院处（具体位置待定） | C142: 碎纸机 | D142: 纸箱容量：21-30L；类型：自动碎纸机；单次碎纸张数：6-10张；功能：童锁保护，自动反向退纸；连续碎纸机时间：41-60分钟；移动轮：有移动轮；可碎介质：纸；保密等级：5级；安全触停：有安全触停；碎纸效果：米粒状 | E142: 台 | F142: 1 | G142: 800 | H142: =F142*G142 -> 800 | K142: 医务部 | L142: =F142 -> 1 | M142: =G142*L142 -> 800
...

Sheet 附表4-1厨房终端设备（含食堂）汇总表2
A1: 附表 4-1厨房终端设备（含食堂）汇总表
A2: 序号 | B2: 名称 | C2: 规格参数 | D2: 单位 | E2: 数量 | F2: 单价（元） | G2: 金额（元）
A3: 一 | B3: 厨房设备 | E3: =SUM(E4:E369)-E7-E17-E31-E36-E41-E52-E56-E61-E66-E101-E106-E112-E119-E124-E130-E149-E152-E156-E162-E166-E178-E184-E190-E206-E212-E253-E258-E262-E265-E272-E293-E299-E303-E309-E324-E330-E361-E366-E91 -> 6121.6 | G3: =SUM(G4:G366)-G7-G17-G31-G36-G41-G52-G56-G61-G66-G101-G106-G112-G119-G124-G130-G149-G152-G156-G162-G166-G178-G184-G190-G206-G212-G253-G258-G262-G265-G272-G293-G299-G303-G309-G324-G330-G361-G91 -> 9892896.3
A4: 1 | B4: 保温汤饭桶车连不锈钢加固底架 | C4: 1、直径520*820mm(±10%) 2、圆桶形车身，内置汤饭桶。配万向活动轮 | D4: 台 | E4: 18 | F4: 2240 | G4: =E4*F4 -> 40320
A5: 2 | B5: 保温汤炉（嵌入式） | C5: 1、容量10Lmm(±10%) 2、采用不锈钢汤炉，带盖 | D5: 台 | E5: 12 | F5: 2280 | G5: 27360
A6: 3 | B6: 饼盆车 | C6: 1、470*620*1730mm(±10%) 2、采用不锈钢支架，配万向活动轮 | D6: 台 | E6: 5 | F6: 1800 | G6: 9000
A7: 4 | B7: 不锈钢封墙钢 | C7: 1、L*1500mm(±10%) 2、采用304不锈钢板，面板0.9mm(±0.1mm) | D7: 米 | E7: =E8+E9 -> 102.8 | F7: =G7/E7 -> 1059.144 | G7: =G8+G9 -> 108880
A8: 4.1 | B8: 不锈钢封墙钢 | C8: 1、L*1500mm(±10%) 2、采用304不锈钢板，面板0.9mm(±0.1mm) | D8: 米 | E8: 66.6 | F8: 1200 | G8: =E8*F8 -> 79920
A9: 4.2 | B9: 不锈钢封墙钢 | C9: 1、L*700mm(±10%) 2、采用304不锈钢板，面板0.9mm(±0.1mm) | D9: 米 | E9: 36.2 | F9: 800 | G9: =E9*F9 -> 28960
A10: 5 | B10: 不锈钢和面台 | C10: 1、1800*760*810mm(±10%) 2、采用304不锈钢板，面板厚1.2mm(±0.1mm) 3、50mm采用201不锈钢支撑架，带可调脚 | D10: 台 | E10: 3 | F10: 2800 | G10: 8400
A11: 6 | B11: 不锈钢排油烟风管（排油烟主管道接驳到末端） | C11: 采用1.0mm(±10%)不锈钢板制作，氩弧焊满焊连接 | D11: m2 | E11: 1362 | F11: 780 | G11: 1062360
A12: 7 | B12: 不锈钢蒸包盘 | C12: 1、600*400*48mm(±10%) 2、采用304不锈钢冲压成型，加厚 | D12: 个 | E12: 156 | F12: 360 | G12: 56160
A13: 8 | B13: 不锈钢蒸饭盘 | C13: 1、600*400*48mm(±10%) 2、采用304不锈钢冲压成型，加厚 | D13: 个 | E13: 364 | F13: 300 | G13: 109200
A14: 9 | B14: 不锈钢座台（配电扒炉） | C14: 1、800*800*600mm(±10%) 2、采用304不锈钢板，面板厚1.2mm(±0.1mm)，星盆板厚1.0mm(±0.1mm)，上配电扒炉 3、采用38*38*1.0mm(±10%)不锈钢支撑腿，带全钢可调脚 | D14: 台 | E14: 1 | F14: 3600 | G14: 3600
A15: 10 | B15: 餐具 | C15: 含菜碟、汤碗、饭碗、筷子等。 | D15: 套 | E15: 300 | F15: 96 | G15: 28800
A16: 11 | B16: 餐具回收输送线 | C16: 1、8500*600*900mm(±10%) 2、采用304不锈钢板，面板厚1.2mm(±0.1mm)，柜身厚0.9mm(±0.1mm)，弯头按2.5倍直线计算，链板式传送，自动清洗链板正反面，采用不锈钢支架，配可调脚 3、▲餐具回收输送线：①满足 GB/T 24021-2024 标准的中国环境标志（Ⅱ型）认证证书；②餐具回收输送线链板依据 GB/T1040.1-2018、GB/T1040.2- 2022 标准，制样后测试其拉伸强度≥203MPa,符合产品强度要求； （投标时同时提供：①有效期内的认证证书扫描件和第三方检测机构出具的具有CMA或CNAS标识的检测报告关键页扫描件；②上述认证证书和检测报告在全国认证认可信息公共服务平台（认e 云）（http://cx.cnca.cn/）的信息查询记录截图。送检人需为投标人或产品制造商（若送检人为产品制造商的，还需要提供产品制造商出具的检测报告使用授权书，格式自拟，原件备查） 4、▲餐具回收输送线：①满足GB/T 26572-2011，GB/T 39560.1-2020，GB/T 39560.2-2020，GB/T 39560.301-2020，GB/T 39560.4-2021，GB/T 39560.5-2021，GB/T 39560.6-2020 ，GB/T 39560.701-2020，GB/T 39560.702-2021标准有害物质限制使用符合性认证证书；②餐具回收输送线链板取得GB/T16422.3-2022标准塑料产品认证证书，依据GB/T16422.3-2022标准，在紫外灯管UVA-340nm、辐照度0.76±0.02W/m²•nm，暴露周期：光照60±3℃/8h，冷凝50±3℃/4h，作用下持续测试200小时，测试结果外观无裂纹无气泡，符合产品老化测试 （投标时同时提供：①有效期内的认证证书扫描件和第三方检测机构出具的具有CMA或CNAS标识的检测报告关键页扫描件；②上述认证证书和检测报告在全国认证认可信息公共服务平台（认e 云）（http://cx.cnca.cn/）的信息查询记录截图。送检人需为投标人或产品制造商（若送检人为产品制造商的，还需要提供产品制造商出具的检测报告使用授权书，格式自拟，原件备查）。 | D16: 台 | E16: 2 | F16: 125000 | G16: =E16*F16 -> 250000
A17: 12 | B17: 承炉工作台 | C17: 1、1250*760*500mm(±10%) 2、采用304不锈钢板，面板厚1.2mm(±0.1mm)，面底加13mm(±10%)夹板支撑并覆防潮膜 3、采用38*38*1.0mm(±10%)不锈钢支撑腿，带全钢可调脚 | D17: 台 | E17: =SUM(E18:E21) -> 4 | F17: =G17/E17 -> 2100 | G17: =SUM(G18:G21) -> 8400
A18: 12.1 | B18: 承炉工作台 | C18: 1、1250*760*500mm(±10%) 2、采用304不锈钢板，面板厚1.2mm(±0.1mm)，面底加13mm(±10%)夹板支撑并覆防潮膜 3、采用38*38*1.0mm(±10%)不锈钢支撑腿，带全钢可调脚 | D18: 台 | E18: 1 | F18: 2000 | G18: 2000
A19: 12.2 | B19: 承炉工作台 | C19: 1、1250*800*500mm(±10%) 2、采用304不锈钢板，面板厚1.2mm(±0.1mm)，面底加13mm(±10%)夹板支撑并覆防潮膜 3、采用38*38*1.0mm(±10%)不锈钢支撑腿，带全钢可调脚 | D19: 台 | E19: 1 | F19: 2000 | G19: 2000
A20: 12.3 | B20: 承炉工作台 | C20: 1、1300*800*480mm(±10%) 2、采用304不锈钢板，面板厚1.2mm(±0.1mm)，面底加13mm(±10%)夹板支撑并覆防潮膜 3、采用38*38*1.0mm(±10%)不锈钢支撑腿，带全钢可调脚 | D20: 台 | E20: 1 | F20: 2000 | G20: 2000
A21: 12.4 | B21: 承炉工作台 | C21: 1、1600*760*500mm(±10%) 2、采用304不锈钢板，面板厚1.2mm(±0.1mm)，面底加13mm(±10%)夹板支撑并覆防潮膜 3、采用38*38*1.0mm(±10%)不锈钢支撑腿，带全钢可调脚 | D21: 台 | E21: 1 | F21: 2400 | G21: 2400
A22: 13 | B22: 承炉工作台连插盘架 | C22: 1、910*810*700mm(±10%) 2、采用304不锈钢板，面板厚1.2mm(±0.1mm)，面底加13mm(±10%)夹板支撑并覆防潮膜 3、采用50*1.2mm(±10%)不锈钢支撑腿，带全钢可调脚 | D22: 台 | E22: 1 | F22: 3200 | G22: 3200
A23: 14 | B23: 抽气牛角罩 | C23: 1、780*250*200mm(±10%) 2、采用304不锈钢板，厚0.9mm(±0.1mm) | D23: 台 | E23: 7 | F23: 2400 | G23: =E23*F23 -> 16800
A24: 15 | B24: 厨房内电源接驳 | C24: 设备1米内 | D24: 项 | E24: 2 | F24: 13500 | G24: 27000
A25: 16 | B25: 厨房内气源接驳 | C25: 设备1米内 | D25: 项 | E25: 2 | F25: 15000 | G25: 30000
A26: 17 | B26: 厨房内水源接驳 | C26: 设备1米内 | D26: 项 | E26: 2 | F26: 12000 | G26: 24000
A27: 18 | B27: 厨房设备自动灭火装置 | C27: 1、宽230*高620mm(±10%) 2、系统装置组成：控制箱、管路、喷嘴探测器、易熔连接片、金属拉索、滑轮三通、滑轮弯头.释放机构、驱动瓶、水流控制阀、单向阀、减压阀 3、▲灭火装置具有以下检测（检验类别：型式检验）： ①产品依据 XF 498-2012《厨房设备灭火装置》、CCCF-CPRZ-21:2019《消防类产品认证实施规则 灭火设备产品 泡沫灭火设备产品》标准进行检测，所检项目均符合标准要求，其中灭火剂有效使用期≥10年。 ②依据XF498-2012；CCCF-CPRZ-21：2019认证实施细则，厨房设备灭火装置单瓶组喷嘴数量：≥16只 （投标时同时提供：①第三方检测机构出具的具有CMA或CNAS标识的检测报告关键页扫描件；②上述检测报告在全国认证认可信息公共服务平台（认e 云）（http://cx.cnca.cn/）的信息查询记录截图。送检人须为投标人或产品制造商（若送检人为产品制造商的，还需要提供产品制造商出具的认证证书和检测报告使用授权书，格式自拟）。原件备查） | D27: 台 | E27: 1 | F27: 13800 | G27: =E27*F27 -> 13800
A28: 19 | B28: 单门保洁柜 | C28: 1、570*480*1860mm(±10%) 2、采用热风循环，功率1.05KW/220V(±10%) | D28: 台 | E28: 7 | F28: 2520 | G28: 17640
A29: 20 | B29: 单门餐具保洁柜（推车式） | C29: 1、750*830*1940mm(±10%) 2、采用热风循环系统，功率2130W/220V(±10%)，可放不同材质餐具 3、智能高稳数码显示屏，带故障检测系统，风机延时功能，一键保温功能 | D29: 台 | E29: 2 | F29: 5950 | G29: =E29*F29 -> 11900
A30: 21 | B30: 单门发酵柜 | C30: 1、530*750*1825mm(±10%) 2、采用不锈钢柜身，功率2.62KW/220V(±10%) | D30: 台 | E30: 3 | F30: 3360 | G30: 10080
A31: 22 | B31: 单星大盆台 | C31: 1、1200*900*810mm(±10%) 2、采用304不锈钢板，面板厚1.2mm(±0.1mm)，星盆板厚1.0mm(±0.1mm) 3、采用38*38*1.0mm(±10%)不锈钢支撑腿，带全钢可调脚 | D31: 台 | E31: =SUM(E32:E35) -> 51 | F31: =G31/E31 -> 3060 | G31: =SUM(G32:G35) -> 156060
A32: 22.1 | B32: 单星大盆台 | C32: 1、1000*700*810mm(±10%) 2、采用304不锈钢板，面板厚1.2mm(±0.1mm)，星盆板厚1.0mm(±0.1mm) 3、采用38*38*1.0mm(±10%)不锈钢支撑腿，带全钢可调脚 | D32: 台 | E32: 6 | F32: 2970 | G32: =E32*F32 -> 17820
A33: 22.2 | B33: 单星大盆台 | C33: 1、1000*760*810mm(±10%) 2、采用304不锈钢板，面板厚1.2mm(±0.1mm)，星盆板厚1.0mm(±0.1mm) 3、采用38*38*1.0mm(±10%)不锈钢支撑腿，带全钢可调脚 | D33: 台 | E33: 36 | F33: 2970 | G33: =E33*F33 -> 106920
A34: 22.3 | B34: 单星大盆台 | C34: 1、1000*900*810mm(±10%) 2、采用304不锈钢板，面板厚1.2mm(±0.1mm)，星盆板厚1.0mm(±0.1mm) 3、采用38*38*1.0mm(±10%)不锈钢支撑腿，带全钢可调脚 | D34: 台 | E34: 3 | F34: 3240 | G34: =E34*F34 -> 9720
A35: 22.4 | B35: 单星大盆台 | C35: 1、1200*900*810mm(±10%) 2、采用304不锈钢板，面板厚1.2mm(±0.1mm)，星盆板厚1.0mm(±0.1mm) 3、采用38*38*1.0mm(±10%)不锈钢支撑腿，带全钢可调脚 | D35: 台 | E35: 6 | F35: 3600 | G35: =E35*F35 -> 21600
A36: 23 | B36: 单星盆台 | C36: 1、1800*760*810mm(±10%) 2、采用304不锈钢板，面板厚1.2mm(±0.1mm)，星盆板厚1.0mm(±0.1mm) 3、采用38*38*1.0mm(±10%)不锈钢支撑腿，带全钢可调脚 | D36: 台 | E36: =SUM(E37:E40) -> 8 | F36: =G36/E36 -> 2936.25 | G36: =SUM(G37:G40) -> 23490
A37: 23.1 | B37: 单星盆台 | C37: 1、1200*760*810mm(±10%) 2、采用304不锈钢板，面板厚1.2mm(±0.1mm)，星盆板厚1.0mm(±0.1mm) 3、采用38*38*1.0mm(±10%)不锈钢支撑腿，带全钢可调脚 | D37: 台 | E37: 2 | F37: 2880 | G37: =E37*F37 -> 5760
A38: 23.2 | B38: 单星盆台 | C38: 1、1500*760*810mm(±10%) 2、采用304不锈钢板，面板厚1.2mm(±0.1mm)，星盆板厚1.0mm(±0.1mm) 3、采用38*38*1.0mm(±10%)不锈钢支撑腿，带全钢可调脚 | D38: 台 | E38: 3 | F38: 3150 | G38: =E38*F38 -> 9450
A39: 23.3 | B39: 单星盆台 | C39: 1、1800*760*810mm(±10%) 2、采用304不锈钢板，面板厚1.2mm(±0.1mm)，星盆板厚1.0mm(±0.1mm) 3、采用38*38*1.0mm(±10%)不锈钢支撑腿，带全钢可调脚 | D39: 台 | E39: 1 | F39: 3420 | G39: =E39*F39 -> 3420
A40: 23.4 | B40: 单星盆台 | C40: 1、700*760*810mm(±10%) 2、采用304不锈钢板，面板厚1.2mm(±0.1mm)，星盆板厚1.0mm(±0.1mm) 3、采用38*38*1.0mm(±10%)不锈钢支撑腿，带全钢可调脚 | D40: 台 | E40: 2 | F40: 2430 | G40: =E40*F40 -> 4860
A41: 24 | B41: 单星盆台柜 | C41: 1、1950*700*810mm(±10%) 2、采用304不锈钢板，面板厚1.2mm(±0.1mm)，星盆板厚1.0mm(±0.1mm)，柜身厚0.9mm(±0.1mm) 3、采用直径50*1.2mm(±10%)不锈钢支撑腿，带全钢可调脚 | D41: 台 | E41: =SUM(E42:E51) -> 12 | F41: =G41/E41 -> 5652.5 | G41: =SUM(G42:G51) -> 67830
A42: 24.1 | B42: 单星盆台柜 | C42: 1、1000*760*810mm(±10%) 2、采用304不锈钢板，面板厚1.2mm(±0.1mm)，星盆板厚1.0mm(±0.1mm)，柜身厚0.9mm(±0.1mm) 3、采用直径50*1.2mm(±10%)不锈钢支撑腿，带全钢可调脚 | D42: 台 | E42: 1 | F42: 5400 | G42: =E42*F42 -> 5400
A43: 24.2 | B43: 单星盆台柜 | C43: 1、1100*700*810mm(±10%) 2、采用304不锈钢板，面板厚1.2mm(±0.1mm)，星盆板厚1.0mm(±0.1mm)，柜身厚0.9mm(±0.1mm) 3、采用直径50*1.2mm(±10%)不锈钢支撑腿，带全钢可调脚 | D43: 台 | E43: 1 | F43: 5490 | G43: =E43*F43 -> 5490
A44: 24.3 | B44: 单星盆台柜 | C44: 1、1200*700*810mm(±10%) 2、采用304不锈钢板，面板厚1.2mm(±0.1mm)，星盆板厚1.0mm(±0.1mm)，柜身厚0.9mm(±0.1mm) 3、采用直径50*1.2mm(±10%)不锈钢支撑腿，带全钢可调脚 | D44: 台 | E44: 2 | F44: 5580 | G44: =E44*F44 -> 11160
A45: 24.4 | B45: 单星盆台柜 | C45: 1、1200*800*810mm(±10%) 2、采用304不锈钢板，面板厚1.2mm(±0.1mm)，星盆板厚1.0mm(±0.1mm)，柜身厚0.9mm(±0.1mm) 3、采用直径50*1.2mm(±10%)不锈钢支撑腿，带全钢可调脚 | D45: 台 | E45: 1 | F45: 5580 | G45: =E45*F45 -> 5580
A46: 24.5 | B46: 单星盆台柜 | C46: 1、1500*700*810mm(±10%) 2、采用304不锈钢板，面板厚1.2mm(±0.1mm)，星盆板厚1.0mm(±0.1mm)，柜身厚0.9mm(±0.1mm) 3、采用直径50*1.2mm(±10%)不锈钢支撑腿，带全钢可调脚 | D46: 台 | E46: 1 | F46: 5850 | G46: =E46*F46 -> 5850
A47: 24.6 | B47: 单星盆台柜 | C47: 1、1500*760*810mm(±10%) 2、采用304不锈钢板，面板厚1.2mm(±0.1mm)，星盆板厚1.0mm(±0.1mm)，柜身厚0.9mm(±0.1mm) 3、采用直径50*1.2mm(±10%)不锈钢支撑腿，带全钢可调脚 | D47: 台 | E47: 1 | F47: 5850 | G47: =E47*F47 -> 5850
A48: 24.7 | B48: 单星盆台柜 | C48: 1、1700*700*810mm(±10%) 2、采用304不锈钢板，面板厚1.2mm(±0.1mm)，星盆板厚1.0mm(±0.1mm)，柜身厚0.9mm(±0.1mm) 3、采用直径50*1.2mm(±10%)不锈钢支撑腿，带全钢可调脚 | D48: 台 | E48: 1 | F48: 4020 | G48: =E48*F48 -> 4020
A49: 24.8 | B49: 单星盆台柜 | C49: 1、1700*700*810mm(±10%) 2、采用304不锈钢板，面板厚1.2mm(±0.1mm)，星盆板厚1.0mm(±0.1mm)，柜身厚0.9mm(±0.1mm) 3、采用直径50*1.2mm(±10%)不锈钢支撑腿，带全钢可调脚 | D49: 台 | E49: 2 | F49: 6030 | G49: =E49*F49 -> 12060
A50: 24.9 | B50: 单星盆台柜 | C50: 1、1800*700*810mm(±10%) 2、采用304不锈钢板，面板厚1.2mm(±0.1mm)，星盆板厚1.0mm(±0.1mm)，柜身厚0.9mm(±0.1mm) 3、采用直径50*1.2mm(±10%)不锈钢支撑腿，带全钢可调脚 | D50: 台 | E50: 1 | F50: 6120 | G50: =E50*F50 -> 6120
A51: 24.1 | B51: 单星盆台柜 | C51: 1、1950*700*810mm(±10%) 2、采用304不锈钢板，面板厚1.2mm(±0.1mm)，星盆板厚1.0mm(±0.1mm)，柜身厚0.9mm(±0.1mm) 3、采用直径50*1.2mm(±10%)不锈钢支撑腿，带全钢可调脚 | D51: 台 | E51: 1 | F51: 6300 | G51: =E51*F51 -> 6300
A52: 25 | B52: 单星剖鱼台 | C52: 1、1800*760*810mm(±10%) 2、采用304不锈钢板，面板厚1.2mm(±0.1mm)，星盆板厚1.0mm(±0.1mm) 3、采用38*38*1.0mm(±10%)不锈钢支撑腿，带全钢可调脚 | D52: 台 | E52: =SUM(E53:E55) -> 7 | F52: =G52/E52 -> 3407.1429 | G52: =SUM(G53:G55) -> 23850
A53: 25.1 | B53: 单星剖鱼台 | C53: 1、1200*760*810mm(±10%) 2、采用304不锈钢板，面板厚1.2mm(±0.1mm)，星盆板厚1.0mm(±0.1mm) 3、采用38*38*1.0mm(±10%)不锈钢支撑腿，带全钢可调脚 | D53: 台 | E53: 2 | F53: 3060 | G53: =E53*F53 -> 6120
A54: 25.2 | B54: 单星剖鱼台 | C54: 1、1500*760*810mm(±10%) 2、采用304不锈钢板，面板厚1.2mm(±0.1mm)，星盆板厚1.0mm(±0.1mm) 3、采用38*38*1.0mm(±10%)不锈钢支撑腿，带全钢可调脚 | D54: 台 | E54: 1 | F54: 3330 | G54: =E54*F54 -> 3330
A55: 25.3 | B55: 单星剖鱼台 | C55: 1、1800*760*810mm(±10%) 2、采用304不锈钢板，面板厚1.2mm(±0.1mm)，星盆板厚1.0mm(±0.1mm) 3、采用38*38*1.0mm(±10%)不锈钢支撑腿，带全钢可调脚 | D55: 台 | E55: 4 | F55: 3600 | G55: =E55*F55 -> 14400
A56: 26 | B56: 挡鼠板连不锈钢滑轨 | C56: 1、1800*600mm(±10%) 2、采用201不锈钢挡鼠板，厚0.9mm(±0.1mm)，二侧带不锈钢滑轨 | D56: 台 | E56: =SUM(E57:E60) -> 29 | F56: =G56/E56 -> 904.13793 | G56: =SUM(G57:G60) -> 26220
A57: 26.1 | B57: 挡鼠板连不锈钢滑轨 | C57: 1、1100*600mm(±10%) 2、采用201不锈钢挡鼠板，厚0.9mm(±0.1mm)，二侧带不锈钢滑轨 | D57: 台 | E57: 7 | F57: 780 | G57: =E57*F57 -> 5460
A58: 26.2 | B58: 挡鼠板连不锈钢滑轨 | C58: 1、1200*600mm(±10%) 2、采用201不锈钢挡鼠板，厚0.9mm(±0.1mm)，二侧带不锈钢滑轨 | D58: 台 | E58: 4 | F58: 840 | G58: =E58*F58 -> 3360
A59: 26.3 | B59: 挡鼠板连不锈钢滑轨 | C59: 1、1500*600mm(±10%) 2、采用201不锈钢挡鼠板，厚0.9mm(±0.1mm)，二侧带不锈钢滑轨 | D59: 台 | E59: 17 | F59: 960 | G59: =E59*F59 -> 16320
A60: 26.4 | B60: 挡鼠板连不锈钢滑轨 | C60: 1、1800*600mm(±10%) 2、采用201不锈钢挡鼠板，厚0.9mm(±0.1mm)，二侧带不锈钢滑轨 | D60: 台 | E60: 1 | F60: 1080 | G60: =E60*F60 -> 1080
A61: 27 | B61: 低温冷库 | C61: 1、2650*2900*2500mm(±10%) 2、库身采用不锈钢板厚0.6mm(±0.1mm) 3、库体厚100mm(±10%)，底板采用彩钢板，库内铺防滑铝板 4、配压缩机组，冷风机，配重力库门 | D61: 座 | E61: =SUM(E62:E65) -> 4 | F61: =G61/E61 -> 86098.25 | G61: =SUM(G62:G65) -> 344393
A62: 27.1 | B62: 低温冷库 | C62: 1、2050*1850*2500mm(±10%) 2、库身采用不锈钢板厚0.6mm(±0.1mm) 3、库体厚100mm(±10%)，底板采用彩钢板，库内铺防滑铝板 4、配压缩机组，冷风机，配重力库门 | D62: 座 | E62: 1 | F62: 85500 | G62: =E62*F62 -> 85500
A63: 27.2 | B63: 低温冷库 | C63: 1、2400*2600*2500mm(±10%) 2、库身采用不锈钢板厚0.6mm(±0.1mm) 3、库体厚100mm(±10%)，底板采用彩钢板，库内铺防滑铝板 4、配压缩机组，冷风机，配重力库门 | D63: 座 | E63: 1 | F63: 95000 | G63: =E63*F63 -> 95000
A64: 27.3 | B64: 低温冷库 | C64: 1、2650*2900*2500mm(±10%) 2、库身采用不锈钢板厚0.6mm(±0.1mm) 3、库体厚100mm(±10%)，底板采用彩钢板，库内铺防滑铝板 4、配压缩机组，冷风机，配重力库门 | D64: 座 | E64: 1 | F64: 100700 | G64: =E64*F64 -> 100700
A65: 27.4 | B65: 低温冷库 | C65: 1、2750*2900*2500mm(±10%) 2、库身采用不锈钢板厚0.6mm(±0.1mm) 3、库体厚100mm(±10%)，底板采用彩钢板，库内铺防滑铝板 4、配压缩机组，冷风机，配重力库门 | D65: 座 | E65: 1 | F65: 63193 | G65: =E65*F65 -> 63193
A66: 28 | B66: 低噪声箱式离心送风风机 | C66: 风量：43000m³/h(±10%) 功率：18.5kW/380V | D66: 台 | E66: =SUM(E67:E75) -> 11 | F66: =G66/E66 -> 10729.091 | G66: =SUM(G67:G75) -> 118020
A67: 28.1 | B67: 低噪声箱式离心送风风机 | C67: 风量：11000m³/h(±10%) 功率：3kW/380V | D67: 台 | E67: 1 | F67: 8400 | G67: =E67*F67 -> 8400
A68: 28.2 | B68: 低噪声箱式离心送风风机 | C68: 风量：11900m³/h(±10%) 功率：3kW/380V | D68: 台 | E68: 1 | F68: 9800 | G68: =E68*F68 -> 9800
A69: 28.3 | B69: 低噪声箱式离心送风风机 | C69: 风量：12000m³/h(±10%) 功率：5.5kW/380V | D69: 台 | E69: 1 | F69: 9800 | G69: =E69*F69 -> 9800
A70: 28.4 | B70: 低噪声箱式离心送风风机 | C70: 风量：18000m³/h 功率：5.5kW/380V | D70: 台 | E70: 1 | F70: 9380 | G70: =E70*F70 -> 9380
A71: 28.5 | B71: 低噪声箱式离心送风风机 | C71: 风量：19500m³/h(±10%) 功率：7.5kW/380V | D71: 台 | E71: 1 | F71: 9380 | G71: =E71*F71 -> 9380
A72: 28.6 | B72: 低噪声箱式离心送风风机 | C72: 风量：20500m³/h(±10%) 功率：7.5kW/380V | D72: 台 | E72: 2 | F72: 9380 | G72: =E72*F72 -> 18760
A73: 28.7 | B73: 低噪声箱式离心送风风机 | C73: 风量：24000m³/h(±10%) 功率：7.5kW/380V | D73: 台 | E73: 2 | F73: 10500 | G73: =E73*F73 -> 21000
A74: 28.8 | B74: 低噪声箱式离心送风风机 | C74: 风量：43000m³/h(±10%) 功率：18.5kW/380V | D74: 台 | E74: 1 | F74: 24500 | G74: =E74*F74 -> 24500
A75: 28.9 | B75: 低噪声箱式离心送风风机 | C75: 风量：5000m³/h(±10%) 功率：1.1kW/380V | D75: 台 | E75: 1 | F75: 7000 | G75: =E75*F75 -> 7000
A76: 29 | B76: 电磁扒炉连柜 | C76: 1、800*800*810mm(±10%) 2、功率≤15KW/380V(±10%)。 3、质量要求：设备符合相关卫生、安全、节能、环保相关国家标准； 4、▲所投产品具有相关检测 | D76: 台 | E76: 1 | F76: 8500 | G76: =F76*E76 -> 8500
A77: 30 | B77: 电磁肠粉炉 | C77: 1、800*800*810mm(±10%) 2、采用304不锈钢板，面板厚1.2mm(±0.1mm)，功率≤15KW(±10%) 3、▲具有相关检测 | D77: 台 | E77: 1 | F77: 10600 | G77: =F77*E77 -> 10600
A78: 31 | B78: 电磁单缸炸炉 | C78: 1、400*800*810mm(±10%) 2、功率≤15KW/380V(±10%)。 3、质量要求：设备符合相关卫生、安全、节能、环保相关国家标准； 4、▲所投产品具有相关检测 | D78: 台 | E78: 1 | F78: 5500 | G78: =F78*E78 -> 5500
A79: 32 | B79: 电磁单门单控12盆蒸饭柜 | C79: 1、850*910*1870mm(±10%) 2、采用304不锈钢板，炉台面板厚1.2mm(±0.1mm)，炉身及门板厚0.9mm(±0.1mm)。含20米内电安装 3、产品符合相关标准 4、▲电磁单门单控12盆蒸饭柜整机有害物质限制使用和电磁辐射安全质量指标要求： ①符合GB/T39560系列（包含但不限于GB/T39560.2-2024、GB/T39560.301-2020、GB/T39560.5-2021、GB/T39560.6-2020、GB/T39560.701-2020、GB/T39560.702-2021、GB/T39560.8-2021）、GB/T 26572-2011标准的构成该产品材料及配件（包含但不限于食物盛放盆、不锈钢浮球阀，须具有该配件图片和检测内容）检验合格的认证试验报告（带CMA、CNAS标志）和有害物质限制使用认证证书； ②符合GB/T 39640-2020标准的6面电磁场辐射合格的认证试验报告（带CMA、CNAS标志）和商用电磁灶电磁辐射认证证书； 5、▲电磁单门单控12盆蒸饭柜所配电磁蒸饭柜炉用汤锅、电磁蒸饭柜炉用无孔蒸饭盆锅环境保护质量指标要求：具有符合GB/T 24021-2024标准的中国环境标志（Ⅱ型）产品认证证书； 【以上8~9项证明材料需全部提供齐全方可认定为符合质量指标要求，投标时所提供试验报告和证书中的检测、认证依据需在检测、认证机构的CMA、CNAS资质认可范围内，所投符合质量要求的同一制造商（生产厂家）的产品整机及所配相关主要部件名称和型号需在相关报告或证书附录清单中以予佐证，其中如有节能或环境标志认证证书需由《市场监督总局关于发布参与实施政府采购节能产品、环境标志产品认证机构名录》（市场监管总局2019年第16号）中的认证机构出具，相关证书需提供全国认证认可信息公共服务平台（http://cx.cnca.cn）上证书状态“有效”的查询结果截图（带网址）（或网页），否则视为负偏离】 | D79: 台 | E79: 1 | F79: 21700 | G79: =F79*E79 -> 21700
A80: 33 | B80: 电磁单头56蒸炉 | C80: 1、800*800*（810+50）mm(±10%) 2、采用304不锈钢板，面板厚1.2mm(±0.1mm)，功率≤15KW(±10%) 3、质量指标要求：设备符合相关卫生、安全、节能、环保相关国家标准； 4、▲电磁单头56蒸炉整机有害物质限制和环境保护质量指标要求： ①符合GB/T39560系列（包含但不限于GB/T39560.2-2024、GB/T39560.301-2020、GB/T39560.5-2021、GB/T39560.6-2020、GB/T39560.701-2020、GB/T39560.702-2021、GB/T39560.8-2021）、GB/T 26572-2011标准的构成该产品材料及配件（包含但不限于散热风扇，整流桥，须具有该配件图片和检测内容）检验合格的认证试验报告和符合以上标准的有害物质限制使用认证证书； ②符合GB/T 24021-2024标准的中国环境标志（Ⅱ型）产品认证证书； （以上证明材料需全部提供齐全方可认定为符合质量指标要求，投标时所提供试验报告和证书中的检测、认证依据需在检测、认证机构的CMA、CNAS资质认可范围内，所投符合质量要求的同一制造商（生产厂家）的产品整机名称和型号需在相关报告和证书附录清单中以予佐证，其中如有节能或环境标志认证证书需由《市场监督总局关于发布参与实施政府采购节能产品、环境标志产品认证机构名录的公告》（市场监管总局2019年第16号）中的认证机构出具） （投标时同时提供：①有效期内的认证证书扫描件和第三方检测机构出具的具有CMA或CNAS标识的检测报告关键页扫描件；②上述认证证书和检测报告在全国认证认可信息公共服务平台（认e 云）（http://cx.cnca.cn/）的信息查询记录截图。送检人需为投标人或产品制造商（若送检人为产品制造商的，还需要提供产品制造商出具的检测报告使用授权书，格式自拟，原件备查） | D80: 台 | E80: 1 | F80: 15750 | G80: =F80*E80 -> 15750
A81: 34 | B81: 电磁煎包炉 | C81: 1、800*800*810mm(±10%) 2、采用304不锈钢板，面板厚1.2mm(±0.1mm)，电加热式 3、质量要求：设备符合相关卫生、安全、节能、环保相关国家标准； 4、▲具有相关检测 | D81: 台 | E81: 1 | F81: 13300 | G81: =F81*E81 -> 13300
A82: 35 | B82: 电磁九格煮面炉连汤池 | C82: 1、1200*800*810mm(±10%) 2、采用304不锈钢板，面板厚1.2mm(±0.1mm)。功率≤15KW(±10%) 3、质量指标要求：设备符合相关卫生、安全、节能、环保相关国家标准； 4、▲电磁九格煮面炉整机有害物质限制使用和电磁辐射安全质量指标要求： ①符合GB/T39560系列（包含但不限于GB/T39560.2-2024、GB/T39560.301-2020、GB/T39560.5-2021、GB/T39560.6-2020、GB/T39560.701-2020、GB/T39560.702-2021、GB/T39560.8-2021）、GB/T 26572-2011标准的构成该产品材料及配件（包含但不限于不锈钢捞篱、不锈钢捞篱托板，须具有该配件图片和检测内容）检验合格的认证试验报告和符合以上标准的有害物质限制使用认证证书； ②符合GB/T 39640-2020标准的6面电磁场辐射合格的认证试验报告和商用电磁灶电磁辐射认证证书； （以上证明材料需全部提供齐全方可认定为符合质量指标要求，投标时所提供试验报告和证书中的检测、认证依据需在检测、认证机构的CMA、CNAS资质认可范围内，所投符合质量要求的同一制造商（生产厂家）的产品整机名称和型号需在相关报告和证书附录清单中以予佐证） （投标时同时提供：①有效期内的认证证书扫描件和第三方检测机构出具的具有CMA或CNAS标识的检测报告关键页扫描件；②上述认证证书和检测报告在全国认证认可信息公共服务平台（认e 云）（http://cx.cnca.cn/）的信息查询记录截图。送检人需为投标人或产品制造商（若送检人为产品制造商的，还需要提供产品制造商出具的检测报告使用授权书，格式自拟，原件备查） | D82: 台 | E82: 1 | F82: 19600 | G82: =F82*E82 -> 19600
A83: 36 | B83: 电磁可倾（摇摆）80汤煲炉 | C83: 1、1550*1120*1000mm(±10%) 2、功率≤25KW/380V(±10%)，配可倾式汤桶，容积200L(±10%) 。 3、质量要求：设备符合相关卫生、安全、节能、环保相关国家标准； 4、▲电磁可倾（摇摆）式80汤煲炉整机需同时具有：①所投产品对应型号整机依据GB/T 39640-2020标准；测试项目：6面电磁场辐射；测试结论：所测6面电磁辐射值合格的认证试验报告；②符合GB/T 39640-2020标准的商用电磁灶电磁辐射认证证书；③所投产品对应型号整机所配汤锅具有符合GB/T 24021-2024标准的中国环境标志（Ⅱ型）产品认证证书； | D83: 台 | E83: 2 | F83: 10500 | G83: =F83*E83 -> 21000
A84: 37 | B84: 电磁六眼煲仔(煮食)炉(平面) | C84: 1、1200*800*800mm(±10%) 2、采用304不锈钢板，面板厚1.2mm(±0.1mm)，功率≤4*3.5KW(±10%)，配锅具：6个，Φ200*h100mm（±10mm）；容量，≧3L/个；锅具材质：采用底厚1.2mm（±0.1mm），身厚0.7mm（±0.1mm）的022Cr11Ti(409#)或10Cr17（430#）不锈钢板材制作，带玻璃盖； 3、质量指标要求：设备符合相关卫生、安全、节能、环保相关国家标准； 4、▲电磁六眼煲仔(煮食)炉(平面)有害物质限制使用和环境保护质量指标要求： ①整机符合GB/T39560系列（包含但不限于GB/T39560.2-2024、GB/T39560.301-2020、GB/T39560.5-2021、GB/T39560.6-2020、GB/T39560.701-2020、GB/T39560.702-2021、GB/T39560.8-2021）、GB/T 26572-2011标准的构成该产品材料及配件（包含但不限于火力开关、显示屏，须有该配件检测图片和检测点检测内容）检验合格的认证试验报告和符合以上标准的有害物质限制使用认证证书； ②电磁六眼煲仔(煮食)炉(平面)所配电磁煲仔炉用20防腐蚀锅具具有：符合GB/T 24021-2024标准的中国环境标志（Ⅱ型）产品认证证书； （以上证明材料需全部提供齐全方可认定为符合质量指标要求，投标时所提供试验报告和证书中的检测、认证依据需在检测、认证机构的CMA、CNAS资质认可范围内，所投符合质量要求的同一制造商（生产厂家）的产品整机名称和型号需在相关报告和证书附录清单中以予佐证，其中如有节能或环境标志认证证书需由《市场监督总局关于发布参与实施政府采购节能产品、环境标志产品认证机构名录的公告》（市场监管总局2019年第16号）中的认证机构出具） （投标时同时提供：①有效期内的认证证书扫描件和第三方检测机构出具的具有CMA或CNAS标识的检测报告关键页扫描件；②上述认证证书和检测报告在全国认证认可信息公共服务平台（认e 云）（http://cx.cnca.cn/）的信息查询记录截图。送检人需为投标人或产品制造商（若送检人为产品制造商的，还需要提供产品制造商出具的检测报告使用授权书，格式自拟，原件备查） | D84: 台 | E84: 1 | F84: 13160 | G84: =F84*E84 -> 13160
A85: 38 | B85: 电磁四眼煲仔炉 | C85: 1、800*800*810mm(±10%) 2、功率≤4*3.5KW/380V(±10%)，配专用汤锅。 3、质量要求：设备符合相关卫生、安全、节能、环保相关国家标准； 4、▲所投产品具有相关检测 | D85: 台 | E85: 1 | F85: 6757.4 | G85: =F85*E85 -> 6757.4
A86: 39 | B86: 电磁摇摆汤炉 | C86: 1、容量200L(±10%) 2、配可倾式汤桶，功率25KW/380V(±10%) ； 3、▲所投产品具有相关检测 | D86: 台 | E86: 4 | F86: 23500 | G86: =F86*E86 -> 94000
A87: 40 | B87: 电磁杂粮保温炉 | C87: 1、800*800*810mm(±10%) 2、采用304不锈钢板，面板厚1.2mm(±0.1mm)。功率≤15KW(±10%) 3、质量指标要求：设备符合相关卫生、安全、节能、环保相关国家标准； 4、▲具有相关检测 | D87: 台 | E87: 1 | F87: 15400 | G87: =F87*E87 -> 15400
... A90: 43 | B90: 电烧饼炉 | C90: 1、800*800*810mm(±10%) 2、采用304不锈钢板，面板厚1.2mm(±0.1mm)，电加热式 | D90: 台 | E90: 1 | F90: 9000 | G90: =F90*E90 -> 9000
A91: 44 | B91: 电双头蒸煮炉 | C91: 1、1400*800*810mm(±10%) 2、采用304不锈钢板，面板厚1.2mm(±0.1mm)，围身厚0.9mm(±0.1mm)，功率2*9KW(±10%) 3、采用38*38*1.0mm(±10%)不锈钢支撑腿，带全钢可调脚 | D91: 台 | E91: =E92+E93 -> 2 | F91: =G91/E91 -> 9500 | G91: =G92+G93 -> 19000
A92: 44.1 | B92: 电双头蒸煮炉 | C92: 1、1400*800*810mm(±10%) 2、采用304不锈钢板，面板厚1.2mm(±0.1mm)，围身厚0.9mm(±0.1mm)，功率2*9KW(±10%) 3、采用38*38*1.0mm(±10%)不锈钢支撑腿，带全钢可调脚 | D92: 台 | E92: 1 | F92: 9500 | G92: =F92*E92 -> 9500
A93: 44.2 | B93: 电双头蒸煮炉 | C93: 1、1400*760*810mm(±10%) 2、采用304不锈钢板，面板厚1.2mm(±0.1mm)，围身厚0.9mm(±0.1mm)，功率2*9KW(±10%) 3、采用38*38*1.0mm(±10%)不锈钢支撑腿，带全钢可调脚 | D93: 台 | E93: 1 | F93: 9500 | G93: =F93*E93 -> 9500
A94: 45 | B94: 电蒸煮炉 | C94: 1、700*800*810mm(±10%) 2、采用304不锈钢板，面板厚1.2mm(±0.1mm)，围身厚0.9mm(±0.1mm)，功率9KW(±10%) 3、采用38*38*1.0mm(±10%)不锈钢支撑腿，带全钢可调脚 | D94: 台 | E94: 1 | F94: 11200 | G94: =F94*E94 -> 11200
A95: 46 | B95: 吊顶点心笼架 | C95: 1、1800*400mm(±10%) 2、采用不锈钢吊架 | D95: 台 | E95: 1 | F95: 1600 | G95: =F95*E95 -> 1600
A96: 47 | B96: 多功能搅拌机 | C96: 1、容量40L(±10%) 2、功率≤1.5KW(±10%) | D96: 台 | E96: 3 | F96: 9548.5 | G96: =F96*E96 -> 28645.5
A97: 48 | B97: 防尘玻璃罩 | C97: 1、3800*400mm(±10%) 2、采用不锈钢支架，配透明玻璃 | D97: 米 | E97: 3.8 | F97: 2400 | G97: 9120
A98: 49 | B98: 防雨百叶 | C98: 1600X2500mm(±10%) | D98: 个 | E98: =10+1 -> 11 | F98: 3000 | G98: =E98*F98 -> 33000
A99: 50 | B99: 风干柜 | C99: 1、1200*700*1800mm(±10%) 2、采用304不锈钢板，柜身厚0.9mm(±0.1mm)，配全钢可调脚 | D99: 台 | E99: 1 | F99: 12000 | G99: 12000
A100: 51 | B100: 风机变频控制箱 | C100: 18.5kW/380V | D100: 台 | E100: 1 | F100: 8000 | G100: 8000
A101: 52 | B101: 风机控制箱 | C101: 7.5kW/380V | D101: 台 | E101: =SUM(E102:E105) -> 10 | F101: =G101/E101 -> 2100 | G101: =SUM(G102:G105) -> 21000
A102: 52.1 | B102: 风机控制箱 | C102: 1.1kW/380V | D102: 台 | E102: 1 | F102: 1200 | G102: 1200
...

Sheet Sheet6
A3: 名称 | B3: 规格参数 | C3: 单位 | D3: 单价 | E3: 求和项:数量 | F3: 求和项:金额
A4: 4层、5层公共食堂（二）、清真餐厅、包间、西式简餐 | B4: (空白) | C4: (空白) | D4: (空白)
A5: 4层厨房 | B5: (空白) | C5: (空白) | D5: (空白)
A6: AA垃圾暂存间 | B6: (空白) | C6: (空白) | D6: (空白)
A7: AA主食库 | B7: (空白) | C7: (空白) | D7: (空白)
A8: AB调料库 | B8: (空白) | C8: (空白) | D8: (空白)
A9: AC鱼、肉、蔬菜加工间 | B9: (空白) | C9: (空白) | D9: (空白)
A10: AC主食库 | B10: (空白) | C10: (空白) | D10: (空白)
A11: AD高、低温冷库 | B11: (空白) | C11: (空白) | D11: (空白)
A12: AE库房 | B12: (空白) | C12: (空白) | D12: (空白)
A13: AE蔬菜、肉类加工 | B13: (空白) | C13: (空白) | D13: (空白)
A14: AF留样室、无菌室 | B14: (空白) | C14: (空白) | D14: (空白)
A15: AF烹调厨房 | B15: (空白) | C15: (空白) | D15: (空白)
... A85: 半地下层一层厨房 | B85: (空白) | C85: (空白) | D85: (空白)
A86: 保温汤饭桶车连不锈钢加固底架 | B86: 1、直径520*820mm(±10%) 2、圆桶形车身，内置汤饭桶。配万向活动轮 | C86: 台 | D86: 2240 | E86: 18 | F86: 40320
A87: 保温汤炉（嵌入式） | B87: 1、容量10Lmm(±10%) 2、采用不锈钢汤炉，带盖 | C87: 台 | D87: 2280 | E87: 12 | F87: 27360
A88: 备用编号 | B88: (空白) | C88: (空白) | D88: (空白)
A89: 壁挂式空气净化机 | B89: (空白) | C89: 台 | D89: 14000 | E89: 3 | F89: 42000
A90: 饼盆车 | B90: 1、470*620*1730mm(±10%) 2、采用不锈钢支架，配万向活动轮 | C90: 台 | D90: 1800 | E90: 5 | F90: 9000
A91: 不锈钢和面台 | B91: 1、1800*760*810mm(±10%) 2、采用304不锈钢板，面板厚1.2mm(±0.1mm) 3、50mm采用201不锈钢支撑架，带可调脚 | C91: 台 | D91: 2800 | E91: 3 | F91: 8400
A92: 不锈钢筷子 | B92: 采用304#不锈钢板制作。 | C92: 双 | D92: 5 | E92: 2200 | F92: 11000
A93: 不锈钢磨砂夹（1） | B93: (空白) | C93: 个 | D93: 30 | E93: 500 | F93: 15000
A94: 不锈钢勺子 | B94: 采用304#不锈钢板制作。 | C94: 个 | D94: 8 | E94: 2200 | F94: 17600
A95: 不锈钢双层面碗 | B95: 采用304#不锈钢板制作，双层。 | C95: 个 | D95: 18 | E95: 2200 | F95: 39600
A96: 不锈钢双层汤碗 | B96: 采用304#不锈钢板制作，双层。 | C96: 个 | D96: 9 | E96: 2200 | F96: 19800
A97: 不锈钢蒸包盘 | B97: 1、600*400*48mm(±10%) 2、采用304不锈钢冲压成型，加厚 | C97: 个 | D97: 360 | E97: 120 | F97: 43200
A98: 不锈钢蒸饭盘 | B98: 1、600*400*48mm(±10%) 2、采用304不锈钢冲压成型，加厚 | C98: 个 | D98: 300 | E98: 170 | F98: 51000
A99: 不锈钢座台（配电扒炉） | B99: 1、800*800*600mm(±10%) 2、采用304不锈钢板，面板厚1.2mm(±0.1mm)，星盆板厚1.0mm(±0.1mm)，上配电扒炉 3、采用38*38*1.0mm(±10%)不锈钢支撑腿，带全钢可调脚 | C99: 台 | D99: 3600 | E99: 1 | F99: 3600
A100: 餐具回收输送线 | B100: 1、8500*600*900mm(±10%) 2、采用304不锈钢板，面板厚1.2mm(±0.1mm)，柜身厚0.9mm(±0.1mm)，弯头按2.5倍直线计算，链板式传送，自动清洗链板正反面，采用不锈钢支架，配可调脚 | C100: 台 | D100: 125000 | E100: 2 | F100: 250000
A101: 餐具回收输送线 | B101: 1、8500*600*900mm(±10%) 2、采用304不锈钢板，面板厚1.2mm(±0.1mm)，柜身厚0.9mm(±0.1mm)，弯头按2.5倍直线计算，链板式传送，自动清洗链板正反面，采用不锈钢支架，配可调脚 3、▲餐具回收输送线：①满足 GB/T 24021-2024 标准的中国环境标志（Ⅱ型）认证证书；②餐具回收输送线链板依据 GB/T1040.1-2018、GB/T1040.2- 2022 标准，制样后测试其拉伸强度≥203MPa,符合产品强度要求； （投标时同时提供：①有效期内的认证证书扫描件和第三方检测机构出具的具有CMA或CNAS标识的检测报告关键页扫描件；②上述认证证书和检测报告在全国认证认可信息公共服务平台（认e 云）（http://cx.cnca.cn/）的信息查询记录截图。送检人需为投标人或产品制造商（若送检人为产品制造商的，还需要提供产品制造商出具的检测报告使用授权书，格式自拟，原件备查） 4、▲餐具回收输送线：①满足GB/T 26572-2011，GB/T 39560.1-2020，GB/T 39560.2-2020，GB/T 39560.301-2020，GB/T 39560.4-2021，GB/T 39560.5-2021，GB/T 39560.6-2020 ，GB/T 39560.701-2020，GB/T 39560.702-2021标准有害物质限制使用符合性认证证书；②餐具回收输送线链板取得GB/T16422.3-2022标准塑料产品认证证书，依据GB/T16422.3-2022标准，在紫外灯管UVA-340nm、辐照度0.76±0.02W/m²•nm，暴露周期：光照60±3℃/8h，冷凝50±3℃/4h，作用下持续测试200小时，测试结果外观无裂纹无气泡，符合产品老化测试 （投标时同时提供：①有效期内的认证证书扫描件和第三方检测机构出具的具有CMA或CNAS标识的检测报告关键页扫描件；②上述认证证书和检测报告在全国认证认可信息公共服务平台（认e 云）（http://cx.cnca.cn/）的信息查询记录截图。送检人需为投标人或产品制造商（若送检人为产品制造商的，还需要提供产品制造商出具的检测报告使用授权书，格式自拟，原件备查）。 | C101: 台 | D101: 125000 | E101: 2 | F101: 250000
A102: 餐厅设备 | B102: (空白) | C102: (空白) | D102: (空白)
A103: 茶几1 | B103: 圆形直径0.6，高0.75；或根据现场实际测量定制，活动、休息室/办公室 | C103: 个 | D103: 1000 | E103: 6 | F103: 6000
A104: 茶几2 | B104: 方形 | C104: 个 | D104: 1000 | E104: 6 | F104: 6000
A105: 承炉工作台 | B105: 1、1250*760*500mm(±10%) 2、采用304不锈钢板，面板厚1.2mm(±0.1mm)，面底加13mm(±10%)夹板支撑并覆防潮膜 3、采用38*38*1.0mm(±10%)不锈钢支撑腿，带全钢可调脚 | C105: 台 | D105: 2000 | E105: 1 | F105: 2000
A106: 承炉工作台 | B106: 1、1250*800*500mm(±10%) 2、采用304不锈钢板，面板厚1.2mm(±0.1mm)，面底加13mm(±10%)夹板支撑并覆防潮膜 3、采用38*38*1.0mm(±10%)不锈钢支撑腿，带全钢可调脚 | C106: 台 | D106: 2000 | E106: 1 | F106: 2000
A107: 承炉工作台 | B107: 1、1300*800*480mm(±10%) 2、采用304不锈钢板，面板厚1.2mm(±0.1mm)，面底加13mm(±10%)夹板支撑并覆防潮膜 3、采用38*38*1.0mm(±10%)不锈钢支撑腿，带全钢可调脚 | C107: 台 | D107: 2000 | E107: 1 | F107: 2000
A108: 承炉工作台 | B108: 1、1600*760*500mm(±10%) 2、采用304不锈钢板，面板厚1.2mm(±0.1mm)，面底加13mm(±10%)夹板支撑并覆防潮膜 3、采用38*38*1.0mm(±10%)不锈钢支撑腿，带全钢可调脚 | C108: 台 | D108: 2400 | E108: 1 | F108: 2400
A109: 承炉工作台连插盘架 | B109: 1、910*810*700mm(±10%) 2、采用304不锈钢板，面板厚1.2mm(±0.1mm)，面底加13mm(±10%)夹板支撑并覆防潮膜 3、采用50*1.2mm(±10%)不锈钢支撑腿，带全钢可调脚 | C109: 台 | D109: 3200 | E109: 1 | F109: 3200
A110: 抽气牛角罩 | B110: 1、780*250*200mm(±10%) 2、采用304不锈钢板，厚0.9mm(±0.1mm) | C110: 台 | D110: 2400 | E110: 7 | F110: 16800
A111: 厨房设备 | B111: (空白) | C111: (空白) | D111: (空白)
A112: 厨房设备自动灭火装置 | B112: 1、宽230*高620mm(±10%) 2、系统装置组成：控制箱、管路、喷嘴探测器、易熔连接片、金属拉索、滑轮三通、滑轮弯头.释放机构、驱动瓶、水流控制阀、单向阀、减压阀 3、▲灭火装置具有以下检测（检验类别：型式检验）： ①产品依据 XF 498-2012《厨房设备灭火装置》、CCCF-CPRZ-21:2019《消防类产品认证实施规则 灭火设备产品 泡沫灭火设备产品》标准进行检测，所检项目均符合标准要求，其中灭火剂有效使用期≥10年。 ②依据XF498-2012；CCCF-CPRZ-21：2019认证实施细则，厨房设备灭火装置单瓶组喷嘴数量：≥16只 （投标时同时提供：①第三方检测机构出具的具有CMA或CNAS标识的检测报告关键页扫描件；②上述检测报告在全国认证认可信息公共服务平台（认e 云）（http://cx.cnca.cn/）的信息查询记录截图。送检人须为投标人或产品制造商（若送检人为产品制造商的，还需要提供产品制造商出具的认证证书和检测报告使用授权书，格式自拟）。原件备查） | C112: 台 | D112: 13800 | E112: 1 | F112: 13800
A113: 打菜勺 | B113: (空白) | C113: 个 | D113: 40 | E113: 500 | F113: 20000
A114: 大锅铲套餐 | B114: 多种规格 | C114: 套 | D114: 500 | E114: 80 | F114: 40000
A115: 单门保洁柜 | B115: 1、570*480*1860mm(±10%) 2、采用热风循环，功率1.05KW/220V(±10%) | C115: 台 | D115: 2520 | E115: 7 | F115: 17640
A116: 单门餐具保洁柜（推车式） | B116: 1、750*830*1940mm(±10%) 2、采用热风循环系统，功率2130W/220V(±10%)，可放不同材质餐具 3、智能高稳数码显示屏，带故障检测系统，风机延时功能，一键保温功能 | C116: 台 | D116: 5950 | E116: 2 | F116: 11900
A117: 单门发酵柜 | B117: 1、530*750*1825mm(±10%) 2、采用不锈钢柜身，功率2.62KW/220V(±10%) | C117: 台 | D117: 3360 | E117: 3 | F117: 10080
A118: 单星大盆台 | B118: 1、1000*700*810mm(±10%) 2、采用304不锈钢板，面板厚1.2mm(±0.1mm)，星盆板厚1.0mm(±0.1mm) 3、采用38*38*1.0mm(±10%)不锈钢支撑腿，带全钢可调脚 | C118: 台 | D118: 2970 | E118: 6 | F118: 17820
A119: 单星大盆台 | B119: 1、1000*760*810mm(±10%) 2、采用304不锈钢板，面板厚1.2mm(±0.1mm)，星盆板厚1.0mm(±0.1mm) 3、采用38*38*1.0mm(±10%)不锈钢支撑腿，带全钢可调脚 | C119: 台 | D119: 2970 | E119: 36 | F119: 106920
A120: 单星大盆台 | B120: 1、1000*900*810mm(±10%) 2、采用304不锈钢板，面板厚1.2mm(±0.1mm)，星盆板厚1.0mm(±0.1mm) 3、采用38*38*1.0mm(±10%)不锈钢支撑腿，带全钢可调脚 | C120: 台 | D120: 3240 | E120: 3 | F120: 9720
A121: 单星大盆台 | B121: 1、1200*900*810mm(±10%) 2、采用304不锈钢板，面板厚1.2mm(±0.1mm)，星盆板厚1.0mm(±0.1mm) 3、采用38*38*1.0mm(±10%)不锈钢支撑腿，带全钢可调脚 | C121: 台 | D121: 3600 | E121: 6 | F121: 21600
A122: 单星盆台 | B122: 1、1200*760*810mm(±10%) 2、采用304不锈钢板，面板厚1.2mm(±0.1mm)，星盆板厚1.0mm(±0.1mm) 3、采用38*38*1.0mm(±10%)不锈钢支撑腿，带全钢可调脚 | C122: 台 | D122: 2880 | E122: 2 | F122: 5760
A123: 单星盆台 | B123: 1、1500*760*810mm(±10%) 2、采用304不锈钢板，面板厚1.2mm(±0.1mm)，星盆板厚1.0mm(±0.1mm) 3、采用38*38*1.0mm(±10%)不锈钢支撑腿，带全钢可调脚 | C123: 台 | D123: 3150 | E123: 3 | F123: 9450
... A139: 刀具套餐 | B139: 多种规格 | C139: 套 | D139: 500 | E139: 80 | F139: 40000
A140: 第二住院楼 | B140: (空白) | C140: (空白) | D140: (空白) | E140: 9087 | F140: 4986160.3
A141: 电磁扒炉连柜 | B141: 1、800*800*810mm(±10%) 2、功率≤15KW/380V(±10%)。 3、质量要求：设备符合相关卫生、安全、节能、环保相关国家标准； 4、▲所投产品具有相关检测 | C141: 台 | D141: 8500 | E141: 1 | F141: 8500
A142: 电磁肠粉炉 | B142: 1、800*800*810mm(±10%) 2、采用304不锈钢板，面板厚1.2mm(±0.1mm)，功率≤15KW(±10%) 3、▲具有相关检测 | C142: 台 | D142: 10600 | E142: 1 | F142: 10600
A143: 电磁单缸炸炉 | B143: 1、400*800*810mm(±10%) 2、功率≤15KW/380V(±10%)。 3、质量要求：设备符合相关卫生、安全、节能、环保相关国家标准； 4、▲所投产品具有相关检测 | C143: 台 | D143: 5500 | E143: 1 | F143: 5500
A144: 电磁单门单控12盆蒸饭柜 | B144: 1、850*910*1870mm(±10%) 2、采用304不锈钢板，炉台面板厚1.2mm(±0.1mm)，炉身及门板厚0.9mm(±0.1mm)。含20米内电安装 3、产品符合相关标准 4、▲电磁单门单控12盆蒸饭柜整机有害物质限制使用和电磁辐射安全质量指标要求： ①符合GB/T39560系列（包含但不限于GB/T39560.2-2024、GB/T39560.301-2020、GB/T39560.5-2021、GB/T39560.6-2020、GB/T39560.701-2020、GB/T39560.702-2021、GB/T39560.8-2021）、GB/T 26572-2011标准的构成该产品材料及配件（包含但不限于食物盛放盆、不锈钢浮球阀，须具有该配件图片和检测内容）检验合格的认证试验报告（带CMA、CNAS标志）和有害物质限制使用认证证书； ②符合GB/T 39640-2020标准的6面电磁场辐射合格的认证试验报告（带CMA、CNAS标志）和商用电磁灶电磁辐射认证证书； 5、▲电磁单门单控12盆蒸饭柜所配电磁蒸饭柜炉用汤锅、电磁蒸饭柜炉用无孔蒸饭盆锅环境保护质量指标要求：具有符合GB/T 24021-2024标准的中国环境标志（Ⅱ型）产品认证证书； 【以上8~9项证明材料需全部提供齐全方可认定为符合质量指标要求，投标时所提供试验报告和证书中的检测、认证依据需在检测、认证机构的CMA、CNAS资质认可范围内，所投符合质量要求的同一制造商（生产厂家）的产品整机及所配相关主要部件名称和型号需在相关报告或证书附录清单中以予佐证，其中如有节能或环境标志认证证书需由《市场监督总局关于发布参与实施政府采购节能产品、环境标志产品认证机构名录》（市场监管总局2019年第16号）中的认证机构出具，相关证书需提供全国认证认可信息公共服务平台（http://cx.cnca.cn）上证书状态“有效”的查询结果截图（带网址）（或网页），否则视为负偏离】 | C144: 台 | D144: 21700 | E144: 1 | F144: 21700
A145: 电磁单头56蒸炉 | B145: 1、800*800*（810+50）mm(±10%) 2、采用304不锈钢板，面板厚1.2mm(±0.1mm)，功率≤15KW(±10%) 3、质量指标要求：设备符合相关卫生、安全、节能、环保相关国家标准； 4、▲电磁单头56蒸炉整机有害物质限制和环境保护质量指标要求： ①符合GB/T39560系列（包含但不限于GB/T39560.2-2024、GB/T39560.301-2020、GB/T39560.5-2021、GB/T39560.6-2020、GB/T39560.701-2020、GB/T39560.702-2021、GB/T39560.8-2021）、GB/T 26572-2011标准的构成该产品材料及配件（包含但不限于散热风扇，整流桥，须具有该配件图片和检测内容）检验合格的认证试验报告和符合以上标准的有害物质限制使用认证证书； ②符合GB/T 24021-2024标准的中国环境标志（Ⅱ型）产品认证证书； （以上证明材料需全部提供齐全方可认定为符合质量指标要求，投标时所提供试验报告和证书中的检测、认证依据需在检测、认证机构的CMA、CNAS资质认可范围内，所投符合质量要求的同一制造商（生产厂家）的产品整机名称和型号需在相关报告和证书附录清单中以予佐证，其中如有节能或环境标志认证证书需由《市场监督总局关于发布参与实施政府采购节能产品、环境标志产品认证机构名录的公告》（市场监管总局2019年第16号）中的认证机构出具） （投标时同时提供：①有效期内的认证证书扫描件和第三方检测机构出具的具有CMA或CNAS标识的检测报告关键页扫描件；②上述认证证书和检测报告在全国认证认可信息公共服务平台（认e 云）（http://cx.cnca.cn/）的信息查询记录截图。送检人需为投标人或产品制造商（若送检人为产品制造商的，还需要提供产品制造商出具的检测报告使用授权书，格式自拟，原件备查） | C145: 台 | D145: 15750 | E145: 1 | F145: 15750
A146: 电磁煎包炉 | B146: 1、800*800*810mm(±10%) 2、采用304不锈钢板，面板厚1.2mm(±0.1mm)，电加热式 3、质量要求：设备符合相关卫生、安全、节能、环保相关国家标准； 4、▲具有相关检测 | C146: 台 | D146: 13300 | E146: 1 | F146: 13300
A147: 电磁九格煮面炉连汤池 | B147: 1、1200*800*810mm(±10%) 2、采用304不锈钢板，面板厚1.2mm(±0.1mm)。功率≤15KW(±10%) 3、质量指标要求：设备符合相关卫生、安全、节能、环保相关国家标准； 4、▲电磁九格煮面炉整机有害物质限制使用和电磁辐射安全质量指标要求： ①符合GB/T39560系列（包含但不限于GB/T39560.2-2024、GB/T39560.301-2020、GB/T39560.5-2021、GB/T39560.6-2020、GB/T39560.701-2020、GB/T39560.702-2021、GB/T39560.8-2021）、GB/T 26572-2011标准的构成该产品材料及配件（包含但不限于不锈钢捞篱、不锈钢捞篱托板，须具有该配件图片和检测内容）检验合格的认证试验报告和符合以上标准的有害物质限制使用认证证书； ②符合GB/T 39640-2020标准的6面电磁场辐射合格的认证试验报告和商用电磁灶电磁辐射认证证书； （以上证明材料需全部提供齐全方可认定为符合质量指标要求，投标时所提供试验报告和证书中的检测、认证依据需在检测、认证机构的CMA、CNAS资质认可范围内，所投符合质量要求的同一制造商（生产厂家）的产品整机名称和型号需在相关报告和证书附录清单中以予佐证） （投标时同时提供：①有效期内的认证证书扫描件和第三方检测机构出具的具有CMA或CNAS标识的检测报告关键页扫描件；②上述认证证书和检测报告在全国认证认可信息公共服务平台（认e 云）（http://cx.cnca.cn/）的信息查询记录截图。送检人需为投标人或产品制造商（若送检人为产品制造商的，还需要提供产品制造商出具的检测报告使用授权书，格式自拟，原件备查） | C147: 台 | D147: 19600 | E147: 1 | F147: 19600
A148: 电磁可倾（摇摆）80汤煲炉 | B148: 1、1550*1120*1000mm(±10%) 2、功率≤25KW/380V(±10%)，配可倾式汤桶，容积200L(±10%) 。 3、质量要求：设备符合相关卫生、安全、节能、环保相关国家标准； 4、▲电磁可倾（摇摆）式80汤煲炉整机需同时具有：①所投产品对应型号整机依据GB/T 39640-2020标准；测试项目：6面电磁场辐射；测试结论：所测6面电磁辐射值合格的认证试验报告；②符合GB/T 39640-2020标准的商用电磁灶电磁辐射认证证书；③所投产品对应型号整机所配汤锅具有符合GB/T 24021-2024标准的中国环境标志（Ⅱ型）产品认证证书； | C148: 台 | D148: 10500 | E148: 2 | F148: 21000
A149: 电磁六眼煲仔(煮食)炉(平面) | B149: 1、1200*800*800mm(±10%) 2、采用304不锈钢板，面板厚1.2mm(±0.1mm)，功率≤4*3.5KW(±10%)，配锅具：6个，Φ200*h100mm（±10mm）；容量，≧3L/个；锅具材质：采用底厚1.2mm（±0.1mm），身厚0.7mm（±0.1mm）的022Cr11Ti(409#)或10Cr17（430#）不锈钢板材制作，带玻璃盖； 3、质量指标要求：设备符合相关卫生、安全、节能、环保相关国家标准； 4、▲电磁六眼煲仔(煮食)炉(平面)有害物质限制使用和环境保护质量指标要求： ①整机符合GB/T39560系列（包含但不限于GB/T39560.2-2024、GB/T39560.301-2020、GB/T39560.5-2021、GB/T39560.6-2020、GB/T39560.701-2020、GB/T39560.702-2021、GB/T39560.8-2021）、GB/T 26572-2011标准的构成该产品材料及配件（包含但不限于火力开关、显示屏，须有该配件检测图片和检测点检测内容）检验合格的认证试验报告和符合以上标准的有害物质限制使用认证证书； ②电磁六眼煲仔(煮食)炉(平面)所配电磁煲仔炉用20防腐蚀锅具具有：符合GB/T 24021-2024标准的中国环境标志（Ⅱ型）产品认证证书； （以上证明材料需全部提供齐全方可认定为符合质量指标要求，投标时所提供试验报告和证书中的检测、认证依据需在检测、认证机构的CMA、CNAS资质认可范围内，所投符合质量要求的同一制造商（生产厂家）的产品整机名称和型号需在相关报告和证书附录清单中以予佐证，其中如有节能或环境标志认证证书需由《市场监督总局关于发布参与实施政府采购节能产品、环境标志产品认证机构名录的公告》（市场监管总局2019年第16号）中的认证机构出具） （投标时同时提供：①有效期内的认证证书扫描件和第三方检测机构出具的具有CMA或CNAS标识的检测报告关键页扫描件；②上述认证证书和检测报告在全国认证认可信息公共服务平台（认e 云）（http://cx.cnca.cn/）的信息查询记录截图。送检人需为投标人或产品制造商（若送检人为产品制造商的，还需要提供产品制造商出具的检测报告使用授权书，格式自拟，原件备查） | C149: 台 | D149: 13160 | E149: 1 | F149: 13160
A150: 电磁四眼煲仔炉 | B150: 1、800*800*810mm(±10%) 2、功率≤4*3.5KW/380V(±10%)，配专用汤锅。 3、质量要求：设备符合相关卫生、安全、节能、环保相关国家标准； 4、▲所投产品具有相关检测 | C150: 台 | D150: 6757.4 | E150: 1 | F150: 6757.4
A151: 电磁摇摆汤炉 | B151: 1、容量200L(±10%) 2、配可倾式汤桶，功率25KW/380V(±10%) ； 3、▲所投产品具有相关检测 | C151: 台 | D151: 23500 | E151: 4 | F151: 94000
A152: 电磁杂粮保温炉 | B152: 1、800*800*810mm(±10%) 2、采用304不锈钢板，面板厚1.2mm(±0.1mm)。功率≤15KW(±10%) 3、质量指标要求：设备符合相关卫生、安全、节能、环保相关国家标准； 4、▲具有相关检测 | C152: 台 | D152: 15400 | E152: 1 | F152: 15400
... A163: 多功能切菜机 | B163: (空白) | C163: 台 | D163: 24400 | E163: 3 | F163: 73200
A164: 二层餐厅 | B164: (空白) | C164: (空白) | D164: (空白)
A165: 防尘玻璃罩 | B165: 1、3800*400mm(±10%) 2、采用不锈钢支架，配透明玻璃 | C165: 米 | D165: 2400 | E165: 3.8 | F165: 9120
A166: 防雨百叶 | B166: 1600X2500 | C166: 个 | D166: 3000 | E166: 1 | F166: 3000
A167: 防雨百叶 | B167: 1600X2500mm(±10%) | C167: 个 | D167: 3000 | E167: 10 | F167: 30000
A168: 风干柜 | B168: 1、1200*700*1800mm(±10%) 2、采用304不锈钢板，柜身厚0.9mm(±0.1mm)，配全钢可调脚 | C168: 台 | D168: 12000 | E168: 1 | F168: 12000
A169: 风幕机 | B169: 1、1500*180*249mm(±10%) 2、功率：0.24kw(±10%)，风量3500/4200m³/h(±10%)，具有杀菌净化功能；风幕机内置净化模块。具有手动和自动工作模式，无线联动自动控制装置，实现节能环保优化管理 3、▲所投产品具有： ①风幕机内置净模块依据GB/T 34012-2017《通风系统用空气净化装置》及GB/T1971-2021《旋转电机线端标志与旋转方向》标准检测，检测结果：大肠杆菌灭杀率≥99.9%，白色葡萄球菌灭杀率≥99.9%，自然菌除菌率≥99.9%，PM2.5：净化后空气质量≤0.01mg/m3，TVOC：净化后空气质量≤0.01mg/m3。 ②风幕机（无线门控联动）依据GB/T 26572-2011电子电气产品中限用物质的限量要求，对无线门控联动控制板进行检测，测试方法：A.XRF扫描测试，根据GB/T39560.301-2020，包含铅（Pb）、镉（Cd）、汞（Hg）、铬（Cr）、溴（Br）。B.化学测试：包含铅（Pb）、镉（Cd）、汞（Hg）、六价铬（Cr6+）、多溴二苯（PBB）、多溴二苯醚（PBDE），测试结果：全部合格 ③所投产品具有节能环保系统优化管理软件相关的计算机软件著作权登记证书。 （投标时同时提供：①第三方检测机构出具的具有CMA或CNAS标识的检测报告关键页及上述认证证书扫描件；②上述检测报告在全国认证认可信息公共服务平台（认e 云）（http://cx.cnca.cn/）的信息查询记录截图；③上述证书在国家版权保护中心的信息查询记录截图。送检人或著作权人须为投标人或产品制造商（若送检人或著作权人为产品制造商的，还需要提供产品制造商出具的检测报告及证书使用授权书，格式自拟）。原件备查） | C169: 台 | D169: 2542 | E169: 3 | F169: 7626
A170: 风幕机 | B170: 1、长1200mm(±10%) 2、贯流式，风速7/11m/s | C170: 台 | D170: 960 | E170: 16 | F170: 15360
A171: 风幕机 | B171: 1、长1500mm(±10%) 2、贯流式，风速7/11m/s | C171: 台 | D171: 1200 | E171: 16 | F171: 19200
A172: 风幕机 | B172: 1、长1800mm(±10%) 2、贯流式，风速7/11m/s | C172: 台 | D172: 1440 | E172: 5 | F172: 7200
A173: 感应式洗手盆连柜身及烘手机 | B173: 1、460*445*255mm(±10%) 2、采用304不锈钢板，星盆面板厚1.0mm(±0.1mm)，围身厚0.9mm(±0.1mm)，一次冲压成型洗手盆斗厚0.6mm(±0.1mm) | C173: 台 | D173: 2700 | E173: 46 | F173: 124200
A174: 高压冲地装置 | B174: 1、长度10m(±10%) 2、挂墙式，带伸缩管，金属外壳 | C174: 台 | D174: 2700 | E174: 27 | F174: 72900
A175: 高压座台冲洗装置 | B175: 1、高度1193mm(±10%) 2、单冷，带伸缩管 | C175: 台 | D175: 1500 | E175: 9 | F175: 13500
A176: 挂墙杯筐架 | B176: 1、1300*540mm(±10%) 2、采用304不锈钢板，层板厚0.9mm(±0.1mm) | C176: 台 | D176: 1170 | E176: 2 | F176: 2340
... A198: 和面机 | B198: 1、500*890*930mm(±10%) 2、容量50L(±10%)，功率2.2KW(±10%) | C198: 台 | D198: 7740.5 | E198: 3 | F198: 23221.5
A199: 后勤综合楼 | B199: (空白) | C199: (空白) | D199: (空白) | E199: 8749.8 | F199: 3797043
A200: 活动工作台 | B200: 1、650*650*900mm(±10%) 2、采用304不锈钢板，面板厚1.2mm(±0.1mm)，配万向活动轮，带二个刹车 | C200: 台 | D200: 2400 | E200: 2 | F200: 4800
A201: 活动浸渍单星盆 | B201: 1、800*800*810mm(±10%) 2、采用304不锈钢板，星盆板厚1.0mm(±0.1mm)，配万向活动轮，带二个刹车 | C201: 台 | D201: 2880 | E201: 1 | F201: 2880
A202: 活动垃圾桶 | B202: (空白) | C202: 台 | D202: 330 | E202: 8 | F202: 2640
A203: 活动烧腊挂架车 | B203: 1、1200*400*1200mm(±10%) 2、采用304不锈钢板，底板厚0.9mm(±0.1mm)，配万向活动轮，带二个刹车 | C203: 台 | D203: 2800 | E203: 6 | F203: 16800
A204: 活动双层工作台 | B204: 1、1200*700*810mm(±10%) 2、采用304不锈钢板，面板厚1.2mm(±0.1mm)，配万向活动轮，带二个刹车 | C204: 台 | D204: 2880 | E204: 1 | F204: 2880
A205: 揭盖式洗碗机 | B205: 1、740*850*1470mm(±10%) 2、洗涤能力（蓝/小时）：60(±10%)，12KW/380V(±10%) | C205: 台 | D205: 11600 | E205: 2 | F205: 23200
A206: 洁碟台 | B206: 1、1450*760*850mm(±10%) 2、采用304不锈钢板，面板厚1.2mm(±0.1mm) 3、采用38*38*1.0mm(±10%)不锈钢支撑腿，带全钢可调脚 | C206: 台 | D206: 2240 | E206: 2 | F206: 4480
A207: 洁碟台 | B207: 1、1800*760*850mm(±10%) 2、采用304不锈钢板，面板厚1.2mm(±0.1mm) 3、采用38*38*1.0mm(±10%)不锈钢支撑腿，带全钢可调脚 | C207: 台 | D207: 2480 | E207: 1 | F207: 2480
A208: 开口柜 | B208: 1、1500*350*810mm(±10%) 2、采用304不锈钢板，面板厚1.2mm(±0.1mm)，面底加13mm(±10%)夹板支撑并覆防潮膜，柜身及层板厚0.9mm(±0.1mm)，带全钢可调脚 | C208: 台 | D208: 2800 | E208: 3 | F208: 8400
A209: 开口柜 | B209: 1、1600*760*810mm(±10%) 2、采用304不锈钢板，面板厚1.2mm(±0.1mm)，面底加13mm(±10%)夹板支撑并覆防潮膜，柜身及层板厚0.9mm(±0.1mm)，带全钢可调脚 | C209: 台 | D209: 4640 | E209: 2 | F209: 9280
A210: 开水器连底座 | B210: 1、9KW/380V(±10%) 2、采用304不锈钢底座，厚0.9mm(±0.1mm) | C210: 台 | D210: 4500 | E210: 40 | F210: 180000
A211: 靠背椅 | B211: 木质材料 | C211: 张 | D211: 800 | E211: 120 | F211: 96000
... A240: 拼台 | B240: 1、700*700mm(±10%) 2、采用304不锈钢板，面板厚1.2mm(±0.1mm) | C240: 台 | D240: 560 | E240: 1 | F240: 560
A241: 其它 | B241: (空白) | C241: (空白) | D241: (空白)
A242: 嵌入式玻璃保温板 | B242: 1、长915mm(±10%) 2、采用嵌入式，电压220V | C242: 台 | D242: 9000 | E242: 8 | F242: 72000
A243: 切肉片肉丝机 | B243: 1、675*620*890mm(±10%) 2、切肉丝规格≤5mm。功率：0.75+0.75KW/220V(±10%) | C243: 台 | D243: 4775 | E243: 3 | F243: 14325
A244: 清真厨房 | B244: (空白) | C244: (空白) | D244: (空白)
A245: 燃气单头煲汤炉 | B245: 1、700*800*560mm(±10%) 2、采用304不锈钢板，面板厚1.2mm(±0.1mm)，炉身厚0.9mm(±0.1mm) 3、带双电磁阀熄火保护装置，炉架采用430不锈钢1.45mm(±0.1mm)铆接制作，每个燃烧器配一个变频风机连不锈钢保护箱 | C245: 台 | D245: 9600 | E245: 1 | F245: 9600
...

Sheet 厨房设备透视表702床
A3: 名称 | B3: 规格参数 | C3: 单位 | D3: 单价 | E3: 求和项:数量 | F3: 求和项:金额
A4: 4层、5层公共食堂（二）、清真餐厅、包间、西式简餐 | B4: (空白) | C4: (空白) | D4: (空白) | E4: 0
A5: 4层厨房 | B5: (空白) | C5: (空白) | D5: (空白)
A6: AA垃圾暂存间 | B6: (空白) | C6: (空白) | D6: (空白) | E6: 0
A7: AA主食库 | B7: (空白) | C7: (空白) | D7: (空白)
A8: AB调料库 | B8: (空白) | C8: (空白) | D8: (空白) | E8: 0
A9: AC鱼、肉、蔬菜加工间 | B9: (空白) | C9: (空白) | D9: (空白) | E9: 0
A10: AC主食库 | B10: (空白) | C10: (空白) | D10: (空白) | E10: 0
A11: AD高、低温冷库 | B11: (空白) | C11: (空白) | D11: (空白) | E11: 0
A12: AE库房 | B12: (空白) | C12: (空白) | D12: (空白) | E12: 0
A13: AE蔬菜、肉类加工 | B13: (空白) | C13: (空白) | D13: (空白) | E13: 0
A14: AF留样室、无菌室 | B14: (空白) | C14: (空白) | D14: (空白) | E14: 0
A15: AF烹调厨房 | B15: (空白) | C15: (空白) | D15: (空白) | E15: 0
A16: AG垃圾房 | B16: (空白) | C16: (空白) | D16: (空白) | E16: 0
A17: AG洗锅区&烹调区 | B17: (空白) | C17: (空白) | D17: (空白) | E17: 0
A18: AH清洁用品房 | B18: (空白) | C18: (空白) | D18: (空白) | E18: 0
A19: AH烧味间/腌制间 | B19: (空白) | C19: (空白) | D19: (空白) | E19: 0
... A85: 半地下层一层厨房 | B85: (空白) | C85: (空白) | D85: (空白) | E85: 0
A86: 保温汤饭桶车连不锈钢加固底架 | B86: 1、直径520*820mm(±10%) 2、圆桶形车身，内置汤饭桶。配万向活动轮 | C86: 台 | D86: 2240 | E86: 3 | F86: 6720
A87: 保温汤炉（嵌入式） | B87: 1、容量10Lmm(±10%) 2、采用不锈钢汤炉，带盖 | C87: 台 | D87: 2280 | E87: 1 | F87: 2280
A88: 备用编号 | B88: (空白) | C88: (空白) | D88: (空白) | E88: 0
A89: 壁挂式空气净化机 | B89: 1.消毒方式：等离子体；2.安装方式：壁挂式；3.适用范围：≤100m3；4.循环风量：≥880m3/h；5.电源要求：工作电源:AC220V,50/60Hz；6.人机共存：动态消毒机，人机共存使用，不生成二次污染；7.臭氧残留量：≤0.004mg/m3；8.消毒效果：设备持续工作1小时，可使100m3房间空气中的自然菌的消亡率≥90%，实际平均值≥98%、30min/10m3空气中的白色葡萄球菌杀灭率≥99.90%、气雾室中H1N1/流感病毒FM4.02去除率＞99.95%；；9.消毒效果：对冠状病毒HCoV-229E清除率≥99.99%、对肺炎克雷伯氏菌的杀灭率＞99.90%；10.等离子体发生器：洁净空气量（颗粒物）＞760m3/h、净化能效（颗粒物）＞5m3/（W？h）达到高效级、颗粒物去除率＞99.98%；11.等离子体发生器：洁净空气量（甲醛）＞400m3/h、净化能效（甲醛）＞1.2m3/（W？h）达到高效级、累计净化量达到F4级、对甲醛、氨、苯、二甲苯、TVOC的去除率≥97%；12.等离子体发生器为阻燃材料，阻燃等级要求达到V-0；13.等离子体密度分布：8.79X1017m-3～2.49X1018m-3；14.核心组件设计寿命大于等于4万小时；不含安装 | C89: 台 | D89: 14000 | E89: 3 | F89: 42000
A90: 饼盆车 | B90: 1、470*620*1730mm(±10%) 2、采用不锈钢支架，配万向活动轮 | C90: 台 | D90: 1800 | E90: 3 | F90: 5400
A91: 不锈钢和面台 | B91: 1、1800*760*810mm(±10%) 2、采用304不锈钢板，面板厚1.2mm(±0.1mm) 3、50mm采用201不锈钢支撑架，带可调脚 | C91: 台 | D91: 2800 | E91: 3 | F91: 8400
A92: 不锈钢筷子 | B92: 采用304#不锈钢板制作。 | C92: 双 | D92: 5 | E92: 600 | F92: 3000
A93: 不锈钢磨砂夹（1） | B93: 采用304#不锈钢 | C93: 个 | D93: 30 | E93: 167 | F93: 5010
A94: 不锈钢勺子 | B94: 采用304#不锈钢板制作。 | C94: 个 | D94: 8 | E94: 600 | F94: 4800
A95: 不锈钢双层面碗 | B95: 采用304#不锈钢板制作，双层。 | C95: 个 | D95: 18 | E95: 600 | F95: 10800
A96: 不锈钢双层汤碗 | B96: 采用304#不锈钢板制作，双层。 | C96: 个 | D96: 9 | E96: 600 | F96: 5400
A97: 不锈钢蒸包盘 | B97: 1、600*400*48mm(±10%) 2、采用304不锈钢冲压成型，加厚 | C97: 个 | D97: 360 | E97: 30 | F97: 10800
A98: 不锈钢蒸饭盘 | B98: 1、600*400*48mm(±10%) 2、采用304不锈钢冲压成型，加厚 | C98: 个 | D98: 300 | E98: 60 | F98: 18000
A99: 不锈钢座台（配电扒炉） | B99: 1、800*800*600mm(±10%) 2、采用304不锈钢板，面板厚1.2mm(±0.1mm)，星盆板厚1.0mm(±0.1mm)，上配电扒炉 3、采用38*38*1.0mm(±10%)不锈钢支撑腿，带全钢可调脚 | C99: 台 | D99: 3600 | E99: 1 | F99: 3600
A100: 餐具回收输送线 | B100: 1、8500*600*900mm(±10%) 2、采用304不锈钢板，面板厚1.2mm(±0.1mm)，柜身厚0.9mm(±0.1mm)，弯头按2.5倍直线计算，链板式传送，自动清洗链板正反面，采用不锈钢支架，配可调脚 | C100: 台 | D100: 125000 | E100: 1 | F100: 125000
A101: 餐具回收输送线 | B101: 1、8500*600*900mm(±10%) 2、采用304不锈钢板，面板厚1.2mm(±0.1mm)，柜身厚0.9mm(±0.1mm)，弯头按2.5倍直线计算，链板式传送，自动清洗链板正反面，采用不锈钢支架，配可调脚 3、▲餐具回收输送线：①满足 GB/T 24021-2024 标准的中国环境标志（Ⅱ型）认证证书；②餐具回收输送线链板依据 GB/T1040.1-2018、GB/T1040.2- 2022 标准，制样后测试其拉伸强度≥203MPa,符合产品强度要求； （投标时同时提供：①有效期内的认证证书扫描件和第三方检测机构出具的具有CMA或CNAS标识的检测报告关键页扫描件；②上述认证证书和检测报告在全国认证认可信息公共服务平台（认e 云）（http://cx.cnca.cn/）的信息查询记录截图。送检人需为投标人或产品制造商（若送检人为产品制造商的，还需要提供产品制造商出具的检测报告使用授权书，格式自拟，原件备查） 4、▲餐具回收输送线：①满足GB/T 26572-2011，GB/T 39560.1-2020，GB/T 39560.2-2020，GB/T 39560.301-2020，GB/T 39560.4-2021，GB/T 39560.5-2021，GB/T 39560.6-2020 ，GB/T 39560.701-2020，GB/T 39560.702-2021标准有害物质限制使用符合性认证证书；②餐具回收输送线链板取得GB/T16422.3-2022标准塑料产品认证证书，依据GB/T16422.3-2022标准，在紫外灯管UVA-340nm、辐照度0.76±0.02W/m²•nm，暴露周期：光照60±3℃/8h，冷凝50±3℃/4h，作用下持续测试200小时，测试结果外观无裂纹无气泡，符合产品老化测试 （投标时同时提供：①有效期内的认证证书扫描件和第三方检测机构出具的具有CMA或CNAS标识的检测报告关键页扫描件；②上述认证证书和检测报告在全国认证认可信息公共服务平台（认e 云）（http://cx.cnca.cn/）的信息查询记录截图。送检人需为投标人或产品制造商（若送检人为产品制造商的，还需要提供产品制造商出具的检测报告使用授权书，格式自拟，原件备查）。 | C101: 台 | D101: 125000 | E101: 1 | F101: 125000
A102: 餐厅设备 | B102: (空白) | C102: (空白) | D102: (空白) | E102: 0
A103: 茶几1 | B103: 圆形直径0.6，高0.75；或根据现场实际测量定制，活动、休息室/办公室 | C103: 个 | D103: 1000 | E103: 2 | F103: 2000
A104: 茶几2 | B104: 方形 | C104: 个 | D104: 1000 | E104: 2 | F104: 2000
A105: 承炉工作台 | B105: 1、1250*760*500mm(±10%) 2、采用304不锈钢板，面板厚1.2mm(±0.1mm)，面底加13mm(±10%)夹板支撑并覆防潮膜 3、采用38*38*1.0mm(±10%)不锈钢支撑腿，带全钢可调脚 | C105: 台 | D105: 2000 | E105: 1 | F105: 2000
A106: 承炉工作台 | B106: 1、1250*800*500mm(±10%) 2、采用304不锈钢板，面板厚1.2mm(±0.1mm)，面底加13mm(±10%)夹板支撑并覆防潮膜 3、采用38*38*1.0mm(±10%)不锈钢支撑腿，带全钢可调脚 | C106: 台 | D106: 2000 | E106: 1 | F106: 2000
A107: 承炉工作台 | B107: 1、1300*800*480mm(±10%) 2、采用304不锈钢板，面板厚1.2mm(±0.1mm)，面底加13mm(±10%)夹板支撑并覆防潮膜 3、采用38*38*1.0mm(±10%)不锈钢支撑腿，带全钢可调脚 | C107: 台 | D107: 2000 | E107: 1 | F107: 2000
A108: 承炉工作台 | B108: 1、1600*760*500mm(±10%) 2、采用304不锈钢板，面板厚1.2mm(±0.1mm)，面底加13mm(±10%)夹板支撑并覆防潮膜 3、采用38*38*1.0mm(±10%)不锈钢支撑腿，带全钢可调脚 | C108: 台 | D108: 2400 | E108: 1 | F108: 2400
A109: 承炉工作台连插盘架 | B109: 1、910*810*700mm(±10%) 2、采用304不锈钢板，面板厚1.2mm(±0.1mm)，面底加13mm(±10%)夹板支撑并覆防潮膜 3、采用50*1.2mm(±10%)不锈钢支撑腿，带全钢可调脚 | C109: 台 | D109: 3200 | E109: 1 | F109: 3200
A110: 抽气牛角罩 | B110: 1、780*250*200mm(±10%) 2、采用304不锈钢板，厚0.9mm(±0.1mm) | C110: 台 | D110: 2400 | E110: 4 | F110: 9600
A111: 厨房设备 | B111: (空白) | C111: (空白) | D111: (空白) | E111: 0
A112: 厨房设备自动灭火装置 | B112: 1、宽230*高620mm(±10%) 2、系统装置组成：控制箱、管路、喷嘴探测器、易熔连接片、金属拉索、滑轮三通、滑轮弯头.释放机构、驱动瓶、水流控制阀、单向阀、减压阀 3、▲灭火装置具有以下检测（检验类别：型式检验）： ①产品依据 XF 498-2012《厨房设备灭火装置》、CCCF-CPRZ-21:2019《消防类产品认证实施规则 灭火设备产品 泡沫灭火设备产品》标准进行检测，所检项目均符合标准要求，其中灭火剂有效使用期≥10年。 ②依据XF498-2012；CCCF-CPRZ-21：2019认证实施细则，厨房设备灭火装置单瓶组喷嘴数量：≥16只 （投标时同时提供：①第三方检测机构出具的具有CMA或CNAS标识的检测报告关键页扫描件；②上述检测报告在全国认证认可信息公共服务平台（认e 云）（http://cx.cnca.cn/）的信息查询记录截图。送检人须为投标人或产品制造商（若送检人为产品制造商的，还需要提供产品制造商出具的认证证书和检测报告使用授权书，格式自拟）。原件备查） | C112: 台 | D112: 13800 | E112: 1 | F112: 13800
A113: 打菜勺 | B113: 多种规格 | C113: 个 | D113: 40 | E113: 167 | F113: 6680
A114: 大锅铲套餐 | B114: 多种规格 | C114: 套 | D114: 500 | E114: 26 | F114: 13000
A115: 单门保洁柜 | B115: 1、570*480*1860mm(±10%) 2、采用热风循环，功率1.05KW/220V(±10%) | C115: 台 | D115: 2520 | E115: 7 | F115: 17640
A116: 单门餐具保洁柜（推车式） | B116: 1、750*830*1940mm(±10%) 2、采用热风循环系统，功率2130W/220V(±10%)，可放不同材质餐具 3、智能高稳数码显示屏，带故障检测系统，风机延时功能，一键保温功能 | C116: 台 | D116: 5950 | E116: 2 | F116: 11900
A117: 单门发酵柜 | B117: 1、530*750*1825mm(±10%) 2、采用不锈钢柜身，功率2.62KW/220V(±10%) | C117: 台 | D117: 3360 | E117: 3 | F117: 10080
A118: 单星大盆台 | B118: 1、1000*700*810mm(±10%) 2、采用304不锈钢板，面板厚1.2mm(±0.1mm)，星盆板厚1.0mm(±0.1mm) 3、采用38*38*1.0mm(±10%)不锈钢支撑腿，带全钢可调脚 | C118: 台 | D118: 2970 | E118: 2 | F118: 5940
A119: 单星大盆台 | B119: 1、1000*760*810mm(±10%) 2、采用304不锈钢板，面板厚1.2mm(±0.1mm)，星盆板厚1.0mm(±0.1mm) 3、采用38*38*1.0mm(±10%)不锈钢支撑腿，带全钢可调脚 | C119: 台 | D119: 2970 | E119: 9 | F119: 26730
A120: 单星大盆台 | B120: 1、1000*900*810mm(±10%) 2、采用304不锈钢板，面板厚1.2mm(±0.1mm)，星盆板厚1.0mm(±0.1mm) 3、采用38*38*1.0mm(±10%)不锈钢支撑腿，带全钢可调脚 | C120: 台 | D120: 3240 | E120: 2 | F120: 6480
A121: 单星大盆台 | B121: 1、1200*900*810mm(±10%) 2、采用304不锈钢板，面板厚1.2mm(±0.1mm)，星盆板厚1.0mm(±0.1mm) 3、采用38*38*1.0mm(±10%)不锈钢支撑腿，带全钢可调脚 | C121: 台 | D121: 3600 | E121: 3 | F121: 10800
A122: 单星盆台 | B122: 1、1200*760*810mm(±10%) 2、采用304不锈钢板，面板厚1.2mm(±0.1mm)，星盆板厚1.0mm(±0.1mm) 3、采用38*38*1.0mm(±10%)不锈钢支撑腿，带全钢可调脚 | C122: 台 | D122: 2880 | E122: 2 | F122: 5760
A123: 单星盆台 | B123: 1、1500*760*810mm(±10%) 2、采用304不锈钢板，面板厚1.2mm(±0.1mm)，星盆板厚1.0mm(±0.1mm) 3、采用38*38*1.0mm(±10%)不锈钢支撑腿，带全钢可调脚 | C123: 台 | D123: 3150 | E123: 3 | F123: 9450
... A139: 刀具套餐 | B139: 多种规格 | C139: 套 | D139: 500 | E139: 26 | F139: 13000
A140: 第二住院楼 | B140: (空白) | C140: (空白) | D140: (空白) | E140: 2686 | F140: 2995539.4
A141: 电磁扒炉连柜 | B141: 1、800*800*810mm(±10%) 2、功率≤15KW/380V(±10%)。 3、质量要求：设备符合相关卫生、安全、节能、环保相关国家标准； 4、▲所投产品具有相关检测 | C141: 台 | D141: 8500 | E141: 1 | F141: 8500
A142: 电磁肠粉炉 | B142: 1、800*800*810mm(±10%) 2、采用304不锈钢板，面板厚1.2mm(±0.1mm)，功率≤15KW(±10%) 3、▲具有相关检测 | C142: 台 | D142: 10600 | E142: 1 | F142: 10600
A143: 电磁单缸炸炉 | B143: 1、400*800*810mm(±10%) 2、功率≤15KW/380V(±10%)。 3、质量要求：设备符合相关卫生、安全、节能、环保相关国家标准； 4、▲所投产品具有相关检测 | C143: 台 | D143: 5500 | E143: 1 | F143: 5500
A144: 电磁单门单控12盆蒸饭柜 | B144: 1、850*910*1870mm(±10%) 2、采用304不锈钢板，炉台面板厚1.2mm(±0.1mm)，炉身及门板厚0.9mm(±0.1mm)。含20米内电安装 3、产品符合相关标准 4、▲电磁单门单控12盆蒸饭柜整机有害物质限制使用和电磁辐射安全质量指标要求： ①符合GB/T39560系列（包含但不限于GB/T39560.2-2024、GB/T39560.301-2020、GB/T39560.5-2021、GB/T39560.6-2020、GB/T39560.701-2020、GB/T39560.702-2021、GB/T39560.8-2021）、GB/T 26572-2011标准的构成该产品材料及配件（包含但不限于食物盛放盆、不锈钢浮球阀，须具有该配件图片和检测内容）检验合格的认证试验报告（带CMA、CNAS标志）和有害物质限制使用认证证书； ②符合GB/T 39640-2020标准的6面电磁场辐射合格的认证试验报告（带CMA、CNAS标志）和商用电磁灶电磁辐射认证证书； 5、▲电磁单门单控12盆蒸饭柜所配电磁蒸饭柜炉用汤锅、电磁蒸饭柜炉用无孔蒸饭盆锅环境保护质量指标要求：具有符合GB/T 24021-2024标准的中国环境标志（Ⅱ型）产品认证证书； 【以上8~9项证明材料需全部提供齐全方可认定为符合质量指标要求，投标时所提供试验报告和证书中的检测、认证依据需在检测、认证机构的CMA、CNAS资质认可范围内，所投符合质量要求的同一制造商（生产厂家）的产品整机及所配相关主要部件名称和型号需在相关报告或证书附录清单中以予佐证，其中如有节能或环境标志认证证书需由《市场监督总局关于发布参与实施政府采购节能产品、环境标志产品认证机构名录》（市场监管总局2019年第16号）中的认证机构出具，相关证书需提供全国认证认可信息公共服务平台（http://cx.cnca.cn）上证书状态“有效”的查询结果截图（带网址）（或网页），否则视为负偏离】 | C144: 台 | D144: 21700 | E144: 1 | F144: 21700
A145: 电磁单头56蒸炉 | B145: 1、800*800*（810+50）mm(±10%) 2、采用304不锈钢板，面板厚1.2mm(±0.1mm)，功率≤15KW(±10%) 3、质量指标要求：设备符合相关卫生、安全、节能、环保相关国家标准； 4、▲电磁单头56蒸炉整机有害物质限制和环境保护质量指标要求： ①符合GB/T39560系列（包含但不限于GB/T39560.2-2024、GB/T39560.301-2020、GB/T39560.5-2021、GB/T39560.6-2020、GB/T39560.701-2020、GB/T39560.702-2021、GB/T39560.8-2021）、GB/T 26572-2011标准的构成该产品材料及配件（包含但不限于散热风扇，整流桥，须具有该配件图片和检测内容）检验合格的认证试验报告和符合以上标准的有害物质限制使用认证证书； ②符合GB/T 24021-2024标准的中国环境标志（Ⅱ型）产品认证证书； （以上证明材料需全部提供齐全方可认定为符合质量指标要求，投标时所提供试验报告和证书中的检测、认证依据需在检测、认证机构的CMA、CNAS资质认可范围内，所投符合质量要求的同一制造商（生产厂家）的产品整机名称和型号需在相关报告和证书附录清单中以予佐证，其中如有节能或环境标志认证证书需由《市场监督总局关于发布参与实施政府采购节能产品、环境标志产品认证机构名录的公告》（市场监管总局2019年第16号）中的认证机构出具） （投标时同时提供：①有效期内的认证证书扫描件和第三方检测机构出具的具有CMA或CNAS标识的检测报告关键页扫描件；②上述认证证书和检测报告在全国认证认可信息公共服务平台（认e 云）（http://cx.cnca.cn/）的信息查询记录截图。送检人需为投标人或产品制造商（若送检人为产品制造商的，还需要提供产品制造商出具的检测报告使用授权书，格式自拟，原件备查） | C145: 台 | D145: 15750 | E145: 1 | F145: 15750
A146: 电磁煎包炉 | B146: 1、800*800*810mm(±10%) 2、采用304不锈钢板，面板厚1.2mm(±0.1mm)，电加热式 3、质量要求：设备符合相关卫生、安全、节能、环保相关国家标准； 4、▲具有相关检测 | C146: 台 | D146: 13300 | E146: 1 | F146: 13300
A147: 电磁九格煮面炉连汤池 | B147: 1、1200*800*810mm(±10%) 2、采用304不锈钢板，面板厚1.2mm(±0.1mm)。功率≤15KW(±10%) 3、质量指标要求：设备符合相关卫生、安全、节能、环保相关国家标准； 4、▲电磁九格煮面炉整机有害物质限制使用和电磁辐射安全质量指标要求： ①符合GB/T39560系列（包含但不限于GB/T39560.2-2024、GB/T39560.301-2020、GB/T39560.5-2021、GB/T39560.6-2020、GB/T39560.701-2020、GB/T39560.702-2021、GB/T39560.8-2021）、GB/T 26572-2011标准的构成该产品材料及配件（包含但不限于不锈钢捞篱、不锈钢捞篱托板，须具有该配件图片和检测内容）检验合格的认证试验报告和符合以上标准的有害物质限制使用认证证书； ②符合GB/T 39640-2020标准的6面电磁场辐射合格的认证试验报告和商用电磁灶电磁辐射认证证书； （以上证明材料需全部提供齐全方可认定为符合质量指标要求，投标时所提供试验报告和证书中的检测、认证依据需在检测、认证机构的CMA、CNAS资质认可范围内，所投符合质量要求的同一制造商（生产厂家）的产品整机名称和型号需在相关报告和证书附录清单中以予佐证） （投标时同时提供：①有效期内的认证证书扫描件和第三方检测机构出具的具有CMA或CNAS标识的检测报告关键页扫描件；②上述认证证书和检测报告在全国认证认可信息公共服务平台（认e 云）（http://cx.cnca.cn/）的信息查询记录截图。送检人需为投标人或产品制造商（若送检人为产品制造商的，还需要提供产品制造商出具的检测报告使用授权书，格式自拟，原件备查） | C147: 台 | D147: 19600 | E147: 1 | F147: 19600
A148: 电磁可倾（摇摆）80汤煲炉 | B148: 1、1550*1120*1000mm(±10%) 2、功率≤25KW/380V(±10%)，配可倾式汤桶，容积200L(±10%) 。 3、质量要求：设备符合相关卫生、安全、节能、环保相关国家标准； 4、▲电磁可倾（摇摆）式80汤煲炉整机需同时具有：①所投产品对应型号整机依据GB/T 39640-2020标准；测试项目：6面电磁场辐射；测试结论：所测6面电磁辐射值合格的认证试验报告；②符合GB/T 39640-2020标准的商用电磁灶电磁辐射认证证书；③所投产品对应型号整机所配汤锅具有符合GB/T 24021-2024标准的中国环境标志（Ⅱ型）产品认证证书； | C148: 台 | D148: 10500 | E148: 1 | F148: 10500
A149: 电磁六眼煲仔(煮食)炉(平面) | B149: 1、1200*800*800mm(±10%) 2、采用304不锈钢板，面板厚1.2mm(±0.1mm)，功率≤4*3.5KW(±10%)，配锅具：6个，Φ200*h100mm（±10mm）；容量，≧3L/个；锅具材质：采用底厚1.2mm（±0.1mm），身厚0.7mm（±0.1mm）的022Cr11Ti(409#)或10Cr17（430#）不锈钢板材制作，带玻璃盖； 3、质量指标要求：设备符合相关卫生、安全、节能、环保相关国家标准； 4、▲电磁六眼煲仔(煮食)炉(平面)有害物质限制使用和环境保护质量指标要求： ①整机符合GB/T39560系列（包含但不限于GB/T39560.2-2024、GB/T39560.301-2020、GB/T39560.5-2021、GB/T39560.6-2020、GB/T39560.701-2020、GB/T39560.702-2021、GB/T39560.8-2021）、GB/T 26572-2011标准的构成该产品材料及配件（包含但不限于火力开关、显示屏，须有该配件检测图片和检测点检测内容）检验合格的认证试验报告和符合以上标准的有害物质限制使用认证证书； ②电磁六眼煲仔(煮食)炉(平面)所配电磁煲仔炉用20防腐蚀锅具具有：符合GB/T 24021-2024标准的中国环境标志（Ⅱ型）产品认证证书； （以上证明材料需全部提供齐全方可认定为符合质量指标要求，投标时所提供试验报告和证书中的检测、认证依据需在检测、认证机构的CMA、CNAS资质认可范围内，所投符合质量要求的同一制造商（生产厂家）的产品整机名称和型号需在相关报告和证书附录清单中以予佐证，其中如有节能或环境标志认证证书需由《市场监督总局关于发布参与实施政府采购节能产品、环境标志产品认证机构名录的公告》（市场监管总局2019年第16号）中的认证机构出具） （投标时同时提供：①有效期内的认证证书扫描件和第三方检测机构出具的具有CMA或CNAS标识的检测报告关键页扫描件；②上述认证证书和检测报告在全国认证认可信息公共服务平台（认e 云）（http://cx.cnca.cn/）的信息查询记录截图。送检人需为投标人或产品制造商（若送检人为产品制造商的，还需要提供产品制造商出具的检测报告使用授权书，格式自拟，原件备查） | C149: 台 | D149: 13160 | E149: 1 | F149: 13160
A150: 电磁四眼煲仔炉 | B150: 1、800*800*810mm(±10%) 2、功率≤4*3.5KW/380V(±10%)，配专用汤锅。 3、质量要求：设备符合相关卫生、安全、节能、环保相关国家标准； 4、▲所投产品具有相关检测 | C150: 台 | D150: 6757.4 | E150: 1 | F150: 6757.4
A151: 电磁摇摆汤炉 | B151: 1、容量200L(±10%) 2、配可倾式汤桶，功率25KW/380V(±10%) ； 3、▲所投产品具有相关检测 | C151: 台 | D151: 23500 | E151: 2 | F151: 47000
A152: 电磁杂粮保温炉 | B152: 1、800*800*810mm(±10%) 2、采用304不锈钢板，面板厚1.2mm(±0.1mm)。功率≤15KW(±10%) 3、质量指标要求：设备符合相关卫生、安全、节能、环保相关国家标准； 4、▲具有相关检测 | C152: 台 | D152: 15400 | E152: 1 | F152: 15400
... A163: 多功能切菜机 | B163: 机器尺寸1230*580*1280mm(长*宽*高)成品形状片、丝、丁切割尺寸1－30mm(可调)产量300－1000kg/hr电源220V单相功率1.5kW输送带宽度120mm机器重量135kg随机配件斩刀片1组（切叶菜部）、切丁刀盘1组、切片刀盘1个、切丝刀盘一个(切根菜部) | C163: 台 | D163: 24400 | E163: 3 | F163: 73200
A164: 二层餐厅 | B164: (空白) | C164: (空白) | D164: (空白) | E164: 0
A165: 防尘玻璃罩 | B165: 1、3800*400mm(±10%) 2、采用不锈钢支架，配透明玻璃 | C165: 米 | D165: 2400 | E165: 1 | F165: 2400
A166: 防雨百叶 | B166: 1600X2500 | C166: 个 | D166: 3000 | E166: 1 | F166: 3000
A167: 防雨百叶 | B167: 1600X2500mm(±10%) | C167: 个 | D167: 3000 | E167: 10 | F167: 30000
A168: 风干柜 | B168: 1、1200*700*1800mm(±10%) 2、采用304不锈钢板，柜身厚0.9mm(±0.1mm)，配全钢可调脚 | C168: 台 | D168: 12000 | E168: 1 | F168: 12000
A169: 风幕机 | B169: 1、1500*180*249mm(±10%) 2、功率：0.24kw(±10%)，风量3500/4200m³/h(±10%)，具有杀菌净化功能；风幕机内置净化模块。具有手动和自动工作模式，无线联动自动控制装置，实现节能环保优化管理 3、▲所投产品具有： ①风幕机内置净模块依据GB/T 34012-2017《通风系统用空气净化装置》及GB/T1971-2021《旋转电机线端标志与旋转方向》标准检测，检测结果：大肠杆菌灭杀率≥99.9%，白色葡萄球菌灭杀率≥99.9%，自然菌除菌率≥99.9%，PM2.5：净化后空气质量≤0.01mg/m3，TVOC：净化后空气质量≤0.01mg/m3。 ②风幕机（无线门控联动）依据GB/T 26572-2011电子电气产品中限用物质的限量要求，对无线门控联动控制板进行检测，测试方法：A.XRF扫描测试，根据GB/T39560.301-2020，包含铅（Pb）、镉（Cd）、汞（Hg）、铬（Cr）、溴（Br）。B.化学测试：包含铅（Pb）、镉（Cd）、汞（Hg）、六价铬（Cr6+）、多溴二苯（PBB）、多溴二苯醚（PBDE），测试结果：全部合格 ③所投产品具有节能环保系统优化管理软件相关的计算机软件著作权登记证书。 （投标时同时提供：①第三方检测机构出具的具有CMA或CNAS标识的检测报告关键页及上述认证证书扫描件；②上述检测报告在全国认证认可信息公共服务平台（认e 云）（http://cx.cnca.cn/）的信息查询记录截图；③上述证书在国家版权保护中心的信息查询记录截图。送检人或著作权人须为投标人或产品制造商（若送检人或著作权人为产品制造商的，还需要提供产品制造商出具的检测报告及证书使用授权书，格式自拟）。原件备查） | C169: 台 | D169: 2542 | E169: 2 | F169: 5084
A170: 风幕机 | B170: 1、长1200mm(±10%) 2、贯流式，风速7/11m/s | C170: 台 | D170: 960 | E170: 8 | F170: 7680
A171: 风幕机 | B171: 1、长1500mm(±10%) 2、贯流式，风速7/11m/s | C171: 台 | D171: 1200 | E171: 9 | F171: 10800
A172: 风幕机 | B172: 1、长1800mm(±10%) 2、贯流式，风速7/11m/s | C172: 台 | D172: 1440 | E172: 3 | F172: 4320
A173: 感应式洗手盆连柜身及烘手机 | B173: 1、460*445*255mm(±10%) 2、采用304不锈钢板，星盆面板厚1.0mm(±0.1mm)，围身厚0.9mm(±0.1mm)，一次冲压成型洗手盆斗厚0.6mm(±0.1mm) | C173: 台 | D173: 2700 | E173: 38 | F173: 102600
A174: 高压冲地装置 | B174: 1、长度10m(±10%) 2、挂墙式，带伸缩管，金属外壳 | C174: 台 | D174: 2700 | E174: 21 | F174: 56700
A175: 高压座台冲洗装置 | B175: 1、高度1193mm(±10%) 2、单冷，带伸缩管 | C175: 台 | D175: 1500 | E175: 6 | F175: 9000
A176: 挂墙杯筐架 | B176: 1、1300*540mm(±10%) 2、采用304不锈钢板，层板厚0.9mm(±0.1mm) | C176: 台 | D176: 1170 | E176: 2 | F176: 2340
... A198: 和面机 | B198: 1、500*890*930mm(±10%) 2、容量50L(±10%)，功率2.2KW(±10%) | C198: 台 | D198: 7740.5 | E198: 3 | F198: 23221.5
A199: 后勤综合楼 | B199: (空白) | C199: (空白) | D199: (空白) | F199: 2143505.5
A200: 活动工作台 | B200: 1、650*650*900mm(±10%) 2、采用304不锈钢板，面板厚1.2mm(±0.1mm)，配万向活动轮，带二个刹车 | C200: 台 | D200: 2400 | E200: 2 | F200: 4800
A201: 活动浸渍单星盆 | B201: 1、800*800*810mm(±10%) 2、采用304不锈钢板，星盆板厚1.0mm(±0.1mm)，配万向活动轮，带二个刹车 | C201: 台 | D201: 2880 | E201: 1 | F201: 2880
A202: 活动垃圾桶 | B202: 常规 | C202: 台 | D202: 330 | E202: 8 | F202: 2640
A203: 活动烧腊挂架车 | B203: 1、1200*400*1200mm(±10%) 2、采用304不锈钢板，底板厚0.9mm(±0.1mm)，配万向活动轮，带二个刹车 | C203: 台 | D203: 2800 | E203: 2 | F203: 5600
A204: 活动双层工作台 | B204: 1、1200*700*810mm(±10%) 2、采用304不锈钢板，面板厚1.2mm(±0.1mm)，配万向活动轮，带二个刹车 | C204: 台 | D204: 2880 | E204: 1 | F204: 2880
A205: 揭盖式洗碗机 | B205: 1、740*850*1470mm(±10%) 2、洗涤能力（蓝/小时）：60(±10%)，12KW/380V(±10%) | C205: 台 | D205: 11600 | E205: 2 | F205: 23200
A206: 洁碟台 | B206: 1、1450*760*850mm(±10%) 2、采用304不锈钢板，面板厚1.2mm(±0.1mm) 3、采用38*38*1.0mm(±10%)不锈钢支撑腿，带全钢可调脚 | C206: 台 | D206: 2240 | E206: 2 | F206: 4480
A207: 洁碟台 | B207: 1、1800*760*850mm(±10%) 2、采用304不锈钢板，面板厚1.2mm(±0.1mm) 3、采用38*38*1.0mm(±10%)不锈钢支撑腿，带全钢可调脚 | C207: 台 | D207: 2480 | E207: 1 | F207: 2480
A208: 开口柜 | B208: 1、1500*350*810mm(±10%) 2、采用304不锈钢板，面板厚1.2mm(±0.1mm)，面底加13mm(±10%)夹板支撑并覆防潮膜，柜身及层板厚0.9mm(±0.1mm)，带全钢可调脚 | C208: 台 | D208: 2800 | E208: 1 | F208: 2800
A209: 开口柜 | B209: 1、1600*760*810mm(±10%) 2、采用304不锈钢板，面板厚1.2mm(±0.1mm)，面底加13mm(±10%)夹板支撑并覆防潮膜，柜身及层板厚0.9mm(±0.1mm)，带全钢可调脚 | C209: 台 | D209: 4640 | E209: 1 | F209: 4640
A210: 开水器连底座 | B210: 1、9KW/380V(±10%) 2、采用304不锈钢底座，厚0.9mm(±0.1mm) | C210: 台 | D210: 4500 | E210: 40 | F210: 180000
A211: 靠背椅 | B211: 木质材料 | C211: 张 | D211: 800 | E211: 40 | F211: 32000
... A240: 拼台 | B240: 1、700*700mm(±10%) 2、采用304不锈钢板，面板厚1.2mm(±0.1mm) | C240: 台 | D240: 560 | E240: 1 | F240: 560
A241: 其它 | B241: (空白) | C241: (空白) | D241: (空白) | E241: 0
...

Sheet 附表4-1厨房终端设备（含食堂）汇总表702床
A3: 序号 | B3: 名称 | C3: 规格参数 | D3: 单位 | E3: 数量 | F3: 单价 | G3: 金额
B4: 保温汤饭桶车连不锈钢加固底架 | C4: 1、直径520*820mm(±10%) 2、圆桶形车身，内置汤饭桶。配万向活动轮 | D4: 台 | E4: 3 | F4: 2240 | G4: 6720
B5: 保温汤炉（嵌入式） | C5: 1、容量10Lmm(±10%) 2、采用不锈钢汤炉，带盖 | D5: 台 | E5: 1 | F5: 2280 | G5: 2280
B6: 壁挂式空气净化机 | C6: 1.消毒方式：等离子体；2.安装方式：壁挂式；3.适用范围：≤100m3；4.循环风量：≥880m3/h；5.电源要求：工作电源:AC220V,50/60Hz；6.人机共存：动态消毒机，人机共存使用，不生成二次污染；7.臭氧残留量：≤0.004mg/m3；8.消毒效果：设备持续工作1小时，可使100m3房间空气中的自然菌的消亡率≥90%，实际平均值≥98%、30min/10m3空气中的白色葡萄球菌杀灭率≥99.90%、气雾室中H1N1/流感病毒FM4.02去除率＞99.95%；；9.消毒效果：对冠状病毒HCoV-229E清除率≥99.99%、对肺炎克雷伯氏菌的杀灭率＞99.90%；10.等离子体发生器：洁净空气量（颗粒物）＞760m3/h、净化能效（颗粒物）＞5m3/（W？h）达到高效级、颗粒物去除率＞99.98%；11.等离子体发生器：洁净空气量（甲醛）＞400m3/h、净化能效（甲醛）＞1.2m3/（W？h）达到高效级、累计净化量达到F4级、对甲醛、氨、苯、二甲苯、TVOC的去除率≥97%；12.等离子体发生器为阻燃材料，阻燃等级要求达到V-0；13.等离子体密度分布：8.79X1017m-3～2.49X1018m-3；14.核心组件设计寿命大于等于4万小时；不含安装 | D6: 台 | E6: 3 | F6: 14000 | G6: 42000
B7: 饼盆车 | C7: 1、470*620*1730mm(±10%) 2、采用不锈钢支架，配万向活动轮 | D7: 台 | E7: 3 | F7: 1800 | G7: 5400
B8: 不锈钢和面台 | C8: 1、1800*760*810mm(±10%) 2、采用304不锈钢板，面板厚1.2mm(±0.1mm) 3、50mm采用201不锈钢支撑架，带可调脚 | D8: 台 | E8: 3 | F8: 2800 | G8: 8400
B9: 不锈钢筷子 | C9: 采用304#不锈钢板制作。 | D9: 双 | E9: 600 | F9: 5 | G9: 3000
B10: 不锈钢磨砂夹（1） | C10: 采用304#不锈钢 | D10: 个 | E10: 167 | F10: 30 | G10: 5010
B11: 不锈钢勺子 | C11: 采用304#不锈钢板制作。 | D11: 个 | E11: 600 | F11: 8 | G11: 4800
B12: 不锈钢双层面碗 | C12: 采用304#不锈钢板制作，双层。 | D12: 个 | E12: 600 | F12: 18 | G12: 10800
B13: 不锈钢双层汤碗 | C13: 采用304#不锈钢板制作，双层。 | D13: 个 | E13: 600 | F13: 9 | G13: 5400
B14: 不锈钢蒸包盘 | C14: 1、600*400*48mm(±10%) 2、采用304不锈钢冲压成型，加厚 | D14: 个 | E14: 30 | F14: 360 | G14: 10800
B15: 不锈钢蒸饭盘 | C15: 1、600*400*48mm(±10%) 2、采用304不锈钢冲压成型，加厚 | D15: 个 | E15: 60 | F15: 300 | G15: 18000
... B316: 座台二层架 | C316: 1、1800*350*800mm(±10%) 2、采用304不锈钢板，层板厚0.9mm(±0.1mm)，采用不锈钢支撑腿 | D316: 台 | E316: 3 | F316: 2400 | G316: 7200
B317: 总计 | E317: =SUM(E4:E316) -> 5556 | G317: =SUM(G4:G316) -> 5139044.8

Sheet 附表4-2厨房终端设备（含食堂）明细表702床
A1: 附表 4-2厨房终端设备（含食堂）明细表 | J1: 第一批（702床） | L1: 第二批（498床）
A2: 序号 | B2: 名称 | C2: 规格参数 | D2: 单位 | E2: 数量 | F2: 单价 | G2: 金额 | H2: 备注 | I2: 计划使用科室 | J2: 数量 （台/套） | K2: 总价 （元） | L2: 数量 （台/套） | M2: 总价 （元）
A3: 1 | B3: 第二住院楼 | E3: =SUM(E4:E584) -> 2686 | G3: =SUM(G4:G584) -> 2995539.4
A4: 一 | B4: 厨房设备
A5: A | B5: 4层厨房
B6: AA主食库
A7: AA01 | B7: 粘捕式灭蝇灯 | C7: 1、395*120*290mm(±10%) 2、粘捕式灭蝇灯，带接蝇槽 | D7: 台 | E7: 1 | F7: 540 | G7: =E7*F7 -> 540 | H7: 四层 | I7: 基建总务部 | J7: =ROUND(E7/1200*600,0) -> 1 | K7: =J7*F7 -> 540 | N7: =ROUND(J7,0) -> 1
A8: AA02 | B8: 米面架 | C8: 1、1200*600*300mm(±10%) 2、采用304不锈钢冲孔层板厚1.0mm(±0.1mm) 3、不锈钢30*30mm(±10%)方通支架 | D8: 台 | E8: 4 | F8: 960 | G8: =E8*F8 -> 3840 | H8: 四层 | I8: 基建总务部 | J8: 4 | K8: =J8*F8 -> 3840 | N8: =ROUND(J8,0) -> 4
A9: AA03 | B9: 可调式四层层架 | C9: 1、1200*500*1500mm(±10%) 2、采用304不锈钢冲孔层板厚1.0mm(±0.1mm) 3、采用304不锈钢板厚1.0mm(±0.1mm)折成异形支架，带可调脚 | D9: 台 | E9: 1 | F9: 2800 | G9: =E9*F9 -> 2800 | H9: 四层 | I9: 基建总务部 | J9: 1 | K9: =J9*F9 -> 2800 | N9: =ROUND(J9,0) -> 1
B10: AB调料库 | E10: 0 | J10: =ROUND(E10/1200*600,0) -> 0 | K10: =J10*F10 -> 0 | N10: =ROUND(J10,0) -> 0
A11: AB01 | B11: 可调式四层层架 | C11: 1、1500*500*1500mm(±10%) 2、采用304不锈钢冲孔层板厚1.0mm(±0.1mm) 3、采用304不锈钢板厚1.0mm(±0.1mm)折成异形支架，带可调脚 | D11: 台 | E11: 1 | F11: 3200 | G11: =E11*F11 -> 3200 | H11: 四层 | I11: 基建总务部 | J11: 1 | K11: =J11*F11 -> 3200 | N11: =ROUND(J11,0) -> 1
A12: AB02 | B12: 粘捕式灭蝇灯 | C12: 1、395*120*290mm(±10%) 2、粘捕式灭蝇灯，带接蝇槽 | D12: 台 | E12: 1 | F12: 540 | G12: =E12*F12 -> 540 | H12: 四层 | I12: 基建总务部 | J12: =ROUND(E12/1200*600,0) -> 1 | K12: =J12*F12 -> 540 | N12: =ROUND(J12,0) -> 1
B13: AC鱼、肉、蔬菜加工间 | E13: 0 | H13: 四层 | J13: =ROUND(E13/1200*600,0) -> 0 | K13: =J13*F13 -> 0 | N13: =ROUND(J13,0) -> 0
A14: AC01 | B14: 粘捕式灭蝇灯 | C14: 1、395*120*290mm(±10%) 2、粘捕式灭蝇灯，带接蝇槽 | D14: 台 | E14: 1 | F14: 540 | G14: =E14*F14 -> 540 | H14: 四层 | I14: 基建总务部 | J14: =ROUND(E14/1200*600,0) -> 1 | K14: =J14*F14 -> 540 | N14: =ROUND(J14,0) -> 1
A15: AC02 | B15: 感应式洗手盆连柜身及烘手机 | C15: 1、460*445*255mm(±10%) 2、采用304不锈钢板，星盆面板厚1.0mm(±0.1mm)，围身厚0.9mm(±0.1mm)，一次冲压成型洗手盆斗厚0.6mm(±0.1mm) | D15: 台 | E15: 1 | F15: 2700 | G15: =E15*F15 -> 2700 | H15: 四层 | I15: 基建总务部 | J15: =ROUND(E15/1200*600,0) -> 1 | K15: =J15*F15 -> 2700 | N15: =ROUND(J15,0) -> 1
A16: AC03 | B16: 高压冲地装置 | C16: 1、长度10m(±10%) 2、挂墙式，带伸缩管，金属外壳 | D16: 台 | E16: 1 | F16: 2700 | G16: =E16*F16 -> 2700 | H16: 四层 | I16: 基建总务部 | J16: =ROUND(E16/1200*600,0) -> 1 | K16: =J16*F16 -> 2700 | N16: =ROUND(J16,0) -> 1
A17: AC04 | B17: 双层斩台工作台 | C17: 1、1000*760*810mm(±10%) 2、采用304不锈钢板，面板厚1.2mm(±0.1mm)，面底加13mm(±10%)夹板支撑并覆防潮膜，层板厚0.9mm(±0.1mm) 3、采用38*38*1.0mm(±10%)不锈钢支撑腿，带全钢可调脚 | D17: 台 | E17: 1 | F17: 2560 | G17: =E17*F17 -> 2560 | H17: 四层 | I17: 基建总务部 | J17: =ROUND(E17/1200*600,0) -> 1 | K17: =J17*F17 -> 2560 | N17: =ROUND(J17,0) -> 1
A18: AC05 | B18: 单星大盆台 | C18: 1、1000*760*810mm(±10%) 2、采用304不锈钢板，面板厚1.2mm(±0.1mm)，星盆板厚1.0mm(±0.1mm) 3、采用38*38*1.0mm(±10%)不锈钢支撑腿，带全钢可调脚 | D18: 台 | E18: 1 | F18: 2970 | G18: =E18*F18 -> 2970 | H18: 四层 | I18: 基建总务部 | J18: 1 | K18: =J18*F18 -> 2970 | N18: =ROUND(J18,0) -> 1
A19: AC06 | B19: 双层斩台工作台 | C19: 1、2000*1050*810mm(±10%) 2、采用304不锈钢板，面板厚1.2mm(±0.1mm)，面底加13mm(±10%)夹板支撑并覆防潮膜，层板厚0.9mm(±0.1mm) 3、采用38*38*1.0mm(±10%)不锈钢支撑腿，带全钢可调脚 | D19: 台 | E19: 1 | F19: 3680 | G19: =E19*F19 -> 3680 | H19: 四层 | I19: 基建总务部 | J19: =ROUND(E19/1200*600,0) -> 1 | K19: =J19*F19 -> 3680 | N19: =ROUND(J19,0) -> 1
A20: AC07 | B20: 可调式四层层架 | C20: 1、1200*500*1500mm(±10%) 2、采用304不锈钢冲孔层板厚1.0mm(±0.1mm) 3、采用304不锈钢板厚1.0mm(±0.1mm)折成异形支架，带可调脚 | D20: 台 | E20: 1 | F20: 2800 | G20: =E20*F20 -> 2800 | H20: 四层 | I20: 基建总务部 | J20: =ROUND(E20/1200*600,0) -> 1 | K20: =J20*F20 -> 2800 | N20: =ROUND(J20,0) -> 1
A21: AC08 | B21: 可调式四层层架 | C21: 1、1500*500*1500mm(±10%) 2、采用304不锈钢冲孔层板厚1.0mm(±0.1mm) 3、采用304不锈钢板厚1.0mm(±0.1mm)折成异形支架，带可调脚 | D21: 台 | E21: 1 | F21: 3200 | G21: =E21*F21 -> 3200 | H21: 四层 | I21: 基建总务部 | J21: =ROUND(E21/1200*600,0) -> 1 | K21: =J21*F21 -> 3200 | N21: =ROUND(J21,0) -> 1
A22: AC10 | B22: 砧板刀具保洁柜 | C22: 1、1200*600*1790mm(±10%) 2、配紫外线灯管，可放砧板、刀具、毛巾，功率930W/220V(±10%) | D22: 台 | E22: 1 | F22: 4800 | G22: =E22*F22 -> 4800 | H22: 四层 | I22: 基建总务部 | J22: =ROUND(E22/1200*600,0) -> 1 | K22: =J22*F22 -> 4800 | N22: =ROUND(J22,0) -> 1
A23: AC11 | B23: 单星盆台 | C23: 1、1200*760*810mm(±10%) 2、采用304不锈钢板，面板厚1.2mm(±0.1mm)，星盆板厚1.0mm(±0.1mm) 3、采用38*38*1.0mm(±10%)不锈钢支撑腿，带全钢可调脚 | D23: 台 | E23: 1 | F23: 2880 | G23: =E23*F23 -> 2880 | H23: 四层 | I23: 基建总务部 | J23: =ROUND(E23/1200*600,0) -> 1 | K23: =J23*F23 -> 2880 | N23: =ROUND(J23,0) -> 1
A24: AC12 | B24: 双层斩台工作台 | C24: 1、1500*760*810mm(±10%) 2、采用304不锈钢板，面板厚1.2mm(±0.1mm)，面底加13mm(±10%)夹板支撑并覆防潮膜，层板厚0.9mm(±0.1mm) 3、采用38*38*1.0mm(±10%)不锈钢支撑腿，带全钢可调脚 | D24: 台 | E24: 1 | F24: 2960 | G24: =E24*F24 -> 2960 | H24: 四层 | I24: 基建总务部 | J24: =ROUND(E24/1200*600,0) -> 1 | K24: =J24*F24 -> 2960 | N24: =ROUND(J24,0) -> 1
A25: AC13 | B25: 双层斩台工作台 | C25: 1、1100*760*810mm(±10%) 2、采用304不锈钢板，面板厚1.2mm(±0.1mm)，面底加13mm(±10%)夹板支撑并覆防潮膜，层板厚0.9mm(±0.1mm) 3、采用38*38*1.0mm(±10%)不锈钢支撑腿，带全钢可调脚 | D25: 台 | E25: 1 | F25: 2640 | G25: =E25*F25 -> 2640 | H25: 四层 | I25: 基建总务部 | J25: =ROUND(E25/1200*600,0) -> 1 | K25: =J25*F25 -> 2640 | N25: =ROUND(J25,0) -> 1
A26: AC14 | B26: 双层斩台工作台 | C26: 1、1800*760*810mm(±10%) 2、采用304不锈钢板，面板厚1.2mm(±0.1mm)，面底加13mm(±10%)夹板支撑并覆防潮膜，层板厚0.9mm(±0.1mm) 3、采用38*38*1.0mm(±10%)不锈钢支撑腿，带全钢可调脚 | D26: 台 | E26: 1 | F26: 3200 | G26: =E26*F26 -> 3200 | H26: 四层 | I26: 基建总务部 | J26: =ROUND(E26/1200*600,0) -> 1 | K26: =J26*F26 -> 3200 | N26: =ROUND(J26,0) -> 1
A27: AC15 | B27: 单星剖鱼台 | C27: 1、1800*760*810mm(±10%) 2、采用304不锈钢板，面板厚1.2mm(±0.1mm)，星盆板厚1.0mm(±0.1mm) 3、采用38*38*1.0mm(±10%)不锈钢支撑腿，带全钢可调脚 | D27: 台 | E27: 1 | F27: 3600 | G27: =E27*F27 -> 3600 | H27: 四层 | I27: 基建总务部 | J27: =ROUND(E27/1200*600,0) -> 1 | K27: =J27*F27 -> 3600 | N27: =ROUND(J27,0) -> 1
A28: AC16 | B28: 高压座台冲洗装置 | C28: 1、高度1193mm(±10%) 2、单冷，带伸缩管 | D28: 台 | E28: 1 | F28: 1500 | G28: =E28*F28 -> 1500 | H28: 四层 | I28: 基建总务部 | J28: =ROUND(E28/1200*600,0) -> 1 | K28: =J28*F28 -> 1500 | N28: =ROUND(J28,0) -> 1
A29: AC17 | B29: 双规格绞切肉机 | C29: 1、705*465*780mm(±10%) 2、产量可达500KG/HR(±10%)。功率：1.5KW/220V(±10%)，切片厚度3.5mm | D29: 台 | E29: 1 | F29: 7250 | G29: =E29*F29 -> 7250 | H29: 四层 | I29: 基建总务部 | J29: =ROUND(E29/1200*600,0) -> 1 | K29: =J29*F29 -> 7250 | N29: =ROUND(J29,0) -> 1
A30: AC18 | B30: 双层斩台工作台 | C30: 1、1200*760*810mm(±10%) 2、采用304不锈钢板，面板厚1.2mm(±0.1mm)，面底加13mm(±10%)夹板支撑并覆防潮膜，层板厚0.9mm(±0.1mm) 3、采用38*38*1.0mm(±10%)不锈钢支撑腿，带全钢可调脚 | D30: 台 | E30: 1 | F30: 2720 | G30: =E30*F30 -> 2720 | H30: 四层 | I30: 基建总务部 | J30: 1 | K30: =J30*F30 -> 2720 | N30: =ROUND(J30,0) -> 1
A31: AC19 | B31: 切肉片肉丝机 | C31: 1、675*620*890mm(±10%) 2、切肉丝规格≤5mm。功率：0.75+0.75KW/220V(±10%) | D31: 台 | E31: 1 | F31: 4775 | G31: =E31*F31 -> 4775 | H31: 四层 | I31: 基建总务部 | J31: =ROUND(E31/1200*600,0) -> 1 | K31: =J31*F31 -> 4775 | N31: =ROUND(J31,0) -> 1
A32: AC20 | B32: 紫外线消毒灯(遥控版) | C32: 1、长1200mm(±10%) 2、配紫外线灯管，带支架 | D32: 台 | E32: 4 | F32: 480 | G32: =E32*F32 -> 1920 | H32: 四层 | I32: 基建总务部 | J32: 4 | K32: =J32*F32 -> 1920 | N32: =ROUND(J32,0) -> 4
A33: AC21 | B33: 农药残留快速测试仪 | C33: 波长配置：约410nm；抑制率显示范围：0%～100%；抑制率测量范围：0%～100%；透射比准确度：±1.5%；透射比重复性：≤0.5%；漂移：≤0.005Abs/3min；抑制率示值误差：≤10%。 | D33: 台 | E33: 1 | F33: 5000 | G33: =E33*F33 -> 5000 | J33: =ROUND(E33/1200*600,0) -> 1 | K33: =J33*F33 -> 5000 | N33: =ROUND(J33,0) -> 1
A34: AC22 | B34: 挂墙消毒刀箱 | C34: 常规 | D34: 台 | E34: 1 | F34: 2920 | G34: =E34*F34 -> 2920 | J34: =ROUND(E34/1200*600,0) -> 1 | K34: =J34*F34 -> 2920 | N34: =ROUND(J34,0) -> 1
A35: AC23 | B35: 壁挂式空气净化机 | C35: 1.消毒方式：等离子体；2.安装方式：壁挂式；3.适用范围：≤100m3；4.循环风量：≥880m3/h；5.电源要求：工作电源:AC220V,50/60Hz；6.人机共存：动态消毒机，人机共存使用，不生成二次污染；7.臭氧残留量：≤0.004mg/m3；8.消毒效果：设备持续工作1小时，可使100m3房间空气中的自然菌的消亡率≥90%，实际平均值≥98%、30min/10m3空气中的白色葡萄球菌杀灭率≥99.90%、气雾室中H1N1/流感病毒FM4.02去除率＞99.95%；；9.消毒效果：对冠状病毒HCoV-229E清除率≥99.99%、对肺炎克雷伯氏菌的杀灭率＞99.90%；10.等离子体发生器：洁净空气量（颗粒物）＞760m3/h、净化能效（颗粒物）＞5m3/（W？h）达到高效级、颗粒物去除率＞99.98%；11.等离子体发生器：洁净空气量（甲醛）＞400m3/h、净化能效（甲醛）＞1.2m3/（W？h）达到高效级、累计净化量达到F4级、对甲醛、氨、苯、二甲苯、TVOC的去除率≥97%；12.等离子体发生器为阻燃材料，阻燃等级要求达到V-0；13.等离子体密度分布：8.79X1017m-3～2.49X1018m-3；14.核心组件设计寿命大于等于4万小时；不含安装 | D35: 台 | E35: 1 | F35: 14000 | G35: =E35*F35 -> 14000 | J35: =ROUND(E35/1200*600,0) -> 1 | K35: =J35*F35 -> 14000 | N35: =ROUND(J35,0) -> 1
A36: AC24 | B36: 落地式锯骨机 | C36: 外形尺寸mm:670*750*1490mm，台面尺寸：510*595，切割尺寸:220*210，电机功率:380V1.5hp，机重KG:78。整机质保一年，终身维护 | D36: 台 | E36: 1 | F36: 20700 | G36: =E36*F36 -> 20700 | J36: =ROUND(E36/1200*600,0) -> 1 | K36: =J36*F36 -> 20700 | N36: =ROUND(J36,0) -> 1
A37: AC25 | B37: 座台电子磅 | C37: 精度0.5kg，允差±1.5kg；尺寸1200*1200，国标4厘花碳钢板；柯力SQB高精度传感器，防护等级IP65；自动打印危废标签，标签款式自适应多种规格；数据自动与国家、省平台对接；满足JJG539-2016《数字指示秤检定规程》Ⅲ级标准 | D37: 台 | E37: 1 | F37: 1960 | G37: =E37*F37 -> 1960 | J37: =ROUND(E37/1200*600,0) -> 1 | K37: =J37*F37 -> 1960 | N37: =ROUND(J37,0) -> 1
A38: AC26 | B38: 真空包装机 | C38: 包装范围0.35～5kg，包装速度550～650包/小时 备注：包装范围0.35～5kg，包装速度550～650包/小时 | D38: 台 | E38: 1 | F38: 8900 | G38: =E38*F38 -> 8900 | J38: =ROUND(E38/1200*600,0) -> 1 | K38: =J38*F38 -> 8900 | N38: =ROUND(J38,0) -> 1
A39: AC27 | B39: 土豆去皮机 | C39: 大功率电机，强劲动力，高速打磨，不伤果肉；一键开关，操作简便；机身加厚，安全保险，坚固耐用；减震防滑脚，防滑耐磨损。含安装费 | D39: 台 | E39: 1 | F39: 10620 | G39: =E39*F39 -> 10620 | J39: =ROUND(E39/1200*600,0) -> 1 | K39: =J39*F39 -> 10620 | N39: =ROUND(J39,0) -> 1
A40: AC28 | B40: 多功能切菜机 | C40: 机器尺寸1230*580*1280mm(长*宽*高)成品形状片、丝、丁切割尺寸1－30mm(可调)产量300－1000kg/hr电源220V单相功率1.5kW输送带宽度120mm机器重量135kg随机配件斩刀片1组（切叶菜部）、切丁刀盘1组、切片刀盘1个、切丝刀盘一个(切根菜部) | D40: 台 | E40: 1 | F40: 24400 | G40: =E40*F40 -> 24400 | J40: =ROUND(E40/1200*600,0) -> 1 | K40: =J40*F40 -> 24400 | N40: =ROUND(J40,0) -> 1
A41: AC29 | B41: 活动垃圾桶 | C41: 常规 | D41: 台 | E41: 1 | F41: 330 | G41: =E41*F41 -> 330 | J41: =ROUND(E41/1200*600,0) -> 1 | K41: =J41*F41 -> 330 | N41: =ROUND(J41,0) -> 1
A42: AC30 | B42: 垃圾收集柜 | C42: 常规 | D42: 台 | E42: 1 | F42: 8500 | G42: =E42*F42 -> 8500 | J42: =ROUND(E42/1200*600,0) -> 1 | K42: =J42*F42 -> 8500 | N42: =ROUND(J42,0) -> 1
A43: AC31 | B43: 开水器连底座 | C43: 1、9KW/380V(±10%) 2、采用304不锈钢底座，厚0.9mm(±0.1mm) | D43: 台 | E43: 1 | F43: 4500 | G43: =E43*F43 -> 4500 | J43: =ROUND(E43/1200*600,0) -> 1 | K43: =J43*F43 -> 4500 | N43: =ROUND(J43,0) -> 1
A44: AC32 | B44: 留样雪柜(带锁） | C44: 1、620*580*1850mm(±10%) 2、冷藏型，玻璃门，风直冷 | D44: 台 | E44: 1 | F44: 3300 | G44: =E44*F44 -> 3300 | J44: =ROUND(E44/1200*600,0) -> 1 | K44: =J44*F44 -> 3300 | N44: =ROUND(J44,0) -> 1
B45: AD高、低温冷库 | E45: 0 | J45: =ROUND(E45/1200*600,0) -> 0 | K45: =J45*F45 -> 0 | N45: =ROUND(J45,0) -> 0
A46: AD01 | B46: 可调式四层层架 | C46: 1、1500*500*1500mm(±10%) 2、采用304不锈钢冲孔层板厚1.0mm(±0.1mm) 3、采用304不锈钢板厚1.0mm(±0.1mm)折成异形支架，带可调脚 | D46: 台 | E46: 1 | F46: 3200 | G46: =E46*F46 -> 3200 | H46: 四层 | I46: 基建总务部 | J46: =ROUND(E46/1200*600,0) -> 1 | K46: =J46*F46 -> 3200 | N46: =ROUND(J46,0) -> 1
A47: AD02 | B47: 可调式四层层架 | C47: 1、1200*500*1500mm(±10%) 2、采用304不锈钢冲孔层板厚1.0mm(±0.1mm) 3、采用304不锈钢板厚1.0mm(±0.1mm)折成异形支架，带可调脚 | D47: 台 | E47: 1 | F47: 2800 | G47: =E47*F47 -> 2800 | H47: 四层 | I47: 基建总务部 | J47: =ROUND(E47/1200*600,0) -> 1 | K47: =J47*F47 -> 2800 | N47: =ROUND(J47,0) -> 1
A48: AD03 | B48: 可调式四层层架 | C48: 1、1500*500*1500mm(±10%) 2、采用304不锈钢冲孔层板厚1.0mm(±0.1mm) 3、采用304不锈钢板厚1.0mm(±0.1mm)折成异形支架，带可调脚 | D48: 台 | E48: 1 | F48: 3200 | G48: =E48*F48 -> 3200 | H48: 四层 | I48: 基建总务部 | J48: =ROUND(E48/1200*600,0) -> 1 | K48: =J48*F48 -> 3200 | N48: =ROUND(J48,0) -> 1
A49: AD04 | B49: 可调式四层层架 | C49: 1、1200*500*1500mm(±10%) 2、采用304不锈钢冲孔层板厚1.0mm(±0.1mm) 3、采用304不锈钢板厚1.0mm(±0.1mm)折成异形支架，带可调脚 | D49: 台 | E49: 1 | F49: 2800 | G49: =E49*F49 -> 2800 | H49: 四层 | I49: 基建总务部 | J49: 1 | K49: =J49*F49 -> 2800 | N49: =ROUND(J49,0) -> 1
B50: AE库房 | E50: 0 | J50: =ROUND(E50/1200*600,0) -> 0 | K50: =J50*F50 -> 0 | N50: =ROUND(J50,0) -> 0
A51: AE01 | B51: 粘捕式灭蝇灯 | C51: 1、395*120*290mm(±10%) 2、粘捕式灭蝇灯，带接蝇槽 | D51: 台 | E51: 1 | F51: 540 | G51: =E51*F51 -> 540 | H51: 四层 | I51: 基建总务部 | J51: =ROUND(E51/1200*600,0) -> 1 | K51: =J51*F51 -> 540 | N51: =ROUND(J51,0) -> 1
A52: AE02 | B52: 可调式四层层架 | C52: 1、1500*500*1500mm(±10%) 2、采用304不锈钢冲孔层板厚1.0mm(±0.1mm) 3、采用304不锈钢板厚1.0mm(±0.1mm)折成异形支架，带可调脚 | D52: 台 | E52: 4 | F52: 3200 | G52: =E52*F52 -> 12800 | H52: 四层 | I52: 基建总务部 | J52: =ROUND(E52/1200*600,0) -> 2 | K52: =J52*F52 -> 6400 | N52: =ROUND(J52,0) -> 2
B53: AF留样室、无菌室 | E53: 0 | J53: =ROUND(E53/1200*600,0) -> 0 | K53: =J53*F53 -> 0 | N53: =ROUND(J53,0) -> 0
A54: AF01 | B54: 粘捕式灭蝇灯 | C54: 1、395*120*290mm(±10%) 2、粘捕式灭蝇灯，带接蝇槽 | D54: 台 | E54: 1 | F54: 540 | G54: =E54*F54 -> 540 | H54: 四层 | I54: 基建总务部 | J54: =ROUND(E54/1200*600,0) -> 1 | K54: =J54*F54 -> 540 | N54: =ROUND(J54,0) -> 1
A55: AF02 | B55: 感应式洗手盆连柜身及烘手机 | C55: 1、460*445*255mm(±10%) 2、采用304不锈钢板，星盆面板厚1.0mm(±0.1mm)，围身厚0.9mm(±0.1mm)，一次冲压成型洗手盆斗厚0.6mm(±0.1mm) | D55: 台 | E55: 1 | F55: 2700 | G55: =E55*F55 -> 2700 | H55: 四层 | I55: 基建总务部 | J55: =ROUND(E55/1200*600,0) -> 1 | K55: =J55*F55 -> 2700 | N55: =ROUND(J55,0) -> 1
A56: AF03 | B56: 留样雪柜(带锁） | C56: 1、620*580*1850mm(±10%) 2、冷藏型，玻璃门，风直冷 | D56: 台 | E56: 1 | F56: 3300 | G56: =E56*F56 -> 3300 | H56: 四层 | I56: 基建总务部 | J56: =ROUND(E56/1200*600,0) -> 1 | K56: =J56*F56 -> 3300 | N56: =ROUND(J56,0) -> 1
A57: AF04 | B57: 单星盆台柜 | C57: 1、1700*700*810mm(±10%) 2、采用304不锈钢板，面板厚1.2mm(±0.1mm)，星盆板厚1.0mm(±0.1mm)，柜身厚0.9mm(±0.1mm) 3、采用直径50*1.2mm(±10%)不锈钢支撑腿，带全钢可调脚 | D57: 台 | E57: 1 | F57: 4020 | G57: =E57*F57 -> 4020 | H57: 四层 | I57: 基建总务部 | J57: =ROUND(E57/1200*600,0) -> 1 | K57: =J57*F57 -> 4020 | N57: =ROUND(J57,0) -> 1
A58: AF05 | B58: 挂墙层板 | C58: 1、1700*350mm(±10%) 2、采用304不锈钢板，层板厚0.9mm(±0.1mm) | D58: 台 | E58: 1 | F58: 1305 | G58: =E58*F58 -> 1305 | H58: 四层 | I58: 基建总务部 | J58: =ROUND(E58/1200*600,0) -> 1 | K58: =J58*F58 -> 1305 | N58: =ROUND(J58,0) -> 1
A59: AF06 | B59: 双门斩台工作台柜 | C59: 1、1700*700*810mm(±10%) 2、采用304不锈钢板，面板厚1.2mm(±0.1mm)，面底加13mm(±10%)夹板支撑并覆防潮膜，柜身及层板厚0.9mm(±0.1mm) 3、采用直径50*1.2mm(±10%)不锈钢支撑腿，带全钢可调脚，门内采用201不锈钢封内衬板 | D59: 台 | E59: 1 | F59: 5520 | G59: =E59*F59 -> 5520 | H59: 四层 | I59: 基建总务部 | J59: =ROUND(E59/1200*600,0) -> 1 | K59: =J59*F59 -> 5520 | N59: =ROUND(J59,0) -> 1
A60: AF07 | B60: 双门斩台工作台柜 | C60: 1、2200*700*810mm(±10%) 2、采用304不锈钢板，面板厚1.2mm(±0.1mm)，面底加13mm(±10%)夹板支撑并覆防潮膜，柜身及层板厚0.9mm(±0.1mm) 3、采用直径50*1.2mm(±10%)不锈钢支撑腿，带全钢可调脚，门内采用201不锈钢封内衬板 | D60: 台 | E60: 1 | F60: 6080 | G60: =E60*F60 -> 6080 | H60: 四层 | I60: 基建总务部 | J60: =ROUND(E60/1200*600,0) -> 1 | K60: =J60*F60 -> 6080 | N60: =ROUND(J60,0) -> 1
A61: AF08 | B61: 挂墙吊柜 | C61: 1、2200*350*600mm(±10%) 2、采用304不锈钢板，柜身及层板厚0.9mm(±0.1mm) 3、门内采用201不锈钢封内衬板 | D61: 台 | E61: 1 | F61: 3520 | G61: =E61*F61 -> 3520 | H61: 四层 | I61: 基建总务部 | J61: =ROUND(E61/1200*600,0) -> 1 | K61: =J61*F61 -> 3520 | N61: =ROUND(J61,0) -> 1
A62: AF09 | B62: 紫外线消毒灯(遥控版) | C62: 1、长1200mm(±10%) 2、配紫外线灯管，带支架 | D62: 台 | E62: 1 | F62: 480 | G62: =E62*F62 -> 480 | H62: 四层 | I62: 基建总务部 | J62: =ROUND(E62/1200*600,0) -> 1 | K62: =J62*F62 -> 480 | N62: =ROUND(J62,0) -> 1
B63: AG垃圾房 | E63: 0 | J63: =ROUND(E63/1200*600,0) -> 0 | K63: =J63*F63 -> 0 | N63: =ROUND(J63,0) -> 0
A64: AG01 | B64: 粘捕式灭蝇灯 | C64: 1、395*120*290mm(±10%) 2、粘捕式灭蝇灯，带接蝇槽 | D64: 台 | E64: 2 | F64: 540 | G64: =E64*F64 -> 1080 | H64: 四层 | I64: 基建总务部 | J64: =ROUND(E64/1200*600,0) -> 1 | K64: =J64*F64 -> 540 | N64: =ROUND(J64,0) -> 1
A65: AG02 | B65: 风幕机 | C65: 1、1500*180*249mm(±10%) 2、功率：0.24kw(±10%)，风量3500/4200m³/h(±10%)，具有杀菌净化功能；风幕机内置净化模块。具有手动和自动工作模式，无线联动自动控制装置，实现节能环保优化管理 3、▲所投产品具有： ①风幕机内置净模块依据GB/T 34012-2017《通风系统用空气净化装置》及GB/T1971-2021《旋转电机线端标志与旋转方向》标准检测，检测结果：大肠杆菌灭杀率≥99.9%，白色葡萄球菌灭杀率≥99.9%，自然菌除菌率≥99.9%，PM2.5：净化后空气质量≤0.01mg/m3，TVOC：净化后空气质量≤0.01mg/m3。 ②风幕机（无线门控联动）依据GB/T 26572-2011电子电气产品中限用物质的限量要求，对无线门控联动控制板进行检测，测试方法：A.XRF扫描测试，根据GB/T39560.301-2020，包含铅（Pb）、镉（Cd）、汞（Hg）、铬（Cr）、溴（Br）。B.化学测试：包含铅（Pb）、镉（Cd）、汞（Hg）、六价铬（Cr6+）、多溴二苯（PBB）、多溴二苯醚（PBDE），测试结果：全部合格 ③所投产品具有节能环保系统优化管理软件相关的计算机软件著作权登记证书。 （投标时同时提供：①第三方检测机构出具的具有CMA或CNAS标识的检测报告关键页及上述认证证书扫描件；②上述检测报告在全国认证认可信息公共服务平台（认e 云）（http://cx.cnca.cn/）的信息查询记录截图；③上述证书在国家版权保护中心的信息查询记录截图。送检人或著作权人须为投标人或产品制造商（若送检人或著作权人为产品制造商的，还需要提供产品制造商出具的检测报告及证书使用授权书，格式自拟）。原件备查） | D65: 台 | E65: 2 | F65: 2542 | G65: =E65*F65 -> 5084 | H65: 四层 | I65: 基建总务部 | J65: =ROUND(E65/1200*600,0) -> 1 | K65: =J65*F65 -> 2542 | N65: =ROUND(J65,0) -> 1
A66: AG03 | B66: 自循环异味控制装置 | C66: 1、530*230*800mm(±10%) 2、采用厨房异味专用空气净化器，功率130W(±10%) ，运用高能双极离子管的空气净化电离作用，达到分解空气中TVOC氨等有害气体、杀死细菌、沉降颗粒物的目的 3、▲所投自循环异味控制装置具有： ①核心配件-离子净化模组依据GB/T 34012-2017《通风系统用空气净化装置》、GB 10891-1989《空气处理机组 安全要求》，在气温37℃（±3℃）的30m3（±3m3）试验舱内开机后进行实验，所检项目：①外观：符合要求；②大肠杆菌杀灭率≥99.99%；③白色葡萄球菌杀灭率≥99.99%；④PM2.5：净化后空气质量≤0.01mg/m3；⑤TVOC：净化后空气质量≤0.01mg/m3；⑥空气自然菌除菌率≥99.99%；⑦硫化氢净化效率≥99.99%；⑧氨气净化效率≥99.99%。 ②所投产品具有异味空气净化器相关的专利证书。 （投标时同时提供：①第三方检测机构出具的具有CMA或CNAS标识的检测报告关键页扫描件及有效期内的认证证书扫描件；②上述检测报告在全国认证认可信息公共服务平台（认e 云）（http://cx.cnca.cn/）的信息查询记录截图。③上述证书在国家知识产权局网上的信息查询记录截图。送检人须为投标人或产品制造商（若送检人为产品制造商的，还需要提供产品制造商出具的检测报告及证书使用授权书，格式自拟）。原件备查） | D66: 台 | E66: 1 | F66: 28000 | G66: =E66*F66 -> 28000 | H66: 四层 | I66: 基建总务部 | J66: =ROUND(E66/1200*600,0) -> 1 | K66: =J66*F66 -> 28000 | N66: =ROUND(J66,0) -> 1
A67: AG04 | B67: 高压冲地装置 | C67: 1、长度10m(±10%) 2、挂墙式，带伸缩管，金属外壳 | D67: 台 | E67: 1 | F67: 2700 | G67: =E67*F67 -> 2700 | H67: 四层 | I67: 基建总务部 | J67: =ROUND(E67/1200*600,0) -> 1 | K67: =J67*F67 -> 2700 | N67: =ROUND(J67,0) -> 1
A68: AG05 | B68: 感应式洗手盆连柜身及烘手机 | C68: 1、460*445*255mm(±10%) 2、采用304不锈钢板，星盆面板厚1.0mm(±0.1mm)，围身厚0.9mm(±0.1mm)，一次冲压成型洗手盆斗厚0.6mm(±0.1mm) | D68: 台 | E68: 1 | F68: 2700 | G68: =E68*F68 -> 2700 | H68: 四层 | I68: 基建总务部 | J68: =ROUND(E68/1200*600,0) -> 1 | K68: =J68*F68 -> 2700 | N68: =ROUND(J68,0) -> 1
A69: AG07 | B69: 紫外线消毒灯(遥控版) | C69: 1、长1200mm(±10%) 2、配紫外线灯管，带支架 | D69: 台 | E69: 3 | F69: 480 | G69: =E69*F69 -> 1440 | H69: 四层 | I69: 基建总务部 | J69: =ROUND(E69/1200*600,0) -> 2 | K69: =J69*F69 -> 960 | N69: =ROUND(J69,0) -> 2
B70: AH清洁用品房 | E70: 0 | J70: =ROUND(E70/1200*600,0) -> 0 | K70: =J70*F70 -> 0 | N70: =ROUND(J70,0) -> 0
A71: AH01 | B71: 粘捕式灭蝇灯 | C71: 1、395*120*290mm(±10%) 2、粘捕式灭蝇灯，带接蝇槽 | D71: 台 | E71: 1 | F71: 540 | G71: =E71*F71 -> 540 | H71: 四层 | I71: 基建总务部 | J71: =ROUND(E71/1200*600,0) -> 1 | K71: =J71*F71 -> 540 | N71: =ROUND(J71,0) -> 1
A72: AH02 | B72: 拖把池 | C72: 1、1000*500*500mm(±10%) 2、采用304不锈钢板，面板厚1.2mm(±0.1mm)，星盆板厚1.0mm(±0.1mm) 3、采用38*38*1.0mm(±10%)不锈钢支撑腿，带全钢可调脚 | D72: 台 | E72: 1 | F72: 2700 | G72: =E72*F72 -> 2700 | H72: 四层 | I72: 基建总务部 | J72: =ROUND(E72/1200*600,0) -> 1 | K72: =J72*F72 -> 2700 | N72: =ROUND(J72,0) -> 1
A73: AH03 | B73: 拖把接水盆连挂架 | C73: 1、1200*500*1500mm(±10%) 2、采用304不锈钢板，面板厚1.2mm(±0.1mm)，星盆板厚1.0mm(±0.1mm) 3、采用38*38*1.0mm(±10%)不锈钢支撑腿，带全钢可调脚 | D73: 台 | E73: 1 | F73: 3600 | G73: =E73*F73 -> 3600 | H73: 四层 | I73: 基建总务部 | J73: =ROUND(E73/1200*600,0) -> 1 | K73: =J73*F73 -> 3600 | N73: =ROUND(J73,0) -> 1
A74: AH04 | B74: 可调式四层层架 | C74: 1、1200*500*1500mm(±10%) 2、采用304不锈钢冲孔层板厚1.0mm(±0.1mm) 3、采用304不锈钢板厚1.0mm(±0.1mm)折成异形支架，带可调脚 | D74: 台 | E74: 1 | F74: 2800 | G74: =E74*F74 -> 2800 | H74: 四层 | I74: 基建总务部 | J74: =ROUND(E74/1200*600,0) -> 1 | K74: =J74*F74 -> 2800 | N74: =ROUND(J74,0) -> 1
A75: AH05 | B75: 可调式四层层架 | C75: 1、1500*500*1500mm(±10%) 2、采用304不锈钢冲孔层板厚1.0mm(±0.1mm) 3、采用304不锈钢板厚1.0mm(±0.1mm)折成异形支架，带可调脚 | D75: 台 | E75: 1 | F75: 3200 | G75: =E75*F75 -> 3200 | H75: 四层 | I75: 基建总务部 | J75: =ROUND(E75/1200*600,0) -> 1 | K75: =J75*F75 -> 3200 | N75: =ROUND(J75,0) -> 1
B76: AJ洗锅间 | E76: 0 | J76: =ROUND(E76/1200*600,0) -> 0 | K76: =J76*F76 -> 0 | N76: =ROUND(J76,0) -> 0
A77: AJ01 | B77: 粘捕式灭蝇灯 | C77: 1、395*120*290mm(±10%) 2、粘捕式灭蝇灯，带接蝇槽 | D77: 台 | E77: 1 | F77: 540 | G77: =E77*F77 -> 540 | H77: 四层 | I77: 基建总务部 | J77: =ROUND(E77/1200*600,0) -> 1 | K77: =J77*F77 -> 540 | N77: =ROUND(J77,0) -> 1
A78: AJ02 | B78: 单星大盆台 | C78: 1、1200*900*810mm(±10%) 2、采用304不锈钢板，面板厚1.2mm(±0.1mm)，星盆板厚1.0mm(±0.1mm) 3、采用38*38*1.0mm(±10%)不锈钢支撑腿，带全钢可调脚 | D78: 台 | E78: 1 | F78: 3600 | G78: =E78*F78 -> 3600 | H78: 四层 | I78: 基建总务部 | J78: =ROUND(E78/1200*600,0) -> 1 | K78: =J78*F78 -> 3600 | N78: =ROUND(J78,0) -> 1
A79: AJ03 | B79: 紫外线消毒灯(遥控版) | C79: 1、长1200mm(±10%) 2、配紫外线灯管，带支架 | D79: 台 | E79: 1 | F79: 480 | G79: =E79*F79 -> 480 | H79: 四层 | I79: 基建总务部 | J79: =ROUND(E79/1200*600,0) -> 1 | K79: =J79*F79 -> 480 | N79: =ROUND(J79,0) -> 1
A80: AJ04 | B80: 双层斩台工作台 | C80: 1、1450*500*810mm(±10%) 2、采用304不锈钢板，面板厚1.2mm(±0.1mm)，面底加13mm(±10%)夹板支撑并覆防潮膜，层板厚0.9mm(±0.1mm) 3、采用38*38*1.0mm(±10%)不锈钢支撑腿，带全钢可调脚 | D80: 台 | E80: 1 | F80: 2920 | G80: =E80*F80 -> 2920 | H80: 四层 | I80: 基建总务部 | J80: =ROUND(E80/1200*600,0) -> 1 | K80: =J80*F80 -> 2920 | N80: =ROUND(J80,0) -> 1
A81: AJ05 | B81: 可调式四层层架 | C81: 1、1500*500*1500mm(±10%) 2、采用304不锈钢冲孔层板厚1.0mm(±0.1mm) 3、采用304不锈钢板厚1.0mm(±0.1mm)折成异形支架，带可调脚 | D81: 台 | E81: 1 | F81: 3200 | G81: =E81*F81 -> 3200 | H81: 四层 | I81: 基建总务部 | J81: =ROUND(E81/1200*600,0) -> 1 | K81: =J81*F81 -> 3200 | N81: =ROUND(J81,0) -> 1
B82: AK烹调厨房 | E82: 0 | J82: =ROUND(E82/1200*600,0) -> 0 | K82: =J82*F82 -> 0 | N82: =ROUND(J82,0) -> 0
A83: AK01 | B83: 粘捕式灭蝇灯 | C83: 1、395*120*290mm(±10%) 2、粘捕式灭蝇灯，带接蝇槽 | D83: 台 | E83: 3 | F83: 540 | G83: =E83*F83 -> 1620 | H83: 四层 | I83: 基建总务部 | J83: =ROUND(E83/1200*600,0) -> 2 | K83: =J83*F83 -> 1080 | N83: =ROUND(J83,0) -> 2
A84: AK02 | B84: 感应式洗手盆连柜身及烘手机 | C84: 1、460*445*255mm(±10%) 2、采用304不锈钢板，星盆面板厚1.0mm(±0.1mm)，围身厚0.9mm(±0.1mm)，一次冲压成型洗手盆斗厚0.6mm(±0.1mm) | D84: 台 | E84: 1 | F84: 2700 | G84: =E84*F84 -> 2700 | H84: 四层 | I84: 基建总务部 | J84: 1 | K84: =J84*F84 -> 2700 | N84: =ROUND(J84,0) -> 1
